 Dungeon Crawl Stone Soup version 0.29.0-4-gdea44cf6ec (webtiles) character file.

Game seed: 9383198171909992745

2142 qw the Blocker (level 9, -2/1 (80) HPs)
             Began as a Troll Cinder Acolyte on Aug 30, 2022.
             Was an Initiate of Ignis.
             Killed from afar by an electric eel (3 damage)
             ... with a bolt of electricity
             ... on level 7 of the Dungeon.
             The game lasted 00:48:35 (33904 turns).

qw the Blocker (Troll Cinder Acolyte)              Turns: 33904, Time: 00:48:36

HP:   -2/1 (80)     AC:  4    Str: 32    XL:     9   Next: 9%
MP:   9/9           EV: 11    Int: 10    God:    Ignis [......]
Gold: 309           SH: 25    Dex:  5    Spells: 10/10 levels left

rFire   + . .      SeeInvis .     - Unarmed
rCold   . . .      Faith    .   b - +7 tower shield of a volcano {Harm rElec Str+4 Slay+5}
rNeg    . . .      Spirit   .   a - +0 robe
rPois   .          Reflect  +   (helmet restricted)
rElec   +          Harm     +   (no cloak)
rCorr   +          Rampage  .   (gloves unavailable)
Will    .....                   (boots unavailable)
Stlth   +.........              c - amulet of reflection
HPRegen 0.80/turn               i - +4 ring of evasion
MPRegen 0.11/turn               n - ring of resist corrosion

@: extremely drained, bezotted and risking death
A: large, unfitting armour, claws 3, regeneration 1, shaggy fur 1, tough skin 1
a: Renounce Religion, Rising Flame


You were on level 7 of the Dungeon.
You worshipped Ignis.
Ignis was noncommittal.
You visited 1 branch of the dungeon, and saw 7 of its levels.

You collected 309 gold pieces.


Innate Abilities, Weirdness & Mutations

You are too large for most types of armour.
You have claws for hands.
Your natural rate of healing is unusually fast.
You are covered in fur. (AC +1)
You have tough skin. (AC +1)


   Skills:
 - Level 2.4 Fighting
 + Level 9.2 Shields
 - Level 7.3 Unarmed Combat
 - Level 1.0 Spellcasting
 - Level 2.1 Fire Magic


You had 10 spell levels left.
You didn't know any spells.
Your spell library contained the following spells:

 Spells                   Type           Power      Damage    Failure   Level
 Scorch                   Fire           8%         2d5       67%         2

Inventory:

Missiles
 j - 5 boomerangs (quivered)
Armour
 a - a +0 robe (worn)
 b - the +7 tower shield of a volcano (worn) {Harm rElec Str+4 Slay+5}
   (You acquired it on level 2 of the Dungeon)

   Str:       It affects your strength (+4).
   Slay:      It affects your accuracy & damage with ranged weapons and melee
   (+5).
   rElec:     It insulates you from electricity.
   Harm:      It increases damage dealt and taken.
Jewellery
 c - an amulet of reflection (around neck)
 i - a +4 ring of evasion (left claw)
 n - a ring of resist corrosion (right claw)
Scrolls
 e - a scroll of identify
Potions
 d - a potion of mutation
 f - a potion of curing
 g - a potion of haste
 l - a potion of invisibility {unknown}
 m - a potion of might {unknown}

Dungeon Overview and Level Annotations

Branches:
Dungeon (7/15) Zot: 999! Temple (0/1) D:6 You are so drained that the power of Zot will kill you!

Altars:

Annotations:
D:2 1 runed translucent door, Crazy Yiuf


Message History

Really rest while Zot is near?
Really rest while Zot is near?
Really rest while Zot is near?
The electric eel shoots out a bolt of lightning at you!
The bolt of electricity hits you. You resist.
The electric eel shoots out a bolt of lightning at you!
The bolt of electricity hits you. You resist.
There is an open door, spattered with blood here.
33884 ||| Stepping ~*~*~tactically~*~*~ (outnumbered).
Really rest while Zot is near?
Really rest while Zot is near?
Really rest while Zot is near?
Really rest while Zot is near?
Really rest while Zot is near?
Really rest while Zot is near?
Really rest while Zot is near?
The electric eel shoots out a bolt of lightning at you!
The bolt of electricity hits you. You resist.
The electric eel shoots out a bolt of lightning at you!
The bolt of electricity hits you. You resist.
The electric eel shoots out a bolt of lightning at you!
The bolt of electricity hits you. You resist.
There is an open door, spattered with blood here.
33893 ||| Stepping ~*~*~tactically~*~*~ (outnumbered).
Really rest while Zot is near?
Really rest while Zot is near?
Really rest while Zot is near?
Really rest while Zot is near?
Really rest while Zot is near?
Really rest while Zot is near?
Really rest while Zot is near?
Really rest while Zot is near?
Really rest while Zot is near?
Really rest while Zot is near?
Zot's power touches on you...
You feel drained.
You have lingered too long.
Zot senses you.
Dive deeper or flee this branch before you perish!
The electric eel shoots out a bolt of lightning at you!
The bolt of electricity hits you. You resist.
Ouch! That really hurt!
You die...

~.~~.~~P#
~~~~.~~.######.
~~~~~.~........
~.~~~SP.......~
.~~SS........~~
7............P~
?...........~~~
###@###.~77
+......P~P7 7~P.
#......PP77777~~~
###'###P~~7~~7~~#
##....###...~~~~P#
#......'....~PP~.#
+......#.......P.#
#......#.........+
#########.##.########


You could see 3 electric eels.

Vanquished Creatures
  Pikel (D:5)
  A steam dragon (D:7)
  A sky beast (D:7)
  An ice beast (D:6)
  An ogre (D:4)
  3 lemures (D:5)
  2 phantoms (D:5)
  A kobold brigand (D:6)
  Blork the orc (D:5)
  2 bullfrogs (D:6)
  A necrophage (D:7)
  2 scorpions
  A howler monkey (D:6)
  An electric eel (D:7)
  4 hounds
  2 orc priests
  A gnoll bouda (D:5)
  2 jellies (D:5)
  2 iguanas
  2 orc wizards (D:6)
  A mummy (D:4)
  7 adders
  9 gnolls
  An ufetubus (D:5)
  2 worms
  2 dart slugs
  16 orcs
  6 endoplasms
  4 giant cockroaches
  9 hobgoblins
  2 jackals (D:2)
  A quokka (D:4)
  7 ball pythons
  3 bats
  3 frilled lizards
  14 goblins
  11 kobolds
  3 rats
133 creatures vanquished.

Vanquished Creatures (others)
  A kobold (D:6)
  3 plants (D:7)
4 creatures vanquished.

Grand Total: 137 creatures vanquished

Notes
Turn   | Place    | Note
-------+----------+-------------------------------------------
     0 | D:1      | qw the Troll Cinder Acolyte began the quest for the Orb.
     0 | D:1      | Reached XP level 1. HP: 22/22 MP: 1/1
     0 | D:1      | 0 ||| qw: Version: 0.1-a-95-gae9e614
     0 | D:1      | 0 ||| qw: Game counter: 4388
     0 | D:1      | 0 ||| qw: Always use a shield: true
     0 | D:1      | 0 ||| qw: God list: Okawaru
     0 | D:1      | 0 ||| qw: Allow faded altars: false
     0 | D:1      | 0 ||| qw: Do Orc after D:15 true
     0 | D:1      | 0 ||| qw: Do second Lair branch before Depths: true
     0 | D:1      | 0 ||| qw: Lair rune preference: random
     0 | D:1      | 0 ||| qw: Plans: Normal
     0 | D:1      | 0 ||| PLANNING D:1-11
   125 | D:1      | Found a faded altar of an unknown god.
   431 | D:1      | Reached XP level 2. HP: 29/29 MP: 2/2
   621 | D:1      | 621 ||| READING scroll labelled YKHIACRIRPHA.
   622 | D:1      | 622 ||| READING scroll labelled BIZUSU XALIOS.
   623 | D:1      | 623 ||| DRINKING 2 bubbling blue potions.
   624 | D:1      | 624 ||| DROPPING potion of attraction.
   688 | D:2      | 688 ||| STAIRDANCE
   827 | D:2      | Reached XP level 3. HP: 36/36 MP: 3/3
  1094 | D:2      | 1094 ||| Stepping ~*~*~tactically~*~*~ (stealth).
  1103 | D:2      | Reached XP level 4. HP: 39/44 MP: 4/4
  1419 | D:2      | Found a runed translucent door.
  1420 | D:2      | Noticed Crazy Yiuf
  1477 | D:2      | 1477 ||| READING scroll labelled HUJUNE SUIXKUS.
  1566 | D:2      | 1566 ||| READING scroll labelled HOH ROFIWKO.
  1567 | D:2      | 1567 ||| READING scroll labelled GUDERUROLA.
  1567 | D:2      | Identified a scroll of acquirement
  1567 | D:2      | 1567 ||| ACQUIRING +7 tower shield of a volcano {Harm rElec
                  | Str+4 Slay+5}
  1567 | D:2      | Acquired the +7 tower shield of a volcano {Harm rElec Str+4
                  | Slay+5}
  1569 | D:2      | 1569 ||| UPGRADING to +7 tower shield of a volcano {Harm
                  | rElec Str+4 Slay+5}.
  1665 | D:3      | 1665 ||| Stepping ~*~*~tactically~*~*~ (stealth).
  1757 | D:3      | 1757 ||| Stepping ~*~*~tactically~*~*~ (hiding).
  1992 | D:3      | Reached skill level 1 in Shields
  2651 | D:3      | 2651 ||| UPGRADING to +4 ring of evasion.
  2652 | D:3      | 2652 ||| READING 2 scrolls labelled KAROVUSILE.
  2653 | D:3      | 2653 ||| DRINKING 2 white potions.
  2675 | D:3      | 2675 ||| DROPPING potion of lignification.
  2719 | D:4      | 2719 ||| PLANNING OSSUARY
  2742 | D:4      | Reached skill level 2 in Shields
  2796 | D:4      | 2796 ||| Stepping ~*~*~tactically~*~*~ (hiding).
  2837 | D:4      | Reached XP level 5. HP: 50/50 MP: 5/5
  2927 | D:4      | Noticed an ogre
  2945 | D:4      | Killed an ogre
  2946 | D:4      | Reached skill level 3 in Shields
  2946 | D:4      | Reached XP level 6. HP: 59/59 MP: 6/6
  3216 | D:4      | 3216 ||| Stepping ~*~*~tactically~*~*~ (stealth).
  3291 | D:4      | Reached skill level 4 in Shields
  3398 | D:4      | 3398 ||| RIP OSSUARY
  3412 | D:4      | 3412 ||| PLANNING D:1-11
  3421 | D:4      | 3421 ||| DRINKING 2 emerald potions.
  3422 | D:4      | 3422 ||| READING 2 scrolls of identify.
  3422 | D:4      | 3422 ||| IDENTIFYING viscous white potion
  3423 | D:4      | 3423 ||| DROPPING potion of magic.
  3472 | D:5      | Entered Level 5 of the Dungeon
  3527 | D:5      | Noticed Pikel
  3528 | D:5      | 3528 ||| Stepping ~*~*~tactically~*~*~ (stealth).
  3529 | D:5      | 3529 ||| Stepping ~*~*~tactically~*~*~ (stealth).
  3531 | D:5      | 3531 ||| Stepping ~*~*~tactically~*~*~ (stealth).
  3535 | D:5      | 3535 ||| Stepping ~*~*~tactically~*~*~ (stealth).
  3540 | D:5      | 3540 ||| Stepping ~*~*~tactically~*~*~ (stealth).
  3541 | D:5      | 3541 ||| Stepping ~*~*~tactically~*~*~ (stealth).
  3544 | D:5      | 3544 ||| Stepping ~*~*~tactically~*~*~ (outnumbered).
  3545 | D:5      | 3545 ||| Stepping ~*~*~tactically~*~*~ (outnumbered).
  3548 | D:5      | 3548 ||| Stepping ~*~*~tactically~*~*~ (outnumbered).
  3550 | D:5      | 3550 ||| Stepping ~*~*~tactically~*~*~ (outnumbered).
  3551 | D:5      | 3551 ||| Stepping ~*~*~tactically~*~*~ (outnumbered).
  3552 | D:5      | 3552 ||| Stepping ~*~*~tactically~*~*~ (outnumbered).
  3553 | D:5      | 3553 ||| Stepping ~*~*~tactically~*~*~ (outnumbered).
  3557 | D:5      | 3557 ||| Stepping ~*~*~tactically~*~*~ (outnumbered).
  3560 | D:5      | 3560 ||| Stepping ~*~*~tactically~*~*~ (stealth).
  3563 | D:5      | Killed Pikel
  3564 | D:5      | Reached skill level 6 in Shields
  3564 | D:5      | Reached XP level 7. HP: 54/66 MP: 7/7
  3569 | D:5      | 3569 ||| FLEEEEING.
  3571 | D:5      | 3571 ||| Stepping ~*~*~tactically~*~*~ (stealth).
  3691 | D:5      | Noticed Blork the orc
  3692 | D:5      | 3692 ||| Stepping ~*~*~tactically~*~*~ (hiding).
  3694 | D:5      | 3694 ||| Stepping ~*~*~tactically~*~*~ (hiding).
  3705 | D:5      | Killed Blork the orc
  3706 | D:5      | Reached skill level 7 in Shields
  3730 | D:5      | 3730 ||| Stepping ~*~*~tactically~*~*~ (hiding).
  3739 | D:5      | 3739 ||| Stepping ~*~*~tactically~*~*~ (hiding).
  3743 | D:5      | 3743 ||| Stepping ~*~*~tactically~*~*~ (outnumbered).
  3779 | D:5      | Reached XP level 8. HP: 74/74 MP: 8/8
  4085 | D:5      | Reached skill level 8 in Shields
  4286 | D:5      | 4286 ||| Stepping ~*~*~tactically~*~*~ (stealth).
  4296 | D:5      | 4296 ||| Stepping ~*~*~tactically~*~*~ (outnumbered).
  4297 | D:5      | 4297 ||| Stepping ~*~*~tactically~*~*~ (outnumbered).
  4298 | D:5      | 4298 ||| Stepping ~*~*~tactically~*~*~ (outnumbered).
  4299 | D:5      | 4299 ||| Stepping ~*~*~tactically~*~*~ (outnumbered).
  4300 | D:5      | 4300 ||| Stepping ~*~*~tactically~*~*~ (outnumbered).
  4334 | D:5      | 4334 ||| UPGRADING to amulet of reflection.
  4339 | D:5      | 4339 ||| UPGRADING to ring of resist corrosion.
  4340 | D:5      | 4340 ||| DRINKING 2 fuming coppery potions.
  4341 | D:5      | 4341 ||| READING 3 scrolls of identify.
  4341 | D:5      | 4341 ||| IDENTIFYING golden potion
  4342 | D:5      | 4342 ||| READING 2 scrolls of identify.
  4342 | D:5      | 4342 ||| IDENTIFYING fizzy yellow potion
  4343 | D:5      | 4343 ||| DROPPING potion of ambrosia.
  4377 | D:6      | 4377 ||| STAIRDANCE
  4411 | D:6      | Found a staircase to the Ecumenical Temple.
  4412 | D:6      | 4412 ||| Stepping ~*~*~tactically~*~*~ (hiding).
  4541 | D:6      | Reached skill level 6 in Unarmed Combat
  4597 | D:6      | 4597 ||| Stepping ~*~*~tactically~*~*~ (stealth).
  4672 | D:6      | 4672 ||| Stepping ~*~*~tactically~*~*~ (stealth).
  4682 | D:6      | Reached skill level 9 in Shields
  4890 | D:6      | 4890 ||| READING scroll labelled CUBBED ACLIU.
  4891 | D:6      | 4891 ||| READING scroll labelled SECAKH UNNUAVE.
  4892 | D:6      | 4892 ||| READING scroll labelled INIT KUCUTT.
  4893 | D:6      | 4893 ||| READING 3 scrolls of identify.
  4893 | D:6      | 4893 ||| IDENTIFYING sedimented cyan potion
  4894 | D:6      | 4894 ||| READING 2 scrolls of identify.
  4894 | D:6      | 4894 ||| IDENTIFYING blue potion
  4895 | D:6      | 4895 ||| DROPPING potion of brilliance.
  4946 | D:7      | 4946 ||| FLEEEEING.
  4947 | D:7      | 4947 ||| FLEEEEING.
  4949 | D:7      | 4949 ||| FLEEEEING.
  4950 | D:7      | 4950 ||| FLEEEEING.
  4993 | D:7      | 4993 ||| Stepping ~*~*~tactically~*~*~ (hiding).
  4997 | D:7      | 4997 ||| INVOKING Fiery Armour.
  5000 | D:7      | Reached XP level 9. HP: 58/80 MP: 9/9
  5000 | D:7      | 5000 ||| Stepping ~*~*~tactically~*~*~ (outnumbered).
  5021 | D:7      | 5021 ||| Stepping ~*~*~tactically~*~*~ (outnumbered).
  5023 | D:7      | 5023 ||| Stepping ~*~*~tactically~*~*~ (outnumbered).
  5032 | D:7      | 5032 ||| Stepping ~*~*~tactically~*~*~ (outnumbered).
  5037 | D:7      | 5037 ||| Stepping ~*~*~tactically~*~*~ (outnumbered).
  5042 | D:7      | 5042 ||| Stepping ~*~*~tactically~*~*~ (outnumbered).
  5045 | D:7      | 5045 ||| Stepping ~*~*~tactically~*~*~ (outnumbered).
  5047 | D:7      | 5047 ||| Stepping ~*~*~tactically~*~*~ (outnumbered).
  5056 | D:7      | 5056 ||| Stepping ~*~*~tactically~*~*~ (outnumbered).
  5067 | D:7      | 5067 ||| Stepping ~*~*~tactically~*~*~ (outnumbered).
  5072 | D:7      | 5072 ||| Stepping ~*~*~tactically~*~*~ (outnumbered).
  5076 | D:7      | 5076 ||| Stepping ~*~*~tactically~*~*~ (outnumbered).
  5080 | D:7      | 5080 ||| Stepping ~*~*~tactically~*~*~ (outnumbered).
  5085 | D:7      | 5085 ||| Stepping ~*~*~tactically~*~*~ (outnumbered).
  5087 | D:7      | 5087 ||| Stepping ~*~*~tactically~*~*~ (outnumbered).
  5097 | D:7      | 5097 ||| Stepping ~*~*~tactically~*~*~ (outnumbered).
  5101 | D:7      | 5101 ||| Stepping ~*~*~tactically~*~*~ (outnumbered).
  5103 | D:7      | 5103 ||| Stepping ~*~*~tactically~*~*~ (outnumbered).
  5106 | D:7      | 5106 ||| Stepping ~*~*~tactically~*~*~ (outnumbered).
  5112 | D:7      | 5112 ||| Stepping ~*~*~tactically~*~*~ (outnumbered).
  5114 | D:7      | 5114 ||| Stepping ~*~*~tactically~*~*~ (outnumbered).
  5118 | D:7      | 5118 ||| INVOKING Fiery Armour.
  5119 | D:7      | 5119 ||| Stepping ~*~*~tactically~*~*~ (outnumbered).
  5125 | D:7      | 5125 ||| Stepping ~*~*~tactically~*~*~ (outnumbered).
  5129 | D:7      | 5129 ||| Stepping ~*~*~tactically~*~*~ (outnumbered).
  5132 | D:7      | 5132 ||| Stepping ~*~*~tactically~*~*~ (outnumbered).
  5137 | D:7      | 5137 ||| Stepping ~*~*~tactically~*~*~ (outnumbered).
  5141 | D:7      | 5141 ||| Stepping ~*~*~tactically~*~*~ (outnumbered).
  5145 | D:7      | 5145 ||| Stepping ~*~*~tactically~*~*~ (outnumbered).
  5148 | D:7      | 5148 ||| Stepping ~*~*~tactically~*~*~ (outnumbered).
  5152 | D:7      | 5152 ||| Stepping ~*~*~tactically~*~*~ (outnumbered).
  5158 | D:7      | 5158 ||| Stepping ~*~*~tactically~*~*~ (outnumbered).
  5160 | D:7      | 5160 ||| Stepping ~*~*~tactically~*~*~ (outnumbered).
  5164 | D:7      | 5164 ||| Stepping ~*~*~tactically~*~*~ (outnumbered).
  5166 | D:7      | 5166 ||| Stepping ~*~*~tactically~*~*~ (outnumbered).
  5168 | D:7      | 5168 ||| Stepping ~*~*~tactically~*~*~ (outnumbered).
  5172 | D:7      | 5172 ||| Stepping ~*~*~tactically~*~*~ (outnumbered).
  5177 | D:7      | 5177 ||| Stepping ~*~*~tactically~*~*~ (outnumbered).
  5179 | D:7      | 5179 ||| Stepping ~*~*~tactically~*~*~ (outnumbered).
  5183 | D:7      | 5183 ||| Stepping ~*~*~tactically~*~*~ (outnumbered).
  5185 | D:7      | 5185 ||| Stepping ~*~*~tactically~*~*~ (outnumbered).
  5190 | D:7      | 5190 ||| Stepping ~*~*~tactically~*~*~ (outnumbered).
  5198 | D:7      | 5198 ||| Stepping ~*~*~tactically~*~*~ (outnumbered).
  5206 | D:7      | 5206 ||| Stepping ~*~*~tactically~*~*~ (outnumbered).
  5210 | D:7      | 5210 ||| Stepping ~*~*~tactically~*~*~ (outnumbered).
  5214 | D:7      | 5214 ||| Stepping ~*~*~tactically~*~*~ (outnumbered).
  5216 | D:7      | 5216 ||| Stepping ~*~*~tactically~*~*~ (outnumbered).
  5222 | D:7      | 5222 ||| Stepping ~*~*~tactically~*~*~ (outnumbered).
  5225 | D:7      | 5225 ||| Stepping ~*~*~tactically~*~*~ (outnumbered).
  5228 | D:7      | 5228 ||| Stepping ~*~*~tactically~*~*~ (outnumbered).
  5236 | D:7      | 5236 ||| Stepping ~*~*~tactically~*~*~ (outnumbered).
  5240 | D:7      | 5240 ||| Stepping ~*~*~tactically~*~*~ (outnumbered).
  5245 | D:7      | 5245 ||| Stepping ~*~*~tactically~*~*~ (outnumbered).
  5249 | D:7      | 5249 ||| INVOKING Fiery Armour.
  5250 | D:7      | 5250 ||| Stepping ~*~*~tactically~*~*~ (outnumbered).
  5262 | D:7      | 5262 ||| Stepping ~*~*~tactically~*~*~ (outnumbered).
  5264 | D:7      | 5264 ||| Stepping ~*~*~tactically~*~*~ (outnumbered).
  5266 | D:7      | 5266 ||| Stepping ~*~*~tactically~*~*~ (outnumbered).
  5272 | D:7      | 5272 ||| Stepping ~*~*~tactically~*~*~ (outnumbered).
  5282 | D:7      | 5282 ||| Stepping ~*~*~tactically~*~*~ (outnumbered).
  5287 | D:7      | 5287 ||| Stepping ~*~*~tactically~*~*~ (outnumbered).
  5294 | D:7      | 5294 ||| Stepping ~*~*~tactically~*~*~ (outnumbered).
  5298 | D:7      | 5298 ||| Stepping ~*~*~tactically~*~*~ (outnumbered).
  5301 | D:7      | 5301 ||| Stepping ~*~*~tactically~*~*~ (outnumbered).
  5311 | D:7      | 5311 ||| Stepping ~*~*~tactically~*~*~ (outnumbered).
  5321 | D:7      | 5321 ||| Stepping ~*~*~tactically~*~*~ (outnumbered).
  5331 | D:7      | 5331 ||| Stepping ~*~*~tactically~*~*~ (outnumbered).
  5333 | D:7      | 5333 ||| Stepping ~*~*~tactically~*~*~ (outnumbered).
  5337 | D:7      | 5337 ||| Stepping ~*~*~tactically~*~*~ (outnumbered).
  5339 | D:7      | 5339 ||| Stepping ~*~*~tactically~*~*~ (outnumbered).
  5346 | D:7      | 5346 ||| Stepping ~*~*~tactically~*~*~ (outnumbered).
  5357 | D:7      | 5357 ||| Stepping ~*~*~tactically~*~*~ (outnumbered).
  5362 | D:7      | 5362 ||| Stepping ~*~*~tactically~*~*~ (outnumbered).
  5364 | D:7      | 5364 ||| Stepping ~*~*~tactically~*~*~ (outnumbered).
  5371 | D:7      | 5371 ||| Stepping ~*~*~tactically~*~*~ (outnumbered).
  5375 | D:7      | 5375 ||| Stepping ~*~*~tactically~*~*~ (outnumbered).
  5379 | D:7      | 5379 ||| Stepping ~*~*~tactically~*~*~ (outnumbered).
  5382 | D:7      | 5382 ||| INVOKING Fiery Armour.
  5383 | D:7      | 5383 ||| Stepping ~*~*~tactically~*~*~ (outnumbered).
  5392 | D:7      | 5392 ||| Stepping ~*~*~tactically~*~*~ (outnumbered).
  5394 | D:7      | 5394 ||| Stepping ~*~*~tactically~*~*~ (outnumbered).
  5396 | D:7      | 5396 ||| Stepping ~*~*~tactically~*~*~ (outnumbered).
  5398 | D:7      | 5398 ||| Stepping ~*~*~tactically~*~*~ (outnumbered).
  5403 | D:7      | 5403 ||| Stepping ~*~*~tactically~*~*~ (outnumbered).
  5411 | D:7      | 5411 ||| Stepping ~*~*~tactically~*~*~ (outnumbered).
  5413 | D:7      | 5413 ||| Stepping ~*~*~tactically~*~*~ (outnumbered).
  5416 | D:7      | 5416 ||| Stepping ~*~*~tactically~*~*~ (outnumbered).
  5421 | D:7      | 5421 ||| Stepping ~*~*~tactically~*~*~ (outnumbered).
  5424 | D:7      | 5424 ||| Stepping ~*~*~tactically~*~*~ (outnumbered).
  5431 | D:7      | 5431 ||| Stepping ~*~*~tactically~*~*~ (outnumbered).
  5435 | D:7      | 5435 ||| Stepping ~*~*~tactically~*~*~ (outnumbered).
  5440 | D:7      | 5440 ||| Stepping ~*~*~tactically~*~*~ (outnumbered).
  5444 | D:7      | 5444 ||| Stepping ~*~*~tactically~*~*~ (outnumbered).
  5447 | D:7      | 5447 ||| Stepping ~*~*~tactically~*~*~ (outnumbered).
  5457 | D:7      | 5457 ||| Stepping ~*~*~tactically~*~*~ (outnumbered).
  5460 | D:7      | 5460 ||| Stepping ~*~*~tactically~*~*~ (outnumbered).
  5462 | D:7      | 5462 ||| Stepping ~*~*~tactically~*~*~ (outnumbered).
  5464 | D:7      | 5464 ||| Stepping ~*~*~tactically~*~*~ (outnumbered).
  5471 | D:7      | 5471 ||| Stepping ~*~*~tactically~*~*~ (outnumbered).
  5475 | D:7      | 5475 ||| Stepping ~*~*~tactically~*~*~ (outnumbered).
  5480 | D:7      | 5480 ||| Stepping ~*~*~tactically~*~*~ (outnumbered).
  5484 | D:7      | 5484 ||| Stepping ~*~*~tactically~*~*~ (outnumbered).
  5488 | D:7      | 5488 ||| Stepping ~*~*~tactically~*~*~ (outnumbered).
  5490 | D:7      | 5490 ||| Stepping ~*~*~tactically~*~*~ (outnumbered).
  5492 | D:7      | 5492 ||| Stepping ~*~*~tactically~*~*~ (outnumbered).
  5494 | D:7      | 5494 ||| Stepping ~*~*~tactically~*~*~ (outnumbered).
  5507 | D:7      | 5507 ||| INVOKING Fiery Armour.
  5508 | D:7      | 5508 ||| Stepping ~*~*~tactically~*~*~ (outnumbered).
  5517 | D:7      | 5517 ||| Stepping ~*~*~tactically~*~*~ (outnumbered).
  5519 | D:7      | 5519 ||| Stepping ~*~*~tactically~*~*~ (outnumbered).
  5523 | D:7      | 5523 ||| Stepping ~*~*~tactically~*~*~ (outnumbered).
  5526 | D:7      | 5526 ||| Stepping ~*~*~tactically~*~*~ (outnumbered).
  5528 | D:7      | 5528 ||| Stepping ~*~*~tactically~*~*~ (outnumbered).
  5530 | D:7      | 5530 ||| Stepping ~*~*~tactically~*~*~ (outnumbered).
  5534 | D:7      | 5534 ||| Stepping ~*~*~tactically~*~*~ (outnumbered).
  5536 | D:7      | 5536 ||| Stepping ~*~*~tactically~*~*~ (outnumbered).
  5546 | D:7      | 5546 ||| Stepping ~*~*~tactically~*~*~ (outnumbered).
  5550 | D:7      | 5550 ||| Stepping ~*~*~tactically~*~*~ (outnumbered).
  5558 | D:7      | 5558 ||| Stepping ~*~*~tactically~*~*~ (outnumbered).
  5560 | D:7      | 5560 ||| Stepping ~*~*~tactically~*~*~ (outnumbered).
  5567 | D:7      | 5567 ||| Stepping ~*~*~tactically~*~*~ (outnumbered).
  5577 | D:7      | 5577 ||| Stepping ~*~*~tactically~*~*~ (outnumbered).
  5580 | D:7      | 5580 ||| Stepping ~*~*~tactically~*~*~ (outnumbered).
  5582 | D:7      | 5582 ||| Stepping ~*~*~tactically~*~*~ (outnumbered).
  5587 | D:7      | 5587 ||| Stepping ~*~*~tactically~*~*~ (outnumbered).
  5590 | D:7      | 5590 ||| Stepping ~*~*~tactically~*~*~ (outnumbered).
  5592 | D:7      | 5592 ||| Stepping ~*~*~tactically~*~*~ (outnumbered).
  5596 | D:7      | 5596 ||| Stepping ~*~*~tactically~*~*~ (outnumbered).
  5605 | D:7      | 5605 ||| Stepping ~*~*~tactically~*~*~ (outnumbered).
  5607 | D:7      | 5607 ||| Stepping ~*~*~tactically~*~*~ (outnumbered).
  5613 | D:7      | 5613 ||| Stepping ~*~*~tactically~*~*~ (outnumbered).
  5617 | D:7      | 5617 ||| Stepping ~*~*~tactically~*~*~ (outnumbered).
  5619 | D:7      | 5619 ||| Stepping ~*~*~tactically~*~*~ (outnumbered).
  5621 | D:7      | 5621 ||| Stepping ~*~*~tactically~*~*~ (outnumbered).
  5623 | D:7      | 5623 ||| Stepping ~*~*~tactically~*~*~ (outnumbered).
  5627 | D:7      | 5627 ||| Stepping ~*~*~tactically~*~*~ (outnumbered).
  5629 | D:7      | 5629 ||| Stepping ~*~*~tactically~*~*~ (outnumbered).
  5637 | D:7      | 5637 ||| Stepping ~*~*~tactically~*~*~ (outnumbered).
  5639 | D:7      | 5639 ||| INVOKING Fiery Armour.
  5640 | D:7      | 5640 ||| Stepping ~*~*~tactically~*~*~ (outnumbered).
  5644 | D:7      | 5644 ||| Stepping ~*~*~tactically~*~*~ (outnumbered).
  5648 | D:7      | 5648 ||| Stepping ~*~*~tactically~*~*~ (outnumbered).
  5650 | D:7      | 5650 ||| Stepping ~*~*~tactically~*~*~ (outnumbered).
  5656 | D:7      | 5656 ||| Stepping ~*~*~tactically~*~*~ (outnumbered).
  5658 | D:7      | 5658 ||| Stepping ~*~*~tactically~*~*~ (outnumbered).
  5665 | D:7      | 5665 ||| Stepping ~*~*~tactically~*~*~ (outnumbered).
  5667 | D:7      | 5667 ||| Stepping ~*~*~tactically~*~*~ (outnumbered).
  5669 | D:7      | 5669 ||| Stepping ~*~*~tactically~*~*~ (outnumbered).
  5673 | D:7      | 5673 ||| Stepping ~*~*~tactically~*~*~ (outnumbered).
  5678 | D:7      | 5678 ||| Stepping ~*~*~tactically~*~*~ (outnumbered).
  5684 | D:7      | 5684 ||| Stepping ~*~*~tactically~*~*~ (outnumbered).
  5686 | D:7      | 5686 ||| Stepping ~*~*~tactically~*~*~ (outnumbered).
  5688 | D:7      | 5688 ||| Stepping ~*~*~tactically~*~*~ (outnumbered).
  5690 | D:7      | 5690 ||| Stepping ~*~*~tactically~*~*~ (outnumbered).
  5697 | D:7      | 5697 ||| Stepping ~*~*~tactically~*~*~ (outnumbered).
  5705 | D:7      | 5705 ||| Stepping ~*~*~tactically~*~*~ (outnumbered).
  5709 | D:7      | 5709 ||| Stepping ~*~*~tactically~*~*~ (outnumbered).
  5711 | D:7      | 5711 ||| Stepping ~*~*~tactically~*~*~ (outnumbered).
  5714 | D:7      | 5714 ||| Stepping ~*~*~tactically~*~*~ (outnumbered).
  5716 | D:7      | 5716 ||| Stepping ~*~*~tactically~*~*~ (outnumbered).
  5720 | D:7      | 5720 ||| Stepping ~*~*~tactically~*~*~ (outnumbered).
  5722 | D:7      | 5722 ||| Stepping ~*~*~tactically~*~*~ (outnumbered).
  5728 | D:7      | 5728 ||| Stepping ~*~*~tactically~*~*~ (outnumbered).
  5732 | D:7      | 5732 ||| Stepping ~*~*~tactically~*~*~ (outnumbered).
  5737 | D:7      | 5737 ||| Stepping ~*~*~tactically~*~*~ (outnumbered).
  5739 | D:7      | 5739 ||| Stepping ~*~*~tactically~*~*~ (outnumbered).
  5743 | D:7      | 5743 ||| Stepping ~*~*~tactically~*~*~ (outnumbered).
  5745 | D:7      | 5745 ||| Stepping ~*~*~tactically~*~*~ (outnumbered).
  5750 | D:7      | 5750 ||| Stepping ~*~*~tactically~*~*~ (outnumbered).
  5757 | D:7      | 5757 ||| Stepping ~*~*~tactically~*~*~ (outnumbered).
  5765 | D:7      | 5765 ||| INVOKING Fiery Armour.
  5766 | D:7      | 5766 ||| Stepping ~*~*~tactically~*~*~ (outnumbered).
  5771 | D:7      | 5771 ||| Stepping ~*~*~tactically~*~*~ (outnumbered).
  5781 | D:7      | 5781 ||| Stepping ~*~*~tactically~*~*~ (outnumbered).
  5788 | D:7      | 5788 ||| Stepping ~*~*~tactically~*~*~ (outnumbered).
  5795 | D:7      | 5795 ||| Stepping ~*~*~tactically~*~*~ (outnumbered).
  5797 | D:7      | 5797 ||| Stepping ~*~*~tactically~*~*~ (outnumbered).
  5801 | D:7      | 5801 ||| Stepping ~*~*~tactically~*~*~ (outnumbered).
  5809 | D:7      | 5809 ||| Stepping ~*~*~tactically~*~*~ (outnumbered).
  5813 | D:7      | 5813 ||| Stepping ~*~*~tactically~*~*~ (outnumbered).
  5817 | D:7      | 5817 ||| Stepping ~*~*~tactically~*~*~ (outnumbered).
  5820 | D:7      | 5820 ||| Stepping ~*~*~tactically~*~*~ (outnumbered).
  5826 | D:7      | 5826 ||| Stepping ~*~*~tactically~*~*~ (outnumbered).
  5832 | D:7      | 5832 ||| Stepping ~*~*~tactically~*~*~ (outnumbered).
  5843 | D:7      | 5843 ||| Stepping ~*~*~tactically~*~*~ (outnumbered).
  5849 | D:7      | 5849 ||| Stepping ~*~*~tactically~*~*~ (outnumbered).
  5856 | D:7      | 5856 ||| Stepping ~*~*~tactically~*~*~ (outnumbered).
  5858 | D:7      | 5858 ||| Stepping ~*~*~tactically~*~*~ (outnumbered).
  5860 | D:7      | 5860 ||| Stepping ~*~*~tactically~*~*~ (outnumbered).
  5869 | D:7      | 5869 ||| Stepping ~*~*~tactically~*~*~ (outnumbered).
  5871 | D:7      | 5871 ||| Stepping ~*~*~tactically~*~*~ (outnumbered).
  5878 | D:7      | 5878 ||| INVOKING Fiery Armour.
  5879 | D:7      | 5879 ||| Stepping ~*~*~tactically~*~*~ (outnumbered).
  5885 | D:7      | 5885 ||| Stepping ~*~*~tactically~*~*~ (outnumbered).
  5888 | D:7      | 5888 ||| Stepping ~*~*~tactically~*~*~ (outnumbered).
  5894 | D:7      | 5894 ||| Stepping ~*~*~tactically~*~*~ (outnumbered).
  5898 | D:7      | 5898 ||| Stepping ~*~*~tactically~*~*~ (outnumbered).
  5900 | D:7      | 5900 ||| Stepping ~*~*~tactically~*~*~ (outnumbered).
  5902 | D:7      | 5902 ||| Stepping ~*~*~tactically~*~*~ (outnumbered).
  5904 | D:7      | 5904 ||| Stepping ~*~*~tactically~*~*~ (outnumbered).
  5908 | D:7      | 5908 ||| Stepping ~*~*~tactically~*~*~ (outnumbered).
  5915 | D:7      | 5915 ||| Stepping ~*~*~tactically~*~*~ (outnumbered).
  5919 | D:7      | 5919 ||| Stepping ~*~*~tactically~*~*~ (outnumbered).
  5921 | D:7      | 5921 ||| Stepping ~*~*~tactically~*~*~ (outnumbered).
  5925 | D:7      | 5925 ||| Stepping ~*~*~tactically~*~*~ (outnumbered).
  5930 | D:7      | 5930 ||| Stepping ~*~*~tactically~*~*~ (outnumbered).
  5935 | D:7      | 5935 ||| Stepping ~*~*~tactically~*~*~ (outnumbered).
  5940 | D:7      | 5940 ||| Stepping ~*~*~tactically~*~*~ (outnumbered).
  5944 | D:7      | 5944 ||| Stepping ~*~*~tactically~*~*~ (outnumbered).
  5955 | D:7      | 5955 ||| Stepping ~*~*~tactically~*~*~ (outnumbered).
  5957 | D:7      | 5957 ||| Stepping ~*~*~tactically~*~*~ (outnumbered).
  5964 | D:7      | 5964 ||| Stepping ~*~*~tactically~*~*~ (outnumbered).
  5966 | D:7      | 5966 ||| Stepping ~*~*~tactically~*~*~ (outnumbered).
  5975 | D:7      | 5975 ||| Stepping ~*~*~tactically~*~*~ (outnumbered).
  5977 | D:7      | 5977 ||| Stepping ~*~*~tactically~*~*~ (outnumbered).
  5979 | D:7      | 5979 ||| Stepping ~*~*~tactically~*~*~ (outnumbered).
  5984 | D:7      | 5984 ||| Stepping ~*~*~tactically~*~*~ (outnumbered).
  5986 | D:7      | 5986 ||| Stepping ~*~*~tactically~*~*~ (outnumbered).
  5990 | D:7      | 5990 ||| Stepping ~*~*~tactically~*~*~ (outnumbered).
  5997 | D:7      | 5997 ||| Stepping ~*~*~tactically~*~*~ (outnumbered).
  5999 | D:7      | 5999 ||| Stepping ~*~*~tactically~*~*~ (outnumbered).
  6003 | D:7      | 6003 ||| INVOKING Fiery Armour.
  6004 | D:7      | 6004 ||| Stepping ~*~*~tactically~*~*~ (outnumbered).
  6014 | D:7      | 6014 ||| Stepping ~*~*~tactically~*~*~ (outnumbered).
  6030 | D:7      | 6030 ||| Stepping ~*~*~tactically~*~*~ (outnumbered).
  6034 | D:7      | 6034 ||| Stepping ~*~*~tactically~*~*~ (outnumbered).
  6039 | D:7      | 6039 ||| Stepping ~*~*~tactically~*~*~ (outnumbered).
  6045 | D:7      | 6045 ||| Stepping ~*~*~tactically~*~*~ (outnumbered).
  6047 | D:7      | 6047 ||| Stepping ~*~*~tactically~*~*~ (outnumbered).
  6049 | D:7      | 6049 ||| Stepping ~*~*~tactically~*~*~ (outnumbered).
  6054 | D:7      | 6054 ||| Stepping ~*~*~tactically~*~*~ (outnumbered).
  6059 | D:7      | 6059 ||| Stepping ~*~*~tactically~*~*~ (outnumbered).
  6065 | D:7      | 6065 ||| Stepping ~*~*~tactically~*~*~ (outnumbered).
  6072 | D:7      | 6072 ||| Stepping ~*~*~tactically~*~*~ (outnumbered).
  6076 | D:7      | 6076 ||| Stepping ~*~*~tactically~*~*~ (outnumbered).
  6083 | D:7      | 6083 ||| Stepping ~*~*~tactically~*~*~ (outnumbered).
  6088 | D:7      | 6088 ||| Stepping ~*~*~tactically~*~*~ (outnumbered).
  6091 | D:7      | 6091 ||| Stepping ~*~*~tactically~*~*~ (outnumbered).
  6097 | D:7      | 6097 ||| Stepping ~*~*~tactically~*~*~ (outnumbered).
  6105 | D:7      | 6105 ||| Stepping ~*~*~tactically~*~*~ (outnumbered).
  6111 | D:7      | 6111 ||| INVOKING Fiery Armour.
  6112 | D:7      | 6112 ||| Stepping ~*~*~tactically~*~*~ (outnumbered).
  6115 | D:7      | 6115 ||| Stepping ~*~*~tactically~*~*~ (outnumbered).
  6117 | D:7      | 6117 ||| Stepping ~*~*~tactically~*~*~ (outnumbered).
  6122 | D:7      | 6122 ||| Stepping ~*~*~tactically~*~*~ (outnumbered).
  6124 | D:7      | 6124 ||| Stepping ~*~*~tactically~*~*~ (outnumbered).
  6129 | D:7      | 6129 ||| Stepping ~*~*~tactically~*~*~ (outnumbered).
  6131 | D:7      | 6131 ||| Stepping ~*~*~tactically~*~*~ (outnumbered).
  6137 | D:7      | 6137 ||| Stepping ~*~*~tactically~*~*~ (outnumbered).
  6140 | D:7      | 6140 ||| Stepping ~*~*~tactically~*~*~ (outnumbered).
  6143 | D:7      | 6143 ||| Stepping ~*~*~tactically~*~*~ (outnumbered).
  6145 | D:7      | 6145 ||| Stepping ~*~*~tactically~*~*~ (outnumbered).
  6156 | D:7      | 6156 ||| Stepping ~*~*~tactically~*~*~ (outnumbered).
  6162 | D:7      | 6162 ||| Stepping ~*~*~tactically~*~*~ (outnumbered).
  6164 | D:7      | 6164 ||| Stepping ~*~*~tactically~*~*~ (outnumbered).
  6166 | D:7      | 6166 ||| Stepping ~*~*~tactically~*~*~ (outnumbered).
  6170 | D:7      | 6170 ||| Stepping ~*~*~tactically~*~*~ (outnumbered).
  6174 | D:7      | 6174 ||| Stepping ~*~*~tactically~*~*~ (outnumbered).
  6178 | D:7      | 6178 ||| Stepping ~*~*~tactically~*~*~ (outnumbered).
  6180 | D:7      | 6180 ||| Stepping ~*~*~tactically~*~*~ (outnumbered).
  6182 | D:7      | 6182 ||| Stepping ~*~*~tactically~*~*~ (outnumbered).
  6185 | D:7      | 6185 ||| Stepping ~*~*~tactically~*~*~ (outnumbered).
  6187 | D:7      | 6187 ||| Stepping ~*~*~tactically~*~*~ (outnumbered).
  6194 | D:7      | 6194 ||| Stepping ~*~*~tactically~*~*~ (outnumbered).
  6205 | D:7      | 6205 ||| Stepping ~*~*~tactically~*~*~ (outnumbered).
  6207 | D:7      | 6207 ||| Stepping ~*~*~tactically~*~*~ (outnumbered).
  6214 | D:7      | 6214 ||| Stepping ~*~*~tactically~*~*~ (outnumbered).
  6219 | D:7      | 6219 ||| Stepping ~*~*~tactically~*~*~ (outnumbered).
  6222 | D:7      | 6222 ||| Stepping ~*~*~tactically~*~*~ (outnumbered).
  6226 | D:7      | 6226 ||| Stepping ~*~*~tactically~*~*~ (outnumbered).
  6228 | D:7      | 6228 ||| Stepping ~*~*~tactically~*~*~ (outnumbered).
  6231 | D:7      | 6231 ||| INVOKING Fiery Armour.
  6232 | D:7      | 6232 ||| Stepping ~*~*~tactically~*~*~ (outnumbered).
  6241 | D:7      | 6241 ||| Stepping ~*~*~tactically~*~*~ (outnumbered).
  6250 | D:7      | 6250 ||| Stepping ~*~*~tactically~*~*~ (outnumbered).
  6253 | D:7      | 6253 ||| Stepping ~*~*~tactically~*~*~ (outnumbered).
  6258 | D:7      | 6258 ||| Stepping ~*~*~tactically~*~*~ (outnumbered).
  6261 | D:7      | 6261 ||| Stepping ~*~*~tactically~*~*~ (outnumbered).
  6265 | D:7      | 6265 ||| Stepping ~*~*~tactically~*~*~ (outnumbered).
  6270 | D:7      | 6270 ||| Stepping ~*~*~tactically~*~*~ (outnumbered).
  6272 | D:7      | 6272 ||| Stepping ~*~*~tactically~*~*~ (outnumbered).
  6276 | D:7      | 6276 ||| Stepping ~*~*~tactically~*~*~ (outnumbered).
  6283 | D:7      | 6283 ||| Stepping ~*~*~tactically~*~*~ (outnumbered).
  6286 | D:7      | 6286 ||| Stepping ~*~*~tactically~*~*~ (outnumbered).
  6291 | D:7      | 6291 ||| Stepping ~*~*~tactically~*~*~ (outnumbered).
  6293 | D:7      | 6293 ||| Stepping ~*~*~tactically~*~*~ (outnumbered).
  6296 | D:7      | 6296 ||| Stepping ~*~*~tactically~*~*~ (outnumbered).
  6299 | D:7      | 6299 ||| Stepping ~*~*~tactically~*~*~ (outnumbered).
  6301 | D:7      | 6301 ||| Stepping ~*~*~tactically~*~*~ (outnumbered).
  6310 | D:7      | 6310 ||| Stepping ~*~*~tactically~*~*~ (outnumbered).
  6318 | D:7      | 6318 ||| Stepping ~*~*~tactically~*~*~ (outnumbered).
  6328 | D:7      | 6328 ||| Stepping ~*~*~tactically~*~*~ (outnumbered).
  6330 | D:7      | 6330 ||| Stepping ~*~*~tactically~*~*~ (outnumbered).
  6332 | D:7      | 6332 ||| Stepping ~*~*~tactically~*~*~ (outnumbered).
  6335 | D:7      | 6335 ||| Stepping ~*~*~tactically~*~*~ (outnumbered).
  6337 | D:7      | 6337 ||| Stepping ~*~*~tactically~*~*~ (outnumbered).
  6344 | D:7      | 6344 ||| Stepping ~*~*~tactically~*~*~ (outnumbered).
  6346 | D:7      | 6346 ||| Stepping ~*~*~tactically~*~*~ (outnumbered).
  6353 | D:7      | 6353 ||| Stepping ~*~*~tactically~*~*~ (outnumbered).
  6355 | D:7      | 6355 ||| INVOKING Fiery Armour.
  6356 | D:7      | 6356 ||| Stepping ~*~*~tactically~*~*~ (outnumbered).
  6365 | D:7      | 6365 ||| Stepping ~*~*~tactically~*~*~ (outnumbered).
  6367 | D:7      | 6367 ||| Stepping ~*~*~tactically~*~*~ (outnumbered).
  6369 | D:7      | 6369 ||| Stepping ~*~*~tactically~*~*~ (outnumbered).
  6375 | D:7      | 6375 ||| Stepping ~*~*~tactically~*~*~ (outnumbered).
  6377 | D:7      | 6377 ||| Stepping ~*~*~tactically~*~*~ (outnumbered).
  6386 | D:7      | 6386 ||| Stepping ~*~*~tactically~*~*~ (outnumbered).
  6389 | D:7      | 6389 ||| Stepping ~*~*~tactically~*~*~ (outnumbered).
  6393 | D:7      | 6393 ||| Stepping ~*~*~tactically~*~*~ (outnumbered).
  6397 | D:7      | 6397 ||| Stepping ~*~*~tactically~*~*~ (outnumbered).
  6399 | D:7      | 6399 ||| Stepping ~*~*~tactically~*~*~ (outnumbered).
  6404 | D:7      | 6404 ||| Stepping ~*~*~tactically~*~*~ (outnumbered).
  6409 | D:7      | 6409 ||| Stepping ~*~*~tactically~*~*~ (outnumbered).
  6411 | D:7      | 6411 ||| Stepping ~*~*~tactically~*~*~ (outnumbered).
  6413 | D:7      | 6413 ||| Stepping ~*~*~tactically~*~*~ (outnumbered).
  6415 | D:7      | 6415 ||| Stepping ~*~*~tactically~*~*~ (outnumbered).
  6424 | D:7      | 6424 ||| Stepping ~*~*~tactically~*~*~ (outnumbered).
  6432 | D:7      | 6432 ||| Stepping ~*~*~tactically~*~*~ (outnumbered).
  6437 | D:7      | 6437 ||| Stepping ~*~*~tactically~*~*~ (outnumbered).
  6444 | D:7      | 6444 ||| Stepping ~*~*~tactically~*~*~ (outnumbered).
  6449 | D:7      | 6449 ||| Stepping ~*~*~tactically~*~*~ (outnumbered).
  6451 | D:7      | 6451 ||| Stepping ~*~*~tactically~*~*~ (outnumbered).
  6455 | D:7      | 6455 ||| Stepping ~*~*~tactically~*~*~ (outnumbered).
  6462 | D:7      | 6462 ||| Stepping ~*~*~tactically~*~*~ (outnumbered).
  6466 | D:7      | 6466 ||| Stepping ~*~*~tactically~*~*~ (outnumbered).
  6468 | D:7      | 6468 ||| Stepping ~*~*~tactically~*~*~ (outnumbered).
  6470 | D:7      | 6470 ||| Stepping ~*~*~tactically~*~*~ (outnumbered).
  6479 | D:7      | 6479 ||| Stepping ~*~*~tactically~*~*~ (outnumbered).
  6481 | D:7      | 6481 ||| Stepping ~*~*~tactically~*~*~ (outnumbered).
  6491 | D:7      | 6491 ||| Stepping ~*~*~tactically~*~*~ (outnumbered).
  6493 | D:7      | 6493 ||| Stepping ~*~*~tactically~*~*~ (outnumbered).
  6502 | D:7      | 6502 ||| Stepping ~*~*~tactically~*~*~ (outnumbered).
  6511 | D:7      | 6511 ||| Stepping ~*~*~tactically~*~*~ (outnumbered).
  6521 | D:7      | 6521 ||| Stepping ~*~*~tactically~*~*~ (outnumbered).
  6525 | D:7      | 6525 ||| Stepping ~*~*~tactically~*~*~ (outnumbered).
  6527 | D:7      | 6527 ||| Stepping ~*~*~tactically~*~*~ (outnumbered).
  6538 | D:7      | 6538 ||| Stepping ~*~*~tactically~*~*~ (outnumbered).
  6540 | D:7      | 6540 ||| Stepping ~*~*~tactically~*~*~ (outnumbered).
  6553 | D:7      | 6553 ||| Stepping ~*~*~tactically~*~*~ (outnumbered).
  6561 | D:7      | 6561 ||| Stepping ~*~*~tactically~*~*~ (outnumbered).
  6566 | D:7      | 6566 ||| Stepping ~*~*~tactically~*~*~ (outnumbered).
  6568 | D:7      | 6568 ||| Stepping ~*~*~tactically~*~*~ (outnumbered).
  6573 | D:7      | 6573 ||| Stepping ~*~*~tactically~*~*~ (outnumbered).
  6583 | D:7      | 6583 ||| Stepping ~*~*~tactically~*~*~ (outnumbered).
  6587 | D:7      | 6587 ||| Stepping ~*~*~tactically~*~*~ (outnumbered).
  6596 | D:7      | 6596 ||| Stepping ~*~*~tactically~*~*~ (outnumbered).
  6600 | D:7      | 6600 ||| Stepping ~*~*~tactically~*~*~ (outnumbered).
  6602 | D:7      | 6602 ||| Stepping ~*~*~tactically~*~*~ (outnumbered).
  6608 | D:7      | 6608 ||| Stepping ~*~*~tactically~*~*~ (outnumbered).
  6618 | D:7      | 6618 ||| Stepping ~*~*~tactically~*~*~ (outnumbered).
  6621 | D:7      | 6621 ||| Stepping ~*~*~tactically~*~*~ (outnumbered).
  6627 | D:7      | 6627 ||| Stepping ~*~*~tactically~*~*~ (outnumbered).
  6629 | D:7      | 6629 ||| Stepping ~*~*~tactically~*~*~ (outnumbered).
  6637 | D:7      | 6637 ||| Stepping ~*~*~tactically~*~*~ (outnumbered).
  6639 | D:7      | 6639 ||| Stepping ~*~*~tactically~*~*~ (outnumbered).
  6641 | D:7      | 6641 ||| Stepping ~*~*~tactically~*~*~ (outnumbered).
  6650 | D:7      | 6650 ||| Stepping ~*~*~tactically~*~*~ (outnumbered).
  6654 | D:7      | 6654 ||| Stepping ~*~*~tactically~*~*~ (outnumbered).
  6656 | D:7      | 6656 ||| Stepping ~*~*~tactically~*~*~ (outnumbered).
  6659 | D:7      | 6659 ||| Stepping ~*~*~tactically~*~*~ (outnumbered).
  6661 | D:7      | 6661 ||| Stepping ~*~*~tactically~*~*~ (outnumbered).
  6666 | D:7      | 6666 ||| Stepping ~*~*~tactically~*~*~ (outnumbered).
  6671 | D:7      | 6671 ||| Stepping ~*~*~tactically~*~*~ (outnumbered).
  6680 | D:7      | 6680 ||| Stepping ~*~*~tactically~*~*~ (outnumbered).
  6683 | D:7      | 6683 ||| Stepping ~*~*~tactically~*~*~ (outnumbered).
  6689 | D:7      | 6689 ||| Stepping ~*~*~tactically~*~*~ (outnumbered).
  6694 | D:7      | 6694 ||| Stepping ~*~*~tactically~*~*~ (outnumbered).
  6699 | D:7      | 6699 ||| Stepping ~*~*~tactically~*~*~ (outnumbered).
  6702 | D:7      | 6702 ||| Stepping ~*~*~tactically~*~*~ (outnumbered).
  6704 | D:7      | 6704 ||| Stepping ~*~*~tactically~*~*~ (outnumbered).
  6711 | D:7      | 6711 ||| Stepping ~*~*~tactically~*~*~ (outnumbered).
  6716 | D:7      | 6716 ||| Stepping ~*~*~tactically~*~*~ (outnumbered).
  6718 | D:7      | 6718 ||| Stepping ~*~*~tactically~*~*~ (outnumbered).
  6721 | D:7      | 6721 ||| Stepping ~*~*~tactically~*~*~ (outnumbered).
  6724 | D:7      | 6724 ||| Stepping ~*~*~tactically~*~*~ (outnumbered).
  6728 | D:7      | 6728 ||| Stepping ~*~*~tactically~*~*~ (outnumbered).
  6730 | D:7      | 6730 ||| Stepping ~*~*~tactically~*~*~ (outnumbered).
  6732 | D:7      | 6732 ||| Stepping ~*~*~tactically~*~*~ (outnumbered).
  6737 | D:7      | 6737 ||| Stepping ~*~*~tactically~*~*~ (outnumbered).
  6745 | D:7      | 6745 ||| Stepping ~*~*~tactically~*~*~ (outnumbered).
  6747 | D:7      | 6747 ||| Stepping ~*~*~tactically~*~*~ (outnumbered).
  6758 | D:7      | 6758 ||| Stepping ~*~*~tactically~*~*~ (outnumbered).
  6775 | D:7      | 6775 ||| Stepping ~*~*~tactically~*~*~ (outnumbered).
  6780 | D:7      | 6780 ||| Stepping ~*~*~tactically~*~*~ (outnumbered).
  6791 | D:7      | 6791 ||| Stepping ~*~*~tactically~*~*~ (outnumbered).
  6793 | D:7      | 6793 ||| Stepping ~*~*~tactically~*~*~ (outnumbered).
  6795 | D:7      | 6795 ||| Stepping ~*~*~tactically~*~*~ (outnumbered).
  6799 | D:7      | 6799 ||| Stepping ~*~*~tactically~*~*~ (outnumbered).
  6804 | D:7      | 6804 ||| Stepping ~*~*~tactically~*~*~ (outnumbered).
  6811 | D:7      | 6811 ||| Stepping ~*~*~tactically~*~*~ (outnumbered).
  6817 | D:7      | 6817 ||| Stepping ~*~*~tactically~*~*~ (outnumbered).
  6820 | D:7      | 6820 ||| Stepping ~*~*~tactically~*~*~ (outnumbered).
  6822 | D:7      | 6822 ||| Stepping ~*~*~tactically~*~*~ (outnumbered).
  6835 | D:7      | 6835 ||| Stepping ~*~*~tactically~*~*~ (outnumbered).
  6839 | D:7      | 6839 ||| Stepping ~*~*~tactically~*~*~ (outnumbered).
  6841 | D:7      | 6841 ||| Stepping ~*~*~tactically~*~*~ (outnumbered).
  6849 | D:7      | 6849 ||| Stepping ~*~*~tactically~*~*~ (outnumbered).
  6852 | D:7      | 6852 ||| Stepping ~*~*~tactically~*~*~ (outnumbered).
  6854 | D:7      | 6854 ||| Stepping ~*~*~tactically~*~*~ (outnumbered).
  6860 | D:7      | 6860 ||| Stepping ~*~*~tactically~*~*~ (outnumbered).
  6864 | D:7      | 6864 ||| Stepping ~*~*~tactically~*~*~ (outnumbered).
  6869 | D:7      | 6869 ||| Stepping ~*~*~tactically~*~*~ (outnumbered).
  6875 | D:7      | 6875 ||| Stepping ~*~*~tactically~*~*~ (outnumbered).
  6877 | D:7      | 6877 ||| Stepping ~*~*~tactically~*~*~ (outnumbered).
  6882 | D:7      | 6882 ||| Stepping ~*~*~tactically~*~*~ (outnumbered).
  6884 | D:7      | 6884 ||| Stepping ~*~*~tactically~*~*~ (outnumbered).
  6890 | D:7      | 6890 ||| Stepping ~*~*~tactically~*~*~ (outnumbered).
  6898 | D:7      | 6898 ||| Stepping ~*~*~tactically~*~*~ (outnumbered).
  6900 | D:7      | 6900 ||| Stepping ~*~*~tactically~*~*~ (outnumbered).
  6903 | D:7      | 6903 ||| Stepping ~*~*~tactically~*~*~ (outnumbered).
  6907 | D:7      | 6907 ||| Stepping ~*~*~tactically~*~*~ (outnumbered).
  6911 | D:7      | 6911 ||| Stepping ~*~*~tactically~*~*~ (outnumbered).
  6916 | D:7      | 6916 ||| Stepping ~*~*~tactically~*~*~ (outnumbered).
  6920 | D:7      | 6920 ||| Stepping ~*~*~tactically~*~*~ (outnumbered).
  6923 | D:7      | 6923 ||| Stepping ~*~*~tactically~*~*~ (outnumbered).
  6929 | D:7      | 6929 ||| Stepping ~*~*~tactically~*~*~ (outnumbered).
  6933 | D:7      | 6933 ||| Stepping ~*~*~tactically~*~*~ (outnumbered).
  6945 | D:7      | 6945 ||| Stepping ~*~*~tactically~*~*~ (outnumbered).
  6947 | D:7      | 6947 ||| Stepping ~*~*~tactically~*~*~ (outnumbered).
  6949 | D:7      | 6949 ||| Stepping ~*~*~tactically~*~*~ (outnumbered).
  6956 | D:7      | 6956 ||| Stepping ~*~*~tactically~*~*~ (outnumbered).
  6958 | D:7      | 6958 ||| Stepping ~*~*~tactically~*~*~ (outnumbered).
  6960 | D:7      | 6960 ||| Stepping ~*~*~tactically~*~*~ (outnumbered).
  6963 | D:7      | 6963 ||| Stepping ~*~*~tactically~*~*~ (outnumbered).
  6968 | D:7      | 6968 ||| Stepping ~*~*~tactically~*~*~ (outnumbered).
  6974 | D:7      | 6974 ||| Stepping ~*~*~tactically~*~*~ (outnumbered).
  6982 | D:7      | 6982 ||| Stepping ~*~*~tactically~*~*~ (outnumbered).
  6992 | D:7      | 6992 ||| Stepping ~*~*~tactically~*~*~ (outnumbered).
  6994 | D:7      | 6994 ||| Stepping ~*~*~tactically~*~*~ (outnumbered).
  6997 | D:7      | 6997 ||| Stepping ~*~*~tactically~*~*~ (outnumbered).
  7000 | D:7      | 7000 ||| Stepping ~*~*~tactically~*~*~ (outnumbered).
  7004 | D:7      | 7004 ||| Stepping ~*~*~tactically~*~*~ (outnumbered).
  7006 | D:7      | 7006 ||| Stepping ~*~*~tactically~*~*~ (outnumbered).
  7018 | D:7      | 7018 ||| Stepping ~*~*~tactically~*~*~ (outnumbered).
  7020 | D:7      | 7020 ||| Stepping ~*~*~tactically~*~*~ (outnumbered).
  7022 | D:7      | 7022 ||| Stepping ~*~*~tactically~*~*~ (outnumbered).
  7024 | D:7      | 7024 ||| Stepping ~*~*~tactically~*~*~ (outnumbered).
  7028 | D:7      | 7028 ||| Stepping ~*~*~tactically~*~*~ (outnumbered).
  7032 | D:7      | 7032 ||| Stepping ~*~*~tactically~*~*~ (outnumbered).
  7041 | D:7      | 7041 ||| Stepping ~*~*~tactically~*~*~ (outnumbered).
  7048 | D:7      | 7048 ||| Stepping ~*~*~tactically~*~*~ (outnumbered).
  7050 | D:7      | 7050 ||| Stepping ~*~*~tactically~*~*~ (outnumbered).
  7059 | D:7      | 7059 ||| Stepping ~*~*~tactically~*~*~ (outnumbered).
  7063 | D:7      | 7063 ||| Stepping ~*~*~tactically~*~*~ (outnumbered).
  7066 | D:7      | 7066 ||| Stepping ~*~*~tactically~*~*~ (outnumbered).
  7069 | D:7      | 7069 ||| Stepping ~*~*~tactically~*~*~ (outnumbered).
  7076 | D:7      | 7076 ||| Stepping ~*~*~tactically~*~*~ (outnumbered).
  7079 | D:7      | 7079 ||| Stepping ~*~*~tactically~*~*~ (outnumbered).
  7086 | D:7      | 7086 ||| Stepping ~*~*~tactically~*~*~ (outnumbered).
  7091 | D:7      | 7091 ||| Stepping ~*~*~tactically~*~*~ (outnumbered).
  7098 | D:7      | 7098 ||| Stepping ~*~*~tactically~*~*~ (outnumbered).
  7102 | D:7      | 7102 ||| Stepping ~*~*~tactically~*~*~ (outnumbered).
  7114 | D:7      | 7114 ||| Stepping ~*~*~tactically~*~*~ (outnumbered).
  7116 | D:7      | 7116 ||| Stepping ~*~*~tactically~*~*~ (outnumbered).
  7129 | D:7      | 7129 ||| Stepping ~*~*~tactically~*~*~ (outnumbered).
  7136 | D:7      | 7136 ||| Stepping ~*~*~tactically~*~*~ (outnumbered).
  7138 | D:7      | 7138 ||| Stepping ~*~*~tactically~*~*~ (outnumbered).
  7142 | D:7      | 7142 ||| Stepping ~*~*~tactically~*~*~ (outnumbered).
  7145 | D:7      | 7145 ||| Stepping ~*~*~tactically~*~*~ (outnumbered).
  7152 | D:7      | 7152 ||| Stepping ~*~*~tactically~*~*~ (outnumbered).
  7158 | D:7      | 7158 ||| Stepping ~*~*~tactically~*~*~ (outnumbered).
  7160 | D:7      | 7160 ||| Stepping ~*~*~tactically~*~*~ (outnumbered).
  7162 | D:7      | 7162 ||| Stepping ~*~*~tactically~*~*~ (outnumbered).
  7168 | D:7      | 7168 ||| Stepping ~*~*~tactically~*~*~ (outnumbered).
  7176 | D:7      | 7176 ||| Stepping ~*~*~tactically~*~*~ (outnumbered).
  7179 | D:7      | 7179 ||| Stepping ~*~*~tactically~*~*~ (outnumbered).
  7181 | D:7      | 7181 ||| Stepping ~*~*~tactically~*~*~ (outnumbered).
  7191 | D:7      | 7191 ||| Stepping ~*~*~tactically~*~*~ (outnumbered).
  7193 | D:7      | 7193 ||| Stepping ~*~*~tactically~*~*~ (outnumbered).
  7206 | D:7      | 7206 ||| Stepping ~*~*~tactically~*~*~ (outnumbered).
  7210 | D:7      | 7210 ||| Stepping ~*~*~tactically~*~*~ (outnumbered).
  7217 | D:7      | 7217 ||| Stepping ~*~*~tactically~*~*~ (outnumbered).
  7222 | D:7      | 7222 ||| Stepping ~*~*~tactically~*~*~ (outnumbered).
  7226 | D:7      | 7226 ||| Stepping ~*~*~tactically~*~*~ (outnumbered).
  7234 | D:7      | 7234 ||| Stepping ~*~*~tactically~*~*~ (outnumbered).
  7245 | D:7      | 7245 ||| Stepping ~*~*~tactically~*~*~ (outnumbered).
  7247 | D:7      | 7247 ||| Stepping ~*~*~tactically~*~*~ (outnumbered).
  7251 | D:7      | 7251 ||| Stepping ~*~*~tactically~*~*~ (outnumbered).
  7253 | D:7      | 7253 ||| Stepping ~*~*~tactically~*~*~ (outnumbered).
  7256 | D:7      | 7256 ||| Stepping ~*~*~tactically~*~*~ (outnumbered).
  7260 | D:7      | 7260 ||| Stepping ~*~*~tactically~*~*~ (outnumbered).
  7271 | D:7      | 7271 ||| Stepping ~*~*~tactically~*~*~ (outnumbered).
  7273 | D:7      | 7273 ||| Stepping ~*~*~tactically~*~*~ (outnumbered).
  7282 | D:7      | 7282 ||| Stepping ~*~*~tactically~*~*~ (outnumbered).
  7284 | D:7      | 7284 ||| Stepping ~*~*~tactically~*~*~ (outnumbered).
  7294 | D:7      | 7294 ||| Stepping ~*~*~tactically~*~*~ (outnumbered).
  7297 | D:7      | 7297 ||| Stepping ~*~*~tactically~*~*~ (outnumbered).
  7301 | D:7      | 7301 ||| Stepping ~*~*~tactically~*~*~ (outnumbered).
  7304 | D:7      | 7304 ||| Stepping ~*~*~tactically~*~*~ (outnumbered).
  7306 | D:7      | 7306 ||| Stepping ~*~*~tactically~*~*~ (outnumbered).
  7311 | D:7      | 7311 ||| Stepping ~*~*~tactically~*~*~ (outnumbered).
  7319 | D:7      | 7319 ||| Stepping ~*~*~tactically~*~*~ (outnumbered).
  7323 | D:7      | 7323 ||| Stepping ~*~*~tactically~*~*~ (outnumbered).
  7333 | D:7      | 7333 ||| Stepping ~*~*~tactically~*~*~ (outnumbered).
  7340 | D:7      | 7340 ||| Stepping ~*~*~tactically~*~*~ (outnumbered).
  7346 | D:7      | 7346 ||| Stepping ~*~*~tactically~*~*~ (outnumbered).
  7348 | D:7      | 7348 ||| Stepping ~*~*~tactically~*~*~ (outnumbered).
  7351 | D:7      | 7351 ||| Stepping ~*~*~tactically~*~*~ (outnumbered).
  7361 | D:7      | 7361 ||| Stepping ~*~*~tactically~*~*~ (outnumbered).
  7371 | D:7      | 7371 ||| Stepping ~*~*~tactically~*~*~ (outnumbered).
  7374 | D:7      | 7374 ||| Stepping ~*~*~tactically~*~*~ (outnumbered).
  7382 | D:7      | 7382 ||| Stepping ~*~*~tactically~*~*~ (outnumbered).
  7386 | D:7      | 7386 ||| Stepping ~*~*~tactically~*~*~ (outnumbered).
  7390 | D:7      | 7390 ||| Stepping ~*~*~tactically~*~*~ (outnumbered).
  7398 | D:7      | 7398 ||| Stepping ~*~*~tactically~*~*~ (outnumbered).
  7408 | D:7      | 7408 ||| Stepping ~*~*~tactically~*~*~ (outnumbered).
  7410 | D:7      | 7410 ||| Stepping ~*~*~tactically~*~*~ (outnumbered).
  7415 | D:7      | 7415 ||| Stepping ~*~*~tactically~*~*~ (outnumbered).
  7425 | D:7      | 7425 ||| Stepping ~*~*~tactically~*~*~ (outnumbered).
  7429 | D:7      | 7429 ||| Stepping ~*~*~tactically~*~*~ (outnumbered).
  7434 | D:7      | 7434 ||| Stepping ~*~*~tactically~*~*~ (outnumbered).
  7436 | D:7      | 7436 ||| Stepping ~*~*~tactically~*~*~ (outnumbered).
  7438 | D:7      | 7438 ||| Stepping ~*~*~tactically~*~*~ (outnumbered).
  7445 | D:7      | 7445 ||| Stepping ~*~*~tactically~*~*~ (outnumbered).
  7456 | D:7      | 7456 ||| Stepping ~*~*~tactically~*~*~ (outnumbered).
  7460 | D:7      | 7460 ||| Stepping ~*~*~tactically~*~*~ (outnumbered).
  7464 | D:7      | 7464 ||| Stepping ~*~*~tactically~*~*~ (outnumbered).
  7473 | D:7      | 7473 ||| Stepping ~*~*~tactically~*~*~ (outnumbered).
  7475 | D:7      | 7475 ||| Stepping ~*~*~tactically~*~*~ (outnumbered).
  7477 | D:7      | 7477 ||| Stepping ~*~*~tactically~*~*~ (outnumbered).
  7481 | D:7      | 7481 ||| Stepping ~*~*~tactically~*~*~ (outnumbered).
  7489 | D:7      | 7489 ||| Stepping ~*~*~tactically~*~*~ (outnumbered).
  7491 | D:7      | 7491 ||| Stepping ~*~*~tactically~*~*~ (outnumbered).
  7493 | D:7      | 7493 ||| Stepping ~*~*~tactically~*~*~ (outnumbered).
  7495 | D:7      | 7495 ||| Stepping ~*~*~tactically~*~*~ (outnumbered).
  7497 | D:7      | 7497 ||| Stepping ~*~*~tactically~*~*~ (outnumbered).
  7499 | D:7      | 7499 ||| Stepping ~*~*~tactically~*~*~ (outnumbered).
  7501 | D:7      | 7501 ||| Stepping ~*~*~tactically~*~*~ (outnumbered).
  7503 | D:7      | 7503 ||| Stepping ~*~*~tactically~*~*~ (outnumbered).
  7510 | D:7      | 7510 ||| Stepping ~*~*~tactically~*~*~ (outnumbered).
  7514 | D:7      | 7514 ||| Stepping ~*~*~tactically~*~*~ (outnumbered).
  7519 | D:7      | 7519 ||| Stepping ~*~*~tactically~*~*~ (outnumbered).
  7529 | D:7      | 7529 ||| Stepping ~*~*~tactically~*~*~ (outnumbered).
  7534 | D:7      | 7534 ||| Stepping ~*~*~tactically~*~*~ (outnumbered).
  7537 | D:7      | 7537 ||| Stepping ~*~*~tactically~*~*~ (outnumbered).
  7541 | D:7      | 7541 ||| Stepping ~*~*~tactically~*~*~ (outnumbered).
  7544 | D:7      | 7544 ||| Stepping ~*~*~tactically~*~*~ (outnumbered).
  7546 | D:7      | 7546 ||| Stepping ~*~*~tactically~*~*~ (outnumbered).
  7556 | D:7      | 7556 ||| Stepping ~*~*~tactically~*~*~ (outnumbered).
  7558 | D:7      | 7558 ||| Stepping ~*~*~tactically~*~*~ (outnumbered).
  7565 | D:7      | 7565 ||| Stepping ~*~*~tactically~*~*~ (outnumbered).
  7571 | D:7      | 7571 ||| Stepping ~*~*~tactically~*~*~ (outnumbered).
  7576 | D:7      | 7576 ||| Stepping ~*~*~tactically~*~*~ (outnumbered).
  7580 | D:7      | 7580 ||| Stepping ~*~*~tactically~*~*~ (outnumbered).
  7584 | D:7      | 7584 ||| Stepping ~*~*~tactically~*~*~ (outnumbered).
  7594 | D:7      | 7594 ||| Stepping ~*~*~tactically~*~*~ (outnumbered).
  7604 | D:7      | 7604 ||| Stepping ~*~*~tactically~*~*~ (outnumbered).
  7611 | D:7      | 7611 ||| Stepping ~*~*~tactically~*~*~ (outnumbered).
  7614 | D:7      | 7614 ||| Stepping ~*~*~tactically~*~*~ (outnumbered).
  7616 | D:7      | 7616 ||| Stepping ~*~*~tactically~*~*~ (outnumbered).
  7618 | D:7      | 7618 ||| Stepping ~*~*~tactically~*~*~ (outnumbered).
  7626 | D:7      | 7626 ||| Stepping ~*~*~tactically~*~*~ (outnumbered).
  7628 | D:7      | 7628 ||| Stepping ~*~*~tactically~*~*~ (outnumbered).
  7643 | D:7      | 7643 ||| Stepping ~*~*~tactically~*~*~ (outnumbered).
  7645 | D:7      | 7645 ||| Stepping ~*~*~tactically~*~*~ (outnumbered).
  7653 | D:7      | 7653 ||| Stepping ~*~*~tactically~*~*~ (outnumbered).
  7662 | D:7      | 7662 ||| Stepping ~*~*~tactically~*~*~ (outnumbered).
  7670 | D:7      | 7670 ||| Stepping ~*~*~tactically~*~*~ (outnumbered).
  7688 | D:7      | 7688 ||| Stepping ~*~*~tactically~*~*~ (outnumbered).
  7692 | D:7      | 7692 ||| Stepping ~*~*~tactically~*~*~ (outnumbered).
  7703 | D:7      | 7703 ||| Stepping ~*~*~tactically~*~*~ (outnumbered).
  7705 | D:7      | 7705 ||| Stepping ~*~*~tactically~*~*~ (outnumbered).
  7712 | D:7      | 7712 ||| Stepping ~*~*~tactically~*~*~ (outnumbered).
  7715 | D:7      | 7715 ||| Stepping ~*~*~tactically~*~*~ (outnumbered).
  7724 | D:7      | 7724 ||| Stepping ~*~*~tactically~*~*~ (outnumbered).
  7726 | D:7      | 7726 ||| Stepping ~*~*~tactically~*~*~ (outnumbered).
  7736 | D:7      | 7736 ||| Stepping ~*~*~tactically~*~*~ (outnumbered).
  7741 | D:7      | 7741 ||| Stepping ~*~*~tactically~*~*~ (outnumbered).
  7751 | D:7      | 7751 ||| Stepping ~*~*~tactically~*~*~ (outnumbered).
  7755 | D:7      | 7755 ||| Stepping ~*~*~tactically~*~*~ (outnumbered).
  7758 | D:7      | 7758 ||| Stepping ~*~*~tactically~*~*~ (outnumbered).
  7766 | D:7      | 7766 ||| Stepping ~*~*~tactically~*~*~ (outnumbered).
  7778 | D:7      | 7778 ||| Stepping ~*~*~tactically~*~*~ (outnumbered).
  7783 | D:7      | 7783 ||| Stepping ~*~*~tactically~*~*~ (outnumbered).
  7787 | D:7      | 7787 ||| Stepping ~*~*~tactically~*~*~ (outnumbered).
  7789 | D:7      | 7789 ||| Stepping ~*~*~tactically~*~*~ (outnumbered).
  7794 | D:7      | 7794 ||| Stepping ~*~*~tactically~*~*~ (outnumbered).
  7801 | D:7      | 7801 ||| Stepping ~*~*~tactically~*~*~ (outnumbered).
  7803 | D:7      | 7803 ||| Stepping ~*~*~tactically~*~*~ (outnumbered).
  7810 | D:7      | 7810 ||| Stepping ~*~*~tactically~*~*~ (outnumbered).
  7815 | D:7      | 7815 ||| Stepping ~*~*~tactically~*~*~ (outnumbered).
  7819 | D:7      | 7819 ||| Stepping ~*~*~tactically~*~*~ (outnumbered).
  7826 | D:7      | 7826 ||| Stepping ~*~*~tactically~*~*~ (outnumbered).
  7832 | D:7      | 7832 ||| Stepping ~*~*~tactically~*~*~ (outnumbered).
  7840 | D:7      | 7840 ||| Stepping ~*~*~tactically~*~*~ (outnumbered).
  7845 | D:7      | 7845 ||| Stepping ~*~*~tactically~*~*~ (outnumbered).
  7849 | D:7      | 7849 ||| Stepping ~*~*~tactically~*~*~ (outnumbered).
  7854 | D:7      | 7854 ||| Stepping ~*~*~tactically~*~*~ (outnumbered).
  7858 | D:7      | 7858 ||| Stepping ~*~*~tactically~*~*~ (outnumbered).
  7860 | D:7      | 7860 ||| Stepping ~*~*~tactically~*~*~ (outnumbered).
  7874 | D:7      | 7874 ||| Stepping ~*~*~tactically~*~*~ (outnumbered).
  7876 | D:7      | 7876 ||| Stepping ~*~*~tactically~*~*~ (outnumbered).
  7882 | D:7      | 7882 ||| Stepping ~*~*~tactically~*~*~ (outnumbered).
  7888 | D:7      | 7888 ||| Stepping ~*~*~tactically~*~*~ (outnumbered).
  7890 | D:7      | 7890 ||| Stepping ~*~*~tactically~*~*~ (outnumbered).
  7900 | D:7      | 7900 ||| Stepping ~*~*~tactically~*~*~ (outnumbered).
  7902 | D:7      | 7902 ||| Stepping ~*~*~tactically~*~*~ (outnumbered).
  7908 | D:7      | 7908 ||| Stepping ~*~*~tactically~*~*~ (outnumbered).
  7920 | D:7      | 7920 ||| Stepping ~*~*~tactically~*~*~ (outnumbered).
  7922 | D:7      | 7922 ||| Stepping ~*~*~tactically~*~*~ (outnumbered).
  7926 | D:7      | 7926 ||| Stepping ~*~*~tactically~*~*~ (outnumbered).
  7933 | D:7      | 7933 ||| Stepping ~*~*~tactically~*~*~ (outnumbered).
  7940 | D:7      | 7940 ||| Stepping ~*~*~tactically~*~*~ (outnumbered).
  7944 | D:7      | 7944 ||| Stepping ~*~*~tactically~*~*~ (outnumbered).
  7953 | D:7      | 7953 ||| Stepping ~*~*~tactically~*~*~ (outnumbered).
  7958 | D:7      | 7958 ||| Stepping ~*~*~tactically~*~*~ (outnumbered).
  7965 | D:7      | 7965 ||| Stepping ~*~*~tactically~*~*~ (outnumbered).
  7974 | D:7      | 7974 ||| Stepping ~*~*~tactically~*~*~ (outnumbered).
  7985 | D:7      | 7985 ||| Stepping ~*~*~tactically~*~*~ (outnumbered).
  7992 | D:7      | 7992 ||| Stepping ~*~*~tactically~*~*~ (outnumbered).
  8000 | D:7      | 8000 ||| Stepping ~*~*~tactically~*~*~ (outnumbered).
  8002 | D:7      | 8002 ||| Stepping ~*~*~tactically~*~*~ (outnumbered).
  8005 | D:7      | 8005 ||| Stepping ~*~*~tactically~*~*~ (outnumbered).
  8015 | D:7      | 8015 ||| Stepping ~*~*~tactically~*~*~ (outnumbered).
  8020 | D:7      | 8020 ||| Stepping ~*~*~tactically~*~*~ (outnumbered).
  8030 | D:7      | 8030 ||| Stepping ~*~*~tactically~*~*~ (outnumbered).
  8037 | D:7      | 8037 ||| Stepping ~*~*~tactically~*~*~ (outnumbered).
  8043 | D:7      | 8043 ||| Stepping ~*~*~tactically~*~*~ (outnumbered).
  8054 | D:7      | 8054 ||| Stepping ~*~*~tactically~*~*~ (outnumbered).
  8059 | D:7      | 8059 ||| Stepping ~*~*~tactically~*~*~ (outnumbered).
  8069 | D:7      | 8069 ||| Stepping ~*~*~tactically~*~*~ (outnumbered).
  8072 | D:7      | 8072 ||| Stepping ~*~*~tactically~*~*~ (outnumbered).
  8078 | D:7      | 8078 ||| Stepping ~*~*~tactically~*~*~ (outnumbered).
  8080 | D:7      | 8080 ||| Stepping ~*~*~tactically~*~*~ (outnumbered).
  8082 | D:7      | 8082 ||| Stepping ~*~*~tactically~*~*~ (outnumbered).
  8091 | D:7      | 8091 ||| Stepping ~*~*~tactically~*~*~ (outnumbered).
  8100 | D:7      | 8100 ||| Stepping ~*~*~tactically~*~*~ (outnumbered).
  8111 | D:7      | 8111 ||| Stepping ~*~*~tactically~*~*~ (outnumbered).
  8113 | D:7      | 8113 ||| Stepping ~*~*~tactically~*~*~ (outnumbered).
  8123 | D:7      | 8123 ||| Stepping ~*~*~tactically~*~*~ (outnumbered).
  8127 | D:7      | 8127 ||| Stepping ~*~*~tactically~*~*~ (outnumbered).
  8129 | D:7      | 8129 ||| Stepping ~*~*~tactically~*~*~ (outnumbered).
  8142 | D:7      | 8142 ||| Stepping ~*~*~tactically~*~*~ (outnumbered).
  8146 | D:7      | 8146 ||| Stepping ~*~*~tactically~*~*~ (outnumbered).
  8154 | D:7      | 8154 ||| Stepping ~*~*~tactically~*~*~ (outnumbered).
  8165 | D:7      | 8165 ||| Stepping ~*~*~tactically~*~*~ (outnumbered).
  8169 | D:7      | 8169 ||| Stepping ~*~*~tactically~*~*~ (outnumbered).
  8176 | D:7      | 8176 ||| Stepping ~*~*~tactically~*~*~ (outnumbered).
  8178 | D:7      | 8178 ||| Stepping ~*~*~tactically~*~*~ (outnumbered).
  8187 | D:7      | 8187 ||| Stepping ~*~*~tactically~*~*~ (outnumbered).
  8189 | D:7      | 8189 ||| Stepping ~*~*~tactically~*~*~ (outnumbered).
  8195 | D:7      | 8195 ||| Stepping ~*~*~tactically~*~*~ (outnumbered).
  8199 | D:7      | 8199 ||| Stepping ~*~*~tactically~*~*~ (outnumbered).
  8210 | D:7      | 8210 ||| Stepping ~*~*~tactically~*~*~ (outnumbered).
  8223 | D:7      | 8223 ||| Stepping ~*~*~tactically~*~*~ (outnumbered).
  8227 | D:7      | 8227 ||| Stepping ~*~*~tactically~*~*~ (outnumbered).
  8230 | D:7      | 8230 ||| Stepping ~*~*~tactically~*~*~ (outnumbered).
  8234 | D:7      | 8234 ||| Stepping ~*~*~tactically~*~*~ (outnumbered).
  8236 | D:7      | 8236 ||| Stepping ~*~*~tactically~*~*~ (outnumbered).
  8246 | D:7      | 8246 ||| Stepping ~*~*~tactically~*~*~ (outnumbered).
  8251 | D:7      | 8251 ||| Stepping ~*~*~tactically~*~*~ (outnumbered).
  8263 | D:7      | 8263 ||| Stepping ~*~*~tactically~*~*~ (outnumbered).
  8274 | D:7      | 8274 ||| Stepping ~*~*~tactically~*~*~ (outnumbered).
  8279 | D:7      | 8279 ||| Stepping ~*~*~tactically~*~*~ (outnumbered).
  8283 | D:7      | 8283 ||| Stepping ~*~*~tactically~*~*~ (outnumbered).
  8285 | D:7      | 8285 ||| Stepping ~*~*~tactically~*~*~ (outnumbered).
  8296 | D:7      | 8296 ||| Stepping ~*~*~tactically~*~*~ (outnumbered).
  8300 | D:7      | 8300 ||| Stepping ~*~*~tactically~*~*~ (outnumbered).
  8303 | D:7      | 8303 ||| Stepping ~*~*~tactically~*~*~ (outnumbered).
  8305 | D:7      | 8305 ||| Stepping ~*~*~tactically~*~*~ (outnumbered).
  8307 | D:7      | 8307 ||| Stepping ~*~*~tactically~*~*~ (outnumbered).
  8310 | D:7      | 8310 ||| Stepping ~*~*~tactically~*~*~ (outnumbered).
  8315 | D:7      | 8315 ||| Stepping ~*~*~tactically~*~*~ (outnumbered).
  8319 | D:7      | 8319 ||| Stepping ~*~*~tactically~*~*~ (outnumbered).
  8323 | D:7      | 8323 ||| Stepping ~*~*~tactically~*~*~ (outnumbered).
  8330 | D:7      | 8330 ||| Stepping ~*~*~tactically~*~*~ (outnumbered).
  8340 | D:7      | 8340 ||| Stepping ~*~*~tactically~*~*~ (outnumbered).
  8343 | D:7      | 8343 ||| Stepping ~*~*~tactically~*~*~ (outnumbered).
  8349 | D:7      | 8349 ||| Stepping ~*~*~tactically~*~*~ (outnumbered).
  8354 | D:7      | 8354 ||| Stepping ~*~*~tactically~*~*~ (outnumbered).
  8364 | D:7      | 8364 ||| Stepping ~*~*~tactically~*~*~ (outnumbered).
  8367 | D:7      | 8367 ||| Stepping ~*~*~tactically~*~*~ (outnumbered).
  8370 | D:7      | 8370 ||| Stepping ~*~*~tactically~*~*~ (outnumbered).
  8379 | D:7      | 8379 ||| Stepping ~*~*~tactically~*~*~ (outnumbered).
  8384 | D:7      | 8384 ||| Stepping ~*~*~tactically~*~*~ (outnumbered).
  8387 | D:7      | 8387 ||| Stepping ~*~*~tactically~*~*~ (outnumbered).
  8397 | D:7      | 8397 ||| Stepping ~*~*~tactically~*~*~ (outnumbered).
  8400 | D:7      | 8400 ||| Stepping ~*~*~tactically~*~*~ (outnumbered).
  8409 | D:7      | 8409 ||| Stepping ~*~*~tactically~*~*~ (outnumbered).
  8411 | D:7      | 8411 ||| Stepping ~*~*~tactically~*~*~ (outnumbered).
  8418 | D:7      | 8418 ||| Stepping ~*~*~tactically~*~*~ (outnumbered).
  8420 | D:7      | 8420 ||| Stepping ~*~*~tactically~*~*~ (outnumbered).
  8424 | D:7      | 8424 ||| Stepping ~*~*~tactically~*~*~ (outnumbered).
  8426 | D:7      | 8426 ||| Stepping ~*~*~tactically~*~*~ (outnumbered).
  8428 | D:7      | 8428 ||| Stepping ~*~*~tactically~*~*~ (outnumbered).
  8433 | D:7      | 8433 ||| Stepping ~*~*~tactically~*~*~ (outnumbered).
  8438 | D:7      | 8438 ||| Stepping ~*~*~tactically~*~*~ (outnumbered).
  8443 | D:7      | 8443 ||| Stepping ~*~*~tactically~*~*~ (outnumbered).
  8449 | D:7      | 8449 ||| Stepping ~*~*~tactically~*~*~ (outnumbered).
  8452 | D:7      | 8452 ||| Stepping ~*~*~tactically~*~*~ (outnumbered).
  8456 | D:7      | 8456 ||| Stepping ~*~*~tactically~*~*~ (outnumbered).
  8459 | D:7      | 8459 ||| Stepping ~*~*~tactically~*~*~ (outnumbered).
  8462 | D:7      | 8462 ||| Stepping ~*~*~tactically~*~*~ (outnumbered).
  8466 | D:7      | 8466 ||| Stepping ~*~*~tactically~*~*~ (outnumbered).
  8476 | D:7      | 8476 ||| Stepping ~*~*~tactically~*~*~ (outnumbered).
  8482 | D:7      | 8482 ||| Stepping ~*~*~tactically~*~*~ (outnumbered).
  8489 | D:7      | 8489 ||| Stepping ~*~*~tactically~*~*~ (outnumbered).
  8493 | D:7      | 8493 ||| Stepping ~*~*~tactically~*~*~ (outnumbered).
  8498 | D:7      | 8498 ||| Stepping ~*~*~tactically~*~*~ (outnumbered).
  8509 | D:7      | 8509 ||| Stepping ~*~*~tactically~*~*~ (outnumbered).
  8511 | D:7      | 8511 ||| Stepping ~*~*~tactically~*~*~ (outnumbered).
  8521 | D:7      | 8521 ||| Stepping ~*~*~tactically~*~*~ (outnumbered).
  8523 | D:7      | 8523 ||| Stepping ~*~*~tactically~*~*~ (outnumbered).
  8541 | D:7      | 8541 ||| Stepping ~*~*~tactically~*~*~ (outnumbered).
  8548 | D:7      | 8548 ||| Stepping ~*~*~tactically~*~*~ (outnumbered).
  8553 | D:7      | 8553 ||| Stepping ~*~*~tactically~*~*~ (outnumbered).
  8564 | D:7      | 8564 ||| Stepping ~*~*~tactically~*~*~ (outnumbered).
  8567 | D:7      | 8567 ||| Stepping ~*~*~tactically~*~*~ (outnumbered).
  8573 | D:7      | 8573 ||| Stepping ~*~*~tactically~*~*~ (outnumbered).
  8577 | D:7      | 8577 ||| Stepping ~*~*~tactically~*~*~ (outnumbered).
  8583 | D:7      | 8583 ||| Stepping ~*~*~tactically~*~*~ (outnumbered).
  8587 | D:7      | 8587 ||| Stepping ~*~*~tactically~*~*~ (outnumbered).
  8594 | D:7      | 8594 ||| Stepping ~*~*~tactically~*~*~ (outnumbered).
  8602 | D:7      | 8602 ||| Stepping ~*~*~tactically~*~*~ (outnumbered).
  8607 | D:7      | 8607 ||| Stepping ~*~*~tactically~*~*~ (outnumbered).
  8611 | D:7      | 8611 ||| Stepping ~*~*~tactically~*~*~ (outnumbered).
  8618 | D:7      | 8618 ||| Stepping ~*~*~tactically~*~*~ (outnumbered).
  8625 | D:7      | 8625 ||| Stepping ~*~*~tactically~*~*~ (outnumbered).
  8628 | D:7      | 8628 ||| Stepping ~*~*~tactically~*~*~ (outnumbered).
  8632 | D:7      | 8632 ||| Stepping ~*~*~tactically~*~*~ (outnumbered).
  8645 | D:7      | 8645 ||| Stepping ~*~*~tactically~*~*~ (outnumbered).
  8648 | D:7      | 8648 ||| Stepping ~*~*~tactically~*~*~ (outnumbered).
  8650 | D:7      | 8650 ||| Stepping ~*~*~tactically~*~*~ (outnumbered).
  8653 | D:7      | 8653 ||| Stepping ~*~*~tactically~*~*~ (outnumbered).
  8666 | D:7      | 8666 ||| Stepping ~*~*~tactically~*~*~ (outnumbered).
  8671 | D:7      | 8671 ||| Stepping ~*~*~tactically~*~*~ (outnumbered).
  8677 | D:7      | 8677 ||| Stepping ~*~*~tactically~*~*~ (outnumbered).
  8683 | D:7      | 8683 ||| Stepping ~*~*~tactically~*~*~ (outnumbered).
  8685 | D:7      | 8685 ||| Stepping ~*~*~tactically~*~*~ (outnumbered).
  8689 | D:7      | 8689 ||| Stepping ~*~*~tactically~*~*~ (outnumbered).
  8701 | D:7      | 8701 ||| Stepping ~*~*~tactically~*~*~ (outnumbered).
  8706 | D:7      | 8706 ||| Stepping ~*~*~tactically~*~*~ (outnumbered).
  8709 | D:7      | 8709 ||| Stepping ~*~*~tactically~*~*~ (outnumbered).
  8715 | D:7      | 8715 ||| Stepping ~*~*~tactically~*~*~ (outnumbered).
  8723 | D:7      | 8723 ||| Stepping ~*~*~tactically~*~*~ (outnumbered).
  8726 | D:7      | 8726 ||| Stepping ~*~*~tactically~*~*~ (outnumbered).
  8735 | D:7      | 8735 ||| Stepping ~*~*~tactically~*~*~ (outnumbered).
  8739 | D:7      | 8739 ||| Stepping ~*~*~tactically~*~*~ (outnumbered).
  8744 | D:7      | 8744 ||| Stepping ~*~*~tactically~*~*~ (outnumbered).
  8751 | D:7      | 8751 ||| Stepping ~*~*~tactically~*~*~ (outnumbered).
  8756 | D:7      | 8756 ||| Stepping ~*~*~tactically~*~*~ (outnumbered).
  8759 | D:7      | 8759 ||| Stepping ~*~*~tactically~*~*~ (outnumbered).
  8763 | D:7      | 8763 ||| Stepping ~*~*~tactically~*~*~ (outnumbered).
  8771 | D:7      | 8771 ||| Stepping ~*~*~tactically~*~*~ (outnumbered).
  8776 | D:7      | 8776 ||| Stepping ~*~*~tactically~*~*~ (outnumbered).
  8778 | D:7      | 8778 ||| Stepping ~*~*~tactically~*~*~ (outnumbered).
  8781 | D:7      | 8781 ||| Stepping ~*~*~tactically~*~*~ (outnumbered).
  8789 | D:7      | 8789 ||| Stepping ~*~*~tactically~*~*~ (outnumbered).
  8792 | D:7      | 8792 ||| Stepping ~*~*~tactically~*~*~ (outnumbered).
  8795 | D:7      | 8795 ||| Stepping ~*~*~tactically~*~*~ (outnumbered).
  8805 | D:7      | 8805 ||| Stepping ~*~*~tactically~*~*~ (outnumbered).
  8816 | D:7      | 8816 ||| Stepping ~*~*~tactically~*~*~ (outnumbered).
  8821 | D:7      | 8821 ||| Stepping ~*~*~tactically~*~*~ (outnumbered).
  8823 | D:7      | 8823 ||| Stepping ~*~*~tactically~*~*~ (outnumbered).
  8828 | D:7      | 8828 ||| Stepping ~*~*~tactically~*~*~ (outnumbered).
  8834 | D:7      | 8834 ||| Stepping ~*~*~tactically~*~*~ (outnumbered).
  8839 | D:7      | 8839 ||| Stepping ~*~*~tactically~*~*~ (outnumbered).
  8841 | D:7      | 8841 ||| Stepping ~*~*~tactically~*~*~ (outnumbered).
  8846 | D:7      | 8846 ||| Stepping ~*~*~tactically~*~*~ (outnumbered).
  8848 | D:7      | 8848 ||| Stepping ~*~*~tactically~*~*~ (outnumbered).
  8854 | D:7      | 8854 ||| Stepping ~*~*~tactically~*~*~ (outnumbered).
  8858 | D:7      | 8858 ||| Stepping ~*~*~tactically~*~*~ (outnumbered).
  8860 | D:7      | 8860 ||| Stepping ~*~*~tactically~*~*~ (outnumbered).
  8863 | D:7      | 8863 ||| Stepping ~*~*~tactically~*~*~ (outnumbered).
  8869 | D:7      | 8869 ||| Stepping ~*~*~tactically~*~*~ (outnumbered).
  8871 | D:7      | 8871 ||| Stepping ~*~*~tactically~*~*~ (outnumbered).
  8873 | D:7      | 8873 ||| Stepping ~*~*~tactically~*~*~ (outnumbered).
  8876 | D:7      | 8876 ||| Stepping ~*~*~tactically~*~*~ (outnumbered).
  8880 | D:7      | 8880 ||| Stepping ~*~*~tactically~*~*~ (outnumbered).
  8891 | D:7      | 8891 ||| Stepping ~*~*~tactically~*~*~ (outnumbered).
  8894 | D:7      | 8894 ||| Stepping ~*~*~tactically~*~*~ (outnumbered).
  8899 | D:7      | 8899 ||| Stepping ~*~*~tactically~*~*~ (outnumbered).
  8904 | D:7      | 8904 ||| Stepping ~*~*~tactically~*~*~ (outnumbered).
  8907 | D:7      | 8907 ||| Stepping ~*~*~tactically~*~*~ (outnumbered).
  8912 | D:7      | 8912 ||| Stepping ~*~*~tactically~*~*~ (outnumbered).
  8914 | D:7      | 8914 ||| Stepping ~*~*~tactically~*~*~ (outnumbered).
  8923 | D:7      | 8923 ||| Stepping ~*~*~tactically~*~*~ (outnumbered).
  8933 | D:7      | 8933 ||| Stepping ~*~*~tactically~*~*~ (outnumbered).
  8936 | D:7      | 8936 ||| Stepping ~*~*~tactically~*~*~ (outnumbered).
  8938 | D:7      | 8938 ||| Stepping ~*~*~tactically~*~*~ (outnumbered).
  8948 | D:7      | 8948 ||| Stepping ~*~*~tactically~*~*~ (outnumbered).
  8958 | D:7      | 8958 ||| Stepping ~*~*~tactically~*~*~ (outnumbered).
  8965 | D:7      | 8965 ||| Stepping ~*~*~tactically~*~*~ (outnumbered).
  8970 | D:7      | 8970 ||| Stepping ~*~*~tactically~*~*~ (outnumbered).
  8973 | D:7      | 8973 ||| Stepping ~*~*~tactically~*~*~ (outnumbered).
  8978 | D:7      | 8978 ||| Stepping ~*~*~tactically~*~*~ (outnumbered).
  8986 | D:7      | 8986 ||| Stepping ~*~*~tactically~*~*~ (outnumbered).
  8992 | D:7      | 8992 ||| Stepping ~*~*~tactically~*~*~ (outnumbered).
  8994 | D:7      | 8994 ||| Stepping ~*~*~tactically~*~*~ (outnumbered).
  9001 | D:7      | 9001 ||| Stepping ~*~*~tactically~*~*~ (outnumbered).
  9006 | D:7      | 9006 ||| Stepping ~*~*~tactically~*~*~ (outnumbered).
  9011 | D:7      | 9011 ||| Stepping ~*~*~tactically~*~*~ (outnumbered).
  9015 | D:7      | 9015 ||| Stepping ~*~*~tactically~*~*~ (outnumbered).
  9019 | D:7      | 9019 ||| Stepping ~*~*~tactically~*~*~ (outnumbered).
  9023 | D:7      | 9023 ||| Stepping ~*~*~tactically~*~*~ (outnumbered).
  9036 | D:7      | 9036 ||| Stepping ~*~*~tactically~*~*~ (outnumbered).
  9049 | D:7      | 9049 ||| Stepping ~*~*~tactically~*~*~ (outnumbered).
  9058 | D:7      | 9058 ||| Stepping ~*~*~tactically~*~*~ (outnumbered).
  9062 | D:7      | 9062 ||| Stepping ~*~*~tactically~*~*~ (outnumbered).
  9064 | D:7      | 9064 ||| Stepping ~*~*~tactically~*~*~ (outnumbered).
  9077 | D:7      | 9077 ||| Stepping ~*~*~tactically~*~*~ (outnumbered).
  9085 | D:7      | 9085 ||| Stepping ~*~*~tactically~*~*~ (outnumbered).
  9089 | D:7      | 9089 ||| Stepping ~*~*~tactically~*~*~ (outnumbered).
  9094 | D:7      | 9094 ||| Stepping ~*~*~tactically~*~*~ (outnumbered).
  9098 | D:7      | 9098 ||| Stepping ~*~*~tactically~*~*~ (outnumbered).
  9102 | D:7      | 9102 ||| Stepping ~*~*~tactically~*~*~ (outnumbered).
  9106 | D:7      | 9106 ||| Stepping ~*~*~tactically~*~*~ (outnumbered).
  9109 | D:7      | 9109 ||| Stepping ~*~*~tactically~*~*~ (outnumbered).
  9111 | D:7      | 9111 ||| Stepping ~*~*~tactically~*~*~ (outnumbered).
  9116 | D:7      | 9116 ||| Stepping ~*~*~tactically~*~*~ (outnumbered).
  9118 | D:7      | 9118 ||| Stepping ~*~*~tactically~*~*~ (outnumbered).
  9122 | D:7      | 9122 ||| Stepping ~*~*~tactically~*~*~ (outnumbered).
  9124 | D:7      | 9124 ||| Stepping ~*~*~tactically~*~*~ (outnumbered).
  9127 | D:7      | 9127 ||| Stepping ~*~*~tactically~*~*~ (outnumbered).
  9133 | D:7      | 9133 ||| Stepping ~*~*~tactically~*~*~ (outnumbered).
  9135 | D:7      | 9135 ||| Stepping ~*~*~tactically~*~*~ (outnumbered).
  9143 | D:7      | 9143 ||| Stepping ~*~*~tactically~*~*~ (outnumbered).
  9145 | D:7      | 9145 ||| Stepping ~*~*~tactically~*~*~ (outnumbered).
  9152 | D:7      | 9152 ||| Stepping ~*~*~tactically~*~*~ (outnumbered).
  9156 | D:7      | 9156 ||| Stepping ~*~*~tactically~*~*~ (outnumbered).
  9161 | D:7      | 9161 ||| Stepping ~*~*~tactically~*~*~ (outnumbered).
  9172 | D:7      | 9172 ||| Stepping ~*~*~tactically~*~*~ (outnumbered).
  9174 | D:7      | 9174 ||| Stepping ~*~*~tactically~*~*~ (outnumbered).
  9188 | D:7      | 9188 ||| Stepping ~*~*~tactically~*~*~ (outnumbered).
  9197 | D:7      | 9197 ||| Stepping ~*~*~tactically~*~*~ (outnumbered).
  9199 | D:7      | 9199 ||| Stepping ~*~*~tactically~*~*~ (outnumbered).
  9207 | D:7      | 9207 ||| Stepping ~*~*~tactically~*~*~ (outnumbered).
  9213 | D:7      | 9213 ||| Stepping ~*~*~tactically~*~*~ (outnumbered).
  9218 | D:7      | 9218 ||| Stepping ~*~*~tactically~*~*~ (outnumbered).
  9223 | D:7      | 9223 ||| Stepping ~*~*~tactically~*~*~ (outnumbered).
  9228 | D:7      | 9228 ||| Stepping ~*~*~tactically~*~*~ (outnumbered).
  9235 | D:7      | 9235 ||| Stepping ~*~*~tactically~*~*~ (outnumbered).
  9241 | D:7      | 9241 ||| Stepping ~*~*~tactically~*~*~ (outnumbered).
  9244 | D:7      | 9244 ||| Stepping ~*~*~tactically~*~*~ (outnumbered).
  9251 | D:7      | 9251 ||| Stepping ~*~*~tactically~*~*~ (outnumbered).
  9263 | D:7      | 9263 ||| Stepping ~*~*~tactically~*~*~ (outnumbered).
  9267 | D:7      | 9267 ||| Stepping ~*~*~tactically~*~*~ (outnumbered).
  9270 | D:7      | 9270 ||| Stepping ~*~*~tactically~*~*~ (outnumbered).
  9274 | D:7      | 9274 ||| Stepping ~*~*~tactically~*~*~ (outnumbered).
  9286 | D:7      | 9286 ||| Stepping ~*~*~tactically~*~*~ (outnumbered).
  9296 | D:7      | 9296 ||| Stepping ~*~*~tactically~*~*~ (outnumbered).
  9304 | D:7      | 9304 ||| Stepping ~*~*~tactically~*~*~ (outnumbered).
  9308 | D:7      | 9308 ||| Stepping ~*~*~tactically~*~*~ (outnumbered).
  9310 | D:7      | 9310 ||| Stepping ~*~*~tactically~*~*~ (outnumbered).
  9316 | D:7      | 9316 ||| Stepping ~*~*~tactically~*~*~ (outnumbered).
  9326 | D:7      | 9326 ||| Stepping ~*~*~tactically~*~*~ (outnumbered).
  9331 | D:7      | 9331 ||| Stepping ~*~*~tactically~*~*~ (outnumbered).
  9333 | D:7      | 9333 ||| Stepping ~*~*~tactically~*~*~ (outnumbered).
  9346 | D:7      | 9346 ||| Stepping ~*~*~tactically~*~*~ (outnumbered).
  9352 | D:7      | 9352 ||| Stepping ~*~*~tactically~*~*~ (outnumbered).
  9358 | D:7      | 9358 ||| Stepping ~*~*~tactically~*~*~ (outnumbered).
  9365 | D:7      | 9365 ||| Stepping ~*~*~tactically~*~*~ (outnumbered).
  9372 | D:7      | 9372 ||| Stepping ~*~*~tactically~*~*~ (outnumbered).
  9377 | D:7      | 9377 ||| Stepping ~*~*~tactically~*~*~ (outnumbered).
  9379 | D:7      | 9379 ||| Stepping ~*~*~tactically~*~*~ (outnumbered).
  9381 | D:7      | 9381 ||| Stepping ~*~*~tactically~*~*~ (outnumbered).
  9390 | D:7      | 9390 ||| Stepping ~*~*~tactically~*~*~ (outnumbered).
  9392 | D:7      | 9392 ||| Stepping ~*~*~tactically~*~*~ (outnumbered).
  9394 | D:7      | 9394 ||| Stepping ~*~*~tactically~*~*~ (outnumbered).
  9396 | D:7      | 9396 ||| Stepping ~*~*~tactically~*~*~ (outnumbered).
  9399 | D:7      | 9399 ||| Stepping ~*~*~tactically~*~*~ (outnumbered).
  9411 | D:7      | 9411 ||| Stepping ~*~*~tactically~*~*~ (outnumbered).
  9419 | D:7      | 9419 ||| Stepping ~*~*~tactically~*~*~ (outnumbered).
  9423 | D:7      | 9423 ||| Stepping ~*~*~tactically~*~*~ (outnumbered).
  9428 | D:7      | 9428 ||| Stepping ~*~*~tactically~*~*~ (outnumbered).
  9433 | D:7      | 9433 ||| Stepping ~*~*~tactically~*~*~ (outnumbered).
  9436 | D:7      | 9436 ||| Stepping ~*~*~tactically~*~*~ (outnumbered).
  9446 | D:7      | 9446 ||| Stepping ~*~*~tactically~*~*~ (outnumbered).
  9453 | D:7      | 9453 ||| Stepping ~*~*~tactically~*~*~ (outnumbered).
  9463 | D:7      | 9463 ||| Stepping ~*~*~tactically~*~*~ (outnumbered).
  9465 | D:7      | 9465 ||| Stepping ~*~*~tactically~*~*~ (outnumbered).
  9472 | D:7      | 9472 ||| Stepping ~*~*~tactically~*~*~ (outnumbered).
  9480 | D:7      | 9480 ||| Stepping ~*~*~tactically~*~*~ (outnumbered).
  9484 | D:7      | 9484 ||| Stepping ~*~*~tactically~*~*~ (outnumbered).
  9493 | D:7      | 9493 ||| Stepping ~*~*~tactically~*~*~ (outnumbered).
  9498 | D:7      | 9498 ||| Stepping ~*~*~tactically~*~*~ (outnumbered).
  9508 | D:7      | 9508 ||| Stepping ~*~*~tactically~*~*~ (outnumbered).
  9511 | D:7      | 9511 ||| Stepping ~*~*~tactically~*~*~ (outnumbered).
  9517 | D:7      | 9517 ||| Stepping ~*~*~tactically~*~*~ (outnumbered).
  9529 | D:7      | 9529 ||| Stepping ~*~*~tactically~*~*~ (outnumbered).
  9535 | D:7      | 9535 ||| Stepping ~*~*~tactically~*~*~ (outnumbered).
  9540 | D:7      | 9540 ||| Stepping ~*~*~tactically~*~*~ (outnumbered).
  9547 | D:7      | 9547 ||| Stepping ~*~*~tactically~*~*~ (outnumbered).
  9552 | D:7      | 9552 ||| Stepping ~*~*~tactically~*~*~ (outnumbered).
  9563 | D:7      | 9563 ||| Stepping ~*~*~tactically~*~*~ (outnumbered).
  9566 | D:7      | 9566 ||| Stepping ~*~*~tactically~*~*~ (outnumbered).
  9573 | D:7      | 9573 ||| Stepping ~*~*~tactically~*~*~ (outnumbered).
  9580 | D:7      | 9580 ||| Stepping ~*~*~tactically~*~*~ (outnumbered).
  9584 | D:7      | 9584 ||| Stepping ~*~*~tactically~*~*~ (outnumbered).
  9586 | D:7      | 9586 ||| Stepping ~*~*~tactically~*~*~ (outnumbered).
  9589 | D:7      | 9589 ||| Stepping ~*~*~tactically~*~*~ (outnumbered).
  9596 | D:7      | 9596 ||| Stepping ~*~*~tactically~*~*~ (outnumbered).
  9601 | D:7      | 9601 ||| Stepping ~*~*~tactically~*~*~ (outnumbered).
  9608 | D:7      | 9608 ||| Stepping ~*~*~tactically~*~*~ (outnumbered).
  9614 | D:7      | 9614 ||| Stepping ~*~*~tactically~*~*~ (outnumbered).
  9619 | D:7      | 9619 ||| Stepping ~*~*~tactically~*~*~ (outnumbered).
  9627 | D:7      | 9627 ||| Stepping ~*~*~tactically~*~*~ (outnumbered).
  9634 | D:7      | 9634 ||| Stepping ~*~*~tactically~*~*~ (outnumbered).
  9645 | D:7      | 9645 ||| Stepping ~*~*~tactically~*~*~ (outnumbered).
  9652 | D:7      | 9652 ||| Stepping ~*~*~tactically~*~*~ (outnumbered).
  9654 | D:7      | 9654 ||| Stepping ~*~*~tactically~*~*~ (outnumbered).
  9665 | D:7      | 9665 ||| Stepping ~*~*~tactically~*~*~ (outnumbered).
  9677 | D:7      | 9677 ||| Stepping ~*~*~tactically~*~*~ (outnumbered).
  9689 | D:7      | 9689 ||| Stepping ~*~*~tactically~*~*~ (outnumbered).
  9694 | D:7      | 9694 ||| Stepping ~*~*~tactically~*~*~ (outnumbered).
  9699 | D:7      | 9699 ||| Stepping ~*~*~tactically~*~*~ (outnumbered).
  9701 | D:7      | 9701 ||| Stepping ~*~*~tactically~*~*~ (outnumbered).
  9708 | D:7      | 9708 ||| Stepping ~*~*~tactically~*~*~ (outnumbered).
  9713 | D:7      | 9713 ||| Stepping ~*~*~tactically~*~*~ (outnumbered).
  9715 | D:7      | 9715 ||| Stepping ~*~*~tactically~*~*~ (outnumbered).
  9718 | D:7      | 9718 ||| Stepping ~*~*~tactically~*~*~ (outnumbered).
  9722 | D:7      | 9722 ||| Stepping ~*~*~tactically~*~*~ (outnumbered).
  9727 | D:7      | 9727 ||| Stepping ~*~*~tactically~*~*~ (outnumbered).
  9735 | D:7      | 9735 ||| Stepping ~*~*~tactically~*~*~ (outnumbered).
  9741 | D:7      | 9741 ||| Stepping ~*~*~tactically~*~*~ (outnumbered).
  9753 | D:7      | 9753 ||| Stepping ~*~*~tactically~*~*~ (outnumbered).
  9755 | D:7      | 9755 ||| Stepping ~*~*~tactically~*~*~ (outnumbered).
  9762 | D:7      | 9762 ||| Stepping ~*~*~tactically~*~*~ (outnumbered).
  9770 | D:7      | 9770 ||| Stepping ~*~*~tactically~*~*~ (outnumbered).
  9772 | D:7      | 9772 ||| Stepping ~*~*~tactically~*~*~ (outnumbered).
  9775 | D:7      | 9775 ||| Stepping ~*~*~tactically~*~*~ (outnumbered).
  9779 | D:7      | 9779 ||| Stepping ~*~*~tactically~*~*~ (outnumbered).
  9784 | D:7      | 9784 ||| Stepping ~*~*~tactically~*~*~ (outnumbered).
  9788 | D:7      | 9788 ||| Stepping ~*~*~tactically~*~*~ (outnumbered).
  9790 | D:7      | 9790 ||| Stepping ~*~*~tactically~*~*~ (outnumbered).
  9792 | D:7      | 9792 ||| Stepping ~*~*~tactically~*~*~ (outnumbered).
  9795 | D:7      | 9795 ||| Stepping ~*~*~tactically~*~*~ (outnumbered).
  9799 | D:7      | 9799 ||| Stepping ~*~*~tactically~*~*~ (outnumbered).
  9809 | D:7      | 9809 ||| Stepping ~*~*~tactically~*~*~ (outnumbered).
  9819 | D:7      | 9819 ||| Stepping ~*~*~tactically~*~*~ (outnumbered).
  9827 | D:7      | 9827 ||| Stepping ~*~*~tactically~*~*~ (outnumbered).
  9829 | D:7      | 9829 ||| Stepping ~*~*~tactically~*~*~ (outnumbered).
  9834 | D:7      | 9834 ||| Stepping ~*~*~tactically~*~*~ (outnumbered).
  9836 | D:7      | 9836 ||| Stepping ~*~*~tactically~*~*~ (outnumbered).
  9851 | D:7      | 9851 ||| Stepping ~*~*~tactically~*~*~ (outnumbered).
  9861 | D:7      | 9861 ||| Stepping ~*~*~tactically~*~*~ (outnumbered).
  9865 | D:7      | 9865 ||| Stepping ~*~*~tactically~*~*~ (outnumbered).
  9868 | D:7      | 9868 ||| Stepping ~*~*~tactically~*~*~ (outnumbered).
  9872 | D:7      | 9872 ||| Stepping ~*~*~tactically~*~*~ (outnumbered).
  9887 | D:7      | 9887 ||| Stepping ~*~*~tactically~*~*~ (outnumbered).
  9890 | D:7      | 9890 ||| Stepping ~*~*~tactically~*~*~ (outnumbered).
  9892 | D:7      | 9892 ||| Stepping ~*~*~tactically~*~*~ (outnumbered).
  9897 | D:7      | 9897 ||| Stepping ~*~*~tactically~*~*~ (outnumbered).
  9907 | D:7      | 9907 ||| Stepping ~*~*~tactically~*~*~ (outnumbered).
  9910 | D:7      | 9910 ||| Stepping ~*~*~tactically~*~*~ (outnumbered).
  9916 | D:7      | 9916 ||| Stepping ~*~*~tactically~*~*~ (outnumbered).
  9920 | D:7      | 9920 ||| Stepping ~*~*~tactically~*~*~ (outnumbered).
  9925 | D:7      | 9925 ||| Stepping ~*~*~tactically~*~*~ (outnumbered).
  9927 | D:7      | 9927 ||| Stepping ~*~*~tactically~*~*~ (outnumbered).
  9929 | D:7      | 9929 ||| Stepping ~*~*~tactically~*~*~ (outnumbered).
  9936 | D:7      | 9936 ||| Stepping ~*~*~tactically~*~*~ (outnumbered).
  9940 | D:7      | 9940 ||| Stepping ~*~*~tactically~*~*~ (outnumbered).
  9946 | D:7      | 9946 ||| Stepping ~*~*~tactically~*~*~ (outnumbered).
  9948 | D:7      | 9948 ||| Stepping ~*~*~tactically~*~*~ (outnumbered).
  9953 | D:7      | 9953 ||| Stepping ~*~*~tactically~*~*~ (outnumbered).
  9961 | D:7      | 9961 ||| Stepping ~*~*~tactically~*~*~ (outnumbered).
  9968 | D:7      | 9968 ||| Stepping ~*~*~tactically~*~*~ (outnumbered).
  9970 | D:7      | 9970 ||| Stepping ~*~*~tactically~*~*~ (outnumbered).
  9980 | D:7      | 9980 ||| Stepping ~*~*~tactically~*~*~ (outnumbered).
  9983 | D:7      | 9983 ||| Stepping ~*~*~tactically~*~*~ (outnumbered).
  9987 | D:7      | 9987 ||| Stepping ~*~*~tactically~*~*~ (outnumbered).
  9994 | D:7      | 9994 ||| Stepping ~*~*~tactically~*~*~ (outnumbered).
 10002 | D:7      | 10002 ||| Stepping ~*~*~tactically~*~*~ (outnumbered).
 10006 | D:7      | 10006 ||| Stepping ~*~*~tactically~*~*~ (outnumbered).
 10012 | D:7      | 10012 ||| Stepping ~*~*~tactically~*~*~ (outnumbered).
 10017 | D:7      | 10017 ||| Stepping ~*~*~tactically~*~*~ (outnumbered).
 10019 | D:7      | 10019 ||| Stepping ~*~*~tactically~*~*~ (outnumbered).
 10029 | D:7      | 10029 ||| Stepping ~*~*~tactically~*~*~ (outnumbered).
 10036 | D:7      | 10036 ||| Stepping ~*~*~tactically~*~*~ (outnumbered).
 10043 | D:7      | 10043 ||| Stepping ~*~*~tactically~*~*~ (outnumbered).
 10045 | D:7      | 10045 ||| Stepping ~*~*~tactically~*~*~ (outnumbered).
 10048 | D:7      | 10048 ||| Stepping ~*~*~tactically~*~*~ (outnumbered).
 10059 | D:7      | 10059 ||| Stepping ~*~*~tactically~*~*~ (outnumbered).
 10063 | D:7      | 10063 ||| Stepping ~*~*~tactically~*~*~ (outnumbered).
 10070 | D:7      | 10070 ||| Stepping ~*~*~tactically~*~*~ (outnumbered).
 10078 | D:7      | 10078 ||| Stepping ~*~*~tactically~*~*~ (outnumbered).
 10083 | D:7      | 10083 ||| Stepping ~*~*~tactically~*~*~ (outnumbered).
 10087 | D:7      | 10087 ||| Stepping ~*~*~tactically~*~*~ (outnumbered).
 10091 | D:7      | 10091 ||| Stepping ~*~*~tactically~*~*~ (outnumbered).
 10093 | D:7      | 10093 ||| Stepping ~*~*~tactically~*~*~ (outnumbered).
 10098 | D:7      | 10098 ||| Stepping ~*~*~tactically~*~*~ (outnumbered).
 10103 | D:7      | 10103 ||| Stepping ~*~*~tactically~*~*~ (outnumbered).
 10111 | D:7      | 10111 ||| Stepping ~*~*~tactically~*~*~ (outnumbered).
 10116 | D:7      | 10116 ||| Stepping ~*~*~tactically~*~*~ (outnumbered).
 10118 | D:7      | 10118 ||| Stepping ~*~*~tactically~*~*~ (outnumbered).
 10120 | D:7      | 10120 ||| Stepping ~*~*~tactically~*~*~ (outnumbered).
 10122 | D:7      | 10122 ||| Stepping ~*~*~tactically~*~*~ (outnumbered).
 10127 | D:7      | 10127 ||| Stepping ~*~*~tactically~*~*~ (outnumbered).
 10133 | D:7      | 10133 ||| Stepping ~*~*~tactically~*~*~ (outnumbered).
 10141 | D:7      | 10141 ||| Stepping ~*~*~tactically~*~*~ (outnumbered).
 10145 | D:7      | 10145 ||| Stepping ~*~*~tactically~*~*~ (outnumbered).
 10151 | D:7      | 10151 ||| Stepping ~*~*~tactically~*~*~ (outnumbered).
 10157 | D:7      | 10157 ||| Stepping ~*~*~tactically~*~*~ (outnumbered).
 10159 | D:7      | 10159 ||| Stepping ~*~*~tactically~*~*~ (outnumbered).
 10170 | D:7      | 10170 ||| Stepping ~*~*~tactically~*~*~ (outnumbered).
 10176 | D:7      | 10176 ||| Stepping ~*~*~tactically~*~*~ (outnumbered).
 10180 | D:7      | 10180 ||| Stepping ~*~*~tactically~*~*~ (outnumbered).
 10182 | D:7      | 10182 ||| Stepping ~*~*~tactically~*~*~ (outnumbered).
 10185 | D:7      | 10185 ||| Stepping ~*~*~tactically~*~*~ (outnumbered).
 10190 | D:7      | 10190 ||| Stepping ~*~*~tactically~*~*~ (outnumbered).
 10193 | D:7      | 10193 ||| Stepping ~*~*~tactically~*~*~ (outnumbered).
 10199 | D:7      | 10199 ||| Stepping ~*~*~tactically~*~*~ (outnumbered).
 10202 | D:7      | 10202 ||| Stepping ~*~*~tactically~*~*~ (outnumbered).
 10209 | D:7      | 10209 ||| Stepping ~*~*~tactically~*~*~ (outnumbered).
 10215 | D:7      | 10215 ||| Stepping ~*~*~tactically~*~*~ (outnumbered).
 10220 | D:7      | 10220 ||| Stepping ~*~*~tactically~*~*~ (outnumbered).
 10222 | D:7      | 10222 ||| Stepping ~*~*~tactically~*~*~ (outnumbered).
 10234 | D:7      | 10234 ||| Stepping ~*~*~tactically~*~*~ (outnumbered).
 10240 | D:7      | 10240 ||| Stepping ~*~*~tactically~*~*~ (outnumbered).
 10252 | D:7      | 10252 ||| Stepping ~*~*~tactically~*~*~ (outnumbered).
 10258 | D:7      | 10258 ||| Stepping ~*~*~tactically~*~*~ (outnumbered).
 10260 | D:7      | 10260 ||| Stepping ~*~*~tactically~*~*~ (outnumbered).
 10262 | D:7      | 10262 ||| Stepping ~*~*~tactically~*~*~ (outnumbered).
 10273 | D:7      | 10273 ||| Stepping ~*~*~tactically~*~*~ (outnumbered).
 10275 | D:7      | 10275 ||| Stepping ~*~*~tactically~*~*~ (outnumbered).
 10277 | D:7      | 10277 ||| Stepping ~*~*~tactically~*~*~ (outnumbered).
 10280 | D:7      | 10280 ||| Stepping ~*~*~tactically~*~*~ (outnumbered).
 10289 | D:7      | 10289 ||| Stepping ~*~*~tactically~*~*~ (outnumbered).
 10297 | D:7      | 10297 ||| Stepping ~*~*~tactically~*~*~ (outnumbered).
 10299 | D:7      | 10299 ||| Stepping ~*~*~tactically~*~*~ (outnumbered).
 10303 | D:7      | 10303 ||| Stepping ~*~*~tactically~*~*~ (outnumbered).
 10309 | D:7      | 10309 ||| Stepping ~*~*~tactically~*~*~ (outnumbered).
 10311 | D:7      | 10311 ||| Stepping ~*~*~tactically~*~*~ (outnumbered).
 10324 | D:7      | 10324 ||| Stepping ~*~*~tactically~*~*~ (outnumbered).
 10335 | D:7      | 10335 ||| Stepping ~*~*~tactically~*~*~ (outnumbered).
 10337 | D:7      | 10337 ||| Stepping ~*~*~tactically~*~*~ (outnumbered).
 10343 | D:7      | 10343 ||| Stepping ~*~*~tactically~*~*~ (outnumbered).
 10347 | D:7      | 10347 ||| Stepping ~*~*~tactically~*~*~ (outnumbered).
 10359 | D:7      | 10359 ||| Stepping ~*~*~tactically~*~*~ (outnumbered).
 10372 | D:7      | 10372 ||| Stepping ~*~*~tactically~*~*~ (outnumbered).
 10380 | D:7      | 10380 ||| Stepping ~*~*~tactically~*~*~ (outnumbered).
 10384 | D:7      | 10384 ||| Stepping ~*~*~tactically~*~*~ (outnumbered).
 10395 | D:7      | 10395 ||| Stepping ~*~*~tactically~*~*~ (outnumbered).
 10404 | D:7      | 10404 ||| Stepping ~*~*~tactically~*~*~ (outnumbered).
 10409 | D:7      | 10409 ||| Stepping ~*~*~tactically~*~*~ (outnumbered).
 10417 | D:7      | 10417 ||| Stepping ~*~*~tactically~*~*~ (outnumbered).
 10424 | D:7      | 10424 ||| Stepping ~*~*~tactically~*~*~ (outnumbered).
 10434 | D:7      | 10434 ||| Stepping ~*~*~tactically~*~*~ (outnumbered).
 10439 | D:7      | 10439 ||| Stepping ~*~*~tactically~*~*~ (outnumbered).
 10450 | D:7      | 10450 ||| Stepping ~*~*~tactically~*~*~ (outnumbered).
 10456 | D:7      | 10456 ||| Stepping ~*~*~tactically~*~*~ (outnumbered).
 10461 | D:7      | 10461 ||| Stepping ~*~*~tactically~*~*~ (outnumbered).
 10463 | D:7      | 10463 ||| Stepping ~*~*~tactically~*~*~ (outnumbered).
 10466 | D:7      | 10466 ||| Stepping ~*~*~tactically~*~*~ (outnumbered).
 10468 | D:7      | 10468 ||| Stepping ~*~*~tactically~*~*~ (outnumbered).
 10470 | D:7      | 10470 ||| Stepping ~*~*~tactically~*~*~ (outnumbered).
 10474 | D:7      | 10474 ||| Stepping ~*~*~tactically~*~*~ (outnumbered).
 10477 | D:7      | 10477 ||| Stepping ~*~*~tactically~*~*~ (outnumbered).
 10483 | D:7      | 10483 ||| Stepping ~*~*~tactically~*~*~ (outnumbered).
 10490 | D:7      | 10490 ||| Stepping ~*~*~tactically~*~*~ (outnumbered).
 10493 | D:7      | 10493 ||| Stepping ~*~*~tactically~*~*~ (outnumbered).
 10499 | D:7      | 10499 ||| Stepping ~*~*~tactically~*~*~ (outnumbered).
 10502 | D:7      | 10502 ||| Stepping ~*~*~tactically~*~*~ (outnumbered).
 10505 | D:7      | 10505 ||| Stepping ~*~*~tactically~*~*~ (outnumbered).
 10509 | D:7      | 10509 ||| Stepping ~*~*~tactically~*~*~ (outnumbered).
 10516 | D:7      | 10516 ||| Stepping ~*~*~tactically~*~*~ (outnumbered).
 10519 | D:7      | 10519 ||| Stepping ~*~*~tactically~*~*~ (outnumbered).
 10529 | D:7      | 10529 ||| Stepping ~*~*~tactically~*~*~ (outnumbered).
 10537 | D:7      | 10537 ||| Stepping ~*~*~tactically~*~*~ (outnumbered).
 10542 | D:7      | 10542 ||| Stepping ~*~*~tactically~*~*~ (outnumbered).
 10546 | D:7      | 10546 ||| Stepping ~*~*~tactically~*~*~ (outnumbered).
 10548 | D:7      | 10548 ||| Stepping ~*~*~tactically~*~*~ (outnumbered).
 10554 | D:7      | 10554 ||| Stepping ~*~*~tactically~*~*~ (outnumbered).
 10558 | D:7      | 10558 ||| Stepping ~*~*~tactically~*~*~ (outnumbered).
 10561 | D:7      | 10561 ||| Stepping ~*~*~tactically~*~*~ (outnumbered).
 10563 | D:7      | 10563 ||| Stepping ~*~*~tactically~*~*~ (outnumbered).
 10566 | D:7      | 10566 ||| Stepping ~*~*~tactically~*~*~ (outnumbered).
 10568 | D:7      | 10568 ||| Stepping ~*~*~tactically~*~*~ (outnumbered).
 10570 | D:7      | 10570 ||| Stepping ~*~*~tactically~*~*~ (outnumbered).
 10577 | D:7      | 10577 ||| Stepping ~*~*~tactically~*~*~ (outnumbered).
 10579 | D:7      | 10579 ||| Stepping ~*~*~tactically~*~*~ (outnumbered).
 10583 | D:7      | 10583 ||| Stepping ~*~*~tactically~*~*~ (outnumbered).
 10585 | D:7      | 10585 ||| Stepping ~*~*~tactically~*~*~ (outnumbered).
 10589 | D:7      | 10589 ||| Stepping ~*~*~tactically~*~*~ (outnumbered).
 10596 | D:7      | 10596 ||| Stepping ~*~*~tactically~*~*~ (outnumbered).
 10600 | D:7      | 10600 ||| Stepping ~*~*~tactically~*~*~ (outnumbered).
 10606 | D:7      | 10606 ||| Stepping ~*~*~tactically~*~*~ (outnumbered).
 10611 | D:7      | 10611 ||| Stepping ~*~*~tactically~*~*~ (outnumbered).
 10616 | D:7      | 10616 ||| Stepping ~*~*~tactically~*~*~ (outnumbered).
 10622 | D:7      | 10622 ||| Stepping ~*~*~tactically~*~*~ (outnumbered).
 10631 | D:7      | 10631 ||| Stepping ~*~*~tactically~*~*~ (outnumbered).
 10635 | D:7      | 10635 ||| Stepping ~*~*~tactically~*~*~ (outnumbered).
 10639 | D:7      | 10639 ||| Stepping ~*~*~tactically~*~*~ (outnumbered).
 10643 | D:7      | 10643 ||| Stepping ~*~*~tactically~*~*~ (outnumbered).
 10646 | D:7      | 10646 ||| Stepping ~*~*~tactically~*~*~ (outnumbered).
 10648 | D:7      | 10648 ||| Stepping ~*~*~tactically~*~*~ (outnumbered).
 10650 | D:7      | 10650 ||| Stepping ~*~*~tactically~*~*~ (outnumbered).
 10657 | D:7      | 10657 ||| Stepping ~*~*~tactically~*~*~ (outnumbered).
 10660 | D:7      | 10660 ||| Stepping ~*~*~tactically~*~*~ (outnumbered).
 10668 | D:7      | 10668 ||| Stepping ~*~*~tactically~*~*~ (outnumbered).
 10678 | D:7      | 10678 ||| Stepping ~*~*~tactically~*~*~ (outnumbered).
 10683 | D:7      | 10683 ||| Stepping ~*~*~tactically~*~*~ (outnumbered).
 10689 | D:7      | 10689 ||| Stepping ~*~*~tactically~*~*~ (outnumbered).
 10694 | D:7      | 10694 ||| Stepping ~*~*~tactically~*~*~ (outnumbered).
 10701 | D:7      | 10701 ||| Stepping ~*~*~tactically~*~*~ (outnumbered).
 10710 | D:7      | 10710 ||| Stepping ~*~*~tactically~*~*~ (outnumbered).
 10722 | D:7      | 10722 ||| Stepping ~*~*~tactically~*~*~ (outnumbered).
 10725 | D:7      | 10725 ||| Stepping ~*~*~tactically~*~*~ (outnumbered).
 10727 | D:7      | 10727 ||| Stepping ~*~*~tactically~*~*~ (outnumbered).
 10735 | D:7      | 10735 ||| Stepping ~*~*~tactically~*~*~ (outnumbered).
 10744 | D:7      | 10744 ||| Stepping ~*~*~tactically~*~*~ (outnumbered).
 10746 | D:7      | 10746 ||| Stepping ~*~*~tactically~*~*~ (outnumbered).
 10756 | D:7      | 10756 ||| Stepping ~*~*~tactically~*~*~ (outnumbered).
 10763 | D:7      | 10763 ||| Stepping ~*~*~tactically~*~*~ (outnumbered).
 10772 | D:7      | 10772 ||| Stepping ~*~*~tactically~*~*~ (outnumbered).
 10777 | D:7      | 10777 ||| Stepping ~*~*~tactically~*~*~ (outnumbered).
 10784 | D:7      | 10784 ||| Stepping ~*~*~tactically~*~*~ (outnumbered).
 10788 | D:7      | 10788 ||| Stepping ~*~*~tactically~*~*~ (outnumbered).
 10790 | D:7      | 10790 ||| Stepping ~*~*~tactically~*~*~ (outnumbered).
 10799 | D:7      | 10799 ||| Stepping ~*~*~tactically~*~*~ (outnumbered).
 10807 | D:7      | 10807 ||| Stepping ~*~*~tactically~*~*~ (outnumbered).
 10817 | D:7      | 10817 ||| Stepping ~*~*~tactically~*~*~ (outnumbered).
 10825 | D:7      | 10825 ||| Stepping ~*~*~tactically~*~*~ (outnumbered).
 10827 | D:7      | 10827 ||| Stepping ~*~*~tactically~*~*~ (outnumbered).
 10829 | D:7      | 10829 ||| Stepping ~*~*~tactically~*~*~ (outnumbered).
 10833 | D:7      | 10833 ||| Stepping ~*~*~tactically~*~*~ (outnumbered).
 10837 | D:7      | 10837 ||| Stepping ~*~*~tactically~*~*~ (outnumbered).
 10839 | D:7      | 10839 ||| Stepping ~*~*~tactically~*~*~ (outnumbered).
 10841 | D:7      | 10841 ||| Stepping ~*~*~tactically~*~*~ (outnumbered).
 10848 | D:7      | 10848 ||| Stepping ~*~*~tactically~*~*~ (outnumbered).
 10850 | D:7      | 10850 ||| Stepping ~*~*~tactically~*~*~ (outnumbered).
 10852 | D:7      | 10852 ||| Stepping ~*~*~tactically~*~*~ (outnumbered).
 10857 | D:7      | 10857 ||| Stepping ~*~*~tactically~*~*~ (outnumbered).
 10863 | D:7      | 10863 ||| Stepping ~*~*~tactically~*~*~ (outnumbered).
 10865 | D:7      | 10865 ||| Stepping ~*~*~tactically~*~*~ (outnumbered).
 10867 | D:7      | 10867 ||| Stepping ~*~*~tactically~*~*~ (outnumbered).
 10876 | D:7      | 10876 ||| Stepping ~*~*~tactically~*~*~ (outnumbered).
 10878 | D:7      | 10878 ||| Stepping ~*~*~tactically~*~*~ (outnumbered).
 10883 | D:7      | 10883 ||| Stepping ~*~*~tactically~*~*~ (outnumbered).
 10885 | D:7      | 10885 ||| Stepping ~*~*~tactically~*~*~ (outnumbered).
 10889 | D:7      | 10889 ||| Stepping ~*~*~tactically~*~*~ (outnumbered).
 10897 | D:7      | 10897 ||| Stepping ~*~*~tactically~*~*~ (outnumbered).
 10900 | D:7      | 10900 ||| Stepping ~*~*~tactically~*~*~ (outnumbered).
 10907 | D:7      | 10907 ||| Stepping ~*~*~tactically~*~*~ (outnumbered).
 10911 | D:7      | 10911 ||| Stepping ~*~*~tactically~*~*~ (outnumbered).
 10913 | D:7      | 10913 ||| Stepping ~*~*~tactically~*~*~ (outnumbered).
 10918 | D:7      | 10918 ||| Stepping ~*~*~tactically~*~*~ (outnumbered).
 10928 | D:7      | 10928 ||| Stepping ~*~*~tactically~*~*~ (outnumbered).
 10930 | D:7      | 10930 ||| Stepping ~*~*~tactically~*~*~ (outnumbered).
 10934 | D:7      | 10934 ||| Stepping ~*~*~tactically~*~*~ (outnumbered).
 10936 | D:7      | 10936 ||| Stepping ~*~*~tactically~*~*~ (outnumbered).
 10939 | D:7      | 10939 ||| Stepping ~*~*~tactically~*~*~ (outnumbered).
 10945 | D:7      | 10945 ||| Stepping ~*~*~tactically~*~*~ (outnumbered).
 10947 | D:7      | 10947 ||| Stepping ~*~*~tactically~*~*~ (outnumbered).
 10949 | D:7      | 10949 ||| Stepping ~*~*~tactically~*~*~ (outnumbered).
 10952 | D:7      | 10952 ||| Stepping ~*~*~tactically~*~*~ (outnumbered).
 10954 | D:7      | 10954 ||| Stepping ~*~*~tactically~*~*~ (outnumbered).
 10957 | D:7      | 10957 ||| Stepping ~*~*~tactically~*~*~ (outnumbered).
 10962 | D:7      | 10962 ||| Stepping ~*~*~tactically~*~*~ (outnumbered).
 10964 | D:7      | 10964 ||| Stepping ~*~*~tactically~*~*~ (outnumbered).
 10975 | D:7      | 10975 ||| Stepping ~*~*~tactically~*~*~ (outnumbered).
 10982 | D:7      | 10982 ||| Stepping ~*~*~tactically~*~*~ (outnumbered).
 10987 | D:7      | 10987 ||| Stepping ~*~*~tactically~*~*~ (outnumbered).
 10996 | D:7      | 10996 ||| Stepping ~*~*~tactically~*~*~ (outnumbered).
 11006 | D:7      | 11006 ||| Stepping ~*~*~tactically~*~*~ (outnumbered).
 11011 | D:7      | 11011 ||| Stepping ~*~*~tactically~*~*~ (outnumbered).
 11015 | D:7      | 11015 ||| Stepping ~*~*~tactically~*~*~ (outnumbered).
 11017 | D:7      | 11017 ||| Stepping ~*~*~tactically~*~*~ (outnumbered).
 11019 | D:7      | 11019 ||| Stepping ~*~*~tactically~*~*~ (outnumbered).
 11024 | D:7      | 11024 ||| Stepping ~*~*~tactically~*~*~ (outnumbered).
 11030 | D:7      | 11030 ||| Stepping ~*~*~tactically~*~*~ (outnumbered).
 11033 | D:7      | 11033 ||| Stepping ~*~*~tactically~*~*~ (outnumbered).
 11040 | D:7      | 11040 ||| Stepping ~*~*~tactically~*~*~ (outnumbered).
 11047 | D:7      | 11047 ||| Stepping ~*~*~tactically~*~*~ (outnumbered).
 11050 | D:7      | 11050 ||| Stepping ~*~*~tactically~*~*~ (outnumbered).
 11052 | D:7      | 11052 ||| Stepping ~*~*~tactically~*~*~ (outnumbered).
 11057 | D:7      | 11057 ||| Stepping ~*~*~tactically~*~*~ (outnumbered).
 11067 | D:7      | 11067 ||| Stepping ~*~*~tactically~*~*~ (outnumbered).
 11074 | D:7      | 11074 ||| Stepping ~*~*~tactically~*~*~ (outnumbered).
 11083 | D:7      | 11083 ||| Stepping ~*~*~tactically~*~*~ (outnumbered).
 11092 | D:7      | 11092 ||| Stepping ~*~*~tactically~*~*~ (outnumbered).
 11097 | D:7      | 11097 ||| Stepping ~*~*~tactically~*~*~ (outnumbered).
 11104 | D:7      | 11104 ||| Stepping ~*~*~tactically~*~*~ (outnumbered).
 11109 | D:7      | 11109 ||| Stepping ~*~*~tactically~*~*~ (outnumbered).
 11117 | D:7      | 11117 ||| Stepping ~*~*~tactically~*~*~ (outnumbered).
 11121 | D:7      | 11121 ||| Stepping ~*~*~tactically~*~*~ (outnumbered).
 11126 | D:7      | 11126 ||| Stepping ~*~*~tactically~*~*~ (outnumbered).
 11131 | D:7      | 11131 ||| Stepping ~*~*~tactically~*~*~ (outnumbered).
 11134 | D:7      | 11134 ||| Stepping ~*~*~tactically~*~*~ (outnumbered).
 11144 | D:7      | 11144 ||| Stepping ~*~*~tactically~*~*~ (outnumbered).
 11150 | D:7      | 11150 ||| Stepping ~*~*~tactically~*~*~ (outnumbered).
 11159 | D:7      | 11159 ||| Stepping ~*~*~tactically~*~*~ (outnumbered).
 11169 | D:7      | 11169 ||| Stepping ~*~*~tactically~*~*~ (outnumbered).
 11173 | D:7      | 11173 ||| Stepping ~*~*~tactically~*~*~ (outnumbered).
 11185 | D:7      | 11185 ||| Stepping ~*~*~tactically~*~*~ (outnumbered).
 11187 | D:7      | 11187 ||| Stepping ~*~*~tactically~*~*~ (outnumbered).
 11191 | D:7      | 11191 ||| Stepping ~*~*~tactically~*~*~ (outnumbered).
 11202 | D:7      | 11202 ||| Stepping ~*~*~tactically~*~*~ (outnumbered).
 11207 | D:7      | 11207 ||| Stepping ~*~*~tactically~*~*~ (outnumbered).
 11217 | D:7      | 11217 ||| Stepping ~*~*~tactically~*~*~ (outnumbered).
 11225 | D:7      | 11225 ||| Stepping ~*~*~tactically~*~*~ (outnumbered).
 11231 | D:7      | 11231 ||| Stepping ~*~*~tactically~*~*~ (outnumbered).
 11242 | D:7      | 11242 ||| Stepping ~*~*~tactically~*~*~ (outnumbered).
 11249 | D:7      | 11249 ||| Stepping ~*~*~tactically~*~*~ (outnumbered).
 11259 | D:7      | 11259 ||| Stepping ~*~*~tactically~*~*~ (outnumbered).
 11273 | D:7      | 11273 ||| Stepping ~*~*~tactically~*~*~ (outnumbered).
 11278 | D:7      | 11278 ||| Stepping ~*~*~tactically~*~*~ (outnumbered).
 11280 | D:7      | 11280 ||| Stepping ~*~*~tactically~*~*~ (outnumbered).
 11283 | D:7      | 11283 ||| Stepping ~*~*~tactically~*~*~ (outnumbered).
 11287 | D:7      | 11287 ||| Stepping ~*~*~tactically~*~*~ (outnumbered).
 11289 | D:7      | 11289 ||| Stepping ~*~*~tactically~*~*~ (outnumbered).
 11294 | D:7      | 11294 ||| Stepping ~*~*~tactically~*~*~ (outnumbered).
 11296 | D:7      | 11296 ||| Stepping ~*~*~tactically~*~*~ (outnumbered).
 11303 | D:7      | 11303 ||| Stepping ~*~*~tactically~*~*~ (outnumbered).
 11310 | D:7      | 11310 ||| Stepping ~*~*~tactically~*~*~ (outnumbered).
 11315 | D:7      | 11315 ||| Stepping ~*~*~tactically~*~*~ (outnumbered).
 11318 | D:7      | 11318 ||| Stepping ~*~*~tactically~*~*~ (outnumbered).
 11320 | D:7      | 11320 ||| Stepping ~*~*~tactically~*~*~ (outnumbered).
 11325 | D:7      | 11325 ||| Stepping ~*~*~tactically~*~*~ (outnumbered).
 11335 | D:7      | 11335 ||| Stepping ~*~*~tactically~*~*~ (outnumbered).
 11341 | D:7      | 11341 ||| Stepping ~*~*~tactically~*~*~ (outnumbered).
 11347 | D:7      | 11347 ||| Stepping ~*~*~tactically~*~*~ (outnumbered).
 11357 | D:7      | 11357 ||| Stepping ~*~*~tactically~*~*~ (outnumbered).
 11364 | D:7      | 11364 ||| Stepping ~*~*~tactically~*~*~ (outnumbered).
 11374 | D:7      | 11374 ||| Stepping ~*~*~tactically~*~*~ (outnumbered).
 11378 | D:7      | 11378 ||| Stepping ~*~*~tactically~*~*~ (outnumbered).
 11381 | D:7      | 11381 ||| Stepping ~*~*~tactically~*~*~ (outnumbered).
 11387 | D:7      | 11387 ||| Stepping ~*~*~tactically~*~*~ (outnumbered).
 11390 | D:7      | 11390 ||| Stepping ~*~*~tactically~*~*~ (outnumbered).
 11392 | D:7      | 11392 ||| Stepping ~*~*~tactically~*~*~ (outnumbered).
 11401 | D:7      | 11401 ||| Stepping ~*~*~tactically~*~*~ (outnumbered).
 11405 | D:7      | 11405 ||| Stepping ~*~*~tactically~*~*~ (outnumbered).
 11416 | D:7      | 11416 ||| Stepping ~*~*~tactically~*~*~ (outnumbered).
 11421 | D:7      | 11421 ||| Stepping ~*~*~tactically~*~*~ (outnumbered).
 11423 | D:7      | 11423 ||| Stepping ~*~*~tactically~*~*~ (outnumbered).
 11425 | D:7      | 11425 ||| Stepping ~*~*~tactically~*~*~ (outnumbered).
 11433 | D:7      | 11433 ||| Stepping ~*~*~tactically~*~*~ (outnumbered).
 11438 | D:7      | 11438 ||| Stepping ~*~*~tactically~*~*~ (outnumbered).
 11445 | D:7      | 11445 ||| Stepping ~*~*~tactically~*~*~ (outnumbered).
 11453 | D:7      | 11453 ||| Stepping ~*~*~tactically~*~*~ (outnumbered).
 11455 | D:7      | 11455 ||| Stepping ~*~*~tactically~*~*~ (outnumbered).
 11457 | D:7      | 11457 ||| Stepping ~*~*~tactically~*~*~ (outnumbered).
 11459 | D:7      | 11459 ||| Stepping ~*~*~tactically~*~*~ (outnumbered).
 11462 | D:7      | 11462 ||| Stepping ~*~*~tactically~*~*~ (outnumbered).
 11466 | D:7      | 11466 ||| Stepping ~*~*~tactically~*~*~ (outnumbered).
 11476 | D:7      | 11476 ||| Stepping ~*~*~tactically~*~*~ (outnumbered).
 11480 | D:7      | 11480 ||| Stepping ~*~*~tactically~*~*~ (outnumbered).
 11482 | D:7      | 11482 ||| Stepping ~*~*~tactically~*~*~ (outnumbered).
 11484 | D:7      | 11484 ||| Stepping ~*~*~tactically~*~*~ (outnumbered).
 11487 | D:7      | 11487 ||| Stepping ~*~*~tactically~*~*~ (outnumbered).
 11496 | D:7      | 11496 ||| Stepping ~*~*~tactically~*~*~ (outnumbered).
 11505 | D:7      | 11505 ||| Stepping ~*~*~tactically~*~*~ (outnumbered).
 11507 | D:7      | 11507 ||| Stepping ~*~*~tactically~*~*~ (outnumbered).
 11511 | D:7      | 11511 ||| Stepping ~*~*~tactically~*~*~ (outnumbered).
 11513 | D:7      | 11513 ||| Stepping ~*~*~tactically~*~*~ (outnumbered).
 11521 | D:7      | 11521 ||| Stepping ~*~*~tactically~*~*~ (outnumbered).
 11523 | D:7      | 11523 ||| Stepping ~*~*~tactically~*~*~ (outnumbered).
 11537 | D:7      | 11537 ||| Stepping ~*~*~tactically~*~*~ (outnumbered).
 11541 | D:7      | 11541 ||| Stepping ~*~*~tactically~*~*~ (outnumbered).
 11548 | D:7      | 11548 ||| Stepping ~*~*~tactically~*~*~ (outnumbered).
 11556 | D:7      | 11556 ||| Stepping ~*~*~tactically~*~*~ (outnumbered).
 11567 | D:7      | 11567 ||| Stepping ~*~*~tactically~*~*~ (outnumbered).
 11572 | D:7      | 11572 ||| Stepping ~*~*~tactically~*~*~ (outnumbered).
 11578 | D:7      | 11578 ||| Stepping ~*~*~tactically~*~*~ (outnumbered).
 11586 | D:7      | 11586 ||| Stepping ~*~*~tactically~*~*~ (outnumbered).
 11589 | D:7      | 11589 ||| Stepping ~*~*~tactically~*~*~ (outnumbered).
 11593 | D:7      | 11593 ||| Stepping ~*~*~tactically~*~*~ (outnumbered).
 11596 | D:7      | 11596 ||| Stepping ~*~*~tactically~*~*~ (outnumbered).
 11603 | D:7      | 11603 ||| Stepping ~*~*~tactically~*~*~ (outnumbered).
 11609 | D:7      | 11609 ||| Stepping ~*~*~tactically~*~*~ (outnumbered).
 11613 | D:7      | 11613 ||| Stepping ~*~*~tactically~*~*~ (outnumbered).
 11625 | D:7      | 11625 ||| Stepping ~*~*~tactically~*~*~ (outnumbered).
 11639 | D:7      | 11639 ||| Stepping ~*~*~tactically~*~*~ (outnumbered).
 11649 | D:7      | 11649 ||| Stepping ~*~*~tactically~*~*~ (outnumbered).
 11655 | D:7      | 11655 ||| Stepping ~*~*~tactically~*~*~ (outnumbered).
 11660 | D:7      | 11660 ||| Stepping ~*~*~tactically~*~*~ (outnumbered).
 11662 | D:7      | 11662 ||| Stepping ~*~*~tactically~*~*~ (outnumbered).
 11667 | D:7      | 11667 ||| Stepping ~*~*~tactically~*~*~ (outnumbered).
 11669 | D:7      | 11669 ||| Stepping ~*~*~tactically~*~*~ (outnumbered).
 11677 | D:7      | 11677 ||| Stepping ~*~*~tactically~*~*~ (outnumbered).
 11684 | D:7      | 11684 ||| Stepping ~*~*~tactically~*~*~ (outnumbered).
 11691 | D:7      | 11691 ||| Stepping ~*~*~tactically~*~*~ (outnumbered).
 11698 | D:7      | 11698 ||| Stepping ~*~*~tactically~*~*~ (outnumbered).
 11706 | D:7      | 11706 ||| Stepping ~*~*~tactically~*~*~ (outnumbered).
 11708 | D:7      | 11708 ||| Stepping ~*~*~tactically~*~*~ (outnumbered).
 11710 | D:7      | 11710 ||| Stepping ~*~*~tactically~*~*~ (outnumbered).
 11716 | D:7      | 11716 ||| Stepping ~*~*~tactically~*~*~ (outnumbered).
 11718 | D:7      | 11718 ||| Stepping ~*~*~tactically~*~*~ (outnumbered).
 11722 | D:7      | 11722 ||| Stepping ~*~*~tactically~*~*~ (outnumbered).
 11728 | D:7      | 11728 ||| Stepping ~*~*~tactically~*~*~ (outnumbered).
 11731 | D:7      | 11731 ||| Stepping ~*~*~tactically~*~*~ (outnumbered).
 11739 | D:7      | 11739 ||| Stepping ~*~*~tactically~*~*~ (outnumbered).
 11747 | D:7      | 11747 ||| Stepping ~*~*~tactically~*~*~ (outnumbered).
 11752 | D:7      | 11752 ||| Stepping ~*~*~tactically~*~*~ (outnumbered).
 11760 | D:7      | 11760 ||| Stepping ~*~*~tactically~*~*~ (outnumbered).
 11762 | D:7      | 11762 ||| Stepping ~*~*~tactically~*~*~ (outnumbered).
 11769 | D:7      | 11769 ||| Stepping ~*~*~tactically~*~*~ (outnumbered).
 11777 | D:7      | 11777 ||| Stepping ~*~*~tactically~*~*~ (outnumbered).
 11779 | D:7      | 11779 ||| Stepping ~*~*~tactically~*~*~ (outnumbered).
 11781 | D:7      | 11781 ||| Stepping ~*~*~tactically~*~*~ (outnumbered).
 11783 | D:7      | 11783 ||| Stepping ~*~*~tactically~*~*~ (outnumbered).
 11789 | D:7      | 11789 ||| Stepping ~*~*~tactically~*~*~ (outnumbered).
 11791 | D:7      | 11791 ||| Stepping ~*~*~tactically~*~*~ (outnumbered).
 11798 | D:7      | 11798 ||| Stepping ~*~*~tactically~*~*~ (outnumbered).
 11805 | D:7      | 11805 ||| Stepping ~*~*~tactically~*~*~ (outnumbered).
 11809 | D:7      | 11809 ||| Stepping ~*~*~tactically~*~*~ (outnumbered).
 11813 | D:7      | 11813 ||| Stepping ~*~*~tactically~*~*~ (outnumbered).
 11821 | D:7      | 11821 ||| Stepping ~*~*~tactically~*~*~ (outnumbered).
 11825 | D:7      | 11825 ||| Stepping ~*~*~tactically~*~*~ (outnumbered).
 11835 | D:7      | 11835 ||| Stepping ~*~*~tactically~*~*~ (outnumbered).
 11842 | D:7      | 11842 ||| Stepping ~*~*~tactically~*~*~ (outnumbered).
 11847 | D:7      | 11847 ||| Stepping ~*~*~tactically~*~*~ (outnumbered).
 11851 | D:7      | 11851 ||| Stepping ~*~*~tactically~*~*~ (outnumbered).
 11862 | D:7      | 11862 ||| Stepping ~*~*~tactically~*~*~ (outnumbered).
 11866 | D:7      | 11866 ||| Stepping ~*~*~tactically~*~*~ (outnumbered).
 11872 | D:7      | 11872 ||| Stepping ~*~*~tactically~*~*~ (outnumbered).
 11876 | D:7      | 11876 ||| Stepping ~*~*~tactically~*~*~ (outnumbered).
 11878 | D:7      | 11878 ||| Stepping ~*~*~tactically~*~*~ (outnumbered).
 11881 | D:7      | 11881 ||| Stepping ~*~*~tactically~*~*~ (outnumbered).
 11888 | D:7      | 11888 ||| Stepping ~*~*~tactically~*~*~ (outnumbered).
 11893 | D:7      | 11893 ||| Stepping ~*~*~tactically~*~*~ (outnumbered).
 11899 | D:7      | 11899 ||| Stepping ~*~*~tactically~*~*~ (outnumbered).
 11902 | D:7      | 11902 ||| Stepping ~*~*~tactically~*~*~ (outnumbered).
 11906 | D:7      | 11906 ||| Stepping ~*~*~tactically~*~*~ (outnumbered).
 11909 | D:7      | 11909 ||| Stepping ~*~*~tactically~*~*~ (outnumbered).
 11911 | D:7      | 11911 ||| Stepping ~*~*~tactically~*~*~ (outnumbered).
 11915 | D:7      | 11915 ||| Stepping ~*~*~tactically~*~*~ (outnumbered).
 11924 | D:7      | 11924 ||| Stepping ~*~*~tactically~*~*~ (outnumbered).
 11935 | D:7      | 11935 ||| Stepping ~*~*~tactically~*~*~ (outnumbered).
 11937 | D:7      | 11937 ||| Stepping ~*~*~tactically~*~*~ (outnumbered).
 11941 | D:7      | 11941 ||| Stepping ~*~*~tactically~*~*~ (outnumbered).
 11945 | D:7      | 11945 ||| Stepping ~*~*~tactically~*~*~ (outnumbered).
 11955 | D:7      | 11955 ||| Stepping ~*~*~tactically~*~*~ (outnumbered).
 11962 | D:7      | 11962 ||| Stepping ~*~*~tactically~*~*~ (outnumbered).
 11967 | D:7      | 11967 ||| Stepping ~*~*~tactically~*~*~ (outnumbered).
 11972 | D:7      | 11972 ||| Stepping ~*~*~tactically~*~*~ (outnumbered).
 11986 | D:7      | 11986 ||| Stepping ~*~*~tactically~*~*~ (outnumbered).
 11988 | D:7      | 11988 ||| Stepping ~*~*~tactically~*~*~ (outnumbered).
 11995 | D:7      | 11995 ||| Stepping ~*~*~tactically~*~*~ (outnumbered).
 12000 | D:7      | 12000 ||| Stepping ~*~*~tactically~*~*~ (outnumbered).
 12004 | D:7      | 12004 ||| Stepping ~*~*~tactically~*~*~ (outnumbered).
 12008 | D:7      | 12008 ||| Stepping ~*~*~tactically~*~*~ (outnumbered).
 12011 | D:7      | 12011 ||| Stepping ~*~*~tactically~*~*~ (outnumbered).
 12013 | D:7      | 12013 ||| Stepping ~*~*~tactically~*~*~ (outnumbered).
 12029 | D:7      | 12029 ||| Stepping ~*~*~tactically~*~*~ (outnumbered).
 12031 | D:7      | 12031 ||| Stepping ~*~*~tactically~*~*~ (outnumbered).
 12033 | D:7      | 12033 ||| Stepping ~*~*~tactically~*~*~ (outnumbered).
 12037 | D:7      | 12037 ||| Stepping ~*~*~tactically~*~*~ (outnumbered).
 12040 | D:7      | 12040 ||| Stepping ~*~*~tactically~*~*~ (outnumbered).
 12042 | D:7      | 12042 ||| Stepping ~*~*~tactically~*~*~ (outnumbered).
 12048 | D:7      | 12048 ||| Stepping ~*~*~tactically~*~*~ (outnumbered).
 12050 | D:7      | 12050 ||| Stepping ~*~*~tactically~*~*~ (outnumbered).
 12057 | D:7      | 12057 ||| Stepping ~*~*~tactically~*~*~ (outnumbered).
 12065 | D:7      | 12065 ||| Stepping ~*~*~tactically~*~*~ (outnumbered).
 12067 | D:7      | 12067 ||| Stepping ~*~*~tactically~*~*~ (outnumbered).
 12071 | D:7      | 12071 ||| Stepping ~*~*~tactically~*~*~ (outnumbered).
 12076 | D:7      | 12076 ||| Stepping ~*~*~tactically~*~*~ (outnumbered).
 12080 | D:7      | 12080 ||| Stepping ~*~*~tactically~*~*~ (outnumbered).
 12086 | D:7      | 12086 ||| Stepping ~*~*~tactically~*~*~ (outnumbered).
 12088 | D:7      | 12088 ||| Stepping ~*~*~tactically~*~*~ (outnumbered).
 12093 | D:7      | 12093 ||| Stepping ~*~*~tactically~*~*~ (outnumbered).
 12106 | D:7      | 12106 ||| Stepping ~*~*~tactically~*~*~ (outnumbered).
 12110 | D:7      | 12110 ||| Stepping ~*~*~tactically~*~*~ (outnumbered).
 12112 | D:7      | 12112 ||| Stepping ~*~*~tactically~*~*~ (outnumbered).
 12114 | D:7      | 12114 ||| Stepping ~*~*~tactically~*~*~ (outnumbered).
 12118 | D:7      | 12118 ||| Stepping ~*~*~tactically~*~*~ (outnumbered).
 12125 | D:7      | 12125 ||| Stepping ~*~*~tactically~*~*~ (outnumbered).
 12127 | D:7      | 12127 ||| Stepping ~*~*~tactically~*~*~ (outnumbered).
 12132 | D:7      | 12132 ||| Stepping ~*~*~tactically~*~*~ (outnumbered).
 12134 | D:7      | 12134 ||| Stepping ~*~*~tactically~*~*~ (outnumbered).
 12136 | D:7      | 12136 ||| Stepping ~*~*~tactically~*~*~ (outnumbered).
 12139 | D:7      | 12139 ||| Stepping ~*~*~tactically~*~*~ (outnumbered).
 12143 | D:7      | 12143 ||| Stepping ~*~*~tactically~*~*~ (outnumbered).
 12148 | D:7      | 12148 ||| Stepping ~*~*~tactically~*~*~ (outnumbered).
 12155 | D:7      | 12155 ||| Stepping ~*~*~tactically~*~*~ (outnumbered).
 12170 | D:7      | 12170 ||| Stepping ~*~*~tactically~*~*~ (outnumbered).
 12177 | D:7      | 12177 ||| Stepping ~*~*~tactically~*~*~ (outnumbered).
 12187 | D:7      | 12187 ||| Stepping ~*~*~tactically~*~*~ (outnumbered).
 12192 | D:7      | 12192 ||| Stepping ~*~*~tactically~*~*~ (outnumbered).
 12196 | D:7      | 12196 ||| Stepping ~*~*~tactically~*~*~ (outnumbered).
 12198 | D:7      | 12198 ||| Stepping ~*~*~tactically~*~*~ (outnumbered).
 12200 | D:7      | 12200 ||| Stepping ~*~*~tactically~*~*~ (outnumbered).
 12203 | D:7      | 12203 ||| Stepping ~*~*~tactically~*~*~ (outnumbered).
 12211 | D:7      | 12211 ||| Stepping ~*~*~tactically~*~*~ (outnumbered).
 12220 | D:7      | 12220 ||| Stepping ~*~*~tactically~*~*~ (outnumbered).
 12226 | D:7      | 12226 ||| Stepping ~*~*~tactically~*~*~ (outnumbered).
 12230 | D:7      | 12230 ||| Stepping ~*~*~tactically~*~*~ (outnumbered).
 12242 | D:7      | 12242 ||| Stepping ~*~*~tactically~*~*~ (outnumbered).
 12247 | D:7      | 12247 ||| Stepping ~*~*~tactically~*~*~ (outnumbered).
 12252 | D:7      | 12252 ||| Stepping ~*~*~tactically~*~*~ (outnumbered).
 12255 | D:7      | 12255 ||| Stepping ~*~*~tactically~*~*~ (outnumbered).
 12260 | D:7      | 12260 ||| Stepping ~*~*~tactically~*~*~ (outnumbered).
 12270 | D:7      | 12270 ||| Stepping ~*~*~tactically~*~*~ (outnumbered).
 12274 | D:7      | 12274 ||| Stepping ~*~*~tactically~*~*~ (outnumbered).
 12284 | D:7      | 12284 ||| Stepping ~*~*~tactically~*~*~ (outnumbered).
 12292 | D:7      | 12292 ||| Stepping ~*~*~tactically~*~*~ (outnumbered).
 12303 | D:7      | 12303 ||| Stepping ~*~*~tactically~*~*~ (outnumbered).
 12309 | D:7      | 12309 ||| Stepping ~*~*~tactically~*~*~ (outnumbered).
 12312 | D:7      | 12312 ||| Stepping ~*~*~tactically~*~*~ (outnumbered).
 12316 | D:7      | 12316 ||| Stepping ~*~*~tactically~*~*~ (outnumbered).
 12324 | D:7      | 12324 ||| Stepping ~*~*~tactically~*~*~ (outnumbered).
 12326 | D:7      | 12326 ||| Stepping ~*~*~tactically~*~*~ (outnumbered).
 12336 | D:7      | 12336 ||| Stepping ~*~*~tactically~*~*~ (outnumbered).
 12338 | D:7      | 12338 ||| Stepping ~*~*~tactically~*~*~ (outnumbered).
 12342 | D:7      | 12342 ||| Stepping ~*~*~tactically~*~*~ (outnumbered).
 12344 | D:7      | 12344 ||| Stepping ~*~*~tactically~*~*~ (outnumbered).
 12348 | D:7      | 12348 ||| Stepping ~*~*~tactically~*~*~ (outnumbered).
 12354 | D:7      | 12354 ||| Stepping ~*~*~tactically~*~*~ (outnumbered).
 12358 | D:7      | 12358 ||| Stepping ~*~*~tactically~*~*~ (outnumbered).
 12363 | D:7      | 12363 ||| Stepping ~*~*~tactically~*~*~ (outnumbered).
 12372 | D:7      | 12372 ||| Stepping ~*~*~tactically~*~*~ (outnumbered).
 12378 | D:7      | 12378 ||| Stepping ~*~*~tactically~*~*~ (outnumbered).
 12380 | D:7      | 12380 ||| Stepping ~*~*~tactically~*~*~ (outnumbered).
 12387 | D:7      | 12387 ||| Stepping ~*~*~tactically~*~*~ (outnumbered).
 12393 | D:7      | 12393 ||| Stepping ~*~*~tactically~*~*~ (outnumbered).
 12398 | D:7      | 12398 ||| Stepping ~*~*~tactically~*~*~ (outnumbered).
 12402 | D:7      | 12402 ||| Stepping ~*~*~tactically~*~*~ (outnumbered).
 12410 | D:7      | 12410 ||| Stepping ~*~*~tactically~*~*~ (outnumbered).
 12414 | D:7      | 12414 ||| Stepping ~*~*~tactically~*~*~ (outnumbered).
 12425 | D:7      | 12425 ||| Stepping ~*~*~tactically~*~*~ (outnumbered).
 12428 | D:7      | 12428 ||| Stepping ~*~*~tactically~*~*~ (outnumbered).
 12431 | D:7      | 12431 ||| Stepping ~*~*~tactically~*~*~ (outnumbered).
 12438 | D:7      | 12438 ||| Stepping ~*~*~tactically~*~*~ (outnumbered).
 12446 | D:7      | 12446 ||| Stepping ~*~*~tactically~*~*~ (outnumbered).
 12448 | D:7      | 12448 ||| Stepping ~*~*~tactically~*~*~ (outnumbered).
 12455 | D:7      | 12455 ||| Stepping ~*~*~tactically~*~*~ (outnumbered).
 12464 | D:7      | 12464 ||| Stepping ~*~*~tactically~*~*~ (outnumbered).
 12467 | D:7      | 12467 ||| Stepping ~*~*~tactically~*~*~ (outnumbered).
 12473 | D:7      | 12473 ||| Stepping ~*~*~tactically~*~*~ (outnumbered).
 12481 | D:7      | 12481 ||| Stepping ~*~*~tactically~*~*~ (outnumbered).
 12483 | D:7      | 12483 ||| Stepping ~*~*~tactically~*~*~ (outnumbered).
 12488 | D:7      | 12488 ||| Stepping ~*~*~tactically~*~*~ (outnumbered).
 12492 | D:7      | 12492 ||| Stepping ~*~*~tactically~*~*~ (outnumbered).
 12494 | D:7      | 12494 ||| Stepping ~*~*~tactically~*~*~ (outnumbered).
 12497 | D:7      | 12497 ||| Stepping ~*~*~tactically~*~*~ (outnumbered).
 12504 | D:7      | 12504 ||| Stepping ~*~*~tactically~*~*~ (outnumbered).
 12508 | D:7      | 12508 ||| Stepping ~*~*~tactically~*~*~ (outnumbered).
 12512 | D:7      | 12512 ||| Stepping ~*~*~tactically~*~*~ (outnumbered).
 12523 | D:7      | 12523 ||| Stepping ~*~*~tactically~*~*~ (outnumbered).
 12531 | D:7      | 12531 ||| Stepping ~*~*~tactically~*~*~ (outnumbered).
 12533 | D:7      | 12533 ||| Stepping ~*~*~tactically~*~*~ (outnumbered).
 12537 | D:7      | 12537 ||| Stepping ~*~*~tactically~*~*~ (outnumbered).
 12549 | D:7      | 12549 ||| Stepping ~*~*~tactically~*~*~ (outnumbered).
 12556 | D:7      | 12556 ||| Stepping ~*~*~tactically~*~*~ (outnumbered).
 12568 | D:7      | 12568 ||| Stepping ~*~*~tactically~*~*~ (outnumbered).
 12573 | D:7      | 12573 ||| Stepping ~*~*~tactically~*~*~ (outnumbered).
 12576 | D:7      | 12576 ||| Stepping ~*~*~tactically~*~*~ (outnumbered).
 12580 | D:7      | 12580 ||| Stepping ~*~*~tactically~*~*~ (outnumbered).
 12584 | D:7      | 12584 ||| Stepping ~*~*~tactically~*~*~ (outnumbered).
 12589 | D:7      | 12589 ||| Stepping ~*~*~tactically~*~*~ (outnumbered).
 12594 | D:7      | 12594 ||| Stepping ~*~*~tactically~*~*~ (outnumbered).
 12598 | D:7      | 12598 ||| Stepping ~*~*~tactically~*~*~ (outnumbered).
 12603 | D:7      | 12603 ||| Stepping ~*~*~tactically~*~*~ (outnumbered).
 12614 | D:7      | 12614 ||| Stepping ~*~*~tactically~*~*~ (outnumbered).
 12622 | D:7      | 12622 ||| Stepping ~*~*~tactically~*~*~ (outnumbered).
 12629 | D:7      | 12629 ||| Stepping ~*~*~tactically~*~*~ (outnumbered).
 12635 | D:7      | 12635 ||| Stepping ~*~*~tactically~*~*~ (outnumbered).
 12645 | D:7      | 12645 ||| Stepping ~*~*~tactically~*~*~ (outnumbered).
 12650 | D:7      | 12650 ||| Stepping ~*~*~tactically~*~*~ (outnumbered).
 12652 | D:7      | 12652 ||| Stepping ~*~*~tactically~*~*~ (outnumbered).
 12654 | D:7      | 12654 ||| Stepping ~*~*~tactically~*~*~ (outnumbered).
 12656 | D:7      | 12656 ||| Stepping ~*~*~tactically~*~*~ (outnumbered).
 12664 | D:7      | 12664 ||| Stepping ~*~*~tactically~*~*~ (outnumbered).
 12667 | D:7      | 12667 ||| Stepping ~*~*~tactically~*~*~ (outnumbered).
 12670 | D:7      | 12670 ||| Stepping ~*~*~tactically~*~*~ (outnumbered).
 12677 | D:7      | 12677 ||| Stepping ~*~*~tactically~*~*~ (outnumbered).
 12682 | D:7      | 12682 ||| Stepping ~*~*~tactically~*~*~ (outnumbered).
 12689 | D:7      | 12689 ||| Stepping ~*~*~tactically~*~*~ (outnumbered).
 12699 | D:7      | 12699 ||| Stepping ~*~*~tactically~*~*~ (outnumbered).
 12707 | D:7      | 12707 ||| Stepping ~*~*~tactically~*~*~ (outnumbered).
 12711 | D:7      | 12711 ||| Stepping ~*~*~tactically~*~*~ (outnumbered).
 12713 | D:7      | 12713 ||| Stepping ~*~*~tactically~*~*~ (outnumbered).
 12717 | D:7      | 12717 ||| Stepping ~*~*~tactically~*~*~ (outnumbered).
 12721 | D:7      | 12721 ||| Stepping ~*~*~tactically~*~*~ (outnumbered).
 12729 | D:7      | 12729 ||| Stepping ~*~*~tactically~*~*~ (outnumbered).
 12735 | D:7      | 12735 ||| Stepping ~*~*~tactically~*~*~ (outnumbered).
 12740 | D:7      | 12740 ||| Stepping ~*~*~tactically~*~*~ (outnumbered).
 12742 | D:7      | 12742 ||| Stepping ~*~*~tactically~*~*~ (outnumbered).
 12745 | D:7      | 12745 ||| Stepping ~*~*~tactically~*~*~ (outnumbered).
 12756 | D:7      | 12756 ||| Stepping ~*~*~tactically~*~*~ (outnumbered).
 12773 | D:7      | 12773 ||| Stepping ~*~*~tactically~*~*~ (outnumbered).
 12776 | D:7      | 12776 ||| Stepping ~*~*~tactically~*~*~ (outnumbered).
 12782 | D:7      | 12782 ||| Stepping ~*~*~tactically~*~*~ (outnumbered).
 12787 | D:7      | 12787 ||| Stepping ~*~*~tactically~*~*~ (outnumbered).
 12800 | D:7      | 12800 ||| Stepping ~*~*~tactically~*~*~ (outnumbered).
 12802 | D:7      | 12802 ||| Stepping ~*~*~tactically~*~*~ (outnumbered).
 12805 | D:7      | 12805 ||| Stepping ~*~*~tactically~*~*~ (outnumbered).
 12807 | D:7      | 12807 ||| Stepping ~*~*~tactically~*~*~ (outnumbered).
 12811 | D:7      | 12811 ||| Stepping ~*~*~tactically~*~*~ (outnumbered).
 12819 | D:7      | 12819 ||| Stepping ~*~*~tactically~*~*~ (outnumbered).
 12824 | D:7      | 12824 ||| Stepping ~*~*~tactically~*~*~ (outnumbered).
 12828 | D:7      | 12828 ||| Stepping ~*~*~tactically~*~*~ (outnumbered).
 12833 | D:7      | 12833 ||| Stepping ~*~*~tactically~*~*~ (outnumbered).
 12836 | D:7      | 12836 ||| Stepping ~*~*~tactically~*~*~ (outnumbered).
 12843 | D:7      | 12843 ||| Stepping ~*~*~tactically~*~*~ (outnumbered).
 12847 | D:7      | 12847 ||| Stepping ~*~*~tactically~*~*~ (outnumbered).
 12858 | D:7      | 12858 ||| Stepping ~*~*~tactically~*~*~ (outnumbered).
 12867 | D:7      | 12867 ||| Stepping ~*~*~tactically~*~*~ (outnumbered).
 12877 | D:7      | 12877 ||| Stepping ~*~*~tactically~*~*~ (outnumbered).
 12882 | D:7      | 12882 ||| Stepping ~*~*~tactically~*~*~ (outnumbered).
 12884 | D:7      | 12884 ||| Stepping ~*~*~tactically~*~*~ (outnumbered).
 12888 | D:7      | 12888 ||| Stepping ~*~*~tactically~*~*~ (outnumbered).
 12892 | D:7      | 12892 ||| Stepping ~*~*~tactically~*~*~ (outnumbered).
 12899 | D:7      | 12899 ||| Stepping ~*~*~tactically~*~*~ (outnumbered).
 12901 | D:7      | 12901 ||| Stepping ~*~*~tactically~*~*~ (outnumbered).
 12915 | D:7      | 12915 ||| Stepping ~*~*~tactically~*~*~ (outnumbered).
 12919 | D:7      | 12919 ||| Stepping ~*~*~tactically~*~*~ (outnumbered).
 12921 | D:7      | 12921 ||| Stepping ~*~*~tactically~*~*~ (outnumbered).
 12926 | D:7      | 12926 ||| Stepping ~*~*~tactically~*~*~ (outnumbered).
 12928 | D:7      | 12928 ||| Stepping ~*~*~tactically~*~*~ (outnumbered).
 12936 | D:7      | 12936 ||| Stepping ~*~*~tactically~*~*~ (outnumbered).
 12940 | D:7      | 12940 ||| Stepping ~*~*~tactically~*~*~ (outnumbered).
 12951 | D:7      | 12951 ||| Stepping ~*~*~tactically~*~*~ (outnumbered).
 12955 | D:7      | 12955 ||| Stepping ~*~*~tactically~*~*~ (outnumbered).
 12957 | D:7      | 12957 ||| Stepping ~*~*~tactically~*~*~ (outnumbered).
 12959 | D:7      | 12959 ||| Stepping ~*~*~tactically~*~*~ (outnumbered).
 12961 | D:7      | 12961 ||| Stepping ~*~*~tactically~*~*~ (outnumbered).
 12964 | D:7      | 12964 ||| Stepping ~*~*~tactically~*~*~ (outnumbered).
 12973 | D:7      | 12973 ||| Stepping ~*~*~tactically~*~*~ (outnumbered).
 12978 | D:7      | 12978 ||| Stepping ~*~*~tactically~*~*~ (outnumbered).
 12982 | D:7      | 12982 ||| Stepping ~*~*~tactically~*~*~ (outnumbered).
 12984 | D:7      | 12984 ||| Stepping ~*~*~tactically~*~*~ (outnumbered).
 12986 | D:7      | 12986 ||| Stepping ~*~*~tactically~*~*~ (outnumbered).
 12990 | D:7      | 12990 ||| Stepping ~*~*~tactically~*~*~ (outnumbered).
 12993 | D:7      | 12993 ||| Stepping ~*~*~tactically~*~*~ (outnumbered).
 13005 | D:7      | 13005 ||| Stepping ~*~*~tactically~*~*~ (outnumbered).
 13008 | D:7      | 13008 ||| Stepping ~*~*~tactically~*~*~ (outnumbered).
 13012 | D:7      | 13012 ||| Stepping ~*~*~tactically~*~*~ (outnumbered).
 13014 | D:7      | 13014 ||| Stepping ~*~*~tactically~*~*~ (outnumbered).
 13025 | D:7      | 13025 ||| Stepping ~*~*~tactically~*~*~ (outnumbered).
 13032 | D:7      | 13032 ||| Stepping ~*~*~tactically~*~*~ (outnumbered).
 13039 | D:7      | 13039 ||| Stepping ~*~*~tactically~*~*~ (outnumbered).
 13045 | D:7      | 13045 ||| Stepping ~*~*~tactically~*~*~ (outnumbered).
 13049 | D:7      | 13049 ||| Stepping ~*~*~tactically~*~*~ (outnumbered).
 13052 | D:7      | 13052 ||| Stepping ~*~*~tactically~*~*~ (outnumbered).
 13056 | D:7      | 13056 ||| Stepping ~*~*~tactically~*~*~ (outnumbered).
 13066 | D:7      | 13066 ||| Stepping ~*~*~tactically~*~*~ (outnumbered).
 13072 | D:7      | 13072 ||| Stepping ~*~*~tactically~*~*~ (outnumbered).
 13075 | D:7      | 13075 ||| Stepping ~*~*~tactically~*~*~ (outnumbered).
 13077 | D:7      | 13077 ||| Stepping ~*~*~tactically~*~*~ (outnumbered).
 13082 | D:7      | 13082 ||| Stepping ~*~*~tactically~*~*~ (outnumbered).
 13092 | D:7      | 13092 ||| Stepping ~*~*~tactically~*~*~ (outnumbered).
 13094 | D:7      | 13094 ||| Stepping ~*~*~tactically~*~*~ (outnumbered).
 13108 | D:7      | 13108 ||| Stepping ~*~*~tactically~*~*~ (outnumbered).
 13110 | D:7      | 13110 ||| Stepping ~*~*~tactically~*~*~ (outnumbered).
 13113 | D:7      | 13113 ||| Stepping ~*~*~tactically~*~*~ (outnumbered).
 13117 | D:7      | 13117 ||| Stepping ~*~*~tactically~*~*~ (outnumbered).
 13123 | D:7      | 13123 ||| Stepping ~*~*~tactically~*~*~ (outnumbered).
 13127 | D:7      | 13127 ||| Stepping ~*~*~tactically~*~*~ (outnumbered).
 13129 | D:7      | 13129 ||| Stepping ~*~*~tactically~*~*~ (outnumbered).
 13131 | D:7      | 13131 ||| Stepping ~*~*~tactically~*~*~ (outnumbered).
 13134 | D:7      | 13134 ||| Stepping ~*~*~tactically~*~*~ (outnumbered).
 13137 | D:7      | 13137 ||| Stepping ~*~*~tactically~*~*~ (outnumbered).
 13142 | D:7      | 13142 ||| Stepping ~*~*~tactically~*~*~ (outnumbered).
 13151 | D:7      | 13151 ||| Stepping ~*~*~tactically~*~*~ (outnumbered).
 13160 | D:7      | 13160 ||| Stepping ~*~*~tactically~*~*~ (outnumbered).
 13164 | D:7      | 13164 ||| Stepping ~*~*~tactically~*~*~ (outnumbered).
 13169 | D:7      | 13169 ||| Stepping ~*~*~tactically~*~*~ (outnumbered).
 13178 | D:7      | 13178 ||| Stepping ~*~*~tactically~*~*~ (outnumbered).
 13184 | D:7      | 13184 ||| Stepping ~*~*~tactically~*~*~ (outnumbered).
 13197 | D:7      | 13197 ||| Stepping ~*~*~tactically~*~*~ (outnumbered).
 13199 | D:7      | 13199 ||| Stepping ~*~*~tactically~*~*~ (outnumbered).
 13207 | D:7      | 13207 ||| Stepping ~*~*~tactically~*~*~ (outnumbered).
 13211 | D:7      | 13211 ||| Stepping ~*~*~tactically~*~*~ (outnumbered).
 13215 | D:7      | 13215 ||| Stepping ~*~*~tactically~*~*~ (outnumbered).
 13217 | D:7      | 13217 ||| Stepping ~*~*~tactically~*~*~ (outnumbered).
 13226 | D:7      | 13226 ||| Stepping ~*~*~tactically~*~*~ (outnumbered).
 13228 | D:7      | 13228 ||| Stepping ~*~*~tactically~*~*~ (outnumbered).
 13232 | D:7      | 13232 ||| Stepping ~*~*~tactically~*~*~ (outnumbered).
 13239 | D:7      | 13239 ||| Stepping ~*~*~tactically~*~*~ (outnumbered).
 13241 | D:7      | 13241 ||| Stepping ~*~*~tactically~*~*~ (outnumbered).
 13252 | D:7      | 13252 ||| Stepping ~*~*~tactically~*~*~ (outnumbered).
 13255 | D:7      | 13255 ||| Stepping ~*~*~tactically~*~*~ (outnumbered).
 13257 | D:7      | 13257 ||| Stepping ~*~*~tactically~*~*~ (outnumbered).
 13261 | D:7      | 13261 ||| Stepping ~*~*~tactically~*~*~ (outnumbered).
 13265 | D:7      | 13265 ||| Stepping ~*~*~tactically~*~*~ (outnumbered).
 13269 | D:7      | 13269 ||| Stepping ~*~*~tactically~*~*~ (outnumbered).
 13278 | D:7      | 13278 ||| Stepping ~*~*~tactically~*~*~ (outnumbered).
 13281 | D:7      | 13281 ||| Stepping ~*~*~tactically~*~*~ (outnumbered).
 13283 | D:7      | 13283 ||| Stepping ~*~*~tactically~*~*~ (outnumbered).
 13287 | D:7      | 13287 ||| Stepping ~*~*~tactically~*~*~ (outnumbered).
 13296 | D:7      | 13296 ||| Stepping ~*~*~tactically~*~*~ (outnumbered).
 13301 | D:7      | 13301 ||| Stepping ~*~*~tactically~*~*~ (outnumbered).
 13309 | D:7      | 13309 ||| Stepping ~*~*~tactically~*~*~ (outnumbered).
 13316 | D:7      | 13316 ||| Stepping ~*~*~tactically~*~*~ (outnumbered).
 13322 | D:7      | 13322 ||| Stepping ~*~*~tactically~*~*~ (outnumbered).
 13324 | D:7      | 13324 ||| Stepping ~*~*~tactically~*~*~ (outnumbered).
 13326 | D:7      | 13326 ||| Stepping ~*~*~tactically~*~*~ (outnumbered).
 13331 | D:7      | 13331 ||| Stepping ~*~*~tactically~*~*~ (outnumbered).
 13339 | D:7      | 13339 ||| Stepping ~*~*~tactically~*~*~ (outnumbered).
 13344 | D:7      | 13344 ||| Stepping ~*~*~tactically~*~*~ (outnumbered).
 13348 | D:7      | 13348 ||| Stepping ~*~*~tactically~*~*~ (outnumbered).
 13350 | D:7      | 13350 ||| Stepping ~*~*~tactically~*~*~ (outnumbered).
 13355 | D:7      | 13355 ||| Stepping ~*~*~tactically~*~*~ (outnumbered).
 13363 | D:7      | 13363 ||| Stepping ~*~*~tactically~*~*~ (outnumbered).
 13365 | D:7      | 13365 ||| Stepping ~*~*~tactically~*~*~ (outnumbered).
 13377 | D:7      | 13377 ||| Stepping ~*~*~tactically~*~*~ (outnumbered).
 13379 | D:7      | 13379 ||| Stepping ~*~*~tactically~*~*~ (outnumbered).
 13388 | D:7      | 13388 ||| Stepping ~*~*~tactically~*~*~ (outnumbered).
 13396 | D:7      | 13396 ||| Stepping ~*~*~tactically~*~*~ (outnumbered).
 13398 | D:7      | 13398 ||| Stepping ~*~*~tactically~*~*~ (outnumbered).
 13401 | D:7      | 13401 ||| Stepping ~*~*~tactically~*~*~ (outnumbered).
 13403 | D:7      | 13403 ||| Stepping ~*~*~tactically~*~*~ (outnumbered).
 13407 | D:7      | 13407 ||| Stepping ~*~*~tactically~*~*~ (outnumbered).
 13416 | D:7      | 13416 ||| Stepping ~*~*~tactically~*~*~ (outnumbered).
 13429 | D:7      | 13429 ||| Stepping ~*~*~tactically~*~*~ (outnumbered).
 13435 | D:7      | 13435 ||| Stepping ~*~*~tactically~*~*~ (outnumbered).
 13437 | D:7      | 13437 ||| Stepping ~*~*~tactically~*~*~ (outnumbered).
 13445 | D:7      | 13445 ||| Stepping ~*~*~tactically~*~*~ (outnumbered).
 13447 | D:7      | 13447 ||| Stepping ~*~*~tactically~*~*~ (outnumbered).
 13456 | D:7      | 13456 ||| Stepping ~*~*~tactically~*~*~ (outnumbered).
 13461 | D:7      | 13461 ||| Stepping ~*~*~tactically~*~*~ (outnumbered).
 13468 | D:7      | 13468 ||| Stepping ~*~*~tactically~*~*~ (outnumbered).
 13470 | D:7      | 13470 ||| Stepping ~*~*~tactically~*~*~ (outnumbered).
 13477 | D:7      | 13477 ||| Stepping ~*~*~tactically~*~*~ (outnumbered).
 13479 | D:7      | 13479 ||| Stepping ~*~*~tactically~*~*~ (outnumbered).
 13484 | D:7      | 13484 ||| Stepping ~*~*~tactically~*~*~ (outnumbered).
 13490 | D:7      | 13490 ||| Stepping ~*~*~tactically~*~*~ (outnumbered).
 13494 | D:7      | 13494 ||| Stepping ~*~*~tactically~*~*~ (outnumbered).
 13502 | D:7      | 13502 ||| Stepping ~*~*~tactically~*~*~ (outnumbered).
 13504 | D:7      | 13504 ||| Stepping ~*~*~tactically~*~*~ (outnumbered).
 13508 | D:7      | 13508 ||| Stepping ~*~*~tactically~*~*~ (outnumbered).
 13510 | D:7      | 13510 ||| Stepping ~*~*~tactically~*~*~ (outnumbered).
 13512 | D:7      | 13512 ||| Stepping ~*~*~tactically~*~*~ (outnumbered).
 13517 | D:7      | 13517 ||| Stepping ~*~*~tactically~*~*~ (outnumbered).
 13519 | D:7      | 13519 ||| Stepping ~*~*~tactically~*~*~ (outnumbered).
 13530 | D:7      | 13530 ||| Stepping ~*~*~tactically~*~*~ (outnumbered).
 13538 | D:7      | 13538 ||| Stepping ~*~*~tactically~*~*~ (outnumbered).
 13544 | D:7      | 13544 ||| Stepping ~*~*~tactically~*~*~ (outnumbered).
 13548 | D:7      | 13548 ||| Stepping ~*~*~tactically~*~*~ (outnumbered).
 13550 | D:7      | 13550 ||| Stepping ~*~*~tactically~*~*~ (outnumbered).
 13561 | D:7      | 13561 ||| Stepping ~*~*~tactically~*~*~ (outnumbered).
 13563 | D:7      | 13563 ||| Stepping ~*~*~tactically~*~*~ (outnumbered).
 13572 | D:7      | 13572 ||| Stepping ~*~*~tactically~*~*~ (outnumbered).
 13581 | D:7      | 13581 ||| Stepping ~*~*~tactically~*~*~ (outnumbered).
 13591 | D:7      | 13591 ||| Stepping ~*~*~tactically~*~*~ (outnumbered).
 13597 | D:7      | 13597 ||| Stepping ~*~*~tactically~*~*~ (outnumbered).
 13603 | D:7      | 13603 ||| Stepping ~*~*~tactically~*~*~ (outnumbered).
 13605 | D:7      | 13605 ||| Stepping ~*~*~tactically~*~*~ (outnumbered).
 13609 | D:7      | 13609 ||| Stepping ~*~*~tactically~*~*~ (outnumbered).
 13613 | D:7      | 13613 ||| Stepping ~*~*~tactically~*~*~ (outnumbered).
 13617 | D:7      | 13617 ||| Stepping ~*~*~tactically~*~*~ (outnumbered).
 13619 | D:7      | 13619 ||| Stepping ~*~*~tactically~*~*~ (outnumbered).
 13621 | D:7      | 13621 ||| Stepping ~*~*~tactically~*~*~ (outnumbered).
 13625 | D:7      | 13625 ||| Stepping ~*~*~tactically~*~*~ (outnumbered).
 13627 | D:7      | 13627 ||| Stepping ~*~*~tactically~*~*~ (outnumbered).
 13630 | D:7      | 13630 ||| Stepping ~*~*~tactically~*~*~ (outnumbered).
 13632 | D:7      | 13632 ||| Stepping ~*~*~tactically~*~*~ (outnumbered).
 13636 | D:7      | 13636 ||| Stepping ~*~*~tactically~*~*~ (outnumbered).
 13645 | D:7      | 13645 ||| Stepping ~*~*~tactically~*~*~ (outnumbered).
 13647 | D:7      | 13647 ||| Stepping ~*~*~tactically~*~*~ (outnumbered).
 13651 | D:7      | 13651 ||| Stepping ~*~*~tactically~*~*~ (outnumbered).
 13654 | D:7      | 13654 ||| Stepping ~*~*~tactically~*~*~ (outnumbered).
 13659 | D:7      | 13659 ||| Stepping ~*~*~tactically~*~*~ (outnumbered).
 13668 | D:7      | 13668 ||| Stepping ~*~*~tactically~*~*~ (outnumbered).
 13670 | D:7      | 13670 ||| Stepping ~*~*~tactically~*~*~ (outnumbered).
 13672 | D:7      | 13672 ||| Stepping ~*~*~tactically~*~*~ (outnumbered).
 13676 | D:7      | 13676 ||| Stepping ~*~*~tactically~*~*~ (outnumbered).
 13679 | D:7      | 13679 ||| Stepping ~*~*~tactically~*~*~ (outnumbered).
 13681 | D:7      | 13681 ||| Stepping ~*~*~tactically~*~*~ (outnumbered).
 13684 | D:7      | 13684 ||| Stepping ~*~*~tactically~*~*~ (outnumbered).
 13688 | D:7      | 13688 ||| Stepping ~*~*~tactically~*~*~ (outnumbered).
 13693 | D:7      | 13693 ||| Stepping ~*~*~tactically~*~*~ (outnumbered).
 13695 | D:7      | 13695 ||| Stepping ~*~*~tactically~*~*~ (outnumbered).
 13706 | D:7      | 13706 ||| Stepping ~*~*~tactically~*~*~ (outnumbered).
 13714 | D:7      | 13714 ||| Stepping ~*~*~tactically~*~*~ (outnumbered).
 13716 | D:7      | 13716 ||| Stepping ~*~*~tactically~*~*~ (outnumbered).
 13718 | D:7      | 13718 ||| Stepping ~*~*~tactically~*~*~ (outnumbered).
 13727 | D:7      | 13727 ||| Stepping ~*~*~tactically~*~*~ (outnumbered).
 13729 | D:7      | 13729 ||| Stepping ~*~*~tactically~*~*~ (outnumbered).
 13733 | D:7      | 13733 ||| Stepping ~*~*~tactically~*~*~ (outnumbered).
 13735 | D:7      | 13735 ||| Stepping ~*~*~tactically~*~*~ (outnumbered).
 13743 | D:7      | 13743 ||| Stepping ~*~*~tactically~*~*~ (outnumbered).
 13745 | D:7      | 13745 ||| Stepping ~*~*~tactically~*~*~ (outnumbered).
 13753 | D:7      | 13753 ||| Stepping ~*~*~tactically~*~*~ (outnumbered).
 13755 | D:7      | 13755 ||| Stepping ~*~*~tactically~*~*~ (outnumbered).
 13760 | D:7      | 13760 ||| Stepping ~*~*~tactically~*~*~ (outnumbered).
 13776 | D:7      | 13776 ||| Stepping ~*~*~tactically~*~*~ (outnumbered).
 13778 | D:7      | 13778 ||| Stepping ~*~*~tactically~*~*~ (outnumbered).
 13786 | D:7      | 13786 ||| Stepping ~*~*~tactically~*~*~ (outnumbered).
 13799 | D:7      | 13799 ||| Stepping ~*~*~tactically~*~*~ (outnumbered).
 13811 | D:7      | 13811 ||| Stepping ~*~*~tactically~*~*~ (outnumbered).
 13816 | D:7      | 13816 ||| Stepping ~*~*~tactically~*~*~ (outnumbered).
 13823 | D:7      | 13823 ||| Stepping ~*~*~tactically~*~*~ (outnumbered).
 13829 | D:7      | 13829 ||| Stepping ~*~*~tactically~*~*~ (outnumbered).
 13834 | D:7      | 13834 ||| Stepping ~*~*~tactically~*~*~ (outnumbered).
 13842 | D:7      | 13842 ||| Stepping ~*~*~tactically~*~*~ (outnumbered).
 13846 | D:7      | 13846 ||| Stepping ~*~*~tactically~*~*~ (outnumbered).
 13848 | D:7      | 13848 ||| Stepping ~*~*~tactically~*~*~ (outnumbered).
 13854 | D:7      | 13854 ||| Stepping ~*~*~tactically~*~*~ (outnumbered).
 13858 | D:7      | 13858 ||| Stepping ~*~*~tactically~*~*~ (outnumbered).
 13863 | D:7      | 13863 ||| Stepping ~*~*~tactically~*~*~ (outnumbered).
 13872 | D:7      | 13872 ||| Stepping ~*~*~tactically~*~*~ (outnumbered).
 13877 | D:7      | 13877 ||| Stepping ~*~*~tactically~*~*~ (outnumbered).
 13882 | D:7      | 13882 ||| Stepping ~*~*~tactically~*~*~ (outnumbered).
 13884 | D:7      | 13884 ||| Stepping ~*~*~tactically~*~*~ (outnumbered).
 13891 | D:7      | 13891 ||| Stepping ~*~*~tactically~*~*~ (outnumbered).
 13902 | D:7      | 13902 ||| Stepping ~*~*~tactically~*~*~ (outnumbered).
 13912 | D:7      | 13912 ||| Stepping ~*~*~tactically~*~*~ (outnumbered).
 13914 | D:7      | 13914 ||| Stepping ~*~*~tactically~*~*~ (outnumbered).
 13927 | D:7      | 13927 ||| Stepping ~*~*~tactically~*~*~ (outnumbered).
 13930 | D:7      | 13930 ||| Stepping ~*~*~tactically~*~*~ (outnumbered).
 13936 | D:7      | 13936 ||| Stepping ~*~*~tactically~*~*~ (outnumbered).
 13939 | D:7      | 13939 ||| Stepping ~*~*~tactically~*~*~ (outnumbered).
 13941 | D:7      | 13941 ||| Stepping ~*~*~tactically~*~*~ (outnumbered).
 13949 | D:7      | 13949 ||| Stepping ~*~*~tactically~*~*~ (outnumbered).
 13955 | D:7      | 13955 ||| Stepping ~*~*~tactically~*~*~ (outnumbered).
 13957 | D:7      | 13957 ||| Stepping ~*~*~tactically~*~*~ (outnumbered).
 13969 | D:7      | 13969 ||| Stepping ~*~*~tactically~*~*~ (outnumbered).
 13973 | D:7      | 13973 ||| Stepping ~*~*~tactically~*~*~ (outnumbered).
 13975 | D:7      | 13975 ||| Stepping ~*~*~tactically~*~*~ (outnumbered).
 13978 | D:7      | 13978 ||| Stepping ~*~*~tactically~*~*~ (outnumbered).
 13980 | D:7      | 13980 ||| Stepping ~*~*~tactically~*~*~ (outnumbered).
 13986 | D:7      | 13986 ||| Stepping ~*~*~tactically~*~*~ (outnumbered).
 13997 | D:7      | 13997 ||| Stepping ~*~*~tactically~*~*~ (outnumbered).
 14006 | D:7      | 14006 ||| Stepping ~*~*~tactically~*~*~ (outnumbered).
 14008 | D:7      | 14008 ||| Stepping ~*~*~tactically~*~*~ (outnumbered).
 14014 | D:7      | 14014 ||| Stepping ~*~*~tactically~*~*~ (outnumbered).
 14019 | D:7      | 14019 ||| Stepping ~*~*~tactically~*~*~ (outnumbered).
 14022 | D:7      | 14022 ||| Stepping ~*~*~tactically~*~*~ (outnumbered).
 14024 | D:7      | 14024 ||| Stepping ~*~*~tactically~*~*~ (outnumbered).
 14027 | D:7      | 14027 ||| Stepping ~*~*~tactically~*~*~ (outnumbered).
 14038 | D:7      | 14038 ||| Stepping ~*~*~tactically~*~*~ (outnumbered).
 14040 | D:7      | 14040 ||| Stepping ~*~*~tactically~*~*~ (outnumbered).
 14045 | D:7      | 14045 ||| Stepping ~*~*~tactically~*~*~ (outnumbered).
 14049 | D:7      | 14049 ||| Stepping ~*~*~tactically~*~*~ (outnumbered).
 14058 | D:7      | 14058 ||| Stepping ~*~*~tactically~*~*~ (outnumbered).
 14066 | D:7      | 14066 ||| Stepping ~*~*~tactically~*~*~ (outnumbered).
 14070 | D:7      | 14070 ||| Stepping ~*~*~tactically~*~*~ (outnumbered).
 14072 | D:7      | 14072 ||| Stepping ~*~*~tactically~*~*~ (outnumbered).
 14079 | D:7      | 14079 ||| Stepping ~*~*~tactically~*~*~ (outnumbered).
 14091 | D:7      | 14091 ||| Stepping ~*~*~tactically~*~*~ (outnumbered).
 14093 | D:7      | 14093 ||| Stepping ~*~*~tactically~*~*~ (outnumbered).
 14102 | D:7      | 14102 ||| Stepping ~*~*~tactically~*~*~ (outnumbered).
 14110 | D:7      | 14110 ||| Stepping ~*~*~tactically~*~*~ (outnumbered).
 14115 | D:7      | 14115 ||| Stepping ~*~*~tactically~*~*~ (outnumbered).
 14117 | D:7      | 14117 ||| Stepping ~*~*~tactically~*~*~ (outnumbered).
 14120 | D:7      | 14120 ||| Stepping ~*~*~tactically~*~*~ (outnumbered).
 14122 | D:7      | 14122 ||| Stepping ~*~*~tactically~*~*~ (outnumbered).
 14128 | D:7      | 14128 ||| Stepping ~*~*~tactically~*~*~ (outnumbered).
 14130 | D:7      | 14130 ||| Stepping ~*~*~tactically~*~*~ (outnumbered).
 14133 | D:7      | 14133 ||| Stepping ~*~*~tactically~*~*~ (outnumbered).
 14135 | D:7      | 14135 ||| Stepping ~*~*~tactically~*~*~ (outnumbered).
 14144 | D:7      | 14144 ||| Stepping ~*~*~tactically~*~*~ (outnumbered).
 14147 | D:7      | 14147 ||| Stepping ~*~*~tactically~*~*~ (outnumbered).
 14153 | D:7      | 14153 ||| Stepping ~*~*~tactically~*~*~ (outnumbered).
 14164 | D:7      | 14164 ||| Stepping ~*~*~tactically~*~*~ (outnumbered).
 14167 | D:7      | 14167 ||| Stepping ~*~*~tactically~*~*~ (outnumbered).
 14171 | D:7      | 14171 ||| Stepping ~*~*~tactically~*~*~ (outnumbered).
 14175 | D:7      | 14175 ||| Stepping ~*~*~tactically~*~*~ (outnumbered).
 14178 | D:7      | 14178 ||| Stepping ~*~*~tactically~*~*~ (outnumbered).
 14180 | D:7      | 14180 ||| Stepping ~*~*~tactically~*~*~ (outnumbered).
 14184 | D:7      | 14184 ||| Stepping ~*~*~tactically~*~*~ (outnumbered).
 14194 | D:7      | 14194 ||| Stepping ~*~*~tactically~*~*~ (outnumbered).
 14201 | D:7      | 14201 ||| Stepping ~*~*~tactically~*~*~ (outnumbered).
 14211 | D:7      | 14211 ||| Stepping ~*~*~tactically~*~*~ (outnumbered).
 14216 | D:7      | 14216 ||| Stepping ~*~*~tactically~*~*~ (outnumbered).
 14221 | D:7      | 14221 ||| Stepping ~*~*~tactically~*~*~ (outnumbered).
 14225 | D:7      | 14225 ||| Stepping ~*~*~tactically~*~*~ (outnumbered).
 14228 | D:7      | 14228 ||| Stepping ~*~*~tactically~*~*~ (outnumbered).
 14232 | D:7      | 14232 ||| Stepping ~*~*~tactically~*~*~ (outnumbered).
 14236 | D:7      | 14236 ||| Stepping ~*~*~tactically~*~*~ (outnumbered).
 14238 | D:7      | 14238 ||| Stepping ~*~*~tactically~*~*~ (outnumbered).
 14240 | D:7      | 14240 ||| Stepping ~*~*~tactically~*~*~ (outnumbered).
 14242 | D:7      | 14242 ||| Stepping ~*~*~tactically~*~*~ (outnumbered).
 14250 | D:7      | 14250 ||| Stepping ~*~*~tactically~*~*~ (outnumbered).
 14252 | D:7      | 14252 ||| Stepping ~*~*~tactically~*~*~ (outnumbered).
 14266 | D:7      | 14266 ||| Stepping ~*~*~tactically~*~*~ (outnumbered).
 14274 | D:7      | 14274 ||| Stepping ~*~*~tactically~*~*~ (outnumbered).
 14276 | D:7      | 14276 ||| Stepping ~*~*~tactically~*~*~ (outnumbered).
 14278 | D:7      | 14278 ||| Stepping ~*~*~tactically~*~*~ (outnumbered).
 14293 | D:7      | 14293 ||| Stepping ~*~*~tactically~*~*~ (outnumbered).
 14306 | D:7      | 14306 ||| Stepping ~*~*~tactically~*~*~ (outnumbered).
 14314 | D:7      | 14314 ||| Stepping ~*~*~tactically~*~*~ (outnumbered).
 14321 | D:7      | 14321 ||| Stepping ~*~*~tactically~*~*~ (outnumbered).
 14323 | D:7      | 14323 ||| Stepping ~*~*~tactically~*~*~ (outnumbered).
 14333 | D:7      | 14333 ||| Stepping ~*~*~tactically~*~*~ (outnumbered).
 14335 | D:7      | 14335 ||| Stepping ~*~*~tactically~*~*~ (outnumbered).
 14338 | D:7      | 14338 ||| Stepping ~*~*~tactically~*~*~ (outnumbered).
 14347 | D:7      | 14347 ||| Stepping ~*~*~tactically~*~*~ (outnumbered).
 14352 | D:7      | 14352 ||| Stepping ~*~*~tactically~*~*~ (outnumbered).
 14354 | D:7      | 14354 ||| Stepping ~*~*~tactically~*~*~ (outnumbered).
 14360 | D:7      | 14360 ||| Stepping ~*~*~tactically~*~*~ (outnumbered).
 14363 | D:7      | 14363 ||| Stepping ~*~*~tactically~*~*~ (outnumbered).
 14367 | D:7      | 14367 ||| Stepping ~*~*~tactically~*~*~ (outnumbered).
 14371 | D:7      | 14371 ||| Stepping ~*~*~tactically~*~*~ (outnumbered).
 14381 | D:7      | 14381 ||| Stepping ~*~*~tactically~*~*~ (outnumbered).
 14388 | D:7      | 14388 ||| Stepping ~*~*~tactically~*~*~ (outnumbered).
 14392 | D:7      | 14392 ||| Stepping ~*~*~tactically~*~*~ (outnumbered).
 14402 | D:7      | 14402 ||| Stepping ~*~*~tactically~*~*~ (outnumbered).
 14408 | D:7      | 14408 ||| Stepping ~*~*~tactically~*~*~ (outnumbered).
 14414 | D:7      | 14414 ||| Stepping ~*~*~tactically~*~*~ (outnumbered).
 14416 | D:7      | 14416 ||| Stepping ~*~*~tactically~*~*~ (outnumbered).
 14424 | D:7      | 14424 ||| Stepping ~*~*~tactically~*~*~ (outnumbered).
 14428 | D:7      | 14428 ||| Stepping ~*~*~tactically~*~*~ (outnumbered).
 14440 | D:7      | 14440 ||| Stepping ~*~*~tactically~*~*~ (outnumbered).
 14443 | D:7      | 14443 ||| Stepping ~*~*~tactically~*~*~ (outnumbered).
 14454 | D:7      | 14454 ||| Stepping ~*~*~tactically~*~*~ (outnumbered).
 14461 | D:7      | 14461 ||| Stepping ~*~*~tactically~*~*~ (outnumbered).
 14466 | D:7      | 14466 ||| Stepping ~*~*~tactically~*~*~ (outnumbered).
 14468 | D:7      | 14468 ||| Stepping ~*~*~tactically~*~*~ (outnumbered).
 14474 | D:7      | 14474 ||| Stepping ~*~*~tactically~*~*~ (outnumbered).
 14476 | D:7      | 14476 ||| Stepping ~*~*~tactically~*~*~ (outnumbered).
 14484 | D:7      | 14484 ||| Stepping ~*~*~tactically~*~*~ (outnumbered).
 14488 | D:7      | 14488 ||| Stepping ~*~*~tactically~*~*~ (outnumbered).
 14499 | D:7      | 14499 ||| Stepping ~*~*~tactically~*~*~ (outnumbered).
 14511 | D:7      | 14511 ||| Stepping ~*~*~tactically~*~*~ (outnumbered).
 14515 | D:7      | 14515 ||| Stepping ~*~*~tactically~*~*~ (outnumbered).
 14522 | D:7      | 14522 ||| Stepping ~*~*~tactically~*~*~ (outnumbered).
 14528 | D:7      | 14528 ||| Stepping ~*~*~tactically~*~*~ (outnumbered).
 14535 | D:7      | 14535 ||| Stepping ~*~*~tactically~*~*~ (outnumbered).
 14537 | D:7      | 14537 ||| Stepping ~*~*~tactically~*~*~ (outnumbered).
 14539 | D:7      | 14539 ||| Stepping ~*~*~tactically~*~*~ (outnumbered).
 14547 | D:7      | 14547 ||| Stepping ~*~*~tactically~*~*~ (outnumbered).
 14558 | D:7      | 14558 ||| Stepping ~*~*~tactically~*~*~ (outnumbered).
 14561 | D:7      | 14561 ||| Stepping ~*~*~tactically~*~*~ (outnumbered).
 14566 | D:7      | 14566 ||| Stepping ~*~*~tactically~*~*~ (outnumbered).
 14571 | D:7      | 14571 ||| Stepping ~*~*~tactically~*~*~ (outnumbered).
 14576 | D:7      | 14576 ||| Stepping ~*~*~tactically~*~*~ (outnumbered).
 14579 | D:7      | 14579 ||| Stepping ~*~*~tactically~*~*~ (outnumbered).
 14589 | D:7      | 14589 ||| Stepping ~*~*~tactically~*~*~ (outnumbered).
 14594 | D:7      | 14594 ||| Stepping ~*~*~tactically~*~*~ (outnumbered).
 14597 | D:7      | 14597 ||| Stepping ~*~*~tactically~*~*~ (outnumbered).
 14605 | D:7      | 14605 ||| Stepping ~*~*~tactically~*~*~ (outnumbered).
 14612 | D:7      | 14612 ||| Stepping ~*~*~tactically~*~*~ (outnumbered).
 14619 | D:7      | 14619 ||| Stepping ~*~*~tactically~*~*~ (outnumbered).
 14626 | D:7      | 14626 ||| Stepping ~*~*~tactically~*~*~ (outnumbered).
 14638 | D:7      | 14638 ||| Stepping ~*~*~tactically~*~*~ (outnumbered).
 14644 | D:7      | 14644 ||| Stepping ~*~*~tactically~*~*~ (outnumbered).
 14647 | D:7      | 14647 ||| Stepping ~*~*~tactically~*~*~ (outnumbered).
 14654 | D:7      | 14654 ||| Stepping ~*~*~tactically~*~*~ (outnumbered).
 14658 | D:7      | 14658 ||| Stepping ~*~*~tactically~*~*~ (outnumbered).
 14666 | D:7      | 14666 ||| Stepping ~*~*~tactically~*~*~ (outnumbered).
 14669 | D:7      | 14669 ||| Stepping ~*~*~tactically~*~*~ (outnumbered).
 14676 | D:7      | 14676 ||| Stepping ~*~*~tactically~*~*~ (outnumbered).
 14690 | D:7      | 14690 ||| Stepping ~*~*~tactically~*~*~ (outnumbered).
 14692 | D:7      | 14692 ||| Stepping ~*~*~tactically~*~*~ (outnumbered).
 14697 | D:7      | 14697 ||| Stepping ~*~*~tactically~*~*~ (outnumbered).
 14706 | D:7      | 14706 ||| Stepping ~*~*~tactically~*~*~ (outnumbered).
 14708 | D:7      | 14708 ||| Stepping ~*~*~tactically~*~*~ (outnumbered).
 14712 | D:7      | 14712 ||| Stepping ~*~*~tactically~*~*~ (outnumbered).
 14715 | D:7      | 14715 ||| Stepping ~*~*~tactically~*~*~ (outnumbered).
 14720 | D:7      | 14720 ||| Stepping ~*~*~tactically~*~*~ (outnumbered).
 14724 | D:7      | 14724 ||| Stepping ~*~*~tactically~*~*~ (outnumbered).
 14729 | D:7      | 14729 ||| Stepping ~*~*~tactically~*~*~ (outnumbered).
 14736 | D:7      | 14736 ||| Stepping ~*~*~tactically~*~*~ (outnumbered).
 14749 | D:7      | 14749 ||| Stepping ~*~*~tactically~*~*~ (outnumbered).
 14756 | D:7      | 14756 ||| Stepping ~*~*~tactically~*~*~ (outnumbered).
 14763 | D:7      | 14763 ||| Stepping ~*~*~tactically~*~*~ (outnumbered).
 14772 | D:7      | 14772 ||| Stepping ~*~*~tactically~*~*~ (outnumbered).
 14774 | D:7      | 14774 ||| Stepping ~*~*~tactically~*~*~ (outnumbered).
 14785 | D:7      | 14785 ||| Stepping ~*~*~tactically~*~*~ (outnumbered).
 14793 | D:7      | 14793 ||| Stepping ~*~*~tactically~*~*~ (outnumbered).
 14805 | D:7      | 14805 ||| Stepping ~*~*~tactically~*~*~ (outnumbered).
 14810 | D:7      | 14810 ||| Stepping ~*~*~tactically~*~*~ (outnumbered).
 14819 | D:7      | 14819 ||| Stepping ~*~*~tactically~*~*~ (outnumbered).
 14821 | D:7      | 14821 ||| Stepping ~*~*~tactically~*~*~ (outnumbered).
 14826 | D:7      | 14826 ||| Stepping ~*~*~tactically~*~*~ (outnumbered).
 14834 | D:7      | 14834 ||| Stepping ~*~*~tactically~*~*~ (outnumbered).
 14845 | D:7      | 14845 ||| Stepping ~*~*~tactically~*~*~ (outnumbered).
 14856 | D:7      | 14856 ||| Stepping ~*~*~tactically~*~*~ (outnumbered).
 14865 | D:7      | 14865 ||| Stepping ~*~*~tactically~*~*~ (outnumbered).
 14868 | D:7      | 14868 ||| Stepping ~*~*~tactically~*~*~ (outnumbered).
 14870 | D:7      | 14870 ||| Stepping ~*~*~tactically~*~*~ (outnumbered).
 14872 | D:7      | 14872 ||| Stepping ~*~*~tactically~*~*~ (outnumbered).
 14878 | D:7      | 14878 ||| Stepping ~*~*~tactically~*~*~ (outnumbered).
 14880 | D:7      | 14880 ||| Stepping ~*~*~tactically~*~*~ (outnumbered).
 14882 | D:7      | 14882 ||| Stepping ~*~*~tactically~*~*~ (outnumbered).
 14889 | D:7      | 14889 ||| Stepping ~*~*~tactically~*~*~ (outnumbered).
 14893 | D:7      | 14893 ||| Stepping ~*~*~tactically~*~*~ (outnumbered).
 14905 | D:7      | 14905 ||| Stepping ~*~*~tactically~*~*~ (outnumbered).
 14908 | D:7      | 14908 ||| Stepping ~*~*~tactically~*~*~ (outnumbered).
 14911 | D:7      | 14911 ||| Stepping ~*~*~tactically~*~*~ (outnumbered).
 14919 | D:7      | 14919 ||| Stepping ~*~*~tactically~*~*~ (outnumbered).
 14922 | D:7      | 14922 ||| Stepping ~*~*~tactically~*~*~ (outnumbered).
 14926 | D:7      | 14926 ||| Stepping ~*~*~tactically~*~*~ (outnumbered).
 14929 | D:7      | 14929 ||| Stepping ~*~*~tactically~*~*~ (outnumbered).
 14934 | D:7      | 14934 ||| Stepping ~*~*~tactically~*~*~ (outnumbered).
 14937 | D:7      | 14937 ||| Stepping ~*~*~tactically~*~*~ (outnumbered).
 14939 | D:7      | 14939 ||| Stepping ~*~*~tactically~*~*~ (outnumbered).
 14943 | D:7      | 14943 ||| Stepping ~*~*~tactically~*~*~ (outnumbered).
 14945 | D:7      | 14945 ||| Stepping ~*~*~tactically~*~*~ (outnumbered).
 14951 | D:7      | 14951 ||| Stepping ~*~*~tactically~*~*~ (outnumbered).
 14960 | D:7      | 14960 ||| Stepping ~*~*~tactically~*~*~ (outnumbered).
 14971 | D:7      | 14971 ||| Stepping ~*~*~tactically~*~*~ (outnumbered).
 14977 | D:7      | 14977 ||| Stepping ~*~*~tactically~*~*~ (outnumbered).
 14981 | D:7      | 14981 ||| Stepping ~*~*~tactically~*~*~ (outnumbered).
 14985 | D:7      | 14985 ||| Stepping ~*~*~tactically~*~*~ (outnumbered).
 14992 | D:7      | 14992 ||| Stepping ~*~*~tactically~*~*~ (outnumbered).
 14994 | D:7      | 14994 ||| Stepping ~*~*~tactically~*~*~ (outnumbered).
 15003 | D:7      | 15003 ||| Stepping ~*~*~tactically~*~*~ (outnumbered).
 15009 | D:7      | 15009 ||| Stepping ~*~*~tactically~*~*~ (outnumbered).
 15020 | D:7      | 15020 ||| Stepping ~*~*~tactically~*~*~ (outnumbered).
 15027 | D:7      | 15027 ||| Stepping ~*~*~tactically~*~*~ (outnumbered).
 15031 | D:7      | 15031 ||| Stepping ~*~*~tactically~*~*~ (outnumbered).
 15036 | D:7      | 15036 ||| Stepping ~*~*~tactically~*~*~ (outnumbered).
 15044 | D:7      | 15044 ||| Stepping ~*~*~tactically~*~*~ (outnumbered).
 15048 | D:7      | 15048 ||| Stepping ~*~*~tactically~*~*~ (outnumbered).
 15054 | D:7      | 15054 ||| Stepping ~*~*~tactically~*~*~ (outnumbered).
 15058 | D:7      | 15058 ||| Stepping ~*~*~tactically~*~*~ (outnumbered).
 15060 | D:7      | 15060 ||| Stepping ~*~*~tactically~*~*~ (outnumbered).
 15063 | D:7      | 15063 ||| Stepping ~*~*~tactically~*~*~ (outnumbered).
 15069 | D:7      | 15069 ||| Stepping ~*~*~tactically~*~*~ (outnumbered).
 15073 | D:7      | 15073 ||| Stepping ~*~*~tactically~*~*~ (outnumbered).
 15078 | D:7      | 15078 ||| Stepping ~*~*~tactically~*~*~ (outnumbered).
 15082 | D:7      | 15082 ||| Stepping ~*~*~tactically~*~*~ (outnumbered).
 15093 | D:7      | 15093 ||| Stepping ~*~*~tactically~*~*~ (outnumbered).
 15097 | D:7      | 15097 ||| Stepping ~*~*~tactically~*~*~ (outnumbered).
 15101 | D:7      | 15101 ||| Stepping ~*~*~tactically~*~*~ (outnumbered).
 15108 | D:7      | 15108 ||| Stepping ~*~*~tactically~*~*~ (outnumbered).
 15117 | D:7      | 15117 ||| Stepping ~*~*~tactically~*~*~ (outnumbered).
 15123 | D:7      | 15123 ||| Stepping ~*~*~tactically~*~*~ (outnumbered).
 15127 | D:7      | 15127 ||| Stepping ~*~*~tactically~*~*~ (outnumbered).
 15131 | D:7      | 15131 ||| Stepping ~*~*~tactically~*~*~ (outnumbered).
 15138 | D:7      | 15138 ||| Stepping ~*~*~tactically~*~*~ (outnumbered).
 15145 | D:7      | 15145 ||| Stepping ~*~*~tactically~*~*~ (outnumbered).
 15150 | D:7      | 15150 ||| Stepping ~*~*~tactically~*~*~ (outnumbered).
 15159 | D:7      | 15159 ||| Stepping ~*~*~tactically~*~*~ (outnumbered).
 15175 | D:7      | 15175 ||| Stepping ~*~*~tactically~*~*~ (outnumbered).
 15181 | D:7      | 15181 ||| Stepping ~*~*~tactically~*~*~ (outnumbered).
 15186 | D:7      | 15186 ||| Stepping ~*~*~tactically~*~*~ (outnumbered).
 15191 | D:7      | 15191 ||| Stepping ~*~*~tactically~*~*~ (outnumbered).
 15195 | D:7      | 15195 ||| Stepping ~*~*~tactically~*~*~ (outnumbered).
 15200 | D:7      | 15200 ||| Stepping ~*~*~tactically~*~*~ (outnumbered).
 15202 | D:7      | 15202 ||| Stepping ~*~*~tactically~*~*~ (outnumbered).
 15211 | D:7      | 15211 ||| Stepping ~*~*~tactically~*~*~ (outnumbered).
 15222 | D:7      | 15222 ||| Stepping ~*~*~tactically~*~*~ (outnumbered).
 15233 | D:7      | 15233 ||| Stepping ~*~*~tactically~*~*~ (outnumbered).
 15243 | D:7      | 15243 ||| Stepping ~*~*~tactically~*~*~ (outnumbered).
 15245 | D:7      | 15245 ||| Stepping ~*~*~tactically~*~*~ (outnumbered).
 15248 | D:7      | 15248 ||| Stepping ~*~*~tactically~*~*~ (outnumbered).
 15253 | D:7      | 15253 ||| Stepping ~*~*~tactically~*~*~ (outnumbered).
 15257 | D:7      | 15257 ||| Stepping ~*~*~tactically~*~*~ (outnumbered).
 15260 | D:7      | 15260 ||| Stepping ~*~*~tactically~*~*~ (outnumbered).
 15267 | D:7      | 15267 ||| Stepping ~*~*~tactically~*~*~ (outnumbered).
 15274 | D:7      | 15274 ||| Stepping ~*~*~tactically~*~*~ (outnumbered).
 15283 | D:7      | 15283 ||| Stepping ~*~*~tactically~*~*~ (outnumbered).
 15286 | D:7      | 15286 ||| Stepping ~*~*~tactically~*~*~ (outnumbered).
 15290 | D:7      | 15290 ||| Stepping ~*~*~tactically~*~*~ (outnumbered).
 15293 | D:7      | 15293 ||| Stepping ~*~*~tactically~*~*~ (outnumbered).
 15300 | D:7      | 15300 ||| Stepping ~*~*~tactically~*~*~ (outnumbered).
 15302 | D:7      | 15302 ||| Stepping ~*~*~tactically~*~*~ (outnumbered).
 15306 | D:7      | 15306 ||| Stepping ~*~*~tactically~*~*~ (outnumbered).
 15315 | D:7      | 15315 ||| Stepping ~*~*~tactically~*~*~ (outnumbered).
 15317 | D:7      | 15317 ||| Stepping ~*~*~tactically~*~*~ (outnumbered).
 15325 | D:7      | 15325 ||| Stepping ~*~*~tactically~*~*~ (outnumbered).
 15327 | D:7      | 15327 ||| Stepping ~*~*~tactically~*~*~ (outnumbered).
 15331 | D:7      | 15331 ||| Stepping ~*~*~tactically~*~*~ (outnumbered).
 15333 | D:7      | 15333 ||| Stepping ~*~*~tactically~*~*~ (outnumbered).
 15339 | D:7      | 15339 ||| Stepping ~*~*~tactically~*~*~ (outnumbered).
 15345 | D:7      | 15345 ||| Stepping ~*~*~tactically~*~*~ (outnumbered).
 15347 | D:7      | 15347 ||| Stepping ~*~*~tactically~*~*~ (outnumbered).
 15355 | D:7      | 15355 ||| Stepping ~*~*~tactically~*~*~ (outnumbered).
 15362 | D:7      | 15362 ||| Stepping ~*~*~tactically~*~*~ (outnumbered).
 15369 | D:7      | 15369 ||| Stepping ~*~*~tactically~*~*~ (outnumbered).
 15371 | D:7      | 15371 ||| Stepping ~*~*~tactically~*~*~ (outnumbered).
 15373 | D:7      | 15373 ||| Stepping ~*~*~tactically~*~*~ (outnumbered).
 15379 | D:7      | 15379 ||| Stepping ~*~*~tactically~*~*~ (outnumbered).
 15384 | D:7      | 15384 ||| Stepping ~*~*~tactically~*~*~ (outnumbered).
 15391 | D:7      | 15391 ||| Stepping ~*~*~tactically~*~*~ (outnumbered).
 15401 | D:7      | 15401 ||| Stepping ~*~*~tactically~*~*~ (outnumbered).
 15406 | D:7      | 15406 ||| Stepping ~*~*~tactically~*~*~ (outnumbered).
 15408 | D:7      | 15408 ||| Stepping ~*~*~tactically~*~*~ (outnumbered).
 15414 | D:7      | 15414 ||| Stepping ~*~*~tactically~*~*~ (outnumbered).
 15416 | D:7      | 15416 ||| Stepping ~*~*~tactically~*~*~ (outnumbered).
 15420 | D:7      | 15420 ||| Stepping ~*~*~tactically~*~*~ (outnumbered).
 15434 | D:7      | 15434 ||| Stepping ~*~*~tactically~*~*~ (outnumbered).
 15445 | D:7      | 15445 ||| Stepping ~*~*~tactically~*~*~ (outnumbered).
 15447 | D:7      | 15447 ||| Stepping ~*~*~tactically~*~*~ (outnumbered).
 15456 | D:7      | 15456 ||| Stepping ~*~*~tactically~*~*~ (outnumbered).
 15460 | D:7      | 15460 ||| Stepping ~*~*~tactically~*~*~ (outnumbered).
 15464 | D:7      | 15464 ||| Stepping ~*~*~tactically~*~*~ (outnumbered).
 15469 | D:7      | 15469 ||| Stepping ~*~*~tactically~*~*~ (outnumbered).
 15476 | D:7      | 15476 ||| Stepping ~*~*~tactically~*~*~ (outnumbered).
 15478 | D:7      | 15478 ||| Stepping ~*~*~tactically~*~*~ (outnumbered).
 15486 | D:7      | 15486 ||| Stepping ~*~*~tactically~*~*~ (outnumbered).
 15488 | D:7      | 15488 ||| Stepping ~*~*~tactically~*~*~ (outnumbered).
 15492 | D:7      | 15492 ||| Stepping ~*~*~tactically~*~*~ (outnumbered).
 15504 | D:7      | 15504 ||| Stepping ~*~*~tactically~*~*~ (outnumbered).
 15506 | D:7      | 15506 ||| Stepping ~*~*~tactically~*~*~ (outnumbered).
 15511 | D:7      | 15511 ||| Stepping ~*~*~tactically~*~*~ (outnumbered).
 15515 | D:7      | 15515 ||| Stepping ~*~*~tactically~*~*~ (outnumbered).
 15517 | D:7      | 15517 ||| Stepping ~*~*~tactically~*~*~ (outnumbered).
 15519 | D:7      | 15519 ||| Stepping ~*~*~tactically~*~*~ (outnumbered).
 15530 | D:7      | 15530 ||| Stepping ~*~*~tactically~*~*~ (outnumbered).
 15536 | D:7      | 15536 ||| Stepping ~*~*~tactically~*~*~ (outnumbered).
 15539 | D:7      | 15539 ||| Stepping ~*~*~tactically~*~*~ (outnumbered).
 15541 | D:7      | 15541 ||| Stepping ~*~*~tactically~*~*~ (outnumbered).
 15550 | D:7      | 15550 ||| Stepping ~*~*~tactically~*~*~ (outnumbered).
 15557 | D:7      | 15557 ||| Stepping ~*~*~tactically~*~*~ (outnumbered).
 15562 | D:7      | 15562 ||| Stepping ~*~*~tactically~*~*~ (outnumbered).
 15566 | D:7      | 15566 ||| Stepping ~*~*~tactically~*~*~ (outnumbered).
 15568 | D:7      | 15568 ||| Stepping ~*~*~tactically~*~*~ (outnumbered).
 15576 | D:7      | 15576 ||| Stepping ~*~*~tactically~*~*~ (outnumbered).
 15579 | D:7      | 15579 ||| Stepping ~*~*~tactically~*~*~ (outnumbered).
 15581 | D:7      | 15581 ||| Stepping ~*~*~tactically~*~*~ (outnumbered).
 15586 | D:7      | 15586 ||| Stepping ~*~*~tactically~*~*~ (outnumbered).
 15588 | D:7      | 15588 ||| Stepping ~*~*~tactically~*~*~ (outnumbered).
 15591 | D:7      | 15591 ||| Stepping ~*~*~tactically~*~*~ (outnumbered).
 15595 | D:7      | 15595 ||| Stepping ~*~*~tactically~*~*~ (outnumbered).
 15600 | D:7      | 15600 ||| Stepping ~*~*~tactically~*~*~ (outnumbered).
 15605 | D:7      | 15605 ||| Stepping ~*~*~tactically~*~*~ (outnumbered).
 15611 | D:7      | 15611 ||| Stepping ~*~*~tactically~*~*~ (outnumbered).
 15613 | D:7      | 15613 ||| Stepping ~*~*~tactically~*~*~ (outnumbered).
 15615 | D:7      | 15615 ||| Stepping ~*~*~tactically~*~*~ (outnumbered).
 15620 | D:7      | 15620 ||| Stepping ~*~*~tactically~*~*~ (outnumbered).
 15624 | D:7      | 15624 ||| Stepping ~*~*~tactically~*~*~ (outnumbered).
 15628 | D:7      | 15628 ||| Stepping ~*~*~tactically~*~*~ (outnumbered).
 15641 | D:7      | 15641 ||| Stepping ~*~*~tactically~*~*~ (outnumbered).
 15649 | D:7      | 15649 ||| Stepping ~*~*~tactically~*~*~ (outnumbered).
 15651 | D:7      | 15651 ||| Stepping ~*~*~tactically~*~*~ (outnumbered).
 15656 | D:7      | 15656 ||| Stepping ~*~*~tactically~*~*~ (outnumbered).
 15665 | D:7      | 15665 ||| Stepping ~*~*~tactically~*~*~ (outnumbered).
 15668 | D:7      | 15668 ||| Stepping ~*~*~tactically~*~*~ (outnumbered).
 15673 | D:7      | 15673 ||| Stepping ~*~*~tactically~*~*~ (outnumbered).
 15677 | D:7      | 15677 ||| Stepping ~*~*~tactically~*~*~ (outnumbered).
 15681 | D:7      | 15681 ||| Stepping ~*~*~tactically~*~*~ (outnumbered).
 15686 | D:7      | 15686 ||| Stepping ~*~*~tactically~*~*~ (outnumbered).
 15691 | D:7      | 15691 ||| Stepping ~*~*~tactically~*~*~ (outnumbered).
 15704 | D:7      | 15704 ||| Stepping ~*~*~tactically~*~*~ (outnumbered).
 15706 | D:7      | 15706 ||| Stepping ~*~*~tactically~*~*~ (outnumbered).
 15717 | D:7      | 15717 ||| Stepping ~*~*~tactically~*~*~ (outnumbered).
 15726 | D:7      | 15726 ||| Stepping ~*~*~tactically~*~*~ (outnumbered).
 15733 | D:7      | 15733 ||| Stepping ~*~*~tactically~*~*~ (outnumbered).
 15743 | D:7      | 15743 ||| Stepping ~*~*~tactically~*~*~ (outnumbered).
 15752 | D:7      | 15752 ||| Stepping ~*~*~tactically~*~*~ (outnumbered).
 15759 | D:7      | 15759 ||| Stepping ~*~*~tactically~*~*~ (outnumbered).
 15763 | D:7      | 15763 ||| Stepping ~*~*~tactically~*~*~ (outnumbered).
 15765 | D:7      | 15765 ||| Stepping ~*~*~tactically~*~*~ (outnumbered).
 15774 | D:7      | 15774 ||| Stepping ~*~*~tactically~*~*~ (outnumbered).
 15778 | D:7      | 15778 ||| Stepping ~*~*~tactically~*~*~ (outnumbered).
 15783 | D:7      | 15783 ||| Stepping ~*~*~tactically~*~*~ (outnumbered).
 15786 | D:7      | 15786 ||| Stepping ~*~*~tactically~*~*~ (outnumbered).
 15791 | D:7      | 15791 ||| Stepping ~*~*~tactically~*~*~ (outnumbered).
 15800 | D:7      | 15800 ||| Stepping ~*~*~tactically~*~*~ (outnumbered).
 15802 | D:7      | 15802 ||| Stepping ~*~*~tactically~*~*~ (outnumbered).
 15811 | D:7      | 15811 ||| Stepping ~*~*~tactically~*~*~ (outnumbered).
 15818 | D:7      | 15818 ||| Stepping ~*~*~tactically~*~*~ (outnumbered).
 15826 | D:7      | 15826 ||| Stepping ~*~*~tactically~*~*~ (outnumbered).
 15828 | D:7      | 15828 ||| Stepping ~*~*~tactically~*~*~ (outnumbered).
 15837 | D:7      | 15837 ||| Stepping ~*~*~tactically~*~*~ (outnumbered).
 15839 | D:7      | 15839 ||| Stepping ~*~*~tactically~*~*~ (outnumbered).
 15845 | D:7      | 15845 ||| Stepping ~*~*~tactically~*~*~ (outnumbered).
 15847 | D:7      | 15847 ||| Stepping ~*~*~tactically~*~*~ (outnumbered).
 15856 | D:7      | 15856 ||| Stepping ~*~*~tactically~*~*~ (outnumbered).
 15866 | D:7      | 15866 ||| Stepping ~*~*~tactically~*~*~ (outnumbered).
 15870 | D:7      | 15870 ||| Stepping ~*~*~tactically~*~*~ (outnumbered).
 15878 | D:7      | 15878 ||| Stepping ~*~*~tactically~*~*~ (outnumbered).
 15886 | D:7      | 15886 ||| Stepping ~*~*~tactically~*~*~ (outnumbered).
 15891 | D:7      | 15891 ||| Stepping ~*~*~tactically~*~*~ (outnumbered).
 15895 | D:7      | 15895 ||| Stepping ~*~*~tactically~*~*~ (outnumbered).
 15899 | D:7      | 15899 ||| Stepping ~*~*~tactically~*~*~ (outnumbered).
 15904 | D:7      | 15904 ||| Stepping ~*~*~tactically~*~*~ (outnumbered).
 15911 | D:7      | 15911 ||| Stepping ~*~*~tactically~*~*~ (outnumbered).
 15913 | D:7      | 15913 ||| Stepping ~*~*~tactically~*~*~ (outnumbered).
 15923 | D:7      | 15923 ||| Stepping ~*~*~tactically~*~*~ (outnumbered).
 15925 | D:7      | 15925 ||| Stepping ~*~*~tactically~*~*~ (outnumbered).
 15933 | D:7      | 15933 ||| Stepping ~*~*~tactically~*~*~ (outnumbered).
 15935 | D:7      | 15935 ||| Stepping ~*~*~tactically~*~*~ (outnumbered).
 15938 | D:7      | 15938 ||| Stepping ~*~*~tactically~*~*~ (outnumbered).
 15942 | D:7      | 15942 ||| Stepping ~*~*~tactically~*~*~ (outnumbered).
 15952 | D:7      | 15952 ||| Stepping ~*~*~tactically~*~*~ (outnumbered).
 15965 | D:7      | 15965 ||| Stepping ~*~*~tactically~*~*~ (outnumbered).
 15970 | D:7      | 15970 ||| Stepping ~*~*~tactically~*~*~ (outnumbered).
 15976 | D:7      | 15976 ||| Stepping ~*~*~tactically~*~*~ (outnumbered).
 15983 | D:7      | 15983 ||| Stepping ~*~*~tactically~*~*~ (outnumbered).
 15991 | D:7      | 15991 ||| Stepping ~*~*~tactically~*~*~ (outnumbered).
 15998 | D:7      | 15998 ||| Stepping ~*~*~tactically~*~*~ (outnumbered).
 16002 | D:7      | 16002 ||| Stepping ~*~*~tactically~*~*~ (outnumbered).
 16007 | D:7      | 16007 ||| Stepping ~*~*~tactically~*~*~ (outnumbered).
 16013 | D:7      | 16013 ||| Stepping ~*~*~tactically~*~*~ (outnumbered).
 16031 | D:7      | 16031 ||| Stepping ~*~*~tactically~*~*~ (outnumbered).
 16043 | D:7      | 16043 ||| Stepping ~*~*~tactically~*~*~ (outnumbered).
 16055 | D:7      | 16055 ||| Stepping ~*~*~tactically~*~*~ (outnumbered).
 16057 | D:7      | 16057 ||| Stepping ~*~*~tactically~*~*~ (outnumbered).
 16059 | D:7      | 16059 ||| Stepping ~*~*~tactically~*~*~ (outnumbered).
 16062 | D:7      | 16062 ||| Stepping ~*~*~tactically~*~*~ (outnumbered).
 16064 | D:7      | 16064 ||| Stepping ~*~*~tactically~*~*~ (outnumbered).
 16074 | D:7      | 16074 ||| Stepping ~*~*~tactically~*~*~ (outnumbered).
 16079 | D:7      | 16079 ||| Stepping ~*~*~tactically~*~*~ (outnumbered).
 16083 | D:7      | 16083 ||| Stepping ~*~*~tactically~*~*~ (outnumbered).
 16091 | D:7      | 16091 ||| Stepping ~*~*~tactically~*~*~ (outnumbered).
 16093 | D:7      | 16093 ||| Stepping ~*~*~tactically~*~*~ (outnumbered).
 16098 | D:7      | 16098 ||| Stepping ~*~*~tactically~*~*~ (outnumbered).
 16110 | D:7      | 16110 ||| Stepping ~*~*~tactically~*~*~ (outnumbered).
 16114 | D:7      | 16114 ||| Stepping ~*~*~tactically~*~*~ (outnumbered).
 16120 | D:7      | 16120 ||| Stepping ~*~*~tactically~*~*~ (outnumbered).
 16132 | D:7      | 16132 ||| Stepping ~*~*~tactically~*~*~ (outnumbered).
 16135 | D:7      | 16135 ||| Stepping ~*~*~tactically~*~*~ (outnumbered).
 16140 | D:7      | 16140 ||| Stepping ~*~*~tactically~*~*~ (outnumbered).
 16142 | D:7      | 16142 ||| Stepping ~*~*~tactically~*~*~ (outnumbered).
 16147 | D:7      | 16147 ||| Stepping ~*~*~tactically~*~*~ (outnumbered).
 16151 | D:7      | 16151 ||| Stepping ~*~*~tactically~*~*~ (outnumbered).
 16156 | D:7      | 16156 ||| Stepping ~*~*~tactically~*~*~ (outnumbered).
 16163 | D:7      | 16163 ||| Stepping ~*~*~tactically~*~*~ (outnumbered).
 16166 | D:7      | 16166 ||| Stepping ~*~*~tactically~*~*~ (outnumbered).
 16176 | D:7      | 16176 ||| Stepping ~*~*~tactically~*~*~ (outnumbered).
 16179 | D:7      | 16179 ||| Stepping ~*~*~tactically~*~*~ (outnumbered).
 16185 | D:7      | 16185 ||| Stepping ~*~*~tactically~*~*~ (outnumbered).
 16190 | D:7      | 16190 ||| Stepping ~*~*~tactically~*~*~ (outnumbered).
 16195 | D:7      | 16195 ||| Stepping ~*~*~tactically~*~*~ (outnumbered).
 16200 | D:7      | 16200 ||| Stepping ~*~*~tactically~*~*~ (outnumbered).
 16204 | D:7      | 16204 ||| Stepping ~*~*~tactically~*~*~ (outnumbered).
 16209 | D:7      | 16209 ||| Stepping ~*~*~tactically~*~*~ (outnumbered).
 16213 | D:7      | 16213 ||| Stepping ~*~*~tactically~*~*~ (outnumbered).
 16217 | D:7      | 16217 ||| Stepping ~*~*~tactically~*~*~ (outnumbered).
 16221 | D:7      | 16221 ||| Stepping ~*~*~tactically~*~*~ (outnumbered).
 16230 | D:7      | 16230 ||| Stepping ~*~*~tactically~*~*~ (outnumbered).
 16239 | D:7      | 16239 ||| Stepping ~*~*~tactically~*~*~ (outnumbered).
 16243 | D:7      | 16243 ||| Stepping ~*~*~tactically~*~*~ (outnumbered).
 16246 | D:7      | 16246 ||| Stepping ~*~*~tactically~*~*~ (outnumbered).
 16248 | D:7      | 16248 ||| Stepping ~*~*~tactically~*~*~ (outnumbered).
 16250 | D:7      | 16250 ||| Stepping ~*~*~tactically~*~*~ (outnumbered).
 16258 | D:7      | 16258 ||| Stepping ~*~*~tactically~*~*~ (outnumbered).
 16261 | D:7      | 16261 ||| Stepping ~*~*~tactically~*~*~ (outnumbered).
 16266 | D:7      | 16266 ||| Stepping ~*~*~tactically~*~*~ (outnumbered).
 16275 | D:7      | 16275 ||| Stepping ~*~*~tactically~*~*~ (outnumbered).
 16279 | D:7      | 16279 ||| Stepping ~*~*~tactically~*~*~ (outnumbered).
 16284 | D:7      | 16284 ||| Stepping ~*~*~tactically~*~*~ (outnumbered).
 16292 | D:7      | 16292 ||| Stepping ~*~*~tactically~*~*~ (outnumbered).
 16294 | D:7      | 16294 ||| Stepping ~*~*~tactically~*~*~ (outnumbered).
 16307 | D:7      | 16307 ||| Stepping ~*~*~tactically~*~*~ (outnumbered).
 16310 | D:7      | 16310 ||| Stepping ~*~*~tactically~*~*~ (outnumbered).
 16312 | D:7      | 16312 ||| Stepping ~*~*~tactically~*~*~ (outnumbered).
 16316 | D:7      | 16316 ||| Stepping ~*~*~tactically~*~*~ (outnumbered).
 16318 | D:7      | 16318 ||| Stepping ~*~*~tactically~*~*~ (outnumbered).
 16326 | D:7      | 16326 ||| Stepping ~*~*~tactically~*~*~ (outnumbered).
 16337 | D:7      | 16337 ||| Stepping ~*~*~tactically~*~*~ (outnumbered).
 16344 | D:7      | 16344 ||| Stepping ~*~*~tactically~*~*~ (outnumbered).
 16357 | D:7      | 16357 ||| Stepping ~*~*~tactically~*~*~ (outnumbered).
 16368 | D:7      | 16368 ||| Stepping ~*~*~tactically~*~*~ (outnumbered).
 16378 | D:7      | 16378 ||| Stepping ~*~*~tactically~*~*~ (outnumbered).
 16389 | D:7      | 16389 ||| Stepping ~*~*~tactically~*~*~ (outnumbered).
 16391 | D:7      | 16391 ||| Stepping ~*~*~tactically~*~*~ (outnumbered).
 16402 | D:7      | 16402 ||| Stepping ~*~*~tactically~*~*~ (outnumbered).
 16406 | D:7      | 16406 ||| Stepping ~*~*~tactically~*~*~ (outnumbered).
 16418 | D:7      | 16418 ||| Stepping ~*~*~tactically~*~*~ (outnumbered).
 16421 | D:7      | 16421 ||| Stepping ~*~*~tactically~*~*~ (outnumbered).
 16423 | D:7      | 16423 ||| Stepping ~*~*~tactically~*~*~ (outnumbered).
 16427 | D:7      | 16427 ||| Stepping ~*~*~tactically~*~*~ (outnumbered).
 16431 | D:7      | 16431 ||| Stepping ~*~*~tactically~*~*~ (outnumbered).
 16433 | D:7      | 16433 ||| Stepping ~*~*~tactically~*~*~ (outnumbered).
 16439 | D:7      | 16439 ||| Stepping ~*~*~tactically~*~*~ (outnumbered).
 16442 | D:7      | 16442 ||| Stepping ~*~*~tactically~*~*~ (outnumbered).
 16449 | D:7      | 16449 ||| Stepping ~*~*~tactically~*~*~ (outnumbered).
 16459 | D:7      | 16459 ||| Stepping ~*~*~tactically~*~*~ (outnumbered).
 16466 | D:7      | 16466 ||| Stepping ~*~*~tactically~*~*~ (outnumbered).
 16468 | D:7      | 16468 ||| Stepping ~*~*~tactically~*~*~ (outnumbered).
 16470 | D:7      | 16470 ||| Stepping ~*~*~tactically~*~*~ (outnumbered).
 16478 | D:7      | 16478 ||| Stepping ~*~*~tactically~*~*~ (outnumbered).
 16482 | D:7      | 16482 ||| Stepping ~*~*~tactically~*~*~ (outnumbered).
 16494 | D:7      | 16494 ||| Stepping ~*~*~tactically~*~*~ (outnumbered).
 16500 | D:7      | 16500 ||| Stepping ~*~*~tactically~*~*~ (outnumbered).
 16502 | D:7      | 16502 ||| Stepping ~*~*~tactically~*~*~ (outnumbered).
 16506 | D:7      | 16506 ||| Stepping ~*~*~tactically~*~*~ (outnumbered).
 16512 | D:7      | 16512 ||| Stepping ~*~*~tactically~*~*~ (outnumbered).
 16522 | D:7      | 16522 ||| Stepping ~*~*~tactically~*~*~ (outnumbered).
 16524 | D:7      | 16524 ||| Stepping ~*~*~tactically~*~*~ (outnumbered).
 16530 | D:7      | 16530 ||| Stepping ~*~*~tactically~*~*~ (outnumbered).
 16540 | D:7      | 16540 ||| Stepping ~*~*~tactically~*~*~ (outnumbered).
 16552 | D:7      | 16552 ||| Stepping ~*~*~tactically~*~*~ (outnumbered).
 16554 | D:7      | 16554 ||| Stepping ~*~*~tactically~*~*~ (outnumbered).
 16558 | D:7      | 16558 ||| Stepping ~*~*~tactically~*~*~ (outnumbered).
 16562 | D:7      | 16562 ||| Stepping ~*~*~tactically~*~*~ (outnumbered).
 16572 | D:7      | 16572 ||| Stepping ~*~*~tactically~*~*~ (outnumbered).
 16575 | D:7      | 16575 ||| Stepping ~*~*~tactically~*~*~ (outnumbered).
 16579 | D:7      | 16579 ||| Stepping ~*~*~tactically~*~*~ (outnumbered).
 16582 | D:7      | 16582 ||| Stepping ~*~*~tactically~*~*~ (outnumbered).
 16584 | D:7      | 16584 ||| Stepping ~*~*~tactically~*~*~ (outnumbered).
 16600 | D:7      | 16600 ||| Stepping ~*~*~tactically~*~*~ (outnumbered).
 16607 | D:7      | 16607 ||| Stepping ~*~*~tactically~*~*~ (outnumbered).
 16609 | D:7      | 16609 ||| Stepping ~*~*~tactically~*~*~ (outnumbered).
 16612 | D:7      | 16612 ||| Stepping ~*~*~tactically~*~*~ (outnumbered).
 16616 | D:7      | 16616 ||| Stepping ~*~*~tactically~*~*~ (outnumbered).
 16620 | D:7      | 16620 ||| Stepping ~*~*~tactically~*~*~ (outnumbered).
 16623 | D:7      | 16623 ||| Stepping ~*~*~tactically~*~*~ (outnumbered).
 16625 | D:7      | 16625 ||| Stepping ~*~*~tactically~*~*~ (outnumbered).
 16628 | D:7      | 16628 ||| Stepping ~*~*~tactically~*~*~ (outnumbered).
 16630 | D:7      | 16630 ||| Stepping ~*~*~tactically~*~*~ (outnumbered).
 16637 | D:7      | 16637 ||| Stepping ~*~*~tactically~*~*~ (outnumbered).
 16648 | D:7      | 16648 ||| Stepping ~*~*~tactically~*~*~ (outnumbered).
 16657 | D:7      | 16657 ||| Stepping ~*~*~tactically~*~*~ (outnumbered).
 16660 | D:7      | 16660 ||| Stepping ~*~*~tactically~*~*~ (outnumbered).
 16666 | D:7      | 16666 ||| Stepping ~*~*~tactically~*~*~ (outnumbered).
 16668 | D:7      | 16668 ||| Stepping ~*~*~tactically~*~*~ (outnumbered).
 16672 | D:7      | 16672 ||| Stepping ~*~*~tactically~*~*~ (outnumbered).
 16677 | D:7      | 16677 ||| Stepping ~*~*~tactically~*~*~ (outnumbered).
 16682 | D:7      | 16682 ||| Stepping ~*~*~tactically~*~*~ (outnumbered).
 16689 | D:7      | 16689 ||| Stepping ~*~*~tactically~*~*~ (outnumbered).
 16695 | D:7      | 16695 ||| Stepping ~*~*~tactically~*~*~ (outnumbered).
 16703 | D:7      | 16703 ||| Stepping ~*~*~tactically~*~*~ (outnumbered).
 16706 | D:7      | 16706 ||| Stepping ~*~*~tactically~*~*~ (outnumbered).
 16717 | D:7      | 16717 ||| Stepping ~*~*~tactically~*~*~ (outnumbered).
 16719 | D:7      | 16719 ||| Stepping ~*~*~tactically~*~*~ (outnumbered).
 16727 | D:7      | 16727 ||| Stepping ~*~*~tactically~*~*~ (outnumbered).
 16734 | D:7      | 16734 ||| Stepping ~*~*~tactically~*~*~ (outnumbered).
 16737 | D:7      | 16737 ||| Stepping ~*~*~tactically~*~*~ (outnumbered).
 16746 | D:7      | 16746 ||| Stepping ~*~*~tactically~*~*~ (outnumbered).
 16752 | D:7      | 16752 ||| Stepping ~*~*~tactically~*~*~ (outnumbered).
 16761 | D:7      | 16761 ||| Stepping ~*~*~tactically~*~*~ (outnumbered).
 16765 | D:7      | 16765 ||| Stepping ~*~*~tactically~*~*~ (outnumbered).
 16772 | D:7      | 16772 ||| Stepping ~*~*~tactically~*~*~ (outnumbered).
 16776 | D:7      | 16776 ||| Stepping ~*~*~tactically~*~*~ (outnumbered).
 16780 | D:7      | 16780 ||| Stepping ~*~*~tactically~*~*~ (outnumbered).
 16782 | D:7      | 16782 ||| Stepping ~*~*~tactically~*~*~ (outnumbered).
 16793 | D:7      | 16793 ||| Stepping ~*~*~tactically~*~*~ (outnumbered).
 16798 | D:7      | 16798 ||| Stepping ~*~*~tactically~*~*~ (outnumbered).
 16806 | D:7      | 16806 ||| Stepping ~*~*~tactically~*~*~ (outnumbered).
 16808 | D:7      | 16808 ||| Stepping ~*~*~tactically~*~*~ (outnumbered).
 16819 | D:7      | 16819 ||| Stepping ~*~*~tactically~*~*~ (outnumbered).
 16826 | D:7      | 16826 ||| Stepping ~*~*~tactically~*~*~ (outnumbered).
 16830 | D:7      | 16830 ||| Stepping ~*~*~tactically~*~*~ (outnumbered).
 16834 | D:7      | 16834 ||| Stepping ~*~*~tactically~*~*~ (outnumbered).
 16842 | D:7      | 16842 ||| Stepping ~*~*~tactically~*~*~ (outnumbered).
 16845 | D:7      | 16845 ||| Stepping ~*~*~tactically~*~*~ (outnumbered).
 16847 | D:7      | 16847 ||| Stepping ~*~*~tactically~*~*~ (outnumbered).
 16853 | D:7      | 16853 ||| Stepping ~*~*~tactically~*~*~ (outnumbered).
 16863 | D:7      | 16863 ||| Stepping ~*~*~tactically~*~*~ (outnumbered).
 16877 | D:7      | 16877 ||| Stepping ~*~*~tactically~*~*~ (outnumbered).
 16879 | D:7      | 16879 ||| Stepping ~*~*~tactically~*~*~ (outnumbered).
 16882 | D:7      | 16882 ||| Stepping ~*~*~tactically~*~*~ (outnumbered).
 16884 | D:7      | 16884 ||| Stepping ~*~*~tactically~*~*~ (outnumbered).
 16889 | D:7      | 16889 ||| Stepping ~*~*~tactically~*~*~ (outnumbered).
 16893 | D:7      | 16893 ||| Stepping ~*~*~tactically~*~*~ (outnumbered).
 16898 | D:7      | 16898 ||| Stepping ~*~*~tactically~*~*~ (outnumbered).
 16911 | D:7      | 16911 ||| Stepping ~*~*~tactically~*~*~ (outnumbered).
 16922 | D:7      | 16922 ||| Stepping ~*~*~tactically~*~*~ (outnumbered).
 16926 | D:7      | 16926 ||| Stepping ~*~*~tactically~*~*~ (outnumbered).
 16930 | D:7      | 16930 ||| Stepping ~*~*~tactically~*~*~ (outnumbered).
 16935 | D:7      | 16935 ||| Stepping ~*~*~tactically~*~*~ (outnumbered).
 16939 | D:7      | 16939 ||| Stepping ~*~*~tactically~*~*~ (outnumbered).
 16945 | D:7      | 16945 ||| Stepping ~*~*~tactically~*~*~ (outnumbered).
 16947 | D:7      | 16947 ||| Stepping ~*~*~tactically~*~*~ (outnumbered).
 16954 | D:7      | 16954 ||| Stepping ~*~*~tactically~*~*~ (outnumbered).
 16956 | D:7      | 16956 ||| Stepping ~*~*~tactically~*~*~ (outnumbered).
 16964 | D:7      | 16964 ||| Stepping ~*~*~tactically~*~*~ (outnumbered).
 16974 | D:7      | 16974 ||| Stepping ~*~*~tactically~*~*~ (outnumbered).
 16976 | D:7      | 16976 ||| Stepping ~*~*~tactically~*~*~ (outnumbered).
 16978 | D:7      | 16978 ||| Stepping ~*~*~tactically~*~*~ (outnumbered).
 16985 | D:7      | 16985 ||| Stepping ~*~*~tactically~*~*~ (outnumbered).
 16990 | D:7      | 16990 ||| Stepping ~*~*~tactically~*~*~ (outnumbered).
 16994 | D:7      | 16994 ||| Stepping ~*~*~tactically~*~*~ (outnumbered).
 17003 | D:7      | 17003 ||| Stepping ~*~*~tactically~*~*~ (outnumbered).
 17007 | D:7      | 17007 ||| Stepping ~*~*~tactically~*~*~ (outnumbered).
 17011 | D:7      | 17011 ||| Stepping ~*~*~tactically~*~*~ (outnumbered).
 17025 | D:7      | 17025 ||| Stepping ~*~*~tactically~*~*~ (outnumbered).
 17031 | D:7      | 17031 ||| Stepping ~*~*~tactically~*~*~ (outnumbered).
 17044 | D:7      | 17044 ||| Stepping ~*~*~tactically~*~*~ (outnumbered).
 17046 | D:7      | 17046 ||| Stepping ~*~*~tactically~*~*~ (outnumbered).
 17054 | D:7      | 17054 ||| Stepping ~*~*~tactically~*~*~ (outnumbered).
 17058 | D:7      | 17058 ||| Stepping ~*~*~tactically~*~*~ (outnumbered).
 17060 | D:7      | 17060 ||| Stepping ~*~*~tactically~*~*~ (outnumbered).
 17067 | D:7      | 17067 ||| Stepping ~*~*~tactically~*~*~ (outnumbered).
 17073 | D:7      | 17073 ||| Stepping ~*~*~tactically~*~*~ (outnumbered).
 17080 | D:7      | 17080 ||| Stepping ~*~*~tactically~*~*~ (outnumbered).
 17087 | D:7      | 17087 ||| Stepping ~*~*~tactically~*~*~ (outnumbered).
 17094 | D:7      | 17094 ||| Stepping ~*~*~tactically~*~*~ (outnumbered).
 17101 | D:7      | 17101 ||| Stepping ~*~*~tactically~*~*~ (outnumbered).
 17103 | D:7      | 17103 ||| Stepping ~*~*~tactically~*~*~ (outnumbered).
 17110 | D:7      | 17110 ||| Stepping ~*~*~tactically~*~*~ (outnumbered).
 17112 | D:7      | 17112 ||| Stepping ~*~*~tactically~*~*~ (outnumbered).
 17117 | D:7      | 17117 ||| Stepping ~*~*~tactically~*~*~ (outnumbered).
 17119 | D:7      | 17119 ||| Stepping ~*~*~tactically~*~*~ (outnumbered).
 17121 | D:7      | 17121 ||| Stepping ~*~*~tactically~*~*~ (outnumbered).
 17123 | D:7      | 17123 ||| Stepping ~*~*~tactically~*~*~ (outnumbered).
 17126 | D:7      | 17126 ||| Stepping ~*~*~tactically~*~*~ (outnumbered).
 17128 | D:7      | 17128 ||| Stepping ~*~*~tactically~*~*~ (outnumbered).
 17130 | D:7      | 17130 ||| Stepping ~*~*~tactically~*~*~ (outnumbered).
 17139 | D:7      | 17139 ||| Stepping ~*~*~tactically~*~*~ (outnumbered).
 17145 | D:7      | 17145 ||| Stepping ~*~*~tactically~*~*~ (outnumbered).
 17147 | D:7      | 17147 ||| Stepping ~*~*~tactically~*~*~ (outnumbered).
 17152 | D:7      | 17152 ||| Stepping ~*~*~tactically~*~*~ (outnumbered).
 17156 | D:7      | 17156 ||| Stepping ~*~*~tactically~*~*~ (outnumbered).
 17158 | D:7      | 17158 ||| Stepping ~*~*~tactically~*~*~ (outnumbered).
 17162 | D:7      | 17162 ||| Stepping ~*~*~tactically~*~*~ (outnumbered).
 17169 | D:7      | 17169 ||| Stepping ~*~*~tactically~*~*~ (outnumbered).
 17172 | D:7      | 17172 ||| Stepping ~*~*~tactically~*~*~ (outnumbered).
 17178 | D:7      | 17178 ||| Stepping ~*~*~tactically~*~*~ (outnumbered).
 17183 | D:7      | 17183 ||| Stepping ~*~*~tactically~*~*~ (outnumbered).
 17186 | D:7      | 17186 ||| Stepping ~*~*~tactically~*~*~ (outnumbered).
 17194 | D:7      | 17194 ||| Stepping ~*~*~tactically~*~*~ (outnumbered).
 17198 | D:7      | 17198 ||| Stepping ~*~*~tactically~*~*~ (outnumbered).
 17211 | D:7      | 17211 ||| Stepping ~*~*~tactically~*~*~ (outnumbered).
 17213 | D:7      | 17213 ||| Stepping ~*~*~tactically~*~*~ (outnumbered).
 17218 | D:7      | 17218 ||| Stepping ~*~*~tactically~*~*~ (outnumbered).
 17223 | D:7      | 17223 ||| Stepping ~*~*~tactically~*~*~ (outnumbered).
 17227 | D:7      | 17227 ||| Stepping ~*~*~tactically~*~*~ (outnumbered).
 17229 | D:7      | 17229 ||| Stepping ~*~*~tactically~*~*~ (outnumbered).
 17243 | D:7      | 17243 ||| Stepping ~*~*~tactically~*~*~ (outnumbered).
 17245 | D:7      | 17245 ||| Stepping ~*~*~tactically~*~*~ (outnumbered).
 17250 | D:7      | 17250 ||| Stepping ~*~*~tactically~*~*~ (outnumbered).
 17252 | D:7      | 17252 ||| Stepping ~*~*~tactically~*~*~ (outnumbered).
 17257 | D:7      | 17257 ||| Stepping ~*~*~tactically~*~*~ (outnumbered).
 17260 | D:7      | 17260 ||| Stepping ~*~*~tactically~*~*~ (outnumbered).
 17267 | D:7      | 17267 ||| Stepping ~*~*~tactically~*~*~ (outnumbered).
 17269 | D:7      | 17269 ||| Stepping ~*~*~tactically~*~*~ (outnumbered).
 17275 | D:7      | 17275 ||| Stepping ~*~*~tactically~*~*~ (outnumbered).
 17277 | D:7      | 17277 ||| Stepping ~*~*~tactically~*~*~ (outnumbered).
 17279 | D:7      | 17279 ||| Stepping ~*~*~tactically~*~*~ (outnumbered).
 17292 | D:7      | 17292 ||| Stepping ~*~*~tactically~*~*~ (outnumbered).
 17303 | D:7      | 17303 ||| Stepping ~*~*~tactically~*~*~ (outnumbered).
 17310 | D:7      | 17310 ||| Stepping ~*~*~tactically~*~*~ (outnumbered).
 17314 | D:7      | 17314 ||| Stepping ~*~*~tactically~*~*~ (outnumbered).
 17319 | D:7      | 17319 ||| Stepping ~*~*~tactically~*~*~ (outnumbered).
 17328 | D:7      | 17328 ||| Stepping ~*~*~tactically~*~*~ (outnumbered).
 17333 | D:7      | 17333 ||| Stepping ~*~*~tactically~*~*~ (outnumbered).
 17338 | D:7      | 17338 ||| Stepping ~*~*~tactically~*~*~ (outnumbered).
 17341 | D:7      | 17341 ||| Stepping ~*~*~tactically~*~*~ (outnumbered).
 17343 | D:7      | 17343 ||| Stepping ~*~*~tactically~*~*~ (outnumbered).
 17345 | D:7      | 17345 ||| Stepping ~*~*~tactically~*~*~ (outnumbered).
 17349 | D:7      | 17349 ||| Stepping ~*~*~tactically~*~*~ (outnumbered).
 17354 | D:7      | 17354 ||| Stepping ~*~*~tactically~*~*~ (outnumbered).
 17358 | D:7      | 17358 ||| Stepping ~*~*~tactically~*~*~ (outnumbered).
 17369 | D:7      | 17369 ||| Stepping ~*~*~tactically~*~*~ (outnumbered).
 17378 | D:7      | 17378 ||| Stepping ~*~*~tactically~*~*~ (outnumbered).
 17383 | D:7      | 17383 ||| Stepping ~*~*~tactically~*~*~ (outnumbered).
 17385 | D:7      | 17385 ||| Stepping ~*~*~tactically~*~*~ (outnumbered).
 17389 | D:7      | 17389 ||| Stepping ~*~*~tactically~*~*~ (outnumbered).
 17394 | D:7      | 17394 ||| Stepping ~*~*~tactically~*~*~ (outnumbered).
 17398 | D:7      | 17398 ||| Stepping ~*~*~tactically~*~*~ (outnumbered).
 17408 | D:7      | 17408 ||| Stepping ~*~*~tactically~*~*~ (outnumbered).
 17410 | D:7      | 17410 ||| Stepping ~*~*~tactically~*~*~ (outnumbered).
 17413 | D:7      | 17413 ||| Stepping ~*~*~tactically~*~*~ (outnumbered).
 17416 | D:7      | 17416 ||| Stepping ~*~*~tactically~*~*~ (outnumbered).
 17424 | D:7      | 17424 ||| Stepping ~*~*~tactically~*~*~ (outnumbered).
 17426 | D:7      | 17426 ||| Stepping ~*~*~tactically~*~*~ (outnumbered).
 17429 | D:7      | 17429 ||| Stepping ~*~*~tactically~*~*~ (outnumbered).
 17433 | D:7      | 17433 ||| Stepping ~*~*~tactically~*~*~ (outnumbered).
 17438 | D:7      | 17438 ||| Stepping ~*~*~tactically~*~*~ (outnumbered).
 17440 | D:7      | 17440 ||| Stepping ~*~*~tactically~*~*~ (outnumbered).
 17448 | D:7      | 17448 ||| Stepping ~*~*~tactically~*~*~ (outnumbered).
 17453 | D:7      | 17453 ||| Stepping ~*~*~tactically~*~*~ (outnumbered).
 17460 | D:7      | 17460 ||| Stepping ~*~*~tactically~*~*~ (outnumbered).
 17467 | D:7      | 17467 ||| Stepping ~*~*~tactically~*~*~ (outnumbered).
 17476 | D:7      | 17476 ||| Stepping ~*~*~tactically~*~*~ (outnumbered).
 17479 | D:7      | 17479 ||| Stepping ~*~*~tactically~*~*~ (outnumbered).
 17486 | D:7      | 17486 ||| Stepping ~*~*~tactically~*~*~ (outnumbered).
 17498 | D:7      | 17498 ||| Stepping ~*~*~tactically~*~*~ (outnumbered).
 17500 | D:7      | 17500 ||| Stepping ~*~*~tactically~*~*~ (outnumbered).
 17505 | D:7      | 17505 ||| Stepping ~*~*~tactically~*~*~ (outnumbered).
 17509 | D:7      | 17509 ||| Stepping ~*~*~tactically~*~*~ (outnumbered).
 17516 | D:7      | 17516 ||| Stepping ~*~*~tactically~*~*~ (outnumbered).
 17520 | D:7      | 17520 ||| Stepping ~*~*~tactically~*~*~ (outnumbered).
 17522 | D:7      | 17522 ||| Stepping ~*~*~tactically~*~*~ (outnumbered).
 17525 | D:7      | 17525 ||| Stepping ~*~*~tactically~*~*~ (outnumbered).
 17538 | D:7      | 17538 ||| Stepping ~*~*~tactically~*~*~ (outnumbered).
 17552 | D:7      | 17552 ||| Stepping ~*~*~tactically~*~*~ (outnumbered).
 17554 | D:7      | 17554 ||| Stepping ~*~*~tactically~*~*~ (outnumbered).
 17559 | D:7      | 17559 ||| Stepping ~*~*~tactically~*~*~ (outnumbered).
 17563 | D:7      | 17563 ||| Stepping ~*~*~tactically~*~*~ (outnumbered).
 17566 | D:7      | 17566 ||| Stepping ~*~*~tactically~*~*~ (outnumbered).
 17569 | D:7      | 17569 ||| Stepping ~*~*~tactically~*~*~ (outnumbered).
 17571 | D:7      | 17571 ||| Stepping ~*~*~tactically~*~*~ (outnumbered).
 17573 | D:7      | 17573 ||| Stepping ~*~*~tactically~*~*~ (outnumbered).
 17578 | D:7      | 17578 ||| Stepping ~*~*~tactically~*~*~ (outnumbered).
 17591 | D:7      | 17591 ||| Stepping ~*~*~tactically~*~*~ (outnumbered).
 17596 | D:7      | 17596 ||| Stepping ~*~*~tactically~*~*~ (outnumbered).
 17601 | D:7      | 17601 ||| Stepping ~*~*~tactically~*~*~ (outnumbered).
 17610 | D:7      | 17610 ||| Stepping ~*~*~tactically~*~*~ (outnumbered).
 17615 | D:7      | 17615 ||| Stepping ~*~*~tactically~*~*~ (outnumbered).
 17617 | D:7      | 17617 ||| Stepping ~*~*~tactically~*~*~ (outnumbered).
 17627 | D:7      | 17627 ||| Stepping ~*~*~tactically~*~*~ (outnumbered).
 17635 | D:7      | 17635 ||| Stepping ~*~*~tactically~*~*~ (outnumbered).
 17641 | D:7      | 17641 ||| Stepping ~*~*~tactically~*~*~ (outnumbered).
 17645 | D:7      | 17645 ||| Stepping ~*~*~tactically~*~*~ (outnumbered).
 17657 | D:7      | 17657 ||| Stepping ~*~*~tactically~*~*~ (outnumbered).
 17661 | D:7      | 17661 ||| Stepping ~*~*~tactically~*~*~ (outnumbered).
 17663 | D:7      | 17663 ||| Stepping ~*~*~tactically~*~*~ (outnumbered).
 17668 | D:7      | 17668 ||| Stepping ~*~*~tactically~*~*~ (outnumbered).
 17674 | D:7      | 17674 ||| Stepping ~*~*~tactically~*~*~ (outnumbered).
 17681 | D:7      | 17681 ||| Stepping ~*~*~tactically~*~*~ (outnumbered).
 17693 | D:7      | 17693 ||| Stepping ~*~*~tactically~*~*~ (outnumbered).
 17697 | D:7      | 17697 ||| Stepping ~*~*~tactically~*~*~ (outnumbered).
 17703 | D:7      | 17703 ||| Stepping ~*~*~tactically~*~*~ (outnumbered).
 17712 | D:7      | 17712 ||| Stepping ~*~*~tactically~*~*~ (outnumbered).
 17720 | D:7      | 17720 ||| Stepping ~*~*~tactically~*~*~ (outnumbered).
 17726 | D:7      | 17726 ||| Stepping ~*~*~tactically~*~*~ (outnumbered).
 17732 | D:7      | 17732 ||| Stepping ~*~*~tactically~*~*~ (outnumbered).
 17740 | D:7      | 17740 ||| Stepping ~*~*~tactically~*~*~ (outnumbered).
 17747 | D:7      | 17747 ||| Stepping ~*~*~tactically~*~*~ (outnumbered).
 17757 | D:7      | 17757 ||| Stepping ~*~*~tactically~*~*~ (outnumbered).
 17761 | D:7      | 17761 ||| Stepping ~*~*~tactically~*~*~ (outnumbered).
 17768 | D:7      | 17768 ||| Stepping ~*~*~tactically~*~*~ (outnumbered).
 17778 | D:7      | 17778 ||| Stepping ~*~*~tactically~*~*~ (outnumbered).
 17787 | D:7      | 17787 ||| Stepping ~*~*~tactically~*~*~ (outnumbered).
 17794 | D:7      | 17794 ||| Stepping ~*~*~tactically~*~*~ (outnumbered).
 17796 | D:7      | 17796 ||| Stepping ~*~*~tactically~*~*~ (outnumbered).
 17798 | D:7      | 17798 ||| Stepping ~*~*~tactically~*~*~ (outnumbered).
 17804 | D:7      | 17804 ||| Stepping ~*~*~tactically~*~*~ (outnumbered).
 17811 | D:7      | 17811 ||| Stepping ~*~*~tactically~*~*~ (outnumbered).
 17820 | D:7      | 17820 ||| Stepping ~*~*~tactically~*~*~ (outnumbered).
 17822 | D:7      | 17822 ||| Stepping ~*~*~tactically~*~*~ (outnumbered).
 17825 | D:7      | 17825 ||| Stepping ~*~*~tactically~*~*~ (outnumbered).
 17833 | D:7      | 17833 ||| Stepping ~*~*~tactically~*~*~ (outnumbered).
 17844 | D:7      | 17844 ||| Stepping ~*~*~tactically~*~*~ (outnumbered).
 17856 | D:7      | 17856 ||| Stepping ~*~*~tactically~*~*~ (outnumbered).
 17859 | D:7      | 17859 ||| Stepping ~*~*~tactically~*~*~ (outnumbered).
 17861 | D:7      | 17861 ||| Stepping ~*~*~tactically~*~*~ (outnumbered).
 17868 | D:7      | 17868 ||| Stepping ~*~*~tactically~*~*~ (outnumbered).
 17877 | D:7      | 17877 ||| Stepping ~*~*~tactically~*~*~ (outnumbered).
 17889 | D:7      | 17889 ||| Stepping ~*~*~tactically~*~*~ (outnumbered).
 17894 | D:7      | 17894 ||| Stepping ~*~*~tactically~*~*~ (outnumbered).
 17902 | D:7      | 17902 ||| Stepping ~*~*~tactically~*~*~ (outnumbered).
 17913 | D:7      | 17913 ||| Stepping ~*~*~tactically~*~*~ (outnumbered).
 17918 | D:7      | 17918 ||| Stepping ~*~*~tactically~*~*~ (outnumbered).
 17926 | D:7      | 17926 ||| Stepping ~*~*~tactically~*~*~ (outnumbered).
 17933 | D:7      | 17933 ||| Stepping ~*~*~tactically~*~*~ (outnumbered).
 17937 | D:7      | 17937 ||| Stepping ~*~*~tactically~*~*~ (outnumbered).
 17940 | D:7      | 17940 ||| Stepping ~*~*~tactically~*~*~ (outnumbered).
 17945 | D:7      | 17945 ||| Stepping ~*~*~tactically~*~*~ (outnumbered).
 17949 | D:7      | 17949 ||| Stepping ~*~*~tactically~*~*~ (outnumbered).
 17953 | D:7      | 17953 ||| Stepping ~*~*~tactically~*~*~ (outnumbered).
 17957 | D:7      | 17957 ||| Stepping ~*~*~tactically~*~*~ (outnumbered).
 17959 | D:7      | 17959 ||| Stepping ~*~*~tactically~*~*~ (outnumbered).
 17969 | D:7      | 17969 ||| Stepping ~*~*~tactically~*~*~ (outnumbered).
 17978 | D:7      | 17978 ||| Stepping ~*~*~tactically~*~*~ (outnumbered).
 17985 | D:7      | 17985 ||| Stepping ~*~*~tactically~*~*~ (outnumbered).
 17987 | D:7      | 17987 ||| Stepping ~*~*~tactically~*~*~ (outnumbered).
 17989 | D:7      | 17989 ||| Stepping ~*~*~tactically~*~*~ (outnumbered).
 17996 | D:7      | 17996 ||| Stepping ~*~*~tactically~*~*~ (outnumbered).
 18001 | D:7      | 18001 ||| Stepping ~*~*~tactically~*~*~ (outnumbered).
 18007 | D:7      | 18007 ||| Stepping ~*~*~tactically~*~*~ (outnumbered).
 18022 | D:7      | 18022 ||| Stepping ~*~*~tactically~*~*~ (outnumbered).
 18030 | D:7      | 18030 ||| Stepping ~*~*~tactically~*~*~ (outnumbered).
 18035 | D:7      | 18035 ||| Stepping ~*~*~tactically~*~*~ (outnumbered).
 18037 | D:7      | 18037 ||| Stepping ~*~*~tactically~*~*~ (outnumbered).
 18045 | D:7      | 18045 ||| Stepping ~*~*~tactically~*~*~ (outnumbered).
 18047 | D:7      | 18047 ||| Stepping ~*~*~tactically~*~*~ (outnumbered).
 18051 | D:7      | 18051 ||| Stepping ~*~*~tactically~*~*~ (outnumbered).
 18058 | D:7      | 18058 ||| Stepping ~*~*~tactically~*~*~ (outnumbered).
 18068 | D:7      | 18068 ||| Stepping ~*~*~tactically~*~*~ (outnumbered).
 18072 | D:7      | 18072 ||| Stepping ~*~*~tactically~*~*~ (outnumbered).
 18080 | D:7      | 18080 ||| Stepping ~*~*~tactically~*~*~ (outnumbered).
 18084 | D:7      | 18084 ||| Stepping ~*~*~tactically~*~*~ (outnumbered).
 18086 | D:7      | 18086 ||| Stepping ~*~*~tactically~*~*~ (outnumbered).
 18097 | D:7      | 18097 ||| Stepping ~*~*~tactically~*~*~ (outnumbered).
 18109 | D:7      | 18109 ||| Stepping ~*~*~tactically~*~*~ (outnumbered).
 18113 | D:7      | 18113 ||| Stepping ~*~*~tactically~*~*~ (outnumbered).
 18120 | D:7      | 18120 ||| Stepping ~*~*~tactically~*~*~ (outnumbered).
 18129 | D:7      | 18129 ||| Stepping ~*~*~tactically~*~*~ (outnumbered).
 18132 | D:7      | 18132 ||| Stepping ~*~*~tactically~*~*~ (outnumbered).
 18134 | D:7      | 18134 ||| Stepping ~*~*~tactically~*~*~ (outnumbered).
 18140 | D:7      | 18140 ||| Stepping ~*~*~tactically~*~*~ (outnumbered).
 18142 | D:7      | 18142 ||| Stepping ~*~*~tactically~*~*~ (outnumbered).
 18144 | D:7      | 18144 ||| Stepping ~*~*~tactically~*~*~ (outnumbered).
 18146 | D:7      | 18146 ||| Stepping ~*~*~tactically~*~*~ (outnumbered).
 18158 | D:7      | 18158 ||| Stepping ~*~*~tactically~*~*~ (outnumbered).
 18164 | D:7      | 18164 ||| Stepping ~*~*~tactically~*~*~ (outnumbered).
 18168 | D:7      | 18168 ||| Stepping ~*~*~tactically~*~*~ (outnumbered).
 18170 | D:7      | 18170 ||| Stepping ~*~*~tactically~*~*~ (outnumbered).
 18174 | D:7      | 18174 ||| Stepping ~*~*~tactically~*~*~ (outnumbered).
 18183 | D:7      | 18183 ||| Stepping ~*~*~tactically~*~*~ (outnumbered).
 18186 | D:7      | 18186 ||| Stepping ~*~*~tactically~*~*~ (outnumbered).
 18188 | D:7      | 18188 ||| Stepping ~*~*~tactically~*~*~ (outnumbered).
 18190 | D:7      | 18190 ||| Stepping ~*~*~tactically~*~*~ (outnumbered).
 18199 | D:7      | 18199 ||| Stepping ~*~*~tactically~*~*~ (outnumbered).
 18203 | D:7      | 18203 ||| Stepping ~*~*~tactically~*~*~ (outnumbered).
 18209 | D:7      | 18209 ||| Stepping ~*~*~tactically~*~*~ (outnumbered).
 18212 | D:7      | 18212 ||| Stepping ~*~*~tactically~*~*~ (outnumbered).
 18223 | D:7      | 18223 ||| Stepping ~*~*~tactically~*~*~ (outnumbered).
 18229 | D:7      | 18229 ||| Stepping ~*~*~tactically~*~*~ (outnumbered).
 18237 | D:7      | 18237 ||| Stepping ~*~*~tactically~*~*~ (outnumbered).
 18243 | D:7      | 18243 ||| Stepping ~*~*~tactically~*~*~ (outnumbered).
 18249 | D:7      | 18249 ||| Stepping ~*~*~tactically~*~*~ (outnumbered).
 18256 | D:7      | 18256 ||| Stepping ~*~*~tactically~*~*~ (outnumbered).
 18266 | D:7      | 18266 ||| Stepping ~*~*~tactically~*~*~ (outnumbered).
 18273 | D:7      | 18273 ||| Stepping ~*~*~tactically~*~*~ (outnumbered).
 18278 | D:7      | 18278 ||| Stepping ~*~*~tactically~*~*~ (outnumbered).
 18288 | D:7      | 18288 ||| Stepping ~*~*~tactically~*~*~ (outnumbered).
 18299 | D:7      | 18299 ||| Stepping ~*~*~tactically~*~*~ (outnumbered).
 18302 | D:7      | 18302 ||| Stepping ~*~*~tactically~*~*~ (outnumbered).
 18304 | D:7      | 18304 ||| Stepping ~*~*~tactically~*~*~ (outnumbered).
 18311 | D:7      | 18311 ||| Stepping ~*~*~tactically~*~*~ (outnumbered).
 18315 | D:7      | 18315 ||| Stepping ~*~*~tactically~*~*~ (outnumbered).
 18319 | D:7      | 18319 ||| Stepping ~*~*~tactically~*~*~ (outnumbered).
 18334 | D:7      | 18334 ||| Stepping ~*~*~tactically~*~*~ (outnumbered).
 18338 | D:7      | 18338 ||| Stepping ~*~*~tactically~*~*~ (outnumbered).
 18345 | D:7      | 18345 ||| Stepping ~*~*~tactically~*~*~ (outnumbered).
 18353 | D:7      | 18353 ||| Stepping ~*~*~tactically~*~*~ (outnumbered).
 18359 | D:7      | 18359 ||| Stepping ~*~*~tactically~*~*~ (outnumbered).
 18366 | D:7      | 18366 ||| Stepping ~*~*~tactically~*~*~ (outnumbered).
 18368 | D:7      | 18368 ||| Stepping ~*~*~tactically~*~*~ (outnumbered).
 18378 | D:7      | 18378 ||| Stepping ~*~*~tactically~*~*~ (outnumbered).
 18381 | D:7      | 18381 ||| Stepping ~*~*~tactically~*~*~ (outnumbered).
 18389 | D:7      | 18389 ||| Stepping ~*~*~tactically~*~*~ (outnumbered).
 18394 | D:7      | 18394 ||| Stepping ~*~*~tactically~*~*~ (outnumbered).
 18396 | D:7      | 18396 ||| Stepping ~*~*~tactically~*~*~ (outnumbered).
 18398 | D:7      | 18398 ||| Stepping ~*~*~tactically~*~*~ (outnumbered).
 18400 | D:7      | 18400 ||| Stepping ~*~*~tactically~*~*~ (outnumbered).
 18408 | D:7      | 18408 ||| Stepping ~*~*~tactically~*~*~ (outnumbered).
 18411 | D:7      | 18411 ||| Stepping ~*~*~tactically~*~*~ (outnumbered).
 18413 | D:7      | 18413 ||| Stepping ~*~*~tactically~*~*~ (outnumbered).
 18419 | D:7      | 18419 ||| Stepping ~*~*~tactically~*~*~ (outnumbered).
 18424 | D:7      | 18424 ||| Stepping ~*~*~tactically~*~*~ (outnumbered).
 18431 | D:7      | 18431 ||| Stepping ~*~*~tactically~*~*~ (outnumbered).
 18441 | D:7      | 18441 ||| Stepping ~*~*~tactically~*~*~ (outnumbered).
 18445 | D:7      | 18445 ||| Stepping ~*~*~tactically~*~*~ (outnumbered).
 18454 | D:7      | 18454 ||| Stepping ~*~*~tactically~*~*~ (outnumbered).
 18459 | D:7      | 18459 ||| Stepping ~*~*~tactically~*~*~ (outnumbered).
 18461 | D:7      | 18461 ||| Stepping ~*~*~tactically~*~*~ (outnumbered).
 18473 | D:7      | 18473 ||| Stepping ~*~*~tactically~*~*~ (outnumbered).
 18476 | D:7      | 18476 ||| Stepping ~*~*~tactically~*~*~ (outnumbered).
 18484 | D:7      | 18484 ||| Stepping ~*~*~tactically~*~*~ (outnumbered).
 18488 | D:7      | 18488 ||| Stepping ~*~*~tactically~*~*~ (outnumbered).
 18498 | D:7      | 18498 ||| Stepping ~*~*~tactically~*~*~ (outnumbered).
 18506 | D:7      | 18506 ||| Stepping ~*~*~tactically~*~*~ (outnumbered).
 18513 | D:7      | 18513 ||| Stepping ~*~*~tactically~*~*~ (outnumbered).
 18515 | D:7      | 18515 ||| Stepping ~*~*~tactically~*~*~ (outnumbered).
 18521 | D:7      | 18521 ||| Stepping ~*~*~tactically~*~*~ (outnumbered).
 18524 | D:7      | 18524 ||| Stepping ~*~*~tactically~*~*~ (outnumbered).
 18531 | D:7      | 18531 ||| Stepping ~*~*~tactically~*~*~ (outnumbered).
 18537 | D:7      | 18537 ||| Stepping ~*~*~tactically~*~*~ (outnumbered).
 18541 | D:7      | 18541 ||| Stepping ~*~*~tactically~*~*~ (outnumbered).
 18553 | D:7      | 18553 ||| Stepping ~*~*~tactically~*~*~ (outnumbered).
 18555 | D:7      | 18555 ||| Stepping ~*~*~tactically~*~*~ (outnumbered).
 18563 | D:7      | 18563 ||| Stepping ~*~*~tactically~*~*~ (outnumbered).
 18566 | D:7      | 18566 ||| Stepping ~*~*~tactically~*~*~ (outnumbered).
 18578 | D:7      | 18578 ||| Stepping ~*~*~tactically~*~*~ (outnumbered).
 18588 | D:7      | 18588 ||| Stepping ~*~*~tactically~*~*~ (outnumbered).
 18602 | D:7      | 18602 ||| Stepping ~*~*~tactically~*~*~ (outnumbered).
 18606 | D:7      | 18606 ||| Stepping ~*~*~tactically~*~*~ (outnumbered).
 18608 | D:7      | 18608 ||| Stepping ~*~*~tactically~*~*~ (outnumbered).
 18610 | D:7      | 18610 ||| Stepping ~*~*~tactically~*~*~ (outnumbered).
 18618 | D:7      | 18618 ||| Stepping ~*~*~tactically~*~*~ (outnumbered).
 18625 | D:7      | 18625 ||| Stepping ~*~*~tactically~*~*~ (outnumbered).
 18634 | D:7      | 18634 ||| Stepping ~*~*~tactically~*~*~ (outnumbered).
 18638 | D:7      | 18638 ||| Stepping ~*~*~tactically~*~*~ (outnumbered).
 18648 | D:7      | 18648 ||| Stepping ~*~*~tactically~*~*~ (outnumbered).
 18651 | D:7      | 18651 ||| Stepping ~*~*~tactically~*~*~ (outnumbered).
 18659 | D:7      | 18659 ||| Stepping ~*~*~tactically~*~*~ (outnumbered).
 18670 | D:7      | 18670 ||| Stepping ~*~*~tactically~*~*~ (outnumbered).
 18678 | D:7      | 18678 ||| Stepping ~*~*~tactically~*~*~ (outnumbered).
 18682 | D:7      | 18682 ||| Stepping ~*~*~tactically~*~*~ (outnumbered).
 18685 | D:7      | 18685 ||| Stepping ~*~*~tactically~*~*~ (outnumbered).
 18694 | D:7      | 18694 ||| Stepping ~*~*~tactically~*~*~ (outnumbered).
 18700 | D:7      | 18700 ||| Stepping ~*~*~tactically~*~*~ (outnumbered).
 18707 | D:7      | 18707 ||| Stepping ~*~*~tactically~*~*~ (outnumbered).
 18709 | D:7      | 18709 ||| Stepping ~*~*~tactically~*~*~ (outnumbered).
 18712 | D:7      | 18712 ||| Stepping ~*~*~tactically~*~*~ (outnumbered).
 18717 | D:7      | 18717 ||| Stepping ~*~*~tactically~*~*~ (outnumbered).
 18724 | D:7      | 18724 ||| Stepping ~*~*~tactically~*~*~ (outnumbered).
 18726 | D:7      | 18726 ||| Stepping ~*~*~tactically~*~*~ (outnumbered).
 18734 | D:7      | 18734 ||| Stepping ~*~*~tactically~*~*~ (outnumbered).
 18736 | D:7      | 18736 ||| Stepping ~*~*~tactically~*~*~ (outnumbered).
 18740 | D:7      | 18740 ||| Stepping ~*~*~tactically~*~*~ (outnumbered).
 18742 | D:7      | 18742 ||| Stepping ~*~*~tactically~*~*~ (outnumbered).
 18747 | D:7      | 18747 ||| Stepping ~*~*~tactically~*~*~ (outnumbered).
 18753 | D:7      | 18753 ||| Stepping ~*~*~tactically~*~*~ (outnumbered).
 18762 | D:7      | 18762 ||| Stepping ~*~*~tactically~*~*~ (outnumbered).
 18768 | D:7      | 18768 ||| Stepping ~*~*~tactically~*~*~ (outnumbered).
 18773 | D:7      | 18773 ||| Stepping ~*~*~tactically~*~*~ (outnumbered).
 18778 | D:7      | 18778 ||| Stepping ~*~*~tactically~*~*~ (outnumbered).
 18780 | D:7      | 18780 ||| Stepping ~*~*~tactically~*~*~ (outnumbered).
 18787 | D:7      | 18787 ||| Stepping ~*~*~tactically~*~*~ (outnumbered).
 18793 | D:7      | 18793 ||| Stepping ~*~*~tactically~*~*~ (outnumbered).
 18795 | D:7      | 18795 ||| Stepping ~*~*~tactically~*~*~ (outnumbered).
 18797 | D:7      | 18797 ||| Stepping ~*~*~tactically~*~*~ (outnumbered).
 18801 | D:7      | 18801 ||| Stepping ~*~*~tactically~*~*~ (outnumbered).
 18812 | D:7      | 18812 ||| Stepping ~*~*~tactically~*~*~ (outnumbered).
 18818 | D:7      | 18818 ||| Stepping ~*~*~tactically~*~*~ (outnumbered).
 18827 | D:7      | 18827 ||| Stepping ~*~*~tactically~*~*~ (outnumbered).
 18833 | D:7      | 18833 ||| Stepping ~*~*~tactically~*~*~ (outnumbered).
 18835 | D:7      | 18835 ||| Stepping ~*~*~tactically~*~*~ (outnumbered).
 18837 | D:7      | 18837 ||| Stepping ~*~*~tactically~*~*~ (outnumbered).
 18845 | D:7      | 18845 ||| Stepping ~*~*~tactically~*~*~ (outnumbered).
 18852 | D:7      | 18852 ||| Stepping ~*~*~tactically~*~*~ (outnumbered).
 18863 | D:7      | 18863 ||| Stepping ~*~*~tactically~*~*~ (outnumbered).
 18866 | D:7      | 18866 ||| Stepping ~*~*~tactically~*~*~ (outnumbered).
 18875 | D:7      | 18875 ||| Stepping ~*~*~tactically~*~*~ (outnumbered).
 18880 | D:7      | 18880 ||| Stepping ~*~*~tactically~*~*~ (outnumbered).
 18885 | D:7      | 18885 ||| Stepping ~*~*~tactically~*~*~ (outnumbered).
 18888 | D:7      | 18888 ||| Stepping ~*~*~tactically~*~*~ (outnumbered).
 18893 | D:7      | 18893 ||| Stepping ~*~*~tactically~*~*~ (outnumbered).
 18897 | D:7      | 18897 ||| Stepping ~*~*~tactically~*~*~ (outnumbered).
 18906 | D:7      | 18906 ||| Stepping ~*~*~tactically~*~*~ (outnumbered).
 18910 | D:7      | 18910 ||| Stepping ~*~*~tactically~*~*~ (outnumbered).
 18916 | D:7      | 18916 ||| Stepping ~*~*~tactically~*~*~ (outnumbered).
 18918 | D:7      | 18918 ||| Stepping ~*~*~tactically~*~*~ (outnumbered).
 18920 | D:7      | 18920 ||| Stepping ~*~*~tactically~*~*~ (outnumbered).
 18927 | D:7      | 18927 ||| Stepping ~*~*~tactically~*~*~ (outnumbered).
 18935 | D:7      | 18935 ||| Stepping ~*~*~tactically~*~*~ (outnumbered).
 18945 | D:7      | 18945 ||| Stepping ~*~*~tactically~*~*~ (outnumbered).
 18952 | D:7      | 18952 ||| Stepping ~*~*~tactically~*~*~ (outnumbered).
 18964 | D:7      | 18964 ||| Stepping ~*~*~tactically~*~*~ (outnumbered).
 18968 | D:7      | 18968 ||| Stepping ~*~*~tactically~*~*~ (outnumbered).
 18973 | D:7      | 18973 ||| Stepping ~*~*~tactically~*~*~ (outnumbered).
 18979 | D:7      | 18979 ||| Stepping ~*~*~tactically~*~*~ (outnumbered).
 18985 | D:7      | 18985 ||| Stepping ~*~*~tactically~*~*~ (outnumbered).
 18993 | D:7      | 18993 ||| Stepping ~*~*~tactically~*~*~ (outnumbered).
 19003 | D:7      | 19003 ||| Stepping ~*~*~tactically~*~*~ (outnumbered).
 19005 | D:7      | 19005 ||| Stepping ~*~*~tactically~*~*~ (outnumbered).
 19009 | D:7      | 19009 ||| Stepping ~*~*~tactically~*~*~ (outnumbered).
 19023 | D:7      | 19023 ||| Stepping ~*~*~tactically~*~*~ (outnumbered).
 19025 | D:7      | 19025 ||| Stepping ~*~*~tactically~*~*~ (outnumbered).
 19033 | D:7      | 19033 ||| Stepping ~*~*~tactically~*~*~ (outnumbered).
 19038 | D:7      | 19038 ||| Stepping ~*~*~tactically~*~*~ (outnumbered).
 19040 | D:7      | 19040 ||| Stepping ~*~*~tactically~*~*~ (outnumbered).
 19042 | D:7      | 19042 ||| Stepping ~*~*~tactically~*~*~ (outnumbered).
 19048 | D:7      | 19048 ||| Stepping ~*~*~tactically~*~*~ (outnumbered).
 19055 | D:7      | 19055 ||| Stepping ~*~*~tactically~*~*~ (outnumbered).
 19059 | D:7      | 19059 ||| Stepping ~*~*~tactically~*~*~ (outnumbered).
 19061 | D:7      | 19061 ||| Stepping ~*~*~tactically~*~*~ (outnumbered).
 19069 | D:7      | 19069 ||| Stepping ~*~*~tactically~*~*~ (outnumbered).
 19073 | D:7      | 19073 ||| Stepping ~*~*~tactically~*~*~ (outnumbered).
 19082 | D:7      | 19082 ||| Stepping ~*~*~tactically~*~*~ (outnumbered).
 19084 | D:7      | 19084 ||| Stepping ~*~*~tactically~*~*~ (outnumbered).
 19086 | D:7      | 19086 ||| Stepping ~*~*~tactically~*~*~ (outnumbered).
 19088 | D:7      | 19088 ||| Stepping ~*~*~tactically~*~*~ (outnumbered).
 19091 | D:7      | 19091 ||| Stepping ~*~*~tactically~*~*~ (outnumbered).
 19100 | D:7      | 19100 ||| Stepping ~*~*~tactically~*~*~ (outnumbered).
 19102 | D:7      | 19102 ||| Stepping ~*~*~tactically~*~*~ (outnumbered).
 19105 | D:7      | 19105 ||| Stepping ~*~*~tactically~*~*~ (outnumbered).
 19108 | D:7      | 19108 ||| Stepping ~*~*~tactically~*~*~ (outnumbered).
 19112 | D:7      | 19112 ||| Stepping ~*~*~tactically~*~*~ (outnumbered).
 19115 | D:7      | 19115 ||| Stepping ~*~*~tactically~*~*~ (outnumbered).
 19118 | D:7      | 19118 ||| Stepping ~*~*~tactically~*~*~ (outnumbered).
 19120 | D:7      | 19120 ||| Stepping ~*~*~tactically~*~*~ (outnumbered).
 19127 | D:7      | 19127 ||| Stepping ~*~*~tactically~*~*~ (outnumbered).
 19130 | D:7      | 19130 ||| Stepping ~*~*~tactically~*~*~ (outnumbered).
 19134 | D:7      | 19134 ||| Stepping ~*~*~tactically~*~*~ (outnumbered).
 19141 | D:7      | 19141 ||| Stepping ~*~*~tactically~*~*~ (outnumbered).
 19152 | D:7      | 19152 ||| Stepping ~*~*~tactically~*~*~ (outnumbered).
 19160 | D:7      | 19160 ||| Stepping ~*~*~tactically~*~*~ (outnumbered).
 19167 | D:7      | 19167 ||| Stepping ~*~*~tactically~*~*~ (outnumbered).
 19169 | D:7      | 19169 ||| Stepping ~*~*~tactically~*~*~ (outnumbered).
 19176 | D:7      | 19176 ||| Stepping ~*~*~tactically~*~*~ (outnumbered).
 19183 | D:7      | 19183 ||| Stepping ~*~*~tactically~*~*~ (outnumbered).
 19187 | D:7      | 19187 ||| Stepping ~*~*~tactically~*~*~ (outnumbered).
 19194 | D:7      | 19194 ||| Stepping ~*~*~tactically~*~*~ (outnumbered).
 19200 | D:7      | 19200 ||| Stepping ~*~*~tactically~*~*~ (outnumbered).
 19202 | D:7      | 19202 ||| Stepping ~*~*~tactically~*~*~ (outnumbered).
 19208 | D:7      | 19208 ||| Stepping ~*~*~tactically~*~*~ (outnumbered).
 19211 | D:7      | 19211 ||| Stepping ~*~*~tactically~*~*~ (outnumbered).
 19213 | D:7      | 19213 ||| Stepping ~*~*~tactically~*~*~ (outnumbered).
 19218 | D:7      | 19218 ||| Stepping ~*~*~tactically~*~*~ (outnumbered).
 19225 | D:7      | 19225 ||| Stepping ~*~*~tactically~*~*~ (outnumbered).
 19229 | D:7      | 19229 ||| Stepping ~*~*~tactically~*~*~ (outnumbered).
 19235 | D:7      | 19235 ||| Stepping ~*~*~tactically~*~*~ (outnumbered).
 19237 | D:7      | 19237 ||| Stepping ~*~*~tactically~*~*~ (outnumbered).
 19244 | D:7      | 19244 ||| Stepping ~*~*~tactically~*~*~ (outnumbered).
 19253 | D:7      | 19253 ||| Stepping ~*~*~tactically~*~*~ (outnumbered).
 19256 | D:7      | 19256 ||| Stepping ~*~*~tactically~*~*~ (outnumbered).
 19265 | D:7      | 19265 ||| Stepping ~*~*~tactically~*~*~ (outnumbered).
 19272 | D:7      | 19272 ||| Stepping ~*~*~tactically~*~*~ (outnumbered).
 19274 | D:7      | 19274 ||| Stepping ~*~*~tactically~*~*~ (outnumbered).
 19276 | D:7      | 19276 ||| Stepping ~*~*~tactically~*~*~ (outnumbered).
 19283 | D:7      | 19283 ||| Stepping ~*~*~tactically~*~*~ (outnumbered).
 19291 | D:7      | 19291 ||| Stepping ~*~*~tactically~*~*~ (outnumbered).
 19301 | D:7      | 19301 ||| Stepping ~*~*~tactically~*~*~ (outnumbered).
 19308 | D:7      | 19308 ||| Stepping ~*~*~tactically~*~*~ (outnumbered).
 19311 | D:7      | 19311 ||| Stepping ~*~*~tactically~*~*~ (outnumbered).
 19315 | D:7      | 19315 ||| Stepping ~*~*~tactically~*~*~ (outnumbered).
 19318 | D:7      | 19318 ||| Stepping ~*~*~tactically~*~*~ (outnumbered).
 19328 | D:7      | 19328 ||| Stepping ~*~*~tactically~*~*~ (outnumbered).
 19331 | D:7      | 19331 ||| Stepping ~*~*~tactically~*~*~ (outnumbered).
 19334 | D:7      | 19334 ||| Stepping ~*~*~tactically~*~*~ (outnumbered).
 19336 | D:7      | 19336 ||| Stepping ~*~*~tactically~*~*~ (outnumbered).
 19342 | D:7      | 19342 ||| Stepping ~*~*~tactically~*~*~ (outnumbered).
 19347 | D:7      | 19347 ||| Stepping ~*~*~tactically~*~*~ (outnumbered).
 19349 | D:7      | 19349 ||| Stepping ~*~*~tactically~*~*~ (outnumbered).
 19357 | D:7      | 19357 ||| Stepping ~*~*~tactically~*~*~ (outnumbered).
 19366 | D:7      | 19366 ||| Stepping ~*~*~tactically~*~*~ (outnumbered).
 19374 | D:7      | 19374 ||| Stepping ~*~*~tactically~*~*~ (outnumbered).
 19382 | D:7      | 19382 ||| Stepping ~*~*~tactically~*~*~ (outnumbered).
 19385 | D:7      | 19385 ||| Stepping ~*~*~tactically~*~*~ (outnumbered).
 19400 | D:7      | 19400 ||| Stepping ~*~*~tactically~*~*~ (outnumbered).
 19406 | D:7      | 19406 ||| Stepping ~*~*~tactically~*~*~ (outnumbered).
 19408 | D:7      | 19408 ||| Stepping ~*~*~tactically~*~*~ (outnumbered).
 19418 | D:7      | 19418 ||| Stepping ~*~*~tactically~*~*~ (outnumbered).
 19421 | D:7      | 19421 ||| Stepping ~*~*~tactically~*~*~ (outnumbered).
 19423 | D:7      | 19423 ||| Stepping ~*~*~tactically~*~*~ (outnumbered).
 19428 | D:7      | 19428 ||| Stepping ~*~*~tactically~*~*~ (outnumbered).
 19434 | D:7      | 19434 ||| Stepping ~*~*~tactically~*~*~ (outnumbered).
 19442 | D:7      | 19442 ||| Stepping ~*~*~tactically~*~*~ (outnumbered).
 19445 | D:7      | 19445 ||| Stepping ~*~*~tactically~*~*~ (outnumbered).
 19452 | D:7      | 19452 ||| Stepping ~*~*~tactically~*~*~ (outnumbered).
 19456 | D:7      | 19456 ||| Stepping ~*~*~tactically~*~*~ (outnumbered).
 19458 | D:7      | 19458 ||| Stepping ~*~*~tactically~*~*~ (outnumbered).
 19468 | D:7      | 19468 ||| Stepping ~*~*~tactically~*~*~ (outnumbered).
 19474 | D:7      | 19474 ||| Stepping ~*~*~tactically~*~*~ (outnumbered).
 19477 | D:7      | 19477 ||| Stepping ~*~*~tactically~*~*~ (outnumbered).
 19481 | D:7      | 19481 ||| Stepping ~*~*~tactically~*~*~ (outnumbered).
 19483 | D:7      | 19483 ||| Stepping ~*~*~tactically~*~*~ (outnumbered).
 19485 | D:7      | 19485 ||| Stepping ~*~*~tactically~*~*~ (outnumbered).
 19492 | D:7      | 19492 ||| Stepping ~*~*~tactically~*~*~ (outnumbered).
 19495 | D:7      | 19495 ||| Stepping ~*~*~tactically~*~*~ (outnumbered).
 19506 | D:7      | 19506 ||| Stepping ~*~*~tactically~*~*~ (outnumbered).
 19518 | D:7      | 19518 ||| Stepping ~*~*~tactically~*~*~ (outnumbered).
 19525 | D:7      | 19525 ||| Stepping ~*~*~tactically~*~*~ (outnumbered).
 19528 | D:7      | 19528 ||| Stepping ~*~*~tactically~*~*~ (outnumbered).
 19530 | D:7      | 19530 ||| Stepping ~*~*~tactically~*~*~ (outnumbered).
 19535 | D:7      | 19535 ||| Stepping ~*~*~tactically~*~*~ (outnumbered).
 19539 | D:7      | 19539 ||| Stepping ~*~*~tactically~*~*~ (outnumbered).
 19543 | D:7      | 19543 ||| Stepping ~*~*~tactically~*~*~ (outnumbered).
 19545 | D:7      | 19545 ||| Stepping ~*~*~tactically~*~*~ (outnumbered).
 19547 | D:7      | 19547 ||| Stepping ~*~*~tactically~*~*~ (outnumbered).
 19557 | D:7      | 19557 ||| Stepping ~*~*~tactically~*~*~ (outnumbered).
 19560 | D:7      | 19560 ||| Stepping ~*~*~tactically~*~*~ (outnumbered).
 19562 | D:7      | 19562 ||| Stepping ~*~*~tactically~*~*~ (outnumbered).
 19568 | D:7      | 19568 ||| Stepping ~*~*~tactically~*~*~ (outnumbered).
 19576 | D:7      | 19576 ||| Stepping ~*~*~tactically~*~*~ (outnumbered).
 19581 | D:7      | 19581 ||| Stepping ~*~*~tactically~*~*~ (outnumbered).
 19584 | D:7      | 19584 ||| Stepping ~*~*~tactically~*~*~ (outnumbered).
 19586 | D:7      | 19586 ||| Stepping ~*~*~tactically~*~*~ (outnumbered).
 19590 | D:7      | 19590 ||| Stepping ~*~*~tactically~*~*~ (outnumbered).
 19598 | D:7      | 19598 ||| Stepping ~*~*~tactically~*~*~ (outnumbered).
 19609 | D:7      | 19609 ||| Stepping ~*~*~tactically~*~*~ (outnumbered).
 19620 | D:7      | 19620 ||| Stepping ~*~*~tactically~*~*~ (outnumbered).
 19626 | D:7      | 19626 ||| Stepping ~*~*~tactically~*~*~ (outnumbered).
 19633 | D:7      | 19633 ||| Stepping ~*~*~tactically~*~*~ (outnumbered).
 19636 | D:7      | 19636 ||| Stepping ~*~*~tactically~*~*~ (outnumbered).
 19642 | D:7      | 19642 ||| Stepping ~*~*~tactically~*~*~ (outnumbered).
 19644 | D:7      | 19644 ||| Stepping ~*~*~tactically~*~*~ (outnumbered).
 19657 | D:7      | 19657 ||| Stepping ~*~*~tactically~*~*~ (outnumbered).
 19665 | D:7      | 19665 ||| Stepping ~*~*~tactically~*~*~ (outnumbered).
 19668 | D:7      | 19668 ||| Stepping ~*~*~tactically~*~*~ (outnumbered).
 19678 | D:7      | 19678 ||| Stepping ~*~*~tactically~*~*~ (outnumbered).
 19685 | D:7      | 19685 ||| Stepping ~*~*~tactically~*~*~ (outnumbered).
 19689 | D:7      | 19689 ||| Stepping ~*~*~tactically~*~*~ (outnumbered).
 19696 | D:7      | 19696 ||| Stepping ~*~*~tactically~*~*~ (outnumbered).
 19702 | D:7      | 19702 ||| Stepping ~*~*~tactically~*~*~ (outnumbered).
 19709 | D:7      | 19709 ||| Stepping ~*~*~tactically~*~*~ (outnumbered).
 19712 | D:7      | 19712 ||| Stepping ~*~*~tactically~*~*~ (outnumbered).
 19722 | D:7      | 19722 ||| Stepping ~*~*~tactically~*~*~ (outnumbered).
 19729 | D:7      | 19729 ||| Stepping ~*~*~tactically~*~*~ (outnumbered).
 19733 | D:7      | 19733 ||| Stepping ~*~*~tactically~*~*~ (outnumbered).
 19742 | D:7      | 19742 ||| Stepping ~*~*~tactically~*~*~ (outnumbered).
 19744 | D:7      | 19744 ||| Stepping ~*~*~tactically~*~*~ (outnumbered).
 19748 | D:7      | 19748 ||| Stepping ~*~*~tactically~*~*~ (outnumbered).
 19751 | D:7      | 19751 ||| Stepping ~*~*~tactically~*~*~ (outnumbered).
 19754 | D:7      | 19754 ||| Stepping ~*~*~tactically~*~*~ (outnumbered).
 19757 | D:7      | 19757 ||| Stepping ~*~*~tactically~*~*~ (outnumbered).
 19764 | D:7      | 19764 ||| Stepping ~*~*~tactically~*~*~ (outnumbered).
 19768 | D:7      | 19768 ||| Stepping ~*~*~tactically~*~*~ (outnumbered).
 19773 | D:7      | 19773 ||| Stepping ~*~*~tactically~*~*~ (outnumbered).
 19777 | D:7      | 19777 ||| Stepping ~*~*~tactically~*~*~ (outnumbered).
 19784 | D:7      | 19784 ||| Stepping ~*~*~tactically~*~*~ (outnumbered).
 19796 | D:7      | 19796 ||| Stepping ~*~*~tactically~*~*~ (outnumbered).
 19804 | D:7      | 19804 ||| Stepping ~*~*~tactically~*~*~ (outnumbered).
 19811 | D:7      | 19811 ||| Stepping ~*~*~tactically~*~*~ (outnumbered).
 19816 | D:7      | 19816 ||| Stepping ~*~*~tactically~*~*~ (outnumbered).
 19830 | D:7      | 19830 ||| Stepping ~*~*~tactically~*~*~ (outnumbered).
 19834 | D:7      | 19834 ||| Stepping ~*~*~tactically~*~*~ (outnumbered).
 19838 | D:7      | 19838 ||| Stepping ~*~*~tactically~*~*~ (outnumbered).
 19844 | D:7      | 19844 ||| Stepping ~*~*~tactically~*~*~ (outnumbered).
 19846 | D:7      | 19846 ||| Stepping ~*~*~tactically~*~*~ (outnumbered).
 19848 | D:7      | 19848 ||| Stepping ~*~*~tactically~*~*~ (outnumbered).
 19850 | D:7      | 19850 ||| Stepping ~*~*~tactically~*~*~ (outnumbered).
 19854 | D:7      | 19854 ||| Stepping ~*~*~tactically~*~*~ (outnumbered).
 19856 | D:7      | 19856 ||| Stepping ~*~*~tactically~*~*~ (outnumbered).
 19858 | D:7      | 19858 ||| Stepping ~*~*~tactically~*~*~ (outnumbered).
 19860 | D:7      | 19860 ||| Stepping ~*~*~tactically~*~*~ (outnumbered).
 19864 | D:7      | 19864 ||| Stepping ~*~*~tactically~*~*~ (outnumbered).
 19872 | D:7      | 19872 ||| Stepping ~*~*~tactically~*~*~ (outnumbered).
 19878 | D:7      | 19878 ||| Stepping ~*~*~tactically~*~*~ (outnumbered).
 19885 | D:7      | 19885 ||| Stepping ~*~*~tactically~*~*~ (outnumbered).
 19895 | D:7      | 19895 ||| Stepping ~*~*~tactically~*~*~ (outnumbered).
 19900 | D:7      | 19900 ||| Stepping ~*~*~tactically~*~*~ (outnumbered).
 19904 | D:7      | 19904 ||| Stepping ~*~*~tactically~*~*~ (outnumbered).
 19907 | D:7      | 19907 ||| Stepping ~*~*~tactically~*~*~ (outnumbered).
 19911 | D:7      | 19911 ||| Stepping ~*~*~tactically~*~*~ (outnumbered).
 19913 | D:7      | 19913 ||| Stepping ~*~*~tactically~*~*~ (outnumbered).
 19922 | D:7      | 19922 ||| Stepping ~*~*~tactically~*~*~ (outnumbered).
 19926 | D:7      | 19926 ||| Stepping ~*~*~tactically~*~*~ (outnumbered).
 19931 | D:7      | 19931 ||| Stepping ~*~*~tactically~*~*~ (outnumbered).
 19935 | D:7      | 19935 ||| Stepping ~*~*~tactically~*~*~ (outnumbered).
 19939 | D:7      | 19939 ||| Stepping ~*~*~tactically~*~*~ (outnumbered).
 19947 | D:7      | 19947 ||| Stepping ~*~*~tactically~*~*~ (outnumbered).
 19951 | D:7      | 19951 ||| Stepping ~*~*~tactically~*~*~ (outnumbered).
 19953 | D:7      | 19953 ||| Stepping ~*~*~tactically~*~*~ (outnumbered).
 19959 | D:7      | 19959 ||| Stepping ~*~*~tactically~*~*~ (outnumbered).
 19963 | D:7      | 19963 ||| Stepping ~*~*~tactically~*~*~ (outnumbered).
 19967 | D:7      | 19967 ||| Stepping ~*~*~tactically~*~*~ (outnumbered).
 19975 | D:7      | 19975 ||| Stepping ~*~*~tactically~*~*~ (outnumbered).
 19979 | D:7      | 19979 ||| Stepping ~*~*~tactically~*~*~ (outnumbered).
 19996 | D:7      | 19996 ||| Stepping ~*~*~tactically~*~*~ (outnumbered).
 20003 | D:7      | 20003 ||| Stepping ~*~*~tactically~*~*~ (outnumbered).
 20007 | D:7      | 20007 ||| Stepping ~*~*~tactically~*~*~ (outnumbered).
 20017 | D:7      | 20017 ||| Stepping ~*~*~tactically~*~*~ (outnumbered).
 20031 | D:7      | 20031 ||| Stepping ~*~*~tactically~*~*~ (outnumbered).
 20037 | D:7      | 20037 ||| Stepping ~*~*~tactically~*~*~ (outnumbered).
 20041 | D:7      | 20041 ||| Stepping ~*~*~tactically~*~*~ (outnumbered).
 20050 | D:7      | 20050 ||| Stepping ~*~*~tactically~*~*~ (outnumbered).
 20056 | D:7      | 20056 ||| Stepping ~*~*~tactically~*~*~ (outnumbered).
 20063 | D:7      | 20063 ||| Stepping ~*~*~tactically~*~*~ (outnumbered).
 20067 | D:7      | 20067 ||| Stepping ~*~*~tactically~*~*~ (outnumbered).
 20079 | D:7      | 20079 ||| Stepping ~*~*~tactically~*~*~ (outnumbered).
 20083 | D:7      | 20083 ||| Stepping ~*~*~tactically~*~*~ (outnumbered).
 20086 | D:7      | 20086 ||| Stepping ~*~*~tactically~*~*~ (outnumbered).
 20088 | D:7      | 20088 ||| Stepping ~*~*~tactically~*~*~ (outnumbered).
 20102 | D:7      | 20102 ||| Stepping ~*~*~tactically~*~*~ (outnumbered).
 20107 | D:7      | 20107 ||| Stepping ~*~*~tactically~*~*~ (outnumbered).
 20110 | D:7      | 20110 ||| Stepping ~*~*~tactically~*~*~ (outnumbered).
 20117 | D:7      | 20117 ||| Stepping ~*~*~tactically~*~*~ (outnumbered).
 20123 | D:7      | 20123 ||| Stepping ~*~*~tactically~*~*~ (outnumbered).
 20125 | D:7      | 20125 ||| Stepping ~*~*~tactically~*~*~ (outnumbered).
 20134 | D:7      | 20134 ||| Stepping ~*~*~tactically~*~*~ (outnumbered).
 20141 | D:7      | 20141 ||| Stepping ~*~*~tactically~*~*~ (outnumbered).
 20143 | D:7      | 20143 ||| Stepping ~*~*~tactically~*~*~ (outnumbered).
 20146 | D:7      | 20146 ||| Stepping ~*~*~tactically~*~*~ (outnumbered).
 20151 | D:7      | 20151 ||| Stepping ~*~*~tactically~*~*~ (outnumbered).
 20157 | D:7      | 20157 ||| Stepping ~*~*~tactically~*~*~ (outnumbered).
 20163 | D:7      | 20163 ||| Stepping ~*~*~tactically~*~*~ (outnumbered).
 20168 | D:7      | 20168 ||| Stepping ~*~*~tactically~*~*~ (outnumbered).
 20180 | D:7      | 20180 ||| Stepping ~*~*~tactically~*~*~ (outnumbered).
 20183 | D:7      | 20183 ||| Stepping ~*~*~tactically~*~*~ (outnumbered).
 20188 | D:7      | 20188 ||| Stepping ~*~*~tactically~*~*~ (outnumbered).
 20196 | D:7      | 20196 ||| Stepping ~*~*~tactically~*~*~ (outnumbered).
 20203 | D:7      | 20203 ||| Stepping ~*~*~tactically~*~*~ (outnumbered).
 20208 | D:7      | 20208 ||| Stepping ~*~*~tactically~*~*~ (outnumbered).
 20214 | D:7      | 20214 ||| Stepping ~*~*~tactically~*~*~ (outnumbered).
 20219 | D:7      | 20219 ||| Stepping ~*~*~tactically~*~*~ (outnumbered).
 20225 | D:7      | 20225 ||| Stepping ~*~*~tactically~*~*~ (outnumbered).
 20227 | D:7      | 20227 ||| Stepping ~*~*~tactically~*~*~ (outnumbered).
 20229 | D:7      | 20229 ||| Stepping ~*~*~tactically~*~*~ (outnumbered).
 20233 | D:7      | 20233 ||| Stepping ~*~*~tactically~*~*~ (outnumbered).
 20235 | D:7      | 20235 ||| Stepping ~*~*~tactically~*~*~ (outnumbered).
 20244 | D:7      | 20244 ||| Stepping ~*~*~tactically~*~*~ (outnumbered).
 20257 | D:7      | 20257 ||| Stepping ~*~*~tactically~*~*~ (outnumbered).
 20263 | D:7      | 20263 ||| Stepping ~*~*~tactically~*~*~ (outnumbered).
 20268 | D:7      | 20268 ||| Stepping ~*~*~tactically~*~*~ (outnumbered).
 20272 | D:7      | 20272 ||| Stepping ~*~*~tactically~*~*~ (outnumbered).
 20276 | D:7      | 20276 ||| Stepping ~*~*~tactically~*~*~ (outnumbered).
 20278 | D:7      | 20278 ||| Stepping ~*~*~tactically~*~*~ (outnumbered).
 20282 | D:7      | 20282 ||| Stepping ~*~*~tactically~*~*~ (outnumbered).
 20291 | D:7      | 20291 ||| Stepping ~*~*~tactically~*~*~ (outnumbered).
 20294 | D:7      | 20294 ||| Stepping ~*~*~tactically~*~*~ (outnumbered).
 20296 | D:7      | 20296 ||| Stepping ~*~*~tactically~*~*~ (outnumbered).
 20301 | D:7      | 20301 ||| Stepping ~*~*~tactically~*~*~ (outnumbered).
 20303 | D:7      | 20303 ||| Stepping ~*~*~tactically~*~*~ (outnumbered).
 20308 | D:7      | 20308 ||| Stepping ~*~*~tactically~*~*~ (outnumbered).
 20311 | D:7      | 20311 ||| Stepping ~*~*~tactically~*~*~ (outnumbered).
 20317 | D:7      | 20317 ||| Stepping ~*~*~tactically~*~*~ (outnumbered).
 20324 | D:7      | 20324 ||| Stepping ~*~*~tactically~*~*~ (outnumbered).
 20331 | D:7      | 20331 ||| Stepping ~*~*~tactically~*~*~ (outnumbered).
 20339 | D:7      | 20339 ||| Stepping ~*~*~tactically~*~*~ (outnumbered).
 20343 | D:7      | 20343 ||| Stepping ~*~*~tactically~*~*~ (outnumbered).
 20345 | D:7      | 20345 ||| Stepping ~*~*~tactically~*~*~ (outnumbered).
 20347 | D:7      | 20347 ||| Stepping ~*~*~tactically~*~*~ (outnumbered).
 20354 | D:7      | 20354 ||| Stepping ~*~*~tactically~*~*~ (outnumbered).
 20363 | D:7      | 20363 ||| Stepping ~*~*~tactically~*~*~ (outnumbered).
 20379 | D:7      | 20379 ||| Stepping ~*~*~tactically~*~*~ (outnumbered).
 20385 | D:7      | 20385 ||| Stepping ~*~*~tactically~*~*~ (outnumbered).
 20393 | D:7      | 20393 ||| Stepping ~*~*~tactically~*~*~ (outnumbered).
 20395 | D:7      | 20395 ||| Stepping ~*~*~tactically~*~*~ (outnumbered).
 20405 | D:7      | 20405 ||| Stepping ~*~*~tactically~*~*~ (outnumbered).
 20407 | D:7      | 20407 ||| Stepping ~*~*~tactically~*~*~ (outnumbered).
 20411 | D:7      | 20411 ||| Stepping ~*~*~tactically~*~*~ (outnumbered).
 20413 | D:7      | 20413 ||| Stepping ~*~*~tactically~*~*~ (outnumbered).
 20417 | D:7      | 20417 ||| Stepping ~*~*~tactically~*~*~ (outnumbered).
 20424 | D:7      | 20424 ||| Stepping ~*~*~tactically~*~*~ (outnumbered).
 20433 | D:7      | 20433 ||| Stepping ~*~*~tactically~*~*~ (outnumbered).
 20441 | D:7      | 20441 ||| Stepping ~*~*~tactically~*~*~ (outnumbered).
 20443 | D:7      | 20443 ||| Stepping ~*~*~tactically~*~*~ (outnumbered).
 20449 | D:7      | 20449 ||| Stepping ~*~*~tactically~*~*~ (outnumbered).
 20454 | D:7      | 20454 ||| Stepping ~*~*~tactically~*~*~ (outnumbered).
 20464 | D:7      | 20464 ||| Stepping ~*~*~tactically~*~*~ (outnumbered).
 20475 | D:7      | 20475 ||| Stepping ~*~*~tactically~*~*~ (outnumbered).
 20477 | D:7      | 20477 ||| Stepping ~*~*~tactically~*~*~ (outnumbered).
 20485 | D:7      | 20485 ||| Stepping ~*~*~tactically~*~*~ (outnumbered).
 20487 | D:7      | 20487 ||| Stepping ~*~*~tactically~*~*~ (outnumbered).
 20494 | D:7      | 20494 ||| Stepping ~*~*~tactically~*~*~ (outnumbered).
 20496 | D:7      | 20496 ||| Stepping ~*~*~tactically~*~*~ (outnumbered).
 20501 | D:7      | 20501 ||| Stepping ~*~*~tactically~*~*~ (outnumbered).
 20503 | D:7      | 20503 ||| Stepping ~*~*~tactically~*~*~ (outnumbered).
 20507 | D:7      | 20507 ||| Stepping ~*~*~tactically~*~*~ (outnumbered).
 20511 | D:7      | 20511 ||| Stepping ~*~*~tactically~*~*~ (outnumbered).
 20525 | D:7      | 20525 ||| Stepping ~*~*~tactically~*~*~ (outnumbered).
 20530 | D:7      | 20530 ||| Stepping ~*~*~tactically~*~*~ (outnumbered).
 20539 | D:7      | 20539 ||| Stepping ~*~*~tactically~*~*~ (outnumbered).
 20541 | D:7      | 20541 ||| Stepping ~*~*~tactically~*~*~ (outnumbered).
 20553 | D:7      | 20553 ||| Stepping ~*~*~tactically~*~*~ (outnumbered).
 20560 | D:7      | 20560 ||| Stepping ~*~*~tactically~*~*~ (outnumbered).
 20562 | D:7      | 20562 ||| Stepping ~*~*~tactically~*~*~ (outnumbered).
 20564 | D:7      | 20564 ||| Stepping ~*~*~tactically~*~*~ (outnumbered).
 20567 | D:7      | 20567 ||| Stepping ~*~*~tactically~*~*~ (outnumbered).
 20569 | D:7      | 20569 ||| Stepping ~*~*~tactically~*~*~ (outnumbered).
 20577 | D:7      | 20577 ||| Stepping ~*~*~tactically~*~*~ (outnumbered).
 20593 | D:7      | 20593 ||| Stepping ~*~*~tactically~*~*~ (outnumbered).
 20604 | D:7      | 20604 ||| Stepping ~*~*~tactically~*~*~ (outnumbered).
 20608 | D:7      | 20608 ||| Stepping ~*~*~tactically~*~*~ (outnumbered).
 20610 | D:7      | 20610 ||| Stepping ~*~*~tactically~*~*~ (outnumbered).
 20613 | D:7      | 20613 ||| Stepping ~*~*~tactically~*~*~ (outnumbered).
 20617 | D:7      | 20617 ||| Stepping ~*~*~tactically~*~*~ (outnumbered).
 20619 | D:7      | 20619 ||| Stepping ~*~*~tactically~*~*~ (outnumbered).
 20628 | D:7      | 20628 ||| Stepping ~*~*~tactically~*~*~ (outnumbered).
 20637 | D:7      | 20637 ||| Stepping ~*~*~tactically~*~*~ (outnumbered).
 20639 | D:7      | 20639 ||| Stepping ~*~*~tactically~*~*~ (outnumbered).
 20644 | D:7      | 20644 ||| Stepping ~*~*~tactically~*~*~ (outnumbered).
 20648 | D:7      | 20648 ||| Stepping ~*~*~tactically~*~*~ (outnumbered).
 20652 | D:7      | 20652 ||| Stepping ~*~*~tactically~*~*~ (outnumbered).
 20662 | D:7      | 20662 ||| Stepping ~*~*~tactically~*~*~ (outnumbered).
 20669 | D:7      | 20669 ||| Stepping ~*~*~tactically~*~*~ (outnumbered).
 20675 | D:7      | 20675 ||| Stepping ~*~*~tactically~*~*~ (outnumbered).
 20679 | D:7      | 20679 ||| Stepping ~*~*~tactically~*~*~ (outnumbered).
 20689 | D:7      | 20689 ||| Stepping ~*~*~tactically~*~*~ (outnumbered).
 20696 | D:7      | 20696 ||| Stepping ~*~*~tactically~*~*~ (outnumbered).
 20703 | D:7      | 20703 ||| Stepping ~*~*~tactically~*~*~ (outnumbered).
 20709 | D:7      | 20709 ||| Stepping ~*~*~tactically~*~*~ (outnumbered).
 20712 | D:7      | 20712 ||| Stepping ~*~*~tactically~*~*~ (outnumbered).
 20717 | D:7      | 20717 ||| Stepping ~*~*~tactically~*~*~ (outnumbered).
 20720 | D:7      | 20720 ||| Stepping ~*~*~tactically~*~*~ (outnumbered).
 20724 | D:7      | 20724 ||| Stepping ~*~*~tactically~*~*~ (outnumbered).
 20730 | D:7      | 20730 ||| Stepping ~*~*~tactically~*~*~ (outnumbered).
 20735 | D:7      | 20735 ||| Stepping ~*~*~tactically~*~*~ (outnumbered).
 20741 | D:7      | 20741 ||| Stepping ~*~*~tactically~*~*~ (outnumbered).
 20744 | D:7      | 20744 ||| Stepping ~*~*~tactically~*~*~ (outnumbered).
 20746 | D:7      | 20746 ||| Stepping ~*~*~tactically~*~*~ (outnumbered).
 20753 | D:7      | 20753 ||| Stepping ~*~*~tactically~*~*~ (outnumbered).
 20764 | D:7      | 20764 ||| Stepping ~*~*~tactically~*~*~ (outnumbered).
 20768 | D:7      | 20768 ||| Stepping ~*~*~tactically~*~*~ (outnumbered).
 20770 | D:7      | 20770 ||| Stepping ~*~*~tactically~*~*~ (outnumbered).
 20778 | D:7      | 20778 ||| Stepping ~*~*~tactically~*~*~ (outnumbered).
 20784 | D:7      | 20784 ||| Stepping ~*~*~tactically~*~*~ (outnumbered).
 20790 | D:7      | 20790 ||| Stepping ~*~*~tactically~*~*~ (outnumbered).
 20798 | D:7      | 20798 ||| Stepping ~*~*~tactically~*~*~ (outnumbered).
 20802 | D:7      | 20802 ||| Stepping ~*~*~tactically~*~*~ (outnumbered).
 20804 | D:7      | 20804 ||| Stepping ~*~*~tactically~*~*~ (outnumbered).
 20811 | D:7      | 20811 ||| Stepping ~*~*~tactically~*~*~ (outnumbered).
 20815 | D:7      | 20815 ||| Stepping ~*~*~tactically~*~*~ (outnumbered).
 20820 | D:7      | 20820 ||| Stepping ~*~*~tactically~*~*~ (outnumbered).
 20823 | D:7      | 20823 ||| Stepping ~*~*~tactically~*~*~ (outnumbered).
 20829 | D:7      | 20829 ||| Stepping ~*~*~tactically~*~*~ (outnumbered).
 20834 | D:7      | 20834 ||| Stepping ~*~*~tactically~*~*~ (outnumbered).
 20836 | D:7      | 20836 ||| Stepping ~*~*~tactically~*~*~ (outnumbered).
 20845 | D:7      | 20845 ||| Stepping ~*~*~tactically~*~*~ (outnumbered).
 20847 | D:7      | 20847 ||| Stepping ~*~*~tactically~*~*~ (outnumbered).
 20858 | D:7      | 20858 ||| Stepping ~*~*~tactically~*~*~ (outnumbered).
 20862 | D:7      | 20862 ||| Stepping ~*~*~tactically~*~*~ (outnumbered).
 20869 | D:7      | 20869 ||| Stepping ~*~*~tactically~*~*~ (outnumbered).
 20874 | D:7      | 20874 ||| Stepping ~*~*~tactically~*~*~ (outnumbered).
 20876 | D:7      | 20876 ||| Stepping ~*~*~tactically~*~*~ (outnumbered).
 20885 | D:7      | 20885 ||| Stepping ~*~*~tactically~*~*~ (outnumbered).
 20890 | D:7      | 20890 ||| Stepping ~*~*~tactically~*~*~ (outnumbered).
 20895 | D:7      | 20895 ||| Stepping ~*~*~tactically~*~*~ (outnumbered).
 20899 | D:7      | 20899 ||| Stepping ~*~*~tactically~*~*~ (outnumbered).
 20905 | D:7      | 20905 ||| Stepping ~*~*~tactically~*~*~ (outnumbered).
 20907 | D:7      | 20907 ||| Stepping ~*~*~tactically~*~*~ (outnumbered).
 20918 | D:7      | 20918 ||| Stepping ~*~*~tactically~*~*~ (outnumbered).
 20928 | D:7      | 20928 ||| Stepping ~*~*~tactically~*~*~ (outnumbered).
 20932 | D:7      | 20932 ||| Stepping ~*~*~tactically~*~*~ (outnumbered).
 20934 | D:7      | 20934 ||| Stepping ~*~*~tactically~*~*~ (outnumbered).
 20954 | D:7      | 20954 ||| Stepping ~*~*~tactically~*~*~ (outnumbered).
 20956 | D:7      | 20956 ||| Stepping ~*~*~tactically~*~*~ (outnumbered).
 20958 | D:7      | 20958 ||| Stepping ~*~*~tactically~*~*~ (outnumbered).
 20969 | D:7      | 20969 ||| Stepping ~*~*~tactically~*~*~ (outnumbered).
 20980 | D:7      | 20980 ||| Stepping ~*~*~tactically~*~*~ (outnumbered).
 20988 | D:7      | 20988 ||| Stepping ~*~*~tactically~*~*~ (outnumbered).
 20996 | D:7      | 20996 ||| Stepping ~*~*~tactically~*~*~ (outnumbered).
 20998 | D:7      | 20998 ||| Stepping ~*~*~tactically~*~*~ (outnumbered).
 21001 | D:7      | 21001 ||| Stepping ~*~*~tactically~*~*~ (outnumbered).
 21003 | D:7      | 21003 ||| Stepping ~*~*~tactically~*~*~ (outnumbered).
 21016 | D:7      | 21016 ||| Stepping ~*~*~tactically~*~*~ (outnumbered).
 21030 | D:7      | 21030 ||| Stepping ~*~*~tactically~*~*~ (outnumbered).
 21035 | D:7      | 21035 ||| Stepping ~*~*~tactically~*~*~ (outnumbered).
 21043 | D:7      | 21043 ||| Stepping ~*~*~tactically~*~*~ (outnumbered).
 21045 | D:7      | 21045 ||| Stepping ~*~*~tactically~*~*~ (outnumbered).
 21052 | D:7      | 21052 ||| Stepping ~*~*~tactically~*~*~ (outnumbered).
 21056 | D:7      | 21056 ||| Stepping ~*~*~tactically~*~*~ (outnumbered).
 21063 | D:7      | 21063 ||| Stepping ~*~*~tactically~*~*~ (outnumbered).
 21070 | D:7      | 21070 ||| Stepping ~*~*~tactically~*~*~ (outnumbered).
 21073 | D:7      | 21073 ||| Stepping ~*~*~tactically~*~*~ (outnumbered).
 21075 | D:7      | 21075 ||| Stepping ~*~*~tactically~*~*~ (outnumbered).
 21078 | D:7      | 21078 ||| Stepping ~*~*~tactically~*~*~ (outnumbered).
 21080 | D:7      | 21080 ||| Stepping ~*~*~tactically~*~*~ (outnumbered).
 21083 | D:7      | 21083 ||| Stepping ~*~*~tactically~*~*~ (outnumbered).
 21094 | D:7      | 21094 ||| Stepping ~*~*~tactically~*~*~ (outnumbered).
 21105 | D:7      | 21105 ||| Stepping ~*~*~tactically~*~*~ (outnumbered).
 21110 | D:7      | 21110 ||| Stepping ~*~*~tactically~*~*~ (outnumbered).
 21120 | D:7      | 21120 ||| Stepping ~*~*~tactically~*~*~ (outnumbered).
 21133 | D:7      | 21133 ||| Stepping ~*~*~tactically~*~*~ (outnumbered).
 21135 | D:7      | 21135 ||| Stepping ~*~*~tactically~*~*~ (outnumbered).
 21148 | D:7      | 21148 ||| Stepping ~*~*~tactically~*~*~ (outnumbered).
 21157 | D:7      | 21157 ||| Stepping ~*~*~tactically~*~*~ (outnumbered).
 21159 | D:7      | 21159 ||| Stepping ~*~*~tactically~*~*~ (outnumbered).
 21162 | D:7      | 21162 ||| Stepping ~*~*~tactically~*~*~ (outnumbered).
 21169 | D:7      | 21169 ||| Stepping ~*~*~tactically~*~*~ (outnumbered).
 21177 | D:7      | 21177 ||| Stepping ~*~*~tactically~*~*~ (outnumbered).
 21180 | D:7      | 21180 ||| Stepping ~*~*~tactically~*~*~ (outnumbered).
 21186 | D:7      | 21186 ||| Stepping ~*~*~tactically~*~*~ (outnumbered).
 21190 | D:7      | 21190 ||| Stepping ~*~*~tactically~*~*~ (outnumbered).
 21192 | D:7      | 21192 ||| Stepping ~*~*~tactically~*~*~ (outnumbered).
 21194 | D:7      | 21194 ||| Stepping ~*~*~tactically~*~*~ (outnumbered).
 21198 | D:7      | 21198 ||| Stepping ~*~*~tactically~*~*~ (outnumbered).
 21209 | D:7      | 21209 ||| Stepping ~*~*~tactically~*~*~ (outnumbered).
 21218 | D:7      | 21218 ||| Stepping ~*~*~tactically~*~*~ (outnumbered).
 21220 | D:7      | 21220 ||| Stepping ~*~*~tactically~*~*~ (outnumbered).
 21224 | D:7      | 21224 ||| Stepping ~*~*~tactically~*~*~ (outnumbered).
 21233 | D:7      | 21233 ||| Stepping ~*~*~tactically~*~*~ (outnumbered).
 21243 | D:7      | 21243 ||| Stepping ~*~*~tactically~*~*~ (outnumbered).
 21248 | D:7      | 21248 ||| Stepping ~*~*~tactically~*~*~ (outnumbered).
 21252 | D:7      | 21252 ||| Stepping ~*~*~tactically~*~*~ (outnumbered).
 21254 | D:7      | 21254 ||| Stepping ~*~*~tactically~*~*~ (outnumbered).
 21256 | D:7      | 21256 ||| Stepping ~*~*~tactically~*~*~ (outnumbered).
 21268 | D:7      | 21268 ||| Stepping ~*~*~tactically~*~*~ (outnumbered).
 21278 | D:7      | 21278 ||| Stepping ~*~*~tactically~*~*~ (outnumbered).
 21288 | D:7      | 21288 ||| Stepping ~*~*~tactically~*~*~ (outnumbered).
 21291 | D:7      | 21291 ||| Stepping ~*~*~tactically~*~*~ (outnumbered).
 21293 | D:7      | 21293 ||| Stepping ~*~*~tactically~*~*~ (outnumbered).
 21299 | D:7      | 21299 ||| Stepping ~*~*~tactically~*~*~ (outnumbered).
 21304 | D:7      | 21304 ||| Stepping ~*~*~tactically~*~*~ (outnumbered).
 21309 | D:7      | 21309 ||| Stepping ~*~*~tactically~*~*~ (outnumbered).
 21318 | D:7      | 21318 ||| Stepping ~*~*~tactically~*~*~ (outnumbered).
 21329 | D:7      | 21329 ||| Stepping ~*~*~tactically~*~*~ (outnumbered).
 21333 | D:7      | 21333 ||| Stepping ~*~*~tactically~*~*~ (outnumbered).
 21339 | D:7      | 21339 ||| Stepping ~*~*~tactically~*~*~ (outnumbered).
 21341 | D:7      | 21341 ||| Stepping ~*~*~tactically~*~*~ (outnumbered).
 21348 | D:7      | 21348 ||| Stepping ~*~*~tactically~*~*~ (outnumbered).
 21350 | D:7      | 21350 ||| Stepping ~*~*~tactically~*~*~ (outnumbered).
 21353 | D:7      | 21353 ||| Stepping ~*~*~tactically~*~*~ (outnumbered).
 21358 | D:7      | 21358 ||| Stepping ~*~*~tactically~*~*~ (outnumbered).
 21370 | D:7      | 21370 ||| Stepping ~*~*~tactically~*~*~ (outnumbered).
 21372 | D:7      | 21372 ||| Stepping ~*~*~tactically~*~*~ (outnumbered).
 21380 | D:7      | 21380 ||| Stepping ~*~*~tactically~*~*~ (outnumbered).
 21382 | D:7      | 21382 ||| Stepping ~*~*~tactically~*~*~ (outnumbered).
 21385 | D:7      | 21385 ||| Stepping ~*~*~tactically~*~*~ (outnumbered).
 21387 | D:7      | 21387 ||| Stepping ~*~*~tactically~*~*~ (outnumbered).
 21392 | D:7      | 21392 ||| Stepping ~*~*~tactically~*~*~ (outnumbered).
 21394 | D:7      | 21394 ||| Stepping ~*~*~tactically~*~*~ (outnumbered).
 21397 | D:7      | 21397 ||| Stepping ~*~*~tactically~*~*~ (outnumbered).
 21404 | D:7      | 21404 ||| Stepping ~*~*~tactically~*~*~ (outnumbered).
 21408 | D:7      | 21408 ||| Stepping ~*~*~tactically~*~*~ (outnumbered).
 21410 | D:7      | 21410 ||| Stepping ~*~*~tactically~*~*~ (outnumbered).
 21415 | D:7      | 21415 ||| Stepping ~*~*~tactically~*~*~ (outnumbered).
 21418 | D:7      | 21418 ||| Stepping ~*~*~tactically~*~*~ (outnumbered).
 21425 | D:7      | 21425 ||| Stepping ~*~*~tactically~*~*~ (outnumbered).
 21429 | D:7      | 21429 ||| Stepping ~*~*~tactically~*~*~ (outnumbered).
 21433 | D:7      | 21433 ||| Stepping ~*~*~tactically~*~*~ (outnumbered).
 21440 | D:7      | 21440 ||| Stepping ~*~*~tactically~*~*~ (outnumbered).
 21445 | D:7      | 21445 ||| Stepping ~*~*~tactically~*~*~ (outnumbered).
 21456 | D:7      | 21456 ||| Stepping ~*~*~tactically~*~*~ (outnumbered).
 21468 | D:7      | 21468 ||| Stepping ~*~*~tactically~*~*~ (outnumbered).
 21473 | D:7      | 21473 ||| Stepping ~*~*~tactically~*~*~ (outnumbered).
 21483 | D:7      | 21483 ||| Stepping ~*~*~tactically~*~*~ (outnumbered).
 21485 | D:7      | 21485 ||| Stepping ~*~*~tactically~*~*~ (outnumbered).
 21493 | D:7      | 21493 ||| Stepping ~*~*~tactically~*~*~ (outnumbered).
 21511 | D:7      | 21511 ||| Stepping ~*~*~tactically~*~*~ (outnumbered).
 21522 | D:7      | 21522 ||| Stepping ~*~*~tactically~*~*~ (outnumbered).
 21525 | D:7      | 21525 ||| Stepping ~*~*~tactically~*~*~ (outnumbered).
 21528 | D:7      | 21528 ||| Stepping ~*~*~tactically~*~*~ (outnumbered).
 21531 | D:7      | 21531 ||| Stepping ~*~*~tactically~*~*~ (outnumbered).
 21536 | D:7      | 21536 ||| Stepping ~*~*~tactically~*~*~ (outnumbered).
 21539 | D:7      | 21539 ||| Stepping ~*~*~tactically~*~*~ (outnumbered).
 21542 | D:7      | 21542 ||| Stepping ~*~*~tactically~*~*~ (outnumbered).
 21547 | D:7      | 21547 ||| Stepping ~*~*~tactically~*~*~ (outnumbered).
 21553 | D:7      | 21553 ||| Stepping ~*~*~tactically~*~*~ (outnumbered).
 21557 | D:7      | 21557 ||| Stepping ~*~*~tactically~*~*~ (outnumbered).
 21566 | D:7      | 21566 ||| Stepping ~*~*~tactically~*~*~ (outnumbered).
 21573 | D:7      | 21573 ||| Stepping ~*~*~tactically~*~*~ (outnumbered).
 21578 | D:7      | 21578 ||| Stepping ~*~*~tactically~*~*~ (outnumbered).
 21583 | D:7      | 21583 ||| Stepping ~*~*~tactically~*~*~ (outnumbered).
 21594 | D:7      | 21594 ||| Stepping ~*~*~tactically~*~*~ (outnumbered).
 21597 | D:7      | 21597 ||| Stepping ~*~*~tactically~*~*~ (outnumbered).
 21601 | D:7      | 21601 ||| Stepping ~*~*~tactically~*~*~ (outnumbered).
 21608 | D:7      | 21608 ||| Stepping ~*~*~tactically~*~*~ (outnumbered).
 21616 | D:7      | 21616 ||| Stepping ~*~*~tactically~*~*~ (outnumbered).
 21628 | D:7      | 21628 ||| Stepping ~*~*~tactically~*~*~ (outnumbered).
 21633 | D:7      | 21633 ||| Stepping ~*~*~tactically~*~*~ (outnumbered).
 21643 | D:7      | 21643 ||| Stepping ~*~*~tactically~*~*~ (outnumbered).
 21645 | D:7      | 21645 ||| Stepping ~*~*~tactically~*~*~ (outnumbered).
 21648 | D:7      | 21648 ||| Stepping ~*~*~tactically~*~*~ (outnumbered).
 21653 | D:7      | 21653 ||| Stepping ~*~*~tactically~*~*~ (outnumbered).
 21655 | D:7      | 21655 ||| Stepping ~*~*~tactically~*~*~ (outnumbered).
 21658 | D:7      | 21658 ||| Stepping ~*~*~tactically~*~*~ (outnumbered).
 21670 | D:7      | 21670 ||| Stepping ~*~*~tactically~*~*~ (outnumbered).
 21677 | D:7      | 21677 ||| Stepping ~*~*~tactically~*~*~ (outnumbered).
 21682 | D:7      | 21682 ||| Stepping ~*~*~tactically~*~*~ (outnumbered).
 21691 | D:7      | 21691 ||| Stepping ~*~*~tactically~*~*~ (outnumbered).
 21698 | D:7      | 21698 ||| Stepping ~*~*~tactically~*~*~ (outnumbered).
 21705 | D:7      | 21705 ||| Stepping ~*~*~tactically~*~*~ (outnumbered).
 21714 | D:7      | 21714 ||| Stepping ~*~*~tactically~*~*~ (outnumbered).
 21722 | D:7      | 21722 ||| Stepping ~*~*~tactically~*~*~ (outnumbered).
 21729 | D:7      | 21729 ||| Stepping ~*~*~tactically~*~*~ (outnumbered).
 21734 | D:7      | 21734 ||| Stepping ~*~*~tactically~*~*~ (outnumbered).
 21743 | D:7      | 21743 ||| Stepping ~*~*~tactically~*~*~ (outnumbered).
 21752 | D:7      | 21752 ||| Stepping ~*~*~tactically~*~*~ (outnumbered).
 21756 | D:7      | 21756 ||| Stepping ~*~*~tactically~*~*~ (outnumbered).
 21762 | D:7      | 21762 ||| Stepping ~*~*~tactically~*~*~ (outnumbered).
 21766 | D:7      | 21766 ||| Stepping ~*~*~tactically~*~*~ (outnumbered).
 21769 | D:7      | 21769 ||| Stepping ~*~*~tactically~*~*~ (outnumbered).
 21773 | D:7      | 21773 ||| Stepping ~*~*~tactically~*~*~ (outnumbered).
 21782 | D:7      | 21782 ||| Stepping ~*~*~tactically~*~*~ (outnumbered).
 21785 | D:7      | 21785 ||| Stepping ~*~*~tactically~*~*~ (outnumbered).
 21791 | D:7      | 21791 ||| Stepping ~*~*~tactically~*~*~ (outnumbered).
 21795 | D:7      | 21795 ||| Stepping ~*~*~tactically~*~*~ (outnumbered).
 21803 | D:7      | 21803 ||| Stepping ~*~*~tactically~*~*~ (outnumbered).
 21811 | D:7      | 21811 ||| Stepping ~*~*~tactically~*~*~ (outnumbered).
 21814 | D:7      | 21814 ||| Stepping ~*~*~tactically~*~*~ (outnumbered).
 21816 | D:7      | 21816 ||| Stepping ~*~*~tactically~*~*~ (outnumbered).
 21820 | D:7      | 21820 ||| Stepping ~*~*~tactically~*~*~ (outnumbered).
 21822 | D:7      | 21822 ||| Stepping ~*~*~tactically~*~*~ (outnumbered).
 21830 | D:7      | 21830 ||| Stepping ~*~*~tactically~*~*~ (outnumbered).
 21838 | D:7      | 21838 ||| Stepping ~*~*~tactically~*~*~ (outnumbered).
 21842 | D:7      | 21842 ||| Stepping ~*~*~tactically~*~*~ (outnumbered).
 21852 | D:7      | 21852 ||| Stepping ~*~*~tactically~*~*~ (outnumbered).
 21857 | D:7      | 21857 ||| Stepping ~*~*~tactically~*~*~ (outnumbered).
 21862 | D:7      | 21862 ||| Stepping ~*~*~tactically~*~*~ (outnumbered).
 21866 | D:7      | 21866 ||| Stepping ~*~*~tactically~*~*~ (outnumbered).
 21873 | D:7      | 21873 ||| Stepping ~*~*~tactically~*~*~ (outnumbered).
 21885 | D:7      | 21885 ||| Stepping ~*~*~tactically~*~*~ (outnumbered).
 21887 | D:7      | 21887 ||| Stepping ~*~*~tactically~*~*~ (outnumbered).
 21889 | D:7      | 21889 ||| Stepping ~*~*~tactically~*~*~ (outnumbered).
 21891 | D:7      | 21891 ||| Stepping ~*~*~tactically~*~*~ (outnumbered).
 21896 | D:7      | 21896 ||| Stepping ~*~*~tactically~*~*~ (outnumbered).
 21910 | D:7      | 21910 ||| Stepping ~*~*~tactically~*~*~ (outnumbered).
 21912 | D:7      | 21912 ||| Stepping ~*~*~tactically~*~*~ (outnumbered).
 21915 | D:7      | 21915 ||| Stepping ~*~*~tactically~*~*~ (outnumbered).
 21917 | D:7      | 21917 ||| Stepping ~*~*~tactically~*~*~ (outnumbered).
 21925 | D:7      | 21925 ||| Stepping ~*~*~tactically~*~*~ (outnumbered).
 21929 | D:7      | 21929 ||| Stepping ~*~*~tactically~*~*~ (outnumbered).
 21934 | D:7      | 21934 ||| Stepping ~*~*~tactically~*~*~ (outnumbered).
 21940 | D:7      | 21940 ||| Stepping ~*~*~tactically~*~*~ (outnumbered).
 21943 | D:7      | 21943 ||| Stepping ~*~*~tactically~*~*~ (outnumbered).
 21951 | D:7      | 21951 ||| Stepping ~*~*~tactically~*~*~ (outnumbered).
 21960 | D:7      | 21960 ||| Stepping ~*~*~tactically~*~*~ (outnumbered).
 21967 | D:7      | 21967 ||| Stepping ~*~*~tactically~*~*~ (outnumbered).
 21975 | D:7      | 21975 ||| Stepping ~*~*~tactically~*~*~ (outnumbered).
 21977 | D:7      | 21977 ||| Stepping ~*~*~tactically~*~*~ (outnumbered).
 21979 | D:7      | 21979 ||| Stepping ~*~*~tactically~*~*~ (outnumbered).
 21981 | D:7      | 21981 ||| Stepping ~*~*~tactically~*~*~ (outnumbered).
 21985 | D:7      | 21985 ||| Stepping ~*~*~tactically~*~*~ (outnumbered).
 21992 | D:7      | 21992 ||| Stepping ~*~*~tactically~*~*~ (outnumbered).
 21999 | D:7      | 21999 ||| Stepping ~*~*~tactically~*~*~ (outnumbered).
 22010 | D:7      | 22010 ||| Stepping ~*~*~tactically~*~*~ (outnumbered).
 22014 | D:7      | 22014 ||| Stepping ~*~*~tactically~*~*~ (outnumbered).
 22022 | D:7      | 22022 ||| Stepping ~*~*~tactically~*~*~ (outnumbered).
 22038 | D:7      | 22038 ||| Stepping ~*~*~tactically~*~*~ (outnumbered).
 22045 | D:7      | 22045 ||| Stepping ~*~*~tactically~*~*~ (outnumbered).
 22053 | D:7      | 22053 ||| Stepping ~*~*~tactically~*~*~ (outnumbered).
 22055 | D:7      | 22055 ||| Stepping ~*~*~tactically~*~*~ (outnumbered).
 22058 | D:7      | 22058 ||| Stepping ~*~*~tactically~*~*~ (outnumbered).
 22065 | D:7      | 22065 ||| Stepping ~*~*~tactically~*~*~ (outnumbered).
 22067 | D:7      | 22067 ||| Stepping ~*~*~tactically~*~*~ (outnumbered).
 22069 | D:7      | 22069 ||| Stepping ~*~*~tactically~*~*~ (outnumbered).
 22078 | D:7      | 22078 ||| Stepping ~*~*~tactically~*~*~ (outnumbered).
 22081 | D:7      | 22081 ||| Stepping ~*~*~tactically~*~*~ (outnumbered).
 22083 | D:7      | 22083 ||| Stepping ~*~*~tactically~*~*~ (outnumbered).
 22085 | D:7      | 22085 ||| Stepping ~*~*~tactically~*~*~ (outnumbered).
 22093 | D:7      | 22093 ||| Stepping ~*~*~tactically~*~*~ (outnumbered).
 22097 | D:7      | 22097 ||| Stepping ~*~*~tactically~*~*~ (outnumbered).
 22099 | D:7      | 22099 ||| Stepping ~*~*~tactically~*~*~ (outnumbered).
 22104 | D:7      | 22104 ||| Stepping ~*~*~tactically~*~*~ (outnumbered).
 22108 | D:7      | 22108 ||| Stepping ~*~*~tactically~*~*~ (outnumbered).
 22117 | D:7      | 22117 ||| Stepping ~*~*~tactically~*~*~ (outnumbered).
 22127 | D:7      | 22127 ||| Stepping ~*~*~tactically~*~*~ (outnumbered).
 22131 | D:7      | 22131 ||| Stepping ~*~*~tactically~*~*~ (outnumbered).
 22138 | D:7      | 22138 ||| Stepping ~*~*~tactically~*~*~ (outnumbered).
 22141 | D:7      | 22141 ||| Stepping ~*~*~tactically~*~*~ (outnumbered).
 22145 | D:7      | 22145 ||| Stepping ~*~*~tactically~*~*~ (outnumbered).
 22158 | D:7      | 22158 ||| Stepping ~*~*~tactically~*~*~ (outnumbered).
 22167 | D:7      | 22167 ||| Stepping ~*~*~tactically~*~*~ (outnumbered).
 22172 | D:7      | 22172 ||| Stepping ~*~*~tactically~*~*~ (outnumbered).
 22174 | D:7      | 22174 ||| Stepping ~*~*~tactically~*~*~ (outnumbered).
 22177 | D:7      | 22177 ||| Stepping ~*~*~tactically~*~*~ (outnumbered).
 22180 | D:7      | 22180 ||| Stepping ~*~*~tactically~*~*~ (outnumbered).
 22182 | D:7      | 22182 ||| Stepping ~*~*~tactically~*~*~ (outnumbered).
 22186 | D:7      | 22186 ||| Stepping ~*~*~tactically~*~*~ (outnumbered).
 22190 | D:7      | 22190 ||| Stepping ~*~*~tactically~*~*~ (outnumbered).
 22193 | D:7      | 22193 ||| Stepping ~*~*~tactically~*~*~ (outnumbered).
 22206 | D:7      | 22206 ||| Stepping ~*~*~tactically~*~*~ (outnumbered).
 22215 | D:7      | 22215 ||| Stepping ~*~*~tactically~*~*~ (outnumbered).
 22218 | D:7      | 22218 ||| Stepping ~*~*~tactically~*~*~ (outnumbered).
 22221 | D:7      | 22221 ||| Stepping ~*~*~tactically~*~*~ (outnumbered).
 22223 | D:7      | 22223 ||| Stepping ~*~*~tactically~*~*~ (outnumbered).
 22228 | D:7      | 22228 ||| Stepping ~*~*~tactically~*~*~ (outnumbered).
 22232 | D:7      | 22232 ||| Stepping ~*~*~tactically~*~*~ (outnumbered).
 22242 | D:7      | 22242 ||| Stepping ~*~*~tactically~*~*~ (outnumbered).
 22245 | D:7      | 22245 ||| Stepping ~*~*~tactically~*~*~ (outnumbered).
 22247 | D:7      | 22247 ||| Stepping ~*~*~tactically~*~*~ (outnumbered).
 22249 | D:7      | 22249 ||| Stepping ~*~*~tactically~*~*~ (outnumbered).
 22254 | D:7      | 22254 ||| Stepping ~*~*~tactically~*~*~ (outnumbered).
 22261 | D:7      | 22261 ||| Stepping ~*~*~tactically~*~*~ (outnumbered).
 22263 | D:7      | 22263 ||| Stepping ~*~*~tactically~*~*~ (outnumbered).
 22269 | D:7      | 22269 ||| Stepping ~*~*~tactically~*~*~ (outnumbered).
 22279 | D:7      | 22279 ||| Stepping ~*~*~tactically~*~*~ (outnumbered).
 22286 | D:7      | 22286 ||| Stepping ~*~*~tactically~*~*~ (outnumbered).
 22294 | D:7      | 22294 ||| Stepping ~*~*~tactically~*~*~ (outnumbered).
 22296 | D:7      | 22296 ||| Stepping ~*~*~tactically~*~*~ (outnumbered).
 22301 | D:7      | 22301 ||| Stepping ~*~*~tactically~*~*~ (outnumbered).
 22310 | D:7      | 22310 ||| Stepping ~*~*~tactically~*~*~ (outnumbered).
 22316 | D:7      | 22316 ||| Stepping ~*~*~tactically~*~*~ (outnumbered).
 22323 | D:7      | 22323 ||| Stepping ~*~*~tactically~*~*~ (outnumbered).
 22325 | D:7      | 22325 ||| Stepping ~*~*~tactically~*~*~ (outnumbered).
 22329 | D:7      | 22329 ||| Stepping ~*~*~tactically~*~*~ (outnumbered).
 22333 | D:7      | 22333 ||| Stepping ~*~*~tactically~*~*~ (outnumbered).
 22335 | D:7      | 22335 ||| Stepping ~*~*~tactically~*~*~ (outnumbered).
 22337 | D:7      | 22337 ||| Stepping ~*~*~tactically~*~*~ (outnumbered).
 22339 | D:7      | 22339 ||| Stepping ~*~*~tactically~*~*~ (outnumbered).
 22344 | D:7      | 22344 ||| Stepping ~*~*~tactically~*~*~ (outnumbered).
 22351 | D:7      | 22351 ||| Stepping ~*~*~tactically~*~*~ (outnumbered).
 22353 | D:7      | 22353 ||| Stepping ~*~*~tactically~*~*~ (outnumbered).
 22356 | D:7      | 22356 ||| Stepping ~*~*~tactically~*~*~ (outnumbered).
 22362 | D:7      | 22362 ||| Stepping ~*~*~tactically~*~*~ (outnumbered).
 22366 | D:7      | 22366 ||| Stepping ~*~*~tactically~*~*~ (outnumbered).
 22376 | D:7      | 22376 ||| Stepping ~*~*~tactically~*~*~ (outnumbered).
 22379 | D:7      | 22379 ||| Stepping ~*~*~tactically~*~*~ (outnumbered).
 22386 | D:7      | 22386 ||| Stepping ~*~*~tactically~*~*~ (outnumbered).
 22388 | D:7      | 22388 ||| Stepping ~*~*~tactically~*~*~ (outnumbered).
 22393 | D:7      | 22393 ||| Stepping ~*~*~tactically~*~*~ (outnumbered).
 22396 | D:7      | 22396 ||| Stepping ~*~*~tactically~*~*~ (outnumbered).
 22403 | D:7      | 22403 ||| Stepping ~*~*~tactically~*~*~ (outnumbered).
 22405 | D:7      | 22405 ||| Stepping ~*~*~tactically~*~*~ (outnumbered).
 22407 | D:7      | 22407 ||| Stepping ~*~*~tactically~*~*~ (outnumbered).
 22409 | D:7      | 22409 ||| Stepping ~*~*~tactically~*~*~ (outnumbered).
 22416 | D:7      | 22416 ||| Stepping ~*~*~tactically~*~*~ (outnumbered).
 22419 | D:7      | 22419 ||| Stepping ~*~*~tactically~*~*~ (outnumbered).
 22423 | D:7      | 22423 ||| Stepping ~*~*~tactically~*~*~ (outnumbered).
 22427 | D:7      | 22427 ||| Stepping ~*~*~tactically~*~*~ (outnumbered).
 22434 | D:7      | 22434 ||| Stepping ~*~*~tactically~*~*~ (outnumbered).
 22438 | D:7      | 22438 ||| Stepping ~*~*~tactically~*~*~ (outnumbered).
 22441 | D:7      | 22441 ||| Stepping ~*~*~tactically~*~*~ (outnumbered).
 22446 | D:7      | 22446 ||| Stepping ~*~*~tactically~*~*~ (outnumbered).
 22448 | D:7      | 22448 ||| Stepping ~*~*~tactically~*~*~ (outnumbered).
 22451 | D:7      | 22451 ||| Stepping ~*~*~tactically~*~*~ (outnumbered).
 22460 | D:7      | 22460 ||| Stepping ~*~*~tactically~*~*~ (outnumbered).
 22462 | D:7      | 22462 ||| Stepping ~*~*~tactically~*~*~ (outnumbered).
 22473 | D:7      | 22473 ||| Stepping ~*~*~tactically~*~*~ (outnumbered).
 22482 | D:7      | 22482 ||| Stepping ~*~*~tactically~*~*~ (outnumbered).
 22491 | D:7      | 22491 ||| Stepping ~*~*~tactically~*~*~ (outnumbered).
 22494 | D:7      | 22494 ||| Stepping ~*~*~tactically~*~*~ (outnumbered).
 22499 | D:7      | 22499 ||| Stepping ~*~*~tactically~*~*~ (outnumbered).
 22512 | D:7      | 22512 ||| Stepping ~*~*~tactically~*~*~ (outnumbered).
 22517 | D:7      | 22517 ||| Stepping ~*~*~tactically~*~*~ (outnumbered).
 22528 | D:7      | 22528 ||| Stepping ~*~*~tactically~*~*~ (outnumbered).
 22530 | D:7      | 22530 ||| Stepping ~*~*~tactically~*~*~ (outnumbered).
 22532 | D:7      | 22532 ||| Stepping ~*~*~tactically~*~*~ (outnumbered).
 22534 | D:7      | 22534 ||| Stepping ~*~*~tactically~*~*~ (outnumbered).
 22542 | D:7      | 22542 ||| Stepping ~*~*~tactically~*~*~ (outnumbered).
 22552 | D:7      | 22552 ||| Stepping ~*~*~tactically~*~*~ (outnumbered).
 22554 | D:7      | 22554 ||| Stepping ~*~*~tactically~*~*~ (outnumbered).
 22556 | D:7      | 22556 ||| Stepping ~*~*~tactically~*~*~ (outnumbered).
 22561 | D:7      | 22561 ||| Stepping ~*~*~tactically~*~*~ (outnumbered).
 22568 | D:7      | 22568 ||| Stepping ~*~*~tactically~*~*~ (outnumbered).
 22573 | D:7      | 22573 ||| Stepping ~*~*~tactically~*~*~ (outnumbered).
 22580 | D:7      | 22580 ||| Stepping ~*~*~tactically~*~*~ (outnumbered).
 22591 | D:7      | 22591 ||| Stepping ~*~*~tactically~*~*~ (outnumbered).
 22600 | D:7      | 22600 ||| Stepping ~*~*~tactically~*~*~ (outnumbered).
 22608 | D:7      | 22608 ||| Stepping ~*~*~tactically~*~*~ (outnumbered).
 22610 | D:7      | 22610 ||| Stepping ~*~*~tactically~*~*~ (outnumbered).
 22612 | D:7      | 22612 ||| Stepping ~*~*~tactically~*~*~ (outnumbered).
 22620 | D:7      | 22620 ||| Stepping ~*~*~tactically~*~*~ (outnumbered).
 22622 | D:7      | 22622 ||| Stepping ~*~*~tactically~*~*~ (outnumbered).
 22625 | D:7      | 22625 ||| Stepping ~*~*~tactically~*~*~ (outnumbered).
 22631 | D:7      | 22631 ||| Stepping ~*~*~tactically~*~*~ (outnumbered).
 22638 | D:7      | 22638 ||| Stepping ~*~*~tactically~*~*~ (outnumbered).
 22642 | D:7      | 22642 ||| Stepping ~*~*~tactically~*~*~ (outnumbered).
 22644 | D:7      | 22644 ||| Stepping ~*~*~tactically~*~*~ (outnumbered).
 22646 | D:7      | 22646 ||| Stepping ~*~*~tactically~*~*~ (outnumbered).
 22652 | D:7      | 22652 ||| Stepping ~*~*~tactically~*~*~ (outnumbered).
 22654 | D:7      | 22654 ||| Stepping ~*~*~tactically~*~*~ (outnumbered).
 22656 | D:7      | 22656 ||| Stepping ~*~*~tactically~*~*~ (outnumbered).
 22661 | D:7      | 22661 ||| Stepping ~*~*~tactically~*~*~ (outnumbered).
 22664 | D:7      | 22664 ||| Stepping ~*~*~tactically~*~*~ (outnumbered).
 22669 | D:7      | 22669 ||| Stepping ~*~*~tactically~*~*~ (outnumbered).
 22679 | D:7      | 22679 ||| Stepping ~*~*~tactically~*~*~ (outnumbered).
 22686 | D:7      | 22686 ||| Stepping ~*~*~tactically~*~*~ (outnumbered).
 22688 | D:7      | 22688 ||| Stepping ~*~*~tactically~*~*~ (outnumbered).
 22701 | D:7      | 22701 ||| Stepping ~*~*~tactically~*~*~ (outnumbered).
 22703 | D:7      | 22703 ||| Stepping ~*~*~tactically~*~*~ (outnumbered).
 22716 | D:7      | 22716 ||| Stepping ~*~*~tactically~*~*~ (outnumbered).
 22725 | D:7      | 22725 ||| Stepping ~*~*~tactically~*~*~ (outnumbered).
 22736 | D:7      | 22736 ||| Stepping ~*~*~tactically~*~*~ (outnumbered).
 22738 | D:7      | 22738 ||| Stepping ~*~*~tactically~*~*~ (outnumbered).
 22746 | D:7      | 22746 ||| Stepping ~*~*~tactically~*~*~ (outnumbered).
 22748 | D:7      | 22748 ||| Stepping ~*~*~tactically~*~*~ (outnumbered).
 22752 | D:7      | 22752 ||| Stepping ~*~*~tactically~*~*~ (outnumbered).
 22760 | D:7      | 22760 ||| Stepping ~*~*~tactically~*~*~ (outnumbered).
 22762 | D:7      | 22762 ||| Stepping ~*~*~tactically~*~*~ (outnumbered).
 22765 | D:7      | 22765 ||| Stepping ~*~*~tactically~*~*~ (outnumbered).
 22768 | D:7      | 22768 ||| Stepping ~*~*~tactically~*~*~ (outnumbered).
 22776 | D:7      | 22776 ||| Stepping ~*~*~tactically~*~*~ (outnumbered).
 22779 | D:7      | 22779 ||| Stepping ~*~*~tactically~*~*~ (outnumbered).
 22781 | D:7      | 22781 ||| Stepping ~*~*~tactically~*~*~ (outnumbered).
 22786 | D:7      | 22786 ||| Stepping ~*~*~tactically~*~*~ (outnumbered).
 22790 | D:7      | 22790 ||| Stepping ~*~*~tactically~*~*~ (outnumbered).
 22795 | D:7      | 22795 ||| Stepping ~*~*~tactically~*~*~ (outnumbered).
 22800 | D:7      | 22800 ||| Stepping ~*~*~tactically~*~*~ (outnumbered).
 22802 | D:7      | 22802 ||| Stepping ~*~*~tactically~*~*~ (outnumbered).
 22809 | D:7      | 22809 ||| Stepping ~*~*~tactically~*~*~ (outnumbered).
 22816 | D:7      | 22816 ||| Stepping ~*~*~tactically~*~*~ (outnumbered).
 22821 | D:7      | 22821 ||| Stepping ~*~*~tactically~*~*~ (outnumbered).
 22824 | D:7      | 22824 ||| Stepping ~*~*~tactically~*~*~ (outnumbered).
 22831 | D:7      | 22831 ||| Stepping ~*~*~tactically~*~*~ (outnumbered).
 22842 | D:7      | 22842 ||| Stepping ~*~*~tactically~*~*~ (outnumbered).
 22848 | D:7      | 22848 ||| Stepping ~*~*~tactically~*~*~ (outnumbered).
 22856 | D:7      | 22856 ||| Stepping ~*~*~tactically~*~*~ (outnumbered).
 22861 | D:7      | 22861 ||| Stepping ~*~*~tactically~*~*~ (outnumbered).
 22868 | D:7      | 22868 ||| Stepping ~*~*~tactically~*~*~ (outnumbered).
 22874 | D:7      | 22874 ||| Stepping ~*~*~tactically~*~*~ (outnumbered).
 22883 | D:7      | 22883 ||| Stepping ~*~*~tactically~*~*~ (outnumbered).
 22890 | D:7      | 22890 ||| Stepping ~*~*~tactically~*~*~ (outnumbered).
 22897 | D:7      | 22897 ||| Stepping ~*~*~tactically~*~*~ (outnumbered).
 22904 | D:7      | 22904 ||| Stepping ~*~*~tactically~*~*~ (outnumbered).
 22908 | D:7      | 22908 ||| Stepping ~*~*~tactically~*~*~ (outnumbered).
 22912 | D:7      | 22912 ||| Stepping ~*~*~tactically~*~*~ (outnumbered).
 22919 | D:7      | 22919 ||| Stepping ~*~*~tactically~*~*~ (outnumbered).
 22922 | D:7      | 22922 ||| Stepping ~*~*~tactically~*~*~ (outnumbered).
 22924 | D:7      | 22924 ||| Stepping ~*~*~tactically~*~*~ (outnumbered).
 22930 | D:7      | 22930 ||| Stepping ~*~*~tactically~*~*~ (outnumbered).
 22938 | D:7      | 22938 ||| Stepping ~*~*~tactically~*~*~ (outnumbered).
 22946 | D:7      | 22946 ||| Stepping ~*~*~tactically~*~*~ (outnumbered).
 22953 | D:7      | 22953 ||| Stepping ~*~*~tactically~*~*~ (outnumbered).
 22955 | D:7      | 22955 ||| Stepping ~*~*~tactically~*~*~ (outnumbered).
 22959 | D:7      | 22959 ||| Stepping ~*~*~tactically~*~*~ (outnumbered).
 22965 | D:7      | 22965 ||| Stepping ~*~*~tactically~*~*~ (outnumbered).
 22967 | D:7      | 22967 ||| Stepping ~*~*~tactically~*~*~ (outnumbered).
 22982 | D:7      | 22982 ||| Stepping ~*~*~tactically~*~*~ (outnumbered).
 22986 | D:7      | 22986 ||| Stepping ~*~*~tactically~*~*~ (outnumbered).
 22998 | D:7      | 22998 ||| Stepping ~*~*~tactically~*~*~ (outnumbered).
 23000 | D:7      | 23000 ||| Stepping ~*~*~tactically~*~*~ (outnumbered).
 23014 | D:7      | 23014 ||| Stepping ~*~*~tactically~*~*~ (outnumbered).
 23018 | D:7      | 23018 ||| Stepping ~*~*~tactically~*~*~ (outnumbered).
 23026 | D:7      | 23026 ||| Stepping ~*~*~tactically~*~*~ (outnumbered).
 23031 | D:7      | 23031 ||| Stepping ~*~*~tactically~*~*~ (outnumbered).
 23038 | D:7      | 23038 ||| Stepping ~*~*~tactically~*~*~ (outnumbered).
 23043 | D:7      | 23043 ||| Stepping ~*~*~tactically~*~*~ (outnumbered).
 23045 | D:7      | 23045 ||| Stepping ~*~*~tactically~*~*~ (outnumbered).
 23052 | D:7      | 23052 ||| Stepping ~*~*~tactically~*~*~ (outnumbered).
 23057 | D:7      | 23057 ||| Stepping ~*~*~tactically~*~*~ (outnumbered).
 23067 | D:7      | 23067 ||| Stepping ~*~*~tactically~*~*~ (outnumbered).
 23075 | D:7      | 23075 ||| Stepping ~*~*~tactically~*~*~ (outnumbered).
 23078 | D:7      | 23078 ||| Stepping ~*~*~tactically~*~*~ (outnumbered).
 23085 | D:7      | 23085 ||| Stepping ~*~*~tactically~*~*~ (outnumbered).
 23095 | D:7      | 23095 ||| Stepping ~*~*~tactically~*~*~ (outnumbered).
 23102 | D:7      | 23102 ||| Stepping ~*~*~tactically~*~*~ (outnumbered).
 23104 | D:7      | 23104 ||| Stepping ~*~*~tactically~*~*~ (outnumbered).
 23111 | D:7      | 23111 ||| Stepping ~*~*~tactically~*~*~ (outnumbered).
 23116 | D:7      | 23116 ||| Stepping ~*~*~tactically~*~*~ (outnumbered).
 23127 | D:7      | 23127 ||| Stepping ~*~*~tactically~*~*~ (outnumbered).
 23129 | D:7      | 23129 ||| Stepping ~*~*~tactically~*~*~ (outnumbered).
 23132 | D:7      | 23132 ||| Stepping ~*~*~tactically~*~*~ (outnumbered).
 23136 | D:7      | 23136 ||| Stepping ~*~*~tactically~*~*~ (outnumbered).
 23139 | D:7      | 23139 ||| Stepping ~*~*~tactically~*~*~ (outnumbered).
 23143 | D:7      | 23143 ||| Stepping ~*~*~tactically~*~*~ (outnumbered).
 23149 | D:7      | 23149 ||| Stepping ~*~*~tactically~*~*~ (outnumbered).
 23154 | D:7      | 23154 ||| Stepping ~*~*~tactically~*~*~ (outnumbered).
 23156 | D:7      | 23156 ||| Stepping ~*~*~tactically~*~*~ (outnumbered).
 23160 | D:7      | 23160 ||| Stepping ~*~*~tactically~*~*~ (outnumbered).
 23167 | D:7      | 23167 ||| Stepping ~*~*~tactically~*~*~ (outnumbered).
 23176 | D:7      | 23176 ||| Stepping ~*~*~tactically~*~*~ (outnumbered).
 23179 | D:7      | 23179 ||| Stepping ~*~*~tactically~*~*~ (outnumbered).
 23186 | D:7      | 23186 ||| Stepping ~*~*~tactically~*~*~ (outnumbered).
 23194 | D:7      | 23194 ||| Stepping ~*~*~tactically~*~*~ (outnumbered).
 23199 | D:7      | 23199 ||| Stepping ~*~*~tactically~*~*~ (outnumbered).
 23203 | D:7      | 23203 ||| Stepping ~*~*~tactically~*~*~ (outnumbered).
 23210 | D:7      | 23210 ||| Stepping ~*~*~tactically~*~*~ (outnumbered).
 23212 | D:7      | 23212 ||| Stepping ~*~*~tactically~*~*~ (outnumbered).
 23219 | D:7      | 23219 ||| Stepping ~*~*~tactically~*~*~ (outnumbered).
 23226 | D:7      | 23226 ||| Stepping ~*~*~tactically~*~*~ (outnumbered).
 23230 | D:7      | 23230 ||| Stepping ~*~*~tactically~*~*~ (outnumbered).
 23232 | D:7      | 23232 ||| Stepping ~*~*~tactically~*~*~ (outnumbered).
 23235 | D:7      | 23235 ||| Stepping ~*~*~tactically~*~*~ (outnumbered).
 23250 | D:7      | 23250 ||| Stepping ~*~*~tactically~*~*~ (outnumbered).
 23257 | D:7      | 23257 ||| Stepping ~*~*~tactically~*~*~ (outnumbered).
 23260 | D:7      | 23260 ||| Stepping ~*~*~tactically~*~*~ (outnumbered).
 23262 | D:7      | 23262 ||| Stepping ~*~*~tactically~*~*~ (outnumbered).
 23278 | D:7      | 23278 ||| Stepping ~*~*~tactically~*~*~ (outnumbered).
 23280 | D:7      | 23280 ||| Stepping ~*~*~tactically~*~*~ (outnumbered).
 23286 | D:7      | 23286 ||| Stepping ~*~*~tactically~*~*~ (outnumbered).
 23293 | D:7      | 23293 ||| Stepping ~*~*~tactically~*~*~ (outnumbered).
 23296 | D:7      | 23296 ||| Stepping ~*~*~tactically~*~*~ (outnumbered).
 23303 | D:7      | 23303 ||| Stepping ~*~*~tactically~*~*~ (outnumbered).
 23307 | D:7      | 23307 ||| Stepping ~*~*~tactically~*~*~ (outnumbered).
 23313 | D:7      | 23313 ||| Stepping ~*~*~tactically~*~*~ (outnumbered).
 23325 | D:7      | 23325 ||| Stepping ~*~*~tactically~*~*~ (outnumbered).
 23334 | D:7      | 23334 ||| Stepping ~*~*~tactically~*~*~ (outnumbered).
 23338 | D:7      | 23338 ||| Stepping ~*~*~tactically~*~*~ (outnumbered).
 23345 | D:7      | 23345 ||| Stepping ~*~*~tactically~*~*~ (outnumbered).
 23354 | D:7      | 23354 ||| Stepping ~*~*~tactically~*~*~ (outnumbered).
 23365 | D:7      | 23365 ||| Stepping ~*~*~tactically~*~*~ (outnumbered).
 23367 | D:7      | 23367 ||| Stepping ~*~*~tactically~*~*~ (outnumbered).
 23369 | D:7      | 23369 ||| Stepping ~*~*~tactically~*~*~ (outnumbered).
 23371 | D:7      | 23371 ||| Stepping ~*~*~tactically~*~*~ (outnumbered).
 23373 | D:7      | 23373 ||| Stepping ~*~*~tactically~*~*~ (outnumbered).
 23375 | D:7      | 23375 ||| Stepping ~*~*~tactically~*~*~ (outnumbered).
 23381 | D:7      | 23381 ||| Stepping ~*~*~tactically~*~*~ (outnumbered).
 23390 | D:7      | 23390 ||| Stepping ~*~*~tactically~*~*~ (outnumbered).
 23392 | D:7      | 23392 ||| Stepping ~*~*~tactically~*~*~ (outnumbered).
 23394 | D:7      | 23394 ||| Stepping ~*~*~tactically~*~*~ (outnumbered).
 23401 | D:7      | 23401 ||| Stepping ~*~*~tactically~*~*~ (outnumbered).
 23404 | D:7      | 23404 ||| Stepping ~*~*~tactically~*~*~ (outnumbered).
 23406 | D:7      | 23406 ||| Stepping ~*~*~tactically~*~*~ (outnumbered).
 23423 | D:7      | 23423 ||| Stepping ~*~*~tactically~*~*~ (outnumbered).
 23427 | D:7      | 23427 ||| Stepping ~*~*~tactically~*~*~ (outnumbered).
 23436 | D:7      | 23436 ||| Stepping ~*~*~tactically~*~*~ (outnumbered).
 23438 | D:7      | 23438 ||| Stepping ~*~*~tactically~*~*~ (outnumbered).
 23442 | D:7      | 23442 ||| Stepping ~*~*~tactically~*~*~ (outnumbered).
 23445 | D:7      | 23445 ||| Stepping ~*~*~tactically~*~*~ (outnumbered).
 23447 | D:7      | 23447 ||| Stepping ~*~*~tactically~*~*~ (outnumbered).
 23451 | D:7      | 23451 ||| Stepping ~*~*~tactically~*~*~ (outnumbered).
 23455 | D:7      | 23455 ||| Stepping ~*~*~tactically~*~*~ (outnumbered).
 23460 | D:7      | 23460 ||| Stepping ~*~*~tactically~*~*~ (outnumbered).
 23467 | D:7      | 23467 ||| Stepping ~*~*~tactically~*~*~ (outnumbered).
 23478 | D:7      | 23478 ||| Stepping ~*~*~tactically~*~*~ (outnumbered).
 23482 | D:7      | 23482 ||| Stepping ~*~*~tactically~*~*~ (outnumbered).
 23484 | D:7      | 23484 ||| Stepping ~*~*~tactically~*~*~ (outnumbered).
 23493 | D:7      | 23493 ||| Stepping ~*~*~tactically~*~*~ (outnumbered).
 23502 | D:7      | 23502 ||| Stepping ~*~*~tactically~*~*~ (outnumbered).
 23506 | D:7      | 23506 ||| Stepping ~*~*~tactically~*~*~ (outnumbered).
 23510 | D:7      | 23510 ||| Stepping ~*~*~tactically~*~*~ (outnumbered).
 23518 | D:7      | 23518 ||| Stepping ~*~*~tactically~*~*~ (outnumbered).
 23522 | D:7      | 23522 ||| Stepping ~*~*~tactically~*~*~ (outnumbered).
 23530 | D:7      | 23530 ||| Stepping ~*~*~tactically~*~*~ (outnumbered).
 23543 | D:7      | 23543 ||| Stepping ~*~*~tactically~*~*~ (outnumbered).
 23550 | D:7      | 23550 ||| Stepping ~*~*~tactically~*~*~ (outnumbered).
 23555 | D:7      | 23555 ||| Stepping ~*~*~tactically~*~*~ (outnumbered).
 23558 | D:7      | 23558 ||| Stepping ~*~*~tactically~*~*~ (outnumbered).
 23570 | D:7      | 23570 ||| Stepping ~*~*~tactically~*~*~ (outnumbered).
 23575 | D:7      | 23575 ||| Stepping ~*~*~tactically~*~*~ (outnumbered).
 23585 | D:7      | 23585 ||| Stepping ~*~*~tactically~*~*~ (outnumbered).
 23587 | D:7      | 23587 ||| Stepping ~*~*~tactically~*~*~ (outnumbered).
 23589 | D:7      | 23589 ||| Stepping ~*~*~tactically~*~*~ (outnumbered).
 23597 | D:7      | 23597 ||| Stepping ~*~*~tactically~*~*~ (outnumbered).
 23603 | D:7      | 23603 ||| Stepping ~*~*~tactically~*~*~ (outnumbered).
 23605 | D:7      | 23605 ||| Stepping ~*~*~tactically~*~*~ (outnumbered).
 23608 | D:7      | 23608 ||| Stepping ~*~*~tactically~*~*~ (outnumbered).
 23611 | D:7      | 23611 ||| Stepping ~*~*~tactically~*~*~ (outnumbered).
 23620 | D:7      | 23620 ||| Stepping ~*~*~tactically~*~*~ (outnumbered).
 23625 | D:7      | 23625 ||| Stepping ~*~*~tactically~*~*~ (outnumbered).
 23631 | D:7      | 23631 ||| Stepping ~*~*~tactically~*~*~ (outnumbered).
 23644 | D:7      | 23644 ||| Stepping ~*~*~tactically~*~*~ (outnumbered).
 23658 | D:7      | 23658 ||| Stepping ~*~*~tactically~*~*~ (outnumbered).
 23662 | D:7      | 23662 ||| Stepping ~*~*~tactically~*~*~ (outnumbered).
 23666 | D:7      | 23666 ||| Stepping ~*~*~tactically~*~*~ (outnumbered).
 23671 | D:7      | 23671 ||| Stepping ~*~*~tactically~*~*~ (outnumbered).
 23673 | D:7      | 23673 ||| Stepping ~*~*~tactically~*~*~ (outnumbered).
 23679 | D:7      | 23679 ||| Stepping ~*~*~tactically~*~*~ (outnumbered).
 23682 | D:7      | 23682 ||| Stepping ~*~*~tactically~*~*~ (outnumbered).
 23686 | D:7      | 23686 ||| Stepping ~*~*~tactically~*~*~ (outnumbered).
 23688 | D:7      | 23688 ||| Stepping ~*~*~tactically~*~*~ (outnumbered).
 23690 | D:7      | 23690 ||| Stepping ~*~*~tactically~*~*~ (outnumbered).
 23693 | D:7      | 23693 ||| Stepping ~*~*~tactically~*~*~ (outnumbered).
 23700 | D:7      | 23700 ||| Stepping ~*~*~tactically~*~*~ (outnumbered).
 23704 | D:7      | 23704 ||| Stepping ~*~*~tactically~*~*~ (outnumbered).
 23712 | D:7      | 23712 ||| Stepping ~*~*~tactically~*~*~ (outnumbered).
 23714 | D:7      | 23714 ||| Stepping ~*~*~tactically~*~*~ (outnumbered).
 23719 | D:7      | 23719 ||| Stepping ~*~*~tactically~*~*~ (outnumbered).
 23729 | D:7      | 23729 ||| Stepping ~*~*~tactically~*~*~ (outnumbered).
 23736 | D:7      | 23736 ||| Stepping ~*~*~tactically~*~*~ (outnumbered).
 23740 | D:7      | 23740 ||| Stepping ~*~*~tactically~*~*~ (outnumbered).
 23742 | D:7      | 23742 ||| Stepping ~*~*~tactically~*~*~ (outnumbered).
 23748 | D:7      | 23748 ||| Stepping ~*~*~tactically~*~*~ (outnumbered).
 23752 | D:7      | 23752 ||| Stepping ~*~*~tactically~*~*~ (outnumbered).
 23760 | D:7      | 23760 ||| Stepping ~*~*~tactically~*~*~ (outnumbered).
 23766 | D:7      | 23766 ||| Stepping ~*~*~tactically~*~*~ (outnumbered).
 23775 | D:7      | 23775 ||| Stepping ~*~*~tactically~*~*~ (outnumbered).
 23777 | D:7      | 23777 ||| Stepping ~*~*~tactically~*~*~ (outnumbered).
 23786 | D:7      | 23786 ||| Stepping ~*~*~tactically~*~*~ (outnumbered).
 23794 | D:7      | 23794 ||| Stepping ~*~*~tactically~*~*~ (outnumbered).
 23796 | D:7      | 23796 ||| Stepping ~*~*~tactically~*~*~ (outnumbered).
 23799 | D:7      | 23799 ||| Stepping ~*~*~tactically~*~*~ (outnumbered).
 23803 | D:7      | 23803 ||| Stepping ~*~*~tactically~*~*~ (outnumbered).
 23812 | D:7      | 23812 ||| Stepping ~*~*~tactically~*~*~ (outnumbered).
 23818 | D:7      | 23818 ||| Stepping ~*~*~tactically~*~*~ (outnumbered).
 23828 | D:7      | 23828 ||| Stepping ~*~*~tactically~*~*~ (outnumbered).
 23831 | D:7      | 23831 ||| Stepping ~*~*~tactically~*~*~ (outnumbered).
 23837 | D:7      | 23837 ||| Stepping ~*~*~tactically~*~*~ (outnumbered).
 23844 | D:7      | 23844 ||| Stepping ~*~*~tactically~*~*~ (outnumbered).
 23846 | D:7      | 23846 ||| Stepping ~*~*~tactically~*~*~ (outnumbered).
 23854 | D:7      | 23854 ||| Stepping ~*~*~tactically~*~*~ (outnumbered).
 23859 | D:7      | 23859 ||| Stepping ~*~*~tactically~*~*~ (outnumbered).
 23864 | D:7      | 23864 ||| Stepping ~*~*~tactically~*~*~ (outnumbered).
 23873 | D:7      | 23873 ||| Stepping ~*~*~tactically~*~*~ (outnumbered).
 23878 | D:7      | 23878 ||| Stepping ~*~*~tactically~*~*~ (outnumbered).
 23883 | D:7      | 23883 ||| Stepping ~*~*~tactically~*~*~ (outnumbered).
 23887 | D:7      | 23887 ||| Stepping ~*~*~tactically~*~*~ (outnumbered).
 23891 | D:7      | 23891 ||| Stepping ~*~*~tactically~*~*~ (outnumbered).
 23894 | D:7      | 23894 ||| Stepping ~*~*~tactically~*~*~ (outnumbered).
 23897 | D:7      | 23897 ||| Stepping ~*~*~tactically~*~*~ (outnumbered).
 23899 | D:7      | 23899 ||| Stepping ~*~*~tactically~*~*~ (outnumbered).
 23905 | D:7      | 23905 ||| Stepping ~*~*~tactically~*~*~ (outnumbered).
 23909 | D:7      | 23909 ||| Stepping ~*~*~tactically~*~*~ (outnumbered).
 23916 | D:7      | 23916 ||| Stepping ~*~*~tactically~*~*~ (outnumbered).
 23919 | D:7      | 23919 ||| Stepping ~*~*~tactically~*~*~ (outnumbered).
 23922 | D:7      | 23922 ||| Stepping ~*~*~tactically~*~*~ (outnumbered).
 23928 | D:7      | 23928 ||| Stepping ~*~*~tactically~*~*~ (outnumbered).
 23930 | D:7      | 23930 ||| Stepping ~*~*~tactically~*~*~ (outnumbered).
 23935 | D:7      | 23935 ||| Stepping ~*~*~tactically~*~*~ (outnumbered).
 23937 | D:7      | 23937 ||| Stepping ~*~*~tactically~*~*~ (outnumbered).
 23942 | D:7      | 23942 ||| Stepping ~*~*~tactically~*~*~ (outnumbered).
 23944 | D:7      | 23944 ||| Stepping ~*~*~tactically~*~*~ (outnumbered).
 23949 | D:7      | 23949 ||| Stepping ~*~*~tactically~*~*~ (outnumbered).
 23956 | D:7      | 23956 ||| Stepping ~*~*~tactically~*~*~ (outnumbered).
 23964 | D:7      | 23964 ||| Stepping ~*~*~tactically~*~*~ (outnumbered).
 23966 | D:7      | 23966 ||| Stepping ~*~*~tactically~*~*~ (outnumbered).
 23971 | D:7      | 23971 ||| Stepping ~*~*~tactically~*~*~ (outnumbered).
 23977 | D:7      | 23977 ||| Stepping ~*~*~tactically~*~*~ (outnumbered).
 23985 | D:7      | 23985 ||| Stepping ~*~*~tactically~*~*~ (outnumbered).
 23989 | D:7      | 23989 ||| Stepping ~*~*~tactically~*~*~ (outnumbered).
 23998 | D:7      | 23998 ||| Stepping ~*~*~tactically~*~*~ (outnumbered).
 24008 | D:7      | 24008 ||| Stepping ~*~*~tactically~*~*~ (outnumbered).
 24015 | D:7      | 24015 ||| Stepping ~*~*~tactically~*~*~ (outnumbered).
 24022 | D:7      | 24022 ||| Stepping ~*~*~tactically~*~*~ (outnumbered).
 24024 | D:7      | 24024 ||| Stepping ~*~*~tactically~*~*~ (outnumbered).
 24028 | D:7      | 24028 ||| Stepping ~*~*~tactically~*~*~ (outnumbered).
 24032 | D:7      | 24032 ||| Stepping ~*~*~tactically~*~*~ (outnumbered).
 24038 | D:7      | 24038 ||| Stepping ~*~*~tactically~*~*~ (outnumbered).
 24042 | D:7      | 24042 ||| Stepping ~*~*~tactically~*~*~ (outnumbered).
 24047 | D:7      | 24047 ||| Stepping ~*~*~tactically~*~*~ (outnumbered).
 24051 | D:7      | 24051 ||| Stepping ~*~*~tactically~*~*~ (outnumbered).
 24055 | D:7      | 24055 ||| Stepping ~*~*~tactically~*~*~ (outnumbered).
 24066 | D:7      | 24066 ||| Stepping ~*~*~tactically~*~*~ (outnumbered).
 24073 | D:7      | 24073 ||| Stepping ~*~*~tactically~*~*~ (outnumbered).
 24075 | D:7      | 24075 ||| Stepping ~*~*~tactically~*~*~ (outnumbered).
 24079 | D:7      | 24079 ||| Stepping ~*~*~tactically~*~*~ (outnumbered).
 24082 | D:7      | 24082 ||| Stepping ~*~*~tactically~*~*~ (outnumbered).
 24084 | D:7      | 24084 ||| Stepping ~*~*~tactically~*~*~ (outnumbered).
 24092 | D:7      | 24092 ||| Stepping ~*~*~tactically~*~*~ (outnumbered).
 24095 | D:7      | 24095 ||| Stepping ~*~*~tactically~*~*~ (outnumbered).
 24099 | D:7      | 24099 ||| Stepping ~*~*~tactically~*~*~ (outnumbered).
 24102 | D:7      | 24102 ||| Stepping ~*~*~tactically~*~*~ (outnumbered).
 24107 | D:7      | 24107 ||| Stepping ~*~*~tactically~*~*~ (outnumbered).
 24111 | D:7      | 24111 ||| Stepping ~*~*~tactically~*~*~ (outnumbered).
 24116 | D:7      | 24116 ||| Stepping ~*~*~tactically~*~*~ (outnumbered).
 24120 | D:7      | 24120 ||| Stepping ~*~*~tactically~*~*~ (outnumbered).
 24130 | D:7      | 24130 ||| Stepping ~*~*~tactically~*~*~ (outnumbered).
 24133 | D:7      | 24133 ||| Stepping ~*~*~tactically~*~*~ (outnumbered).
 24140 | D:7      | 24140 ||| Stepping ~*~*~tactically~*~*~ (outnumbered).
 24142 | D:7      | 24142 ||| Stepping ~*~*~tactically~*~*~ (outnumbered).
 24157 | D:7      | 24157 ||| Stepping ~*~*~tactically~*~*~ (outnumbered).
 24164 | D:7      | 24164 ||| Stepping ~*~*~tactically~*~*~ (outnumbered).
 24169 | D:7      | 24169 ||| Stepping ~*~*~tactically~*~*~ (outnumbered).
 24177 | D:7      | 24177 ||| Stepping ~*~*~tactically~*~*~ (outnumbered).
 24184 | D:7      | 24184 ||| Stepping ~*~*~tactically~*~*~ (outnumbered).
 24189 | D:7      | 24189 ||| Stepping ~*~*~tactically~*~*~ (outnumbered).
 24192 | D:7      | 24192 ||| Stepping ~*~*~tactically~*~*~ (outnumbered).
 24196 | D:7      | 24196 ||| Stepping ~*~*~tactically~*~*~ (outnumbered).
 24206 | D:7      | 24206 ||| Stepping ~*~*~tactically~*~*~ (outnumbered).
 24209 | D:7      | 24209 ||| Stepping ~*~*~tactically~*~*~ (outnumbered).
 24215 | D:7      | 24215 ||| Stepping ~*~*~tactically~*~*~ (outnumbered).
 24225 | D:7      | 24225 ||| Stepping ~*~*~tactically~*~*~ (outnumbered).
 24239 | D:7      | 24239 ||| Stepping ~*~*~tactically~*~*~ (outnumbered).
 24245 | D:7      | 24245 ||| Stepping ~*~*~tactically~*~*~ (outnumbered).
 24257 | D:7      | 24257 ||| Stepping ~*~*~tactically~*~*~ (outnumbered).
 24260 | D:7      | 24260 ||| Stepping ~*~*~tactically~*~*~ (outnumbered).
 24265 | D:7      | 24265 ||| Stepping ~*~*~tactically~*~*~ (outnumbered).
 24272 | D:7      | 24272 ||| Stepping ~*~*~tactically~*~*~ (outnumbered).
 24274 | D:7      | 24274 ||| Stepping ~*~*~tactically~*~*~ (outnumbered).
 24282 | D:7      | 24282 ||| Stepping ~*~*~tactically~*~*~ (outnumbered).
 24287 | D:7      | 24287 ||| Stepping ~*~*~tactically~*~*~ (outnumbered).
 24294 | D:7      | 24294 ||| Stepping ~*~*~tactically~*~*~ (outnumbered).
 24298 | D:7      | 24298 ||| Stepping ~*~*~tactically~*~*~ (outnumbered).
 24301 | D:7      | 24301 ||| Stepping ~*~*~tactically~*~*~ (outnumbered).
 24311 | D:7      | 24311 ||| Stepping ~*~*~tactically~*~*~ (outnumbered).
 24321 | D:7      | 24321 ||| Stepping ~*~*~tactically~*~*~ (outnumbered).
 24332 | D:7      | 24332 ||| Stepping ~*~*~tactically~*~*~ (outnumbered).
 24343 | D:7      | 24343 ||| Stepping ~*~*~tactically~*~*~ (outnumbered).
 24346 | D:7      | 24346 ||| Stepping ~*~*~tactically~*~*~ (outnumbered).
 24348 | D:7      | 24348 ||| Stepping ~*~*~tactically~*~*~ (outnumbered).
 24353 | D:7      | 24353 ||| Stepping ~*~*~tactically~*~*~ (outnumbered).
 24359 | D:7      | 24359 ||| Stepping ~*~*~tactically~*~*~ (outnumbered).
 24368 | D:7      | 24368 ||| Stepping ~*~*~tactically~*~*~ (outnumbered).
 24370 | D:7      | 24370 ||| Stepping ~*~*~tactically~*~*~ (outnumbered).
 24381 | D:7      | 24381 ||| Stepping ~*~*~tactically~*~*~ (outnumbered).
 24383 | D:7      | 24383 ||| Stepping ~*~*~tactically~*~*~ (outnumbered).
 24388 | D:7      | 24388 ||| Stepping ~*~*~tactically~*~*~ (outnumbered).
 24392 | D:7      | 24392 ||| Stepping ~*~*~tactically~*~*~ (outnumbered).
 24403 | D:7      | 24403 ||| Stepping ~*~*~tactically~*~*~ (outnumbered).
 24412 | D:7      | 24412 ||| Stepping ~*~*~tactically~*~*~ (outnumbered).
 24414 | D:7      | 24414 ||| Stepping ~*~*~tactically~*~*~ (outnumbered).
 24422 | D:7      | 24422 ||| Stepping ~*~*~tactically~*~*~ (outnumbered).
 24425 | D:7      | 24425 ||| Stepping ~*~*~tactically~*~*~ (outnumbered).
 24427 | D:7      | 24427 ||| Stepping ~*~*~tactically~*~*~ (outnumbered).
 24432 | D:7      | 24432 ||| Stepping ~*~*~tactically~*~*~ (outnumbered).
 24436 | D:7      | 24436 ||| Stepping ~*~*~tactically~*~*~ (outnumbered).
 24441 | D:7      | 24441 ||| Stepping ~*~*~tactically~*~*~ (outnumbered).
 24444 | D:7      | 24444 ||| Stepping ~*~*~tactically~*~*~ (outnumbered).
 24458 | D:7      | 24458 ||| Stepping ~*~*~tactically~*~*~ (outnumbered).
 24463 | D:7      | 24463 ||| Stepping ~*~*~tactically~*~*~ (outnumbered).
 24466 | D:7      | 24466 ||| Stepping ~*~*~tactically~*~*~ (outnumbered).
 24473 | D:7      | 24473 ||| Stepping ~*~*~tactically~*~*~ (outnumbered).
 24479 | D:7      | 24479 ||| Stepping ~*~*~tactically~*~*~ (outnumbered).
 24481 | D:7      | 24481 ||| Stepping ~*~*~tactically~*~*~ (outnumbered).
 24488 | D:7      | 24488 ||| Stepping ~*~*~tactically~*~*~ (outnumbered).
 24491 | D:7      | 24491 ||| Stepping ~*~*~tactically~*~*~ (outnumbered).
 24495 | D:7      | 24495 ||| Stepping ~*~*~tactically~*~*~ (outnumbered).
 24500 | D:7      | 24500 ||| Stepping ~*~*~tactically~*~*~ (outnumbered).
 24511 | D:7      | 24511 ||| Stepping ~*~*~tactically~*~*~ (outnumbered).
 24517 | D:7      | 24517 ||| Stepping ~*~*~tactically~*~*~ (outnumbered).
 24529 | D:7      | 24529 ||| Stepping ~*~*~tactically~*~*~ (outnumbered).
 24539 | D:7      | 24539 ||| Stepping ~*~*~tactically~*~*~ (outnumbered).
 24546 | D:7      | 24546 ||| Stepping ~*~*~tactically~*~*~ (outnumbered).
 24557 | D:7      | 24557 ||| Stepping ~*~*~tactically~*~*~ (outnumbered).
 24568 | D:7      | 24568 ||| Stepping ~*~*~tactically~*~*~ (outnumbered).
 24577 | D:7      | 24577 ||| Stepping ~*~*~tactically~*~*~ (outnumbered).
 24579 | D:7      | 24579 ||| Stepping ~*~*~tactically~*~*~ (outnumbered).
 24581 | D:7      | 24581 ||| Stepping ~*~*~tactically~*~*~ (outnumbered).
 24588 | D:7      | 24588 ||| Stepping ~*~*~tactically~*~*~ (outnumbered).
 24597 | D:7      | 24597 ||| Stepping ~*~*~tactically~*~*~ (outnumbered).
 24602 | D:7      | 24602 ||| Stepping ~*~*~tactically~*~*~ (outnumbered).
 24604 | D:7      | 24604 ||| Stepping ~*~*~tactically~*~*~ (outnumbered).
 24608 | D:7      | 24608 ||| Stepping ~*~*~tactically~*~*~ (outnumbered).
 24614 | D:7      | 24614 ||| Stepping ~*~*~tactically~*~*~ (outnumbered).
 24616 | D:7      | 24616 ||| Stepping ~*~*~tactically~*~*~ (outnumbered).
 24621 | D:7      | 24621 ||| Stepping ~*~*~tactically~*~*~ (outnumbered).
 24627 | D:7      | 24627 ||| Stepping ~*~*~tactically~*~*~ (outnumbered).
 24630 | D:7      | 24630 ||| Stepping ~*~*~tactically~*~*~ (outnumbered).
 24636 | D:7      | 24636 ||| Stepping ~*~*~tactically~*~*~ (outnumbered).
 24642 | D:7      | 24642 ||| Stepping ~*~*~tactically~*~*~ (outnumbered).
 24651 | D:7      | 24651 ||| Stepping ~*~*~tactically~*~*~ (outnumbered).
 24654 | D:7      | 24654 ||| Stepping ~*~*~tactically~*~*~ (outnumbered).
 24661 | D:7      | 24661 ||| Stepping ~*~*~tactically~*~*~ (outnumbered).
 24668 | D:7      | 24668 ||| Stepping ~*~*~tactically~*~*~ (outnumbered).
 24672 | D:7      | 24672 ||| Stepping ~*~*~tactically~*~*~ (outnumbered).
 24683 | D:7      | 24683 ||| Stepping ~*~*~tactically~*~*~ (outnumbered).
 24687 | D:7      | 24687 ||| Stepping ~*~*~tactically~*~*~ (outnumbered).
 24691 | D:7      | 24691 ||| Stepping ~*~*~tactically~*~*~ (outnumbered).
 24701 | D:7      | 24701 ||| Stepping ~*~*~tactically~*~*~ (outnumbered).
 24706 | D:7      | 24706 ||| Stepping ~*~*~tactically~*~*~ (outnumbered).
 24710 | D:7      | 24710 ||| Stepping ~*~*~tactically~*~*~ (outnumbered).
 24713 | D:7      | 24713 ||| Stepping ~*~*~tactically~*~*~ (outnumbered).
 24725 | D:7      | 24725 ||| Stepping ~*~*~tactically~*~*~ (outnumbered).
 24727 | D:7      | 24727 ||| Stepping ~*~*~tactically~*~*~ (outnumbered).
 24734 | D:7      | 24734 ||| Stepping ~*~*~tactically~*~*~ (outnumbered).
 24738 | D:7      | 24738 ||| Stepping ~*~*~tactically~*~*~ (outnumbered).
 24740 | D:7      | 24740 ||| Stepping ~*~*~tactically~*~*~ (outnumbered).
 24744 | D:7      | 24744 ||| Stepping ~*~*~tactically~*~*~ (outnumbered).
 24746 | D:7      | 24746 ||| Stepping ~*~*~tactically~*~*~ (outnumbered).
 24754 | D:7      | 24754 ||| Stepping ~*~*~tactically~*~*~ (outnumbered).
 24756 | D:7      | 24756 ||| Stepping ~*~*~tactically~*~*~ (outnumbered).
 24760 | D:7      | 24760 ||| Stepping ~*~*~tactically~*~*~ (outnumbered).
 24771 | D:7      | 24771 ||| Stepping ~*~*~tactically~*~*~ (outnumbered).
 24774 | D:7      | 24774 ||| Stepping ~*~*~tactically~*~*~ (outnumbered).
 24776 | D:7      | 24776 ||| Stepping ~*~*~tactically~*~*~ (outnumbered).
 24788 | D:7      | 24788 ||| Stepping ~*~*~tactically~*~*~ (outnumbered).
 24795 | D:7      | 24795 ||| Stepping ~*~*~tactically~*~*~ (outnumbered).
 24803 | D:7      | 24803 ||| Stepping ~*~*~tactically~*~*~ (outnumbered).
 24805 | D:7      | 24805 ||| Stepping ~*~*~tactically~*~*~ (outnumbered).
 24807 | D:7      | 24807 ||| Stepping ~*~*~tactically~*~*~ (outnumbered).
 24817 | D:7      | 24817 ||| Stepping ~*~*~tactically~*~*~ (outnumbered).
 24820 | D:7      | 24820 ||| Stepping ~*~*~tactically~*~*~ (outnumbered).
 24822 | D:7      | 24822 ||| Stepping ~*~*~tactically~*~*~ (outnumbered).
 24826 | D:7      | 24826 ||| Stepping ~*~*~tactically~*~*~ (outnumbered).
 24835 | D:7      | 24835 ||| Stepping ~*~*~tactically~*~*~ (outnumbered).
 24837 | D:7      | 24837 ||| Stepping ~*~*~tactically~*~*~ (outnumbered).
 24845 | D:7      | 24845 ||| Stepping ~*~*~tactically~*~*~ (outnumbered).
 24847 | D:7      | 24847 ||| Stepping ~*~*~tactically~*~*~ (outnumbered).
 24851 | D:7      | 24851 ||| Stepping ~*~*~tactically~*~*~ (outnumbered).
 24857 | D:7      | 24857 ||| Stepping ~*~*~tactically~*~*~ (outnumbered).
 24871 | D:7      | 24871 ||| Stepping ~*~*~tactically~*~*~ (outnumbered).
 24873 | D:7      | 24873 ||| Stepping ~*~*~tactically~*~*~ (outnumbered).
 24875 | D:7      | 24875 ||| Stepping ~*~*~tactically~*~*~ (outnumbered).
 24889 | D:7      | 24889 ||| Stepping ~*~*~tactically~*~*~ (outnumbered).
 24893 | D:7      | 24893 ||| Stepping ~*~*~tactically~*~*~ (outnumbered).
 24902 | D:7      | 24902 ||| Stepping ~*~*~tactically~*~*~ (outnumbered).
 24904 | D:7      | 24904 ||| Stepping ~*~*~tactically~*~*~ (outnumbered).
 24912 | D:7      | 24912 ||| Stepping ~*~*~tactically~*~*~ (outnumbered).
 24915 | D:7      | 24915 ||| Stepping ~*~*~tactically~*~*~ (outnumbered).
 24924 | D:7      | 24924 ||| Stepping ~*~*~tactically~*~*~ (outnumbered).
 24927 | D:7      | 24927 ||| Stepping ~*~*~tactically~*~*~ (outnumbered).
 24938 | D:7      | 24938 ||| Stepping ~*~*~tactically~*~*~ (outnumbered).
 24942 | D:7      | 24942 ||| Stepping ~*~*~tactically~*~*~ (outnumbered).
 24945 | D:7      | 24945 ||| Stepping ~*~*~tactically~*~*~ (outnumbered).
 24950 | D:7      | 24950 ||| Stepping ~*~*~tactically~*~*~ (outnumbered).
 24957 | D:7      | 24957 ||| Stepping ~*~*~tactically~*~*~ (outnumbered).
 24967 | D:7      | 24967 ||| Stepping ~*~*~tactically~*~*~ (outnumbered).
 24969 | D:7      | 24969 ||| Stepping ~*~*~tactically~*~*~ (outnumbered).
 24971 | D:7      | 24971 ||| Stepping ~*~*~tactically~*~*~ (outnumbered).
 24975 | D:7      | 24975 ||| Stepping ~*~*~tactically~*~*~ (outnumbered).
 24979 | D:7      | 24979 ||| Stepping ~*~*~tactically~*~*~ (outnumbered).
 24984 | D:7      | 24984 ||| Stepping ~*~*~tactically~*~*~ (outnumbered).
 24988 | D:7      | 24988 ||| Stepping ~*~*~tactically~*~*~ (outnumbered).
 24998 | D:7      | 24998 ||| Stepping ~*~*~tactically~*~*~ (outnumbered).
 25003 | D:7      | 25003 ||| Stepping ~*~*~tactically~*~*~ (outnumbered).
 25009 | D:7      | 25009 ||| Stepping ~*~*~tactically~*~*~ (outnumbered).
 25020 | D:7      | 25020 ||| Stepping ~*~*~tactically~*~*~ (outnumbered).
 25029 | D:7      | 25029 ||| Stepping ~*~*~tactically~*~*~ (outnumbered).
 25036 | D:7      | 25036 ||| Stepping ~*~*~tactically~*~*~ (outnumbered).
 25041 | D:7      | 25041 ||| Stepping ~*~*~tactically~*~*~ (outnumbered).
 25045 | D:7      | 25045 ||| Stepping ~*~*~tactically~*~*~ (outnumbered).
 25047 | D:7      | 25047 ||| Stepping ~*~*~tactically~*~*~ (outnumbered).
 25052 | D:7      | 25052 ||| Stepping ~*~*~tactically~*~*~ (outnumbered).
 25061 | D:7      | 25061 ||| Stepping ~*~*~tactically~*~*~ (outnumbered).
 25064 | D:7      | 25064 ||| Stepping ~*~*~tactically~*~*~ (outnumbered).
 25066 | D:7      | 25066 ||| Stepping ~*~*~tactically~*~*~ (outnumbered).
 25070 | D:7      | 25070 ||| Stepping ~*~*~tactically~*~*~ (outnumbered).
 25076 | D:7      | 25076 ||| Stepping ~*~*~tactically~*~*~ (outnumbered).
 25078 | D:7      | 25078 ||| Stepping ~*~*~tactically~*~*~ (outnumbered).
 25082 | D:7      | 25082 ||| Stepping ~*~*~tactically~*~*~ (outnumbered).
 25094 | D:7      | 25094 ||| Stepping ~*~*~tactically~*~*~ (outnumbered).
 25098 | D:7      | 25098 ||| Stepping ~*~*~tactically~*~*~ (outnumbered).
 25104 | D:7      | 25104 ||| Stepping ~*~*~tactically~*~*~ (outnumbered).
 25111 | D:7      | 25111 ||| Stepping ~*~*~tactically~*~*~ (outnumbered).
 25113 | D:7      | 25113 ||| Stepping ~*~*~tactically~*~*~ (outnumbered).
 25115 | D:7      | 25115 ||| Stepping ~*~*~tactically~*~*~ (outnumbered).
 25117 | D:7      | 25117 ||| Stepping ~*~*~tactically~*~*~ (outnumbered).
 25123 | D:7      | 25123 ||| Stepping ~*~*~tactically~*~*~ (outnumbered).
 25129 | D:7      | 25129 ||| Stepping ~*~*~tactically~*~*~ (outnumbered).
 25135 | D:7      | 25135 ||| Stepping ~*~*~tactically~*~*~ (outnumbered).
 25143 | D:7      | 25143 ||| Stepping ~*~*~tactically~*~*~ (outnumbered).
 25145 | D:7      | 25145 ||| Stepping ~*~*~tactically~*~*~ (outnumbered).
 25152 | D:7      | 25152 ||| Stepping ~*~*~tactically~*~*~ (outnumbered).
 25157 | D:7      | 25157 ||| Stepping ~*~*~tactically~*~*~ (outnumbered).
 25161 | D:7      | 25161 ||| Stepping ~*~*~tactically~*~*~ (outnumbered).
 25165 | D:7      | 25165 ||| Stepping ~*~*~tactically~*~*~ (outnumbered).
 25178 | D:7      | 25178 ||| Stepping ~*~*~tactically~*~*~ (outnumbered).
 25180 | D:7      | 25180 ||| Stepping ~*~*~tactically~*~*~ (outnumbered).
 25188 | D:7      | 25188 ||| Stepping ~*~*~tactically~*~*~ (outnumbered).
 25199 | D:7      | 25199 ||| Stepping ~*~*~tactically~*~*~ (outnumbered).
 25208 | D:7      | 25208 ||| Stepping ~*~*~tactically~*~*~ (outnumbered).
 25219 | D:7      | 25219 ||| Stepping ~*~*~tactically~*~*~ (outnumbered).
 25225 | D:7      | 25225 ||| Stepping ~*~*~tactically~*~*~ (outnumbered).
 25228 | D:7      | 25228 ||| Stepping ~*~*~tactically~*~*~ (outnumbered).
 25233 | D:7      | 25233 ||| Stepping ~*~*~tactically~*~*~ (outnumbered).
 25235 | D:7      | 25235 ||| Stepping ~*~*~tactically~*~*~ (outnumbered).
 25242 | D:7      | 25242 ||| Stepping ~*~*~tactically~*~*~ (outnumbered).
 25244 | D:7      | 25244 ||| Stepping ~*~*~tactically~*~*~ (outnumbered).
 25250 | D:7      | 25250 ||| Stepping ~*~*~tactically~*~*~ (outnumbered).
 25252 | D:7      | 25252 ||| Stepping ~*~*~tactically~*~*~ (outnumbered).
 25254 | D:7      | 25254 ||| Stepping ~*~*~tactically~*~*~ (outnumbered).
 25256 | D:7      | 25256 ||| Stepping ~*~*~tactically~*~*~ (outnumbered).
 25258 | D:7      | 25258 ||| Stepping ~*~*~tactically~*~*~ (outnumbered).
 25260 | D:7      | 25260 ||| Stepping ~*~*~tactically~*~*~ (outnumbered).
 25262 | D:7      | 25262 ||| Stepping ~*~*~tactically~*~*~ (outnumbered).
 25264 | D:7      | 25264 ||| Stepping ~*~*~tactically~*~*~ (outnumbered).
 25266 | D:7      | 25266 ||| Stepping ~*~*~tactically~*~*~ (outnumbered).
 25273 | D:7      | 25273 ||| Stepping ~*~*~tactically~*~*~ (outnumbered).
 25282 | D:7      | 25282 ||| Stepping ~*~*~tactically~*~*~ (outnumbered).
 25286 | D:7      | 25286 ||| Stepping ~*~*~tactically~*~*~ (outnumbered).
 25289 | D:7      | 25289 ||| Stepping ~*~*~tactically~*~*~ (outnumbered).
 25293 | D:7      | 25293 ||| Stepping ~*~*~tactically~*~*~ (outnumbered).
 25297 | D:7      | 25297 ||| Stepping ~*~*~tactically~*~*~ (outnumbered).
 25299 | D:7      | 25299 ||| Stepping ~*~*~tactically~*~*~ (outnumbered).
 25303 | D:7      | 25303 ||| Stepping ~*~*~tactically~*~*~ (outnumbered).
 25311 | D:7      | 25311 ||| Stepping ~*~*~tactically~*~*~ (outnumbered).
 25319 | D:7      | 25319 ||| Stepping ~*~*~tactically~*~*~ (outnumbered).
 25321 | D:7      | 25321 ||| Stepping ~*~*~tactically~*~*~ (outnumbered).
 25323 | D:7      | 25323 ||| Stepping ~*~*~tactically~*~*~ (outnumbered).
 25326 | D:7      | 25326 ||| Stepping ~*~*~tactically~*~*~ (outnumbered).
 25332 | D:7      | 25332 ||| Stepping ~*~*~tactically~*~*~ (outnumbered).
 25339 | D:7      | 25339 ||| Stepping ~*~*~tactically~*~*~ (outnumbered).
 25347 | D:7      | 25347 ||| Stepping ~*~*~tactically~*~*~ (outnumbered).
 25352 | D:7      | 25352 ||| Stepping ~*~*~tactically~*~*~ (outnumbered).
 25358 | D:7      | 25358 ||| Stepping ~*~*~tactically~*~*~ (outnumbered).
 25360 | D:7      | 25360 ||| Stepping ~*~*~tactically~*~*~ (outnumbered).
 25362 | D:7      | 25362 ||| Stepping ~*~*~tactically~*~*~ (outnumbered).
 25368 | D:7      | 25368 ||| Stepping ~*~*~tactically~*~*~ (outnumbered).
 25372 | D:7      | 25372 ||| Stepping ~*~*~tactically~*~*~ (outnumbered).
 25374 | D:7      | 25374 ||| Stepping ~*~*~tactically~*~*~ (outnumbered).
 25378 | D:7      | 25378 ||| Stepping ~*~*~tactically~*~*~ (outnumbered).
 25392 | D:7      | 25392 ||| Stepping ~*~*~tactically~*~*~ (outnumbered).
 25394 | D:7      | 25394 ||| Stepping ~*~*~tactically~*~*~ (outnumbered).
 25401 | D:7      | 25401 ||| Stepping ~*~*~tactically~*~*~ (outnumbered).
 25403 | D:7      | 25403 ||| Stepping ~*~*~tactically~*~*~ (outnumbered).
 25407 | D:7      | 25407 ||| Stepping ~*~*~tactically~*~*~ (outnumbered).
 25415 | D:7      | 25415 ||| Stepping ~*~*~tactically~*~*~ (outnumbered).
 25422 | D:7      | 25422 ||| Stepping ~*~*~tactically~*~*~ (outnumbered).
 25429 | D:7      | 25429 ||| Stepping ~*~*~tactically~*~*~ (outnumbered).
 25436 | D:7      | 25436 ||| Stepping ~*~*~tactically~*~*~ (outnumbered).
 25438 | D:7      | 25438 ||| Stepping ~*~*~tactically~*~*~ (outnumbered).
 25440 | D:7      | 25440 ||| Stepping ~*~*~tactically~*~*~ (outnumbered).
 25445 | D:7      | 25445 ||| Stepping ~*~*~tactically~*~*~ (outnumbered).
 25449 | D:7      | 25449 ||| Stepping ~*~*~tactically~*~*~ (outnumbered).
 25464 | D:7      | 25464 ||| Stepping ~*~*~tactically~*~*~ (outnumbered).
 25466 | D:7      | 25466 ||| Stepping ~*~*~tactically~*~*~ (outnumbered).
 25470 | D:7      | 25470 ||| Stepping ~*~*~tactically~*~*~ (outnumbered).
 25479 | D:7      | 25479 ||| Stepping ~*~*~tactically~*~*~ (outnumbered).
 25487 | D:7      | 25487 ||| Stepping ~*~*~tactically~*~*~ (outnumbered).
 25497 | D:7      | 25497 ||| Stepping ~*~*~tactically~*~*~ (outnumbered).
 25504 | D:7      | 25504 ||| Stepping ~*~*~tactically~*~*~ (outnumbered).
 25511 | D:7      | 25511 ||| Stepping ~*~*~tactically~*~*~ (outnumbered).
 25514 | D:7      | 25514 ||| Stepping ~*~*~tactically~*~*~ (outnumbered).
 25516 | D:7      | 25516 ||| Stepping ~*~*~tactically~*~*~ (outnumbered).
 25518 | D:7      | 25518 ||| Stepping ~*~*~tactically~*~*~ (outnumbered).
 25520 | D:7      | 25520 ||| Stepping ~*~*~tactically~*~*~ (outnumbered).
 25524 | D:7      | 25524 ||| Stepping ~*~*~tactically~*~*~ (outnumbered).
 25528 | D:7      | 25528 ||| Stepping ~*~*~tactically~*~*~ (outnumbered).
 25530 | D:7      | 25530 ||| Stepping ~*~*~tactically~*~*~ (outnumbered).
 25537 | D:7      | 25537 ||| Stepping ~*~*~tactically~*~*~ (outnumbered).
 25539 | D:7      | 25539 ||| Stepping ~*~*~tactically~*~*~ (outnumbered).
 25542 | D:7      | 25542 ||| Stepping ~*~*~tactically~*~*~ (outnumbered).
 25544 | D:7      | 25544 ||| Stepping ~*~*~tactically~*~*~ (outnumbered).
 25548 | D:7      | 25548 ||| Stepping ~*~*~tactically~*~*~ (outnumbered).
 25555 | D:7      | 25555 ||| Stepping ~*~*~tactically~*~*~ (outnumbered).
 25559 | D:7      | 25559 ||| Stepping ~*~*~tactically~*~*~ (outnumbered).
 25565 | D:7      | 25565 ||| Stepping ~*~*~tactically~*~*~ (outnumbered).
 25574 | D:7      | 25574 ||| Stepping ~*~*~tactically~*~*~ (outnumbered).
 25584 | D:7      | 25584 ||| Stepping ~*~*~tactically~*~*~ (outnumbered).
 25594 | D:7      | 25594 ||| Stepping ~*~*~tactically~*~*~ (outnumbered).
 25597 | D:7      | 25597 ||| Stepping ~*~*~tactically~*~*~ (outnumbered).
 25599 | D:7      | 25599 ||| Stepping ~*~*~tactically~*~*~ (outnumbered).
 25605 | D:7      | 25605 ||| Stepping ~*~*~tactically~*~*~ (outnumbered).
 25607 | D:7      | 25607 ||| Stepping ~*~*~tactically~*~*~ (outnumbered).
 25616 | D:7      | 25616 ||| Stepping ~*~*~tactically~*~*~ (outnumbered).
 25618 | D:7      | 25618 ||| Stepping ~*~*~tactically~*~*~ (outnumbered).
 25621 | D:7      | 25621 ||| Stepping ~*~*~tactically~*~*~ (outnumbered).
 25625 | D:7      | 25625 ||| Stepping ~*~*~tactically~*~*~ (outnumbered).
 25627 | D:7      | 25627 ||| Stepping ~*~*~tactically~*~*~ (outnumbered).
 25631 | D:7      | 25631 ||| Stepping ~*~*~tactically~*~*~ (outnumbered).
 25635 | D:7      | 25635 ||| Stepping ~*~*~tactically~*~*~ (outnumbered).
 25645 | D:7      | 25645 ||| Stepping ~*~*~tactically~*~*~ (outnumbered).
 25649 | D:7      | 25649 ||| Stepping ~*~*~tactically~*~*~ (outnumbered).
 25658 | D:7      | 25658 ||| Stepping ~*~*~tactically~*~*~ (outnumbered).
 25665 | D:7      | 25665 ||| Stepping ~*~*~tactically~*~*~ (outnumbered).
 25672 | D:7      | 25672 ||| Stepping ~*~*~tactically~*~*~ (outnumbered).
 25682 | D:7      | 25682 ||| Stepping ~*~*~tactically~*~*~ (outnumbered).
 25690 | D:7      | 25690 ||| Stepping ~*~*~tactically~*~*~ (outnumbered).
 25692 | D:7      | 25692 ||| Stepping ~*~*~tactically~*~*~ (outnumbered).
 25699 | D:7      | 25699 ||| Stepping ~*~*~tactically~*~*~ (outnumbered).
 25711 | D:7      | 25711 ||| Stepping ~*~*~tactically~*~*~ (outnumbered).
 25714 | D:7      | 25714 ||| Stepping ~*~*~tactically~*~*~ (outnumbered).
 25719 | D:7      | 25719 ||| Stepping ~*~*~tactically~*~*~ (outnumbered).
 25726 | D:7      | 25726 ||| Stepping ~*~*~tactically~*~*~ (outnumbered).
 25731 | D:7      | 25731 ||| Stepping ~*~*~tactically~*~*~ (outnumbered).
 25741 | D:7      | 25741 ||| Stepping ~*~*~tactically~*~*~ (outnumbered).
 25748 | D:7      | 25748 ||| Stepping ~*~*~tactically~*~*~ (outnumbered).
 25755 | D:7      | 25755 ||| Stepping ~*~*~tactically~*~*~ (outnumbered).
 25757 | D:7      | 25757 ||| Stepping ~*~*~tactically~*~*~ (outnumbered).
 25761 | D:7      | 25761 ||| Stepping ~*~*~tactically~*~*~ (outnumbered).
 25768 | D:7      | 25768 ||| Stepping ~*~*~tactically~*~*~ (outnumbered).
 25772 | D:7      | 25772 ||| Stepping ~*~*~tactically~*~*~ (outnumbered).
 25777 | D:7      | 25777 ||| Stepping ~*~*~tactically~*~*~ (outnumbered).
 25781 | D:7      | 25781 ||| Stepping ~*~*~tactically~*~*~ (outnumbered).
 25784 | D:7      | 25784 ||| Stepping ~*~*~tactically~*~*~ (outnumbered).
 25793 | D:7      | 25793 ||| Stepping ~*~*~tactically~*~*~ (outnumbered).
 25800 | D:7      | 25800 ||| Stepping ~*~*~tactically~*~*~ (outnumbered).
 25807 | D:7      | 25807 ||| Stepping ~*~*~tactically~*~*~ (outnumbered).
 25818 | D:7      | 25818 ||| Stepping ~*~*~tactically~*~*~ (outnumbered).
 25820 | D:7      | 25820 ||| Stepping ~*~*~tactically~*~*~ (outnumbered).
 25824 | D:7      | 25824 ||| Stepping ~*~*~tactically~*~*~ (outnumbered).
 25834 | D:7      | 25834 ||| Stepping ~*~*~tactically~*~*~ (outnumbered).
 25841 | D:7      | 25841 ||| Stepping ~*~*~tactically~*~*~ (outnumbered).
 25845 | D:7      | 25845 ||| Stepping ~*~*~tactically~*~*~ (outnumbered).
 25849 | D:7      | 25849 ||| Stepping ~*~*~tactically~*~*~ (outnumbered).
 25856 | D:7      | 25856 ||| Stepping ~*~*~tactically~*~*~ (outnumbered).
 25865 | D:7      | 25865 ||| Stepping ~*~*~tactically~*~*~ (outnumbered).
 25876 | D:7      | 25876 ||| Stepping ~*~*~tactically~*~*~ (outnumbered).
 25884 | D:7      | 25884 ||| Stepping ~*~*~tactically~*~*~ (outnumbered).
 25889 | D:7      | 25889 ||| Stepping ~*~*~tactically~*~*~ (outnumbered).
 25898 | D:7      | 25898 ||| Stepping ~*~*~tactically~*~*~ (outnumbered).
 25905 | D:7      | 25905 ||| Stepping ~*~*~tactically~*~*~ (outnumbered).
 25910 | D:7      | 25910 ||| Stepping ~*~*~tactically~*~*~ (outnumbered).
 25920 | D:7      | 25920 ||| Stepping ~*~*~tactically~*~*~ (outnumbered).
 25923 | D:7      | 25923 ||| Stepping ~*~*~tactically~*~*~ (outnumbered).
 25925 | D:7      | 25925 ||| Stepping ~*~*~tactically~*~*~ (outnumbered).
 25927 | D:7      | 25927 ||| Stepping ~*~*~tactically~*~*~ (outnumbered).
 25932 | D:7      | 25932 ||| Stepping ~*~*~tactically~*~*~ (outnumbered).
 25937 | D:7      | 25937 ||| Stepping ~*~*~tactically~*~*~ (outnumbered).
 25939 | D:7      | 25939 ||| Stepping ~*~*~tactically~*~*~ (outnumbered).
 25941 | D:7      | 25941 ||| Stepping ~*~*~tactically~*~*~ (outnumbered).
 25945 | D:7      | 25945 ||| Stepping ~*~*~tactically~*~*~ (outnumbered).
 25947 | D:7      | 25947 ||| Stepping ~*~*~tactically~*~*~ (outnumbered).
 25953 | D:7      | 25953 ||| Stepping ~*~*~tactically~*~*~ (outnumbered).
 25955 | D:7      | 25955 ||| Stepping ~*~*~tactically~*~*~ (outnumbered).
 25959 | D:7      | 25959 ||| Stepping ~*~*~tactically~*~*~ (outnumbered).
 25961 | D:7      | 25961 ||| Stepping ~*~*~tactically~*~*~ (outnumbered).
 25966 | D:7      | 25966 ||| Stepping ~*~*~tactically~*~*~ (outnumbered).
 25968 | D:7      | 25968 ||| Stepping ~*~*~tactically~*~*~ (outnumbered).
 25977 | D:7      | 25977 ||| Stepping ~*~*~tactically~*~*~ (outnumbered).
 25979 | D:7      | 25979 ||| Stepping ~*~*~tactically~*~*~ (outnumbered).
 25984 | D:7      | 25984 ||| Stepping ~*~*~tactically~*~*~ (outnumbered).
 25986 | D:7      | 25986 ||| Stepping ~*~*~tactically~*~*~ (outnumbered).
 25992 | D:7      | 25992 ||| Stepping ~*~*~tactically~*~*~ (outnumbered).
 25997 | D:7      | 25997 ||| Stepping ~*~*~tactically~*~*~ (outnumbered).
 25999 | D:7      | 25999 ||| Stepping ~*~*~tactically~*~*~ (outnumbered).
 26001 | D:7      | 26001 ||| Stepping ~*~*~tactically~*~*~ (outnumbered).
 26003 | D:7      | 26003 ||| Stepping ~*~*~tactically~*~*~ (outnumbered).
 26006 | D:7      | 26006 ||| Stepping ~*~*~tactically~*~*~ (outnumbered).
 26011 | D:7      | 26011 ||| Stepping ~*~*~tactically~*~*~ (outnumbered).
 26018 | D:7      | 26018 ||| Stepping ~*~*~tactically~*~*~ (outnumbered).
 26028 | D:7      | 26028 ||| Stepping ~*~*~tactically~*~*~ (outnumbered).
 26030 | D:7      | 26030 ||| Stepping ~*~*~tactically~*~*~ (outnumbered).
 26032 | D:7      | 26032 ||| Stepping ~*~*~tactically~*~*~ (outnumbered).
 26034 | D:7      | 26034 ||| Stepping ~*~*~tactically~*~*~ (outnumbered).
 26039 | D:7      | 26039 ||| Stepping ~*~*~tactically~*~*~ (outnumbered).
 26047 | D:7      | 26047 ||| Stepping ~*~*~tactically~*~*~ (outnumbered).
 26054 | D:7      | 26054 ||| Stepping ~*~*~tactically~*~*~ (outnumbered).
 26057 | D:7      | 26057 ||| Stepping ~*~*~tactically~*~*~ (outnumbered).
 26059 | D:7      | 26059 ||| Stepping ~*~*~tactically~*~*~ (outnumbered).
 26063 | D:7      | 26063 ||| Stepping ~*~*~tactically~*~*~ (outnumbered).
 26065 | D:7      | 26065 ||| Stepping ~*~*~tactically~*~*~ (outnumbered).
 26067 | D:7      | 26067 ||| Stepping ~*~*~tactically~*~*~ (outnumbered).
 26070 | D:7      | 26070 ||| Stepping ~*~*~tactically~*~*~ (outnumbered).
 26072 | D:7      | 26072 ||| Stepping ~*~*~tactically~*~*~ (outnumbered).
 26076 | D:7      | 26076 ||| Stepping ~*~*~tactically~*~*~ (outnumbered).
 26080 | D:7      | 26080 ||| Stepping ~*~*~tactically~*~*~ (outnumbered).
 26084 | D:7      | 26084 ||| Stepping ~*~*~tactically~*~*~ (outnumbered).
 26086 | D:7      | 26086 ||| Stepping ~*~*~tactically~*~*~ (outnumbered).
 26096 | D:7      | 26096 ||| Stepping ~*~*~tactically~*~*~ (outnumbered).
 26104 | D:7      | 26104 ||| Stepping ~*~*~tactically~*~*~ (outnumbered).
 26106 | D:7      | 26106 ||| Stepping ~*~*~tactically~*~*~ (outnumbered).
 26108 | D:7      | 26108 ||| Stepping ~*~*~tactically~*~*~ (outnumbered).
 26112 | D:7      | 26112 ||| Stepping ~*~*~tactically~*~*~ (outnumbered).
 26119 | D:7      | 26119 ||| Stepping ~*~*~tactically~*~*~ (outnumbered).
 26133 | D:7      | 26133 ||| Stepping ~*~*~tactically~*~*~ (outnumbered).
 26135 | D:7      | 26135 ||| Stepping ~*~*~tactically~*~*~ (outnumbered).
 26141 | D:7      | 26141 ||| Stepping ~*~*~tactically~*~*~ (outnumbered).
 26153 | D:7      | 26153 ||| Stepping ~*~*~tactically~*~*~ (outnumbered).
 26158 | D:7      | 26158 ||| Stepping ~*~*~tactically~*~*~ (outnumbered).
 26162 | D:7      | 26162 ||| Stepping ~*~*~tactically~*~*~ (outnumbered).
 26167 | D:7      | 26167 ||| Stepping ~*~*~tactically~*~*~ (outnumbered).
 26170 | D:7      | 26170 ||| Stepping ~*~*~tactically~*~*~ (outnumbered).
 26174 | D:7      | 26174 ||| Stepping ~*~*~tactically~*~*~ (outnumbered).
 26176 | D:7      | 26176 ||| Stepping ~*~*~tactically~*~*~ (outnumbered).
 26178 | D:7      | 26178 ||| Stepping ~*~*~tactically~*~*~ (outnumbered).
 26182 | D:7      | 26182 ||| Stepping ~*~*~tactically~*~*~ (outnumbered).
 26184 | D:7      | 26184 ||| Stepping ~*~*~tactically~*~*~ (outnumbered).
 26188 | D:7      | 26188 ||| Stepping ~*~*~tactically~*~*~ (outnumbered).
 26194 | D:7      | 26194 ||| Stepping ~*~*~tactically~*~*~ (outnumbered).
 26207 | D:7      | 26207 ||| Stepping ~*~*~tactically~*~*~ (outnumbered).
 26217 | D:7      | 26217 ||| Stepping ~*~*~tactically~*~*~ (outnumbered).
 26219 | D:7      | 26219 ||| Stepping ~*~*~tactically~*~*~ (outnumbered).
 26221 | D:7      | 26221 ||| Stepping ~*~*~tactically~*~*~ (outnumbered).
 26229 | D:7      | 26229 ||| Stepping ~*~*~tactically~*~*~ (outnumbered).
 26236 | D:7      | 26236 ||| Stepping ~*~*~tactically~*~*~ (outnumbered).
 26241 | D:7      | 26241 ||| Stepping ~*~*~tactically~*~*~ (outnumbered).
 26245 | D:7      | 26245 ||| Stepping ~*~*~tactically~*~*~ (outnumbered).
 26254 | D:7      | 26254 ||| Stepping ~*~*~tactically~*~*~ (outnumbered).
 26262 | D:7      | 26262 ||| Stepping ~*~*~tactically~*~*~ (outnumbered).
 26268 | D:7      | 26268 ||| Stepping ~*~*~tactically~*~*~ (outnumbered).
 26279 | D:7      | 26279 ||| Stepping ~*~*~tactically~*~*~ (outnumbered).
 26286 | D:7      | 26286 ||| Stepping ~*~*~tactically~*~*~ (outnumbered).
 26293 | D:7      | 26293 ||| Stepping ~*~*~tactically~*~*~ (outnumbered).
 26309 | D:7      | 26309 ||| Stepping ~*~*~tactically~*~*~ (outnumbered).
 26312 | D:7      | 26312 ||| Stepping ~*~*~tactically~*~*~ (outnumbered).
 26314 | D:7      | 26314 ||| Stepping ~*~*~tactically~*~*~ (outnumbered).
 26324 | D:7      | 26324 ||| Stepping ~*~*~tactically~*~*~ (outnumbered).
 26330 | D:7      | 26330 ||| Stepping ~*~*~tactically~*~*~ (outnumbered).
 26341 | D:7      | 26341 ||| Stepping ~*~*~tactically~*~*~ (outnumbered).
 26345 | D:7      | 26345 ||| Stepping ~*~*~tactically~*~*~ (outnumbered).
 26348 | D:7      | 26348 ||| Stepping ~*~*~tactically~*~*~ (outnumbered).
 26358 | D:7      | 26358 ||| Stepping ~*~*~tactically~*~*~ (outnumbered).
 26366 | D:7      | 26366 ||| Stepping ~*~*~tactically~*~*~ (outnumbered).
 26369 | D:7      | 26369 ||| Stepping ~*~*~tactically~*~*~ (outnumbered).
 26376 | D:7      | 26376 ||| Stepping ~*~*~tactically~*~*~ (outnumbered).
 26379 | D:7      | 26379 ||| Stepping ~*~*~tactically~*~*~ (outnumbered).
 26385 | D:7      | 26385 ||| Stepping ~*~*~tactically~*~*~ (outnumbered).
 26397 | D:7      | 26397 ||| Stepping ~*~*~tactically~*~*~ (outnumbered).
 26410 | D:7      | 26410 ||| Stepping ~*~*~tactically~*~*~ (outnumbered).
 26420 | D:7      | 26420 ||| Stepping ~*~*~tactically~*~*~ (outnumbered).
 26429 | D:7      | 26429 ||| Stepping ~*~*~tactically~*~*~ (outnumbered).
 26434 | D:7      | 26434 ||| Stepping ~*~*~tactically~*~*~ (outnumbered).
 26438 | D:7      | 26438 ||| Stepping ~*~*~tactically~*~*~ (outnumbered).
 26442 | D:7      | 26442 ||| Stepping ~*~*~tactically~*~*~ (outnumbered).
 26453 | D:7      | 26453 ||| Stepping ~*~*~tactically~*~*~ (outnumbered).
 26459 | D:7      | 26459 ||| Stepping ~*~*~tactically~*~*~ (outnumbered).
 26464 | D:7      | 26464 ||| Stepping ~*~*~tactically~*~*~ (outnumbered).
 26473 | D:7      | 26473 ||| Stepping ~*~*~tactically~*~*~ (outnumbered).
 26480 | D:7      | 26480 ||| Stepping ~*~*~tactically~*~*~ (outnumbered).
 26490 | D:7      | 26490 ||| Stepping ~*~*~tactically~*~*~ (outnumbered).
 26493 | D:7      | 26493 ||| Stepping ~*~*~tactically~*~*~ (outnumbered).
 26497 | D:7      | 26497 ||| Stepping ~*~*~tactically~*~*~ (outnumbered).
 26499 | D:7      | 26499 ||| Stepping ~*~*~tactically~*~*~ (outnumbered).
 26512 | D:7      | 26512 ||| Stepping ~*~*~tactically~*~*~ (outnumbered).
 26517 | D:7      | 26517 ||| Stepping ~*~*~tactically~*~*~ (outnumbered).
 26520 | D:7      | 26520 ||| Stepping ~*~*~tactically~*~*~ (outnumbered).
 26530 | D:7      | 26530 ||| Stepping ~*~*~tactically~*~*~ (outnumbered).
 26541 | D:7      | 26541 ||| Stepping ~*~*~tactically~*~*~ (outnumbered).
 26543 | D:7      | 26543 ||| Stepping ~*~*~tactically~*~*~ (outnumbered).
 26556 | D:7      | 26556 ||| Stepping ~*~*~tactically~*~*~ (outnumbered).
 26561 | D:7      | 26561 ||| Stepping ~*~*~tactically~*~*~ (outnumbered).
 26563 | D:7      | 26563 ||| Stepping ~*~*~tactically~*~*~ (outnumbered).
 26568 | D:7      | 26568 ||| Stepping ~*~*~tactically~*~*~ (outnumbered).
 26570 | D:7      | 26570 ||| Stepping ~*~*~tactically~*~*~ (outnumbered).
 26578 | D:7      | 26578 ||| Stepping ~*~*~tactically~*~*~ (outnumbered).
 26580 | D:7      | 26580 ||| Stepping ~*~*~tactically~*~*~ (outnumbered).
 26584 | D:7      | 26584 ||| Stepping ~*~*~tactically~*~*~ (outnumbered).
 26591 | D:7      | 26591 ||| Stepping ~*~*~tactically~*~*~ (outnumbered).
 26593 | D:7      | 26593 ||| Stepping ~*~*~tactically~*~*~ (outnumbered).
 26600 | D:7      | 26600 ||| Stepping ~*~*~tactically~*~*~ (outnumbered).
 26608 | D:7      | 26608 ||| Stepping ~*~*~tactically~*~*~ (outnumbered).
 26611 | D:7      | 26611 ||| Stepping ~*~*~tactically~*~*~ (outnumbered).
 26615 | D:7      | 26615 ||| Stepping ~*~*~tactically~*~*~ (outnumbered).
 26622 | D:7      | 26622 ||| Stepping ~*~*~tactically~*~*~ (outnumbered).
 26632 | D:7      | 26632 ||| Stepping ~*~*~tactically~*~*~ (outnumbered).
 26640 | D:7      | 26640 ||| Stepping ~*~*~tactically~*~*~ (outnumbered).
 26648 | D:7      | 26648 ||| Stepping ~*~*~tactically~*~*~ (outnumbered).
 26656 | D:7      | 26656 ||| Stepping ~*~*~tactically~*~*~ (outnumbered).
 26670 | D:7      | 26670 ||| Stepping ~*~*~tactically~*~*~ (outnumbered).
 26678 | D:7      | 26678 ||| Stepping ~*~*~tactically~*~*~ (outnumbered).
 26689 | D:7      | 26689 ||| Stepping ~*~*~tactically~*~*~ (outnumbered).
 26697 | D:7      | 26697 ||| Stepping ~*~*~tactically~*~*~ (outnumbered).
 26704 | D:7      | 26704 ||| Stepping ~*~*~tactically~*~*~ (outnumbered).
 26712 | D:7      | 26712 ||| Stepping ~*~*~tactically~*~*~ (outnumbered).
 26714 | D:7      | 26714 ||| Stepping ~*~*~tactically~*~*~ (outnumbered).
 26716 | D:7      | 26716 ||| Stepping ~*~*~tactically~*~*~ (outnumbered).
 26723 | D:7      | 26723 ||| Stepping ~*~*~tactically~*~*~ (outnumbered).
 26727 | D:7      | 26727 ||| Stepping ~*~*~tactically~*~*~ (outnumbered).
 26732 | D:7      | 26732 ||| Stepping ~*~*~tactically~*~*~ (outnumbered).
 26739 | D:7      | 26739 ||| Stepping ~*~*~tactically~*~*~ (outnumbered).
 26743 | D:7      | 26743 ||| Stepping ~*~*~tactically~*~*~ (outnumbered).
 26745 | D:7      | 26745 ||| Stepping ~*~*~tactically~*~*~ (outnumbered).
 26754 | D:7      | 26754 ||| Stepping ~*~*~tactically~*~*~ (outnumbered).
 26758 | D:7      | 26758 ||| Stepping ~*~*~tactically~*~*~ (outnumbered).
 26766 | D:7      | 26766 ||| Stepping ~*~*~tactically~*~*~ (outnumbered).
 26778 | D:7      | 26778 ||| Stepping ~*~*~tactically~*~*~ (outnumbered).
 26780 | D:7      | 26780 ||| Stepping ~*~*~tactically~*~*~ (outnumbered).
 26783 | D:7      | 26783 ||| Stepping ~*~*~tactically~*~*~ (outnumbered).
 26786 | D:7      | 26786 ||| Stepping ~*~*~tactically~*~*~ (outnumbered).
 26797 | D:7      | 26797 ||| Stepping ~*~*~tactically~*~*~ (outnumbered).
 26801 | D:7      | 26801 ||| Stepping ~*~*~tactically~*~*~ (outnumbered).
 26813 | D:7      | 26813 ||| Stepping ~*~*~tactically~*~*~ (outnumbered).
 26815 | D:7      | 26815 ||| Stepping ~*~*~tactically~*~*~ (outnumbered).
 26817 | D:7      | 26817 ||| Stepping ~*~*~tactically~*~*~ (outnumbered).
 26820 | D:7      | 26820 ||| Stepping ~*~*~tactically~*~*~ (outnumbered).
 26822 | D:7      | 26822 ||| Stepping ~*~*~tactically~*~*~ (outnumbered).
 26824 | D:7      | 26824 ||| Stepping ~*~*~tactically~*~*~ (outnumbered).
 26826 | D:7      | 26826 ||| Stepping ~*~*~tactically~*~*~ (outnumbered).
 26839 | D:7      | 26839 ||| Stepping ~*~*~tactically~*~*~ (outnumbered).
 26847 | D:7      | 26847 ||| Stepping ~*~*~tactically~*~*~ (outnumbered).
 26854 | D:7      | 26854 ||| Stepping ~*~*~tactically~*~*~ (outnumbered).
 26858 | D:7      | 26858 ||| Stepping ~*~*~tactically~*~*~ (outnumbered).
 26867 | D:7      | 26867 ||| Stepping ~*~*~tactically~*~*~ (outnumbered).
 26875 | D:7      | 26875 ||| Stepping ~*~*~tactically~*~*~ (outnumbered).
 26877 | D:7      | 26877 ||| Stepping ~*~*~tactically~*~*~ (outnumbered).
 26881 | D:7      | 26881 ||| Stepping ~*~*~tactically~*~*~ (outnumbered).
 26884 | D:7      | 26884 ||| Stepping ~*~*~tactically~*~*~ (outnumbered).
 26894 | D:7      | 26894 ||| Stepping ~*~*~tactically~*~*~ (outnumbered).
 26896 | D:7      | 26896 ||| Stepping ~*~*~tactically~*~*~ (outnumbered).
 26900 | D:7      | 26900 ||| Stepping ~*~*~tactically~*~*~ (outnumbered).
 26908 | D:7      | 26908 ||| Stepping ~*~*~tactically~*~*~ (outnumbered).
 26917 | D:7      | 26917 ||| Stepping ~*~*~tactically~*~*~ (outnumbered).
 26921 | D:7      | 26921 ||| Stepping ~*~*~tactically~*~*~ (outnumbered).
 26923 | D:7      | 26923 ||| Stepping ~*~*~tactically~*~*~ (outnumbered).
 26927 | D:7      | 26927 ||| Stepping ~*~*~tactically~*~*~ (outnumbered).
 26931 | D:7      | 26931 ||| Stepping ~*~*~tactically~*~*~ (outnumbered).
 26938 | D:7      | 26938 ||| Stepping ~*~*~tactically~*~*~ (outnumbered).
 26951 | D:7      | 26951 ||| Stepping ~*~*~tactically~*~*~ (outnumbered).
 26953 | D:7      | 26953 ||| Stepping ~*~*~tactically~*~*~ (outnumbered).
 26955 | D:7      | 26955 ||| Stepping ~*~*~tactically~*~*~ (outnumbered).
 26960 | D:7      | 26960 ||| Stepping ~*~*~tactically~*~*~ (outnumbered).
 26962 | D:7      | 26962 ||| Stepping ~*~*~tactically~*~*~ (outnumbered).
 26973 | D:7      | 26973 ||| Stepping ~*~*~tactically~*~*~ (outnumbered).
 26977 | D:7      | 26977 ||| Stepping ~*~*~tactically~*~*~ (outnumbered).
 26983 | D:7      | 26983 ||| Stepping ~*~*~tactically~*~*~ (outnumbered).
 26989 | D:7      | 26989 ||| Stepping ~*~*~tactically~*~*~ (outnumbered).
 27002 | D:7      | 27002 ||| Stepping ~*~*~tactically~*~*~ (outnumbered).
 27008 | D:7      | 27008 ||| Stepping ~*~*~tactically~*~*~ (outnumbered).
 27015 | D:7      | 27015 ||| Stepping ~*~*~tactically~*~*~ (outnumbered).
 27021 | D:7      | 27021 ||| Stepping ~*~*~tactically~*~*~ (outnumbered).
 27023 | D:7      | 27023 ||| Stepping ~*~*~tactically~*~*~ (outnumbered).
 27029 | D:7      | 27029 ||| Stepping ~*~*~tactically~*~*~ (outnumbered).
 27032 | D:7      | 27032 ||| Stepping ~*~*~tactically~*~*~ (outnumbered).
 27034 | D:7      | 27034 ||| Stepping ~*~*~tactically~*~*~ (outnumbered).
 27045 | D:7      | 27045 ||| Stepping ~*~*~tactically~*~*~ (outnumbered).
 27052 | D:7      | 27052 ||| Stepping ~*~*~tactically~*~*~ (outnumbered).
 27060 | D:7      | 27060 ||| Stepping ~*~*~tactically~*~*~ (outnumbered).
 27065 | D:7      | 27065 ||| Stepping ~*~*~tactically~*~*~ (outnumbered).
 27069 | D:7      | 27069 ||| Stepping ~*~*~tactically~*~*~ (outnumbered).
 27071 | D:7      | 27071 ||| Stepping ~*~*~tactically~*~*~ (outnumbered).
 27074 | D:7      | 27074 ||| Stepping ~*~*~tactically~*~*~ (outnumbered).
 27080 | D:7      | 27080 ||| Stepping ~*~*~tactically~*~*~ (outnumbered).
 27093 | D:7      | 27093 ||| Stepping ~*~*~tactically~*~*~ (outnumbered).
 27100 | D:7      | 27100 ||| Stepping ~*~*~tactically~*~*~ (outnumbered).
 27105 | D:7      | 27105 ||| Stepping ~*~*~tactically~*~*~ (outnumbered).
 27110 | D:7      | 27110 ||| Stepping ~*~*~tactically~*~*~ (outnumbered).
 27115 | D:7      | 27115 ||| Stepping ~*~*~tactically~*~*~ (outnumbered).
 27131 | D:7      | 27131 ||| Stepping ~*~*~tactically~*~*~ (outnumbered).
 27142 | D:7      | 27142 ||| Stepping ~*~*~tactically~*~*~ (outnumbered).
 27149 | D:7      | 27149 ||| Stepping ~*~*~tactically~*~*~ (outnumbered).
 27152 | D:7      | 27152 ||| Stepping ~*~*~tactically~*~*~ (outnumbered).
 27159 | D:7      | 27159 ||| Stepping ~*~*~tactically~*~*~ (outnumbered).
 27163 | D:7      | 27163 ||| Stepping ~*~*~tactically~*~*~ (outnumbered).
 27173 | D:7      | 27173 ||| Stepping ~*~*~tactically~*~*~ (outnumbered).
 27178 | D:7      | 27178 ||| Stepping ~*~*~tactically~*~*~ (outnumbered).
 27182 | D:7      | 27182 ||| Stepping ~*~*~tactically~*~*~ (outnumbered).
 27190 | D:7      | 27190 ||| Stepping ~*~*~tactically~*~*~ (outnumbered).
 27192 | D:7      | 27192 ||| Stepping ~*~*~tactically~*~*~ (outnumbered).
 27197 | D:7      | 27197 ||| Stepping ~*~*~tactically~*~*~ (outnumbered).
 27206 | D:7      | 27206 ||| Stepping ~*~*~tactically~*~*~ (outnumbered).
 27217 | D:7      | 27217 ||| Stepping ~*~*~tactically~*~*~ (outnumbered).
 27226 | D:7      | 27226 ||| Stepping ~*~*~tactically~*~*~ (outnumbered).
 27237 | D:7      | 27237 ||| Stepping ~*~*~tactically~*~*~ (outnumbered).
 27243 | D:7      | 27243 ||| Stepping ~*~*~tactically~*~*~ (outnumbered).
 27249 | D:7      | 27249 ||| Stepping ~*~*~tactically~*~*~ (outnumbered).
 27251 | D:7      | 27251 ||| Stepping ~*~*~tactically~*~*~ (outnumbered).
 27258 | D:7      | 27258 ||| Stepping ~*~*~tactically~*~*~ (outnumbered).
 27262 | D:7      | 27262 ||| Stepping ~*~*~tactically~*~*~ (outnumbered).
 27268 | D:7      | 27268 ||| Stepping ~*~*~tactically~*~*~ (outnumbered).
 27275 | D:7      | 27275 ||| Stepping ~*~*~tactically~*~*~ (outnumbered).
 27278 | D:7      | 27278 ||| Stepping ~*~*~tactically~*~*~ (outnumbered).
 27288 | D:7      | 27288 ||| Stepping ~*~*~tactically~*~*~ (outnumbered).
 27292 | D:7      | 27292 ||| Stepping ~*~*~tactically~*~*~ (outnumbered).
 27296 | D:7      | 27296 ||| Stepping ~*~*~tactically~*~*~ (outnumbered).
 27303 | D:7      | 27303 ||| Stepping ~*~*~tactically~*~*~ (outnumbered).
 27306 | D:7      | 27306 ||| Stepping ~*~*~tactically~*~*~ (outnumbered).
 27309 | D:7      | 27309 ||| Stepping ~*~*~tactically~*~*~ (outnumbered).
 27311 | D:7      | 27311 ||| Stepping ~*~*~tactically~*~*~ (outnumbered).
 27314 | D:7      | 27314 ||| Stepping ~*~*~tactically~*~*~ (outnumbered).
 27316 | D:7      | 27316 ||| Stepping ~*~*~tactically~*~*~ (outnumbered).
 27326 | D:7      | 27326 ||| Stepping ~*~*~tactically~*~*~ (outnumbered).
 27337 | D:7      | 27337 ||| Stepping ~*~*~tactically~*~*~ (outnumbered).
 27340 | D:7      | 27340 ||| Stepping ~*~*~tactically~*~*~ (outnumbered).
 27345 | D:7      | 27345 ||| Stepping ~*~*~tactically~*~*~ (outnumbered).
 27349 | D:7      | 27349 ||| Stepping ~*~*~tactically~*~*~ (outnumbered).
 27351 | D:7      | 27351 ||| Stepping ~*~*~tactically~*~*~ (outnumbered).
 27358 | D:7      | 27358 ||| Stepping ~*~*~tactically~*~*~ (outnumbered).
 27363 | D:7      | 27363 ||| Stepping ~*~*~tactically~*~*~ (outnumbered).
 27368 | D:7      | 27368 ||| Stepping ~*~*~tactically~*~*~ (outnumbered).
 27380 | D:7      | 27380 ||| Stepping ~*~*~tactically~*~*~ (outnumbered).
 27382 | D:7      | 27382 ||| Stepping ~*~*~tactically~*~*~ (outnumbered).
 27384 | D:7      | 27384 ||| Stepping ~*~*~tactically~*~*~ (outnumbered).
 27387 | D:7      | 27387 ||| Stepping ~*~*~tactically~*~*~ (outnumbered).
 27398 | D:7      | 27398 ||| Stepping ~*~*~tactically~*~*~ (outnumbered).
 27401 | D:7      | 27401 ||| Stepping ~*~*~tactically~*~*~ (outnumbered).
 27405 | D:7      | 27405 ||| Stepping ~*~*~tactically~*~*~ (outnumbered).
 27412 | D:7      | 27412 ||| Stepping ~*~*~tactically~*~*~ (outnumbered).
 27416 | D:7      | 27416 ||| Stepping ~*~*~tactically~*~*~ (outnumbered).
 27421 | D:7      | 27421 ||| Stepping ~*~*~tactically~*~*~ (outnumbered).
 27433 | D:7      | 27433 ||| Stepping ~*~*~tactically~*~*~ (outnumbered).
 27437 | D:7      | 27437 ||| Stepping ~*~*~tactically~*~*~ (outnumbered).
 27440 | D:7      | 27440 ||| Stepping ~*~*~tactically~*~*~ (outnumbered).
 27450 | D:7      | 27450 ||| Stepping ~*~*~tactically~*~*~ (outnumbered).
 27464 | D:7      | 27464 ||| Stepping ~*~*~tactically~*~*~ (outnumbered).
 27472 | D:7      | 27472 ||| Stepping ~*~*~tactically~*~*~ (outnumbered).
 27478 | D:7      | 27478 ||| Stepping ~*~*~tactically~*~*~ (outnumbered).
 27485 | D:7      | 27485 ||| Stepping ~*~*~tactically~*~*~ (outnumbered).
 27496 | D:7      | 27496 ||| Stepping ~*~*~tactically~*~*~ (outnumbered).
 27502 | D:7      | 27502 ||| Stepping ~*~*~tactically~*~*~ (outnumbered).
 27507 | D:7      | 27507 ||| Stepping ~*~*~tactically~*~*~ (outnumbered).
 27513 | D:7      | 27513 ||| Stepping ~*~*~tactically~*~*~ (outnumbered).
 27515 | D:7      | 27515 ||| Stepping ~*~*~tactically~*~*~ (outnumbered).
 27522 | D:7      | 27522 ||| Stepping ~*~*~tactically~*~*~ (outnumbered).
 27525 | D:7      | 27525 ||| Stepping ~*~*~tactically~*~*~ (outnumbered).
 27527 | D:7      | 27527 ||| Stepping ~*~*~tactically~*~*~ (outnumbered).
 27535 | D:7      | 27535 ||| Stepping ~*~*~tactically~*~*~ (outnumbered).
 27539 | D:7      | 27539 ||| Stepping ~*~*~tactically~*~*~ (outnumbered).
 27541 | D:7      | 27541 ||| Stepping ~*~*~tactically~*~*~ (outnumbered).
 27547 | D:7      | 27547 ||| Stepping ~*~*~tactically~*~*~ (outnumbered).
 27555 | D:7      | 27555 ||| Stepping ~*~*~tactically~*~*~ (outnumbered).
 27557 | D:7      | 27557 ||| Stepping ~*~*~tactically~*~*~ (outnumbered).
 27562 | D:7      | 27562 ||| Stepping ~*~*~tactically~*~*~ (outnumbered).
 27567 | D:7      | 27567 ||| Stepping ~*~*~tactically~*~*~ (outnumbered).
 27572 | D:7      | 27572 ||| Stepping ~*~*~tactically~*~*~ (outnumbered).
 27576 | D:7      | 27576 ||| Stepping ~*~*~tactically~*~*~ (outnumbered).
 27582 | D:7      | 27582 ||| Stepping ~*~*~tactically~*~*~ (outnumbered).
 27592 | D:7      | 27592 ||| Stepping ~*~*~tactically~*~*~ (outnumbered).
 27594 | D:7      | 27594 ||| Stepping ~*~*~tactically~*~*~ (outnumbered).
 27596 | D:7      | 27596 ||| Stepping ~*~*~tactically~*~*~ (outnumbered).
 27600 | D:7      | 27600 ||| Stepping ~*~*~tactically~*~*~ (outnumbered).
 27608 | D:7      | 27608 ||| Stepping ~*~*~tactically~*~*~ (outnumbered).
 27615 | D:7      | 27615 ||| Stepping ~*~*~tactically~*~*~ (outnumbered).
 27624 | D:7      | 27624 ||| Stepping ~*~*~tactically~*~*~ (outnumbered).
 27632 | D:7      | 27632 ||| Stepping ~*~*~tactically~*~*~ (outnumbered).
 27637 | D:7      | 27637 ||| Stepping ~*~*~tactically~*~*~ (outnumbered).
 27647 | D:7      | 27647 ||| Stepping ~*~*~tactically~*~*~ (outnumbered).
 27654 | D:7      | 27654 ||| Stepping ~*~*~tactically~*~*~ (outnumbered).
 27660 | D:7      | 27660 ||| Stepping ~*~*~tactically~*~*~ (outnumbered).
 27668 | D:7      | 27668 ||| Stepping ~*~*~tactically~*~*~ (outnumbered).
 27678 | D:7      | 27678 ||| Stepping ~*~*~tactically~*~*~ (outnumbered).
 27680 | D:7      | 27680 ||| Stepping ~*~*~tactically~*~*~ (outnumbered).
 27685 | D:7      | 27685 ||| Stepping ~*~*~tactically~*~*~ (outnumbered).
 27688 | D:7      | 27688 ||| Stepping ~*~*~tactically~*~*~ (outnumbered).
 27690 | D:7      | 27690 ||| Stepping ~*~*~tactically~*~*~ (outnumbered).
 27694 | D:7      | 27694 ||| Stepping ~*~*~tactically~*~*~ (outnumbered).
 27696 | D:7      | 27696 ||| Stepping ~*~*~tactically~*~*~ (outnumbered).
 27698 | D:7      | 27698 ||| Stepping ~*~*~tactically~*~*~ (outnumbered).
 27703 | D:7      | 27703 ||| Stepping ~*~*~tactically~*~*~ (outnumbered).
 27709 | D:7      | 27709 ||| Stepping ~*~*~tactically~*~*~ (outnumbered).
 27716 | D:7      | 27716 ||| Stepping ~*~*~tactically~*~*~ (outnumbered).
 27721 | D:7      | 27721 ||| Stepping ~*~*~tactically~*~*~ (outnumbered).
 27728 | D:7      | 27728 ||| Stepping ~*~*~tactically~*~*~ (outnumbered).
 27741 | D:7      | 27741 ||| Stepping ~*~*~tactically~*~*~ (outnumbered).
 27746 | D:7      | 27746 ||| Stepping ~*~*~tactically~*~*~ (outnumbered).
 27757 | D:7      | 27757 ||| Stepping ~*~*~tactically~*~*~ (outnumbered).
 27769 | D:7      | 27769 ||| Stepping ~*~*~tactically~*~*~ (outnumbered).
 27774 | D:7      | 27774 ||| Stepping ~*~*~tactically~*~*~ (outnumbered).
 27778 | D:7      | 27778 ||| Stepping ~*~*~tactically~*~*~ (outnumbered).
 27780 | D:7      | 27780 ||| Stepping ~*~*~tactically~*~*~ (outnumbered).
 27782 | D:7      | 27782 ||| Stepping ~*~*~tactically~*~*~ (outnumbered).
 27786 | D:7      | 27786 ||| Stepping ~*~*~tactically~*~*~ (outnumbered).
 27793 | D:7      | 27793 ||| Stepping ~*~*~tactically~*~*~ (outnumbered).
 27796 | D:7      | 27796 ||| Stepping ~*~*~tactically~*~*~ (outnumbered).
 27798 | D:7      | 27798 ||| Stepping ~*~*~tactically~*~*~ (outnumbered).
 27806 | D:7      | 27806 ||| Stepping ~*~*~tactically~*~*~ (outnumbered).
 27814 | D:7      | 27814 ||| Stepping ~*~*~tactically~*~*~ (outnumbered).
 27824 | D:7      | 27824 ||| Stepping ~*~*~tactically~*~*~ (outnumbered).
 27827 | D:7      | 27827 ||| Stepping ~*~*~tactically~*~*~ (outnumbered).
 27829 | D:7      | 27829 ||| Stepping ~*~*~tactically~*~*~ (outnumbered).
 27835 | D:7      | 27835 ||| Stepping ~*~*~tactically~*~*~ (outnumbered).
 27844 | D:7      | 27844 ||| Stepping ~*~*~tactically~*~*~ (outnumbered).
 27853 | D:7      | 27853 ||| Stepping ~*~*~tactically~*~*~ (outnumbered).
 27863 | D:7      | 27863 ||| Stepping ~*~*~tactically~*~*~ (outnumbered).
 27865 | D:7      | 27865 ||| Stepping ~*~*~tactically~*~*~ (outnumbered).
 27874 | D:7      | 27874 ||| Stepping ~*~*~tactically~*~*~ (outnumbered).
 27884 | D:7      | 27884 ||| Stepping ~*~*~tactically~*~*~ (outnumbered).
 27887 | D:7      | 27887 ||| Stepping ~*~*~tactically~*~*~ (outnumbered).
 27893 | D:7      | 27893 ||| Stepping ~*~*~tactically~*~*~ (outnumbered).
 27896 | D:7      | 27896 ||| Stepping ~*~*~tactically~*~*~ (outnumbered).
 27899 | D:7      | 27899 ||| Stepping ~*~*~tactically~*~*~ (outnumbered).
 27908 | D:7      | 27908 ||| Stepping ~*~*~tactically~*~*~ (outnumbered).
 27914 | D:7      | 27914 ||| Stepping ~*~*~tactically~*~*~ (outnumbered).
 27924 | D:7      | 27924 ||| Stepping ~*~*~tactically~*~*~ (outnumbered).
 27927 | D:7      | 27927 ||| Stepping ~*~*~tactically~*~*~ (outnumbered).
 27946 | D:7      | 27946 ||| Stepping ~*~*~tactically~*~*~ (outnumbered).
 27948 | D:7      | 27948 ||| Stepping ~*~*~tactically~*~*~ (outnumbered).
 27952 | D:7      | 27952 ||| Stepping ~*~*~tactically~*~*~ (outnumbered).
 27961 | D:7      | 27961 ||| Stepping ~*~*~tactically~*~*~ (outnumbered).
 27968 | D:7      | 27968 ||| Stepping ~*~*~tactically~*~*~ (outnumbered).
 27974 | D:7      | 27974 ||| Stepping ~*~*~tactically~*~*~ (outnumbered).
 27976 | D:7      | 27976 ||| Stepping ~*~*~tactically~*~*~ (outnumbered).
 27980 | D:7      | 27980 ||| Stepping ~*~*~tactically~*~*~ (outnumbered).
 27987 | D:7      | 27987 ||| Stepping ~*~*~tactically~*~*~ (outnumbered).
 27997 | D:7      | 27997 ||| Stepping ~*~*~tactically~*~*~ (outnumbered).
 28000 | D:7      | 28000 ||| Stepping ~*~*~tactically~*~*~ (outnumbered).
 28002 | D:7      | 28002 ||| Stepping ~*~*~tactically~*~*~ (outnumbered).
 28012 | D:7      | 28012 ||| Stepping ~*~*~tactically~*~*~ (outnumbered).
 28014 | D:7      | 28014 ||| Stepping ~*~*~tactically~*~*~ (outnumbered).
 28024 | D:7      | 28024 ||| Stepping ~*~*~tactically~*~*~ (outnumbered).
 28029 | D:7      | 28029 ||| Stepping ~*~*~tactically~*~*~ (outnumbered).
 28033 | D:7      | 28033 ||| Stepping ~*~*~tactically~*~*~ (outnumbered).
 28038 | D:7      | 28038 ||| Stepping ~*~*~tactically~*~*~ (outnumbered).
 28040 | D:7      | 28040 ||| Stepping ~*~*~tactically~*~*~ (outnumbered).
 28042 | D:7      | 28042 ||| Stepping ~*~*~tactically~*~*~ (outnumbered).
 28047 | D:7      | 28047 ||| Stepping ~*~*~tactically~*~*~ (outnumbered).
 28051 | D:7      | 28051 ||| Stepping ~*~*~tactically~*~*~ (outnumbered).
 28056 | D:7      | 28056 ||| Stepping ~*~*~tactically~*~*~ (outnumbered).
 28069 | D:7      | 28069 ||| Stepping ~*~*~tactically~*~*~ (outnumbered).
 28074 | D:7      | 28074 ||| Stepping ~*~*~tactically~*~*~ (outnumbered).
 28078 | D:7      | 28078 ||| Stepping ~*~*~tactically~*~*~ (outnumbered).
 28083 | D:7      | 28083 ||| Stepping ~*~*~tactically~*~*~ (outnumbered).
 28092 | D:7      | 28092 ||| Stepping ~*~*~tactically~*~*~ (outnumbered).
 28095 | D:7      | 28095 ||| Stepping ~*~*~tactically~*~*~ (outnumbered).
 28107 | D:7      | 28107 ||| Stepping ~*~*~tactically~*~*~ (outnumbered).
 28117 | D:7      | 28117 ||| Stepping ~*~*~tactically~*~*~ (outnumbered).
 28124 | D:7      | 28124 ||| Stepping ~*~*~tactically~*~*~ (outnumbered).
 28126 | D:7      | 28126 ||| Stepping ~*~*~tactically~*~*~ (outnumbered).
 28130 | D:7      | 28130 ||| Stepping ~*~*~tactically~*~*~ (outnumbered).
 28141 | D:7      | 28141 ||| Stepping ~*~*~tactically~*~*~ (outnumbered).
 28148 | D:7      | 28148 ||| Stepping ~*~*~tactically~*~*~ (outnumbered).
 28151 | D:7      | 28151 ||| Stepping ~*~*~tactically~*~*~ (outnumbered).
 28155 | D:7      | 28155 ||| Stepping ~*~*~tactically~*~*~ (outnumbered).
 28161 | D:7      | 28161 ||| Stepping ~*~*~tactically~*~*~ (outnumbered).
 28174 | D:7      | 28174 ||| Stepping ~*~*~tactically~*~*~ (outnumbered).
 28178 | D:7      | 28178 ||| Stepping ~*~*~tactically~*~*~ (outnumbered).
 28187 | D:7      | 28187 ||| Stepping ~*~*~tactically~*~*~ (outnumbered).
 28196 | D:7      | 28196 ||| Stepping ~*~*~tactically~*~*~ (outnumbered).
 28198 | D:7      | 28198 ||| Stepping ~*~*~tactically~*~*~ (outnumbered).
 28210 | D:7      | 28210 ||| Stepping ~*~*~tactically~*~*~ (outnumbered).
 28215 | D:7      | 28215 ||| Stepping ~*~*~tactically~*~*~ (outnumbered).
 28221 | D:7      | 28221 ||| Stepping ~*~*~tactically~*~*~ (outnumbered).
 28223 | D:7      | 28223 ||| Stepping ~*~*~tactically~*~*~ (outnumbered).
 28234 | D:7      | 28234 ||| Stepping ~*~*~tactically~*~*~ (outnumbered).
 28239 | D:7      | 28239 ||| Stepping ~*~*~tactically~*~*~ (outnumbered).
 28243 | D:7      | 28243 ||| Stepping ~*~*~tactically~*~*~ (outnumbered).
 28249 | D:7      | 28249 ||| Stepping ~*~*~tactically~*~*~ (outnumbered).
 28252 | D:7      | 28252 ||| Stepping ~*~*~tactically~*~*~ (outnumbered).
 28260 | D:7      | 28260 ||| Stepping ~*~*~tactically~*~*~ (outnumbered).
 28265 | D:7      | 28265 ||| Stepping ~*~*~tactically~*~*~ (outnumbered).
 28269 | D:7      | 28269 ||| Stepping ~*~*~tactically~*~*~ (outnumbered).
 28271 | D:7      | 28271 ||| Stepping ~*~*~tactically~*~*~ (outnumbered).
 28278 | D:7      | 28278 ||| Stepping ~*~*~tactically~*~*~ (outnumbered).
 28281 | D:7      | 28281 ||| Stepping ~*~*~tactically~*~*~ (outnumbered).
 28285 | D:7      | 28285 ||| Stepping ~*~*~tactically~*~*~ (outnumbered).
 28299 | D:7      | 28299 ||| Stepping ~*~*~tactically~*~*~ (outnumbered).
 28304 | D:7      | 28304 ||| Stepping ~*~*~tactically~*~*~ (outnumbered).
 28306 | D:7      | 28306 ||| Stepping ~*~*~tactically~*~*~ (outnumbered).
 28311 | D:7      | 28311 ||| Stepping ~*~*~tactically~*~*~ (outnumbered).
 28314 | D:7      | 28314 ||| Stepping ~*~*~tactically~*~*~ (outnumbered).
 28316 | D:7      | 28316 ||| Stepping ~*~*~tactically~*~*~ (outnumbered).
 28321 | D:7      | 28321 ||| Stepping ~*~*~tactically~*~*~ (outnumbered).
 28323 | D:7      | 28323 ||| Stepping ~*~*~tactically~*~*~ (outnumbered).
 28326 | D:7      | 28326 ||| Stepping ~*~*~tactically~*~*~ (outnumbered).
 28334 | D:7      | 28334 ||| Stepping ~*~*~tactically~*~*~ (outnumbered).
 28340 | D:7      | 28340 ||| Stepping ~*~*~tactically~*~*~ (outnumbered).
 28345 | D:7      | 28345 ||| Stepping ~*~*~tactically~*~*~ (outnumbered).
 28350 | D:7      | 28350 ||| Stepping ~*~*~tactically~*~*~ (outnumbered).
 28356 | D:7      | 28356 ||| Stepping ~*~*~tactically~*~*~ (outnumbered).
 28363 | D:7      | 28363 ||| Stepping ~*~*~tactically~*~*~ (outnumbered).
 28366 | D:7      | 28366 ||| Stepping ~*~*~tactically~*~*~ (outnumbered).
 28368 | D:7      | 28368 ||| Stepping ~*~*~tactically~*~*~ (outnumbered).
 28376 | D:7      | 28376 ||| Stepping ~*~*~tactically~*~*~ (outnumbered).
 28378 | D:7      | 28378 ||| Stepping ~*~*~tactically~*~*~ (outnumbered).
 28382 | D:7      | 28382 ||| Stepping ~*~*~tactically~*~*~ (outnumbered).
 28386 | D:7      | 28386 ||| Stepping ~*~*~tactically~*~*~ (outnumbered).
 28390 | D:7      | 28390 ||| Stepping ~*~*~tactically~*~*~ (outnumbered).
 28397 | D:7      | 28397 ||| Stepping ~*~*~tactically~*~*~ (outnumbered).
 28405 | D:7      | 28405 ||| Stepping ~*~*~tactically~*~*~ (outnumbered).
 28407 | D:7      | 28407 ||| Stepping ~*~*~tactically~*~*~ (outnumbered).
 28411 | D:7      | 28411 ||| Stepping ~*~*~tactically~*~*~ (outnumbered).
 28418 | D:7      | 28418 ||| Stepping ~*~*~tactically~*~*~ (outnumbered).
 28423 | D:7      | 28423 ||| Stepping ~*~*~tactically~*~*~ (outnumbered).
 28425 | D:7      | 28425 ||| Stepping ~*~*~tactically~*~*~ (outnumbered).
 28430 | D:7      | 28430 ||| Stepping ~*~*~tactically~*~*~ (outnumbered).
 28432 | D:7      | 28432 ||| Stepping ~*~*~tactically~*~*~ (outnumbered).
 28435 | D:7      | 28435 ||| Stepping ~*~*~tactically~*~*~ (outnumbered).
 28437 | D:7      | 28437 ||| Stepping ~*~*~tactically~*~*~ (outnumbered).
 28441 | D:7      | 28441 ||| Stepping ~*~*~tactically~*~*~ (outnumbered).
 28445 | D:7      | 28445 ||| Stepping ~*~*~tactically~*~*~ (outnumbered).
 28451 | D:7      | 28451 ||| Stepping ~*~*~tactically~*~*~ (outnumbered).
 28458 | D:7      | 28458 ||| Stepping ~*~*~tactically~*~*~ (outnumbered).
 28468 | D:7      | 28468 ||| Stepping ~*~*~tactically~*~*~ (outnumbered).
 28471 | D:7      | 28471 ||| Stepping ~*~*~tactically~*~*~ (outnumbered).
 28475 | D:7      | 28475 ||| Stepping ~*~*~tactically~*~*~ (outnumbered).
 28479 | D:7      | 28479 ||| Stepping ~*~*~tactically~*~*~ (outnumbered).
 28483 | D:7      | 28483 ||| Stepping ~*~*~tactically~*~*~ (outnumbered).
 28485 | D:7      | 28485 ||| Stepping ~*~*~tactically~*~*~ (outnumbered).
 28492 | D:7      | 28492 ||| Stepping ~*~*~tactically~*~*~ (outnumbered).
 28494 | D:7      | 28494 ||| Stepping ~*~*~tactically~*~*~ (outnumbered).
 28498 | D:7      | 28498 ||| Stepping ~*~*~tactically~*~*~ (outnumbered).
 28500 | D:7      | 28500 ||| Stepping ~*~*~tactically~*~*~ (outnumbered).
 28505 | D:7      | 28505 ||| Stepping ~*~*~tactically~*~*~ (outnumbered).
 28507 | D:7      | 28507 ||| Stepping ~*~*~tactically~*~*~ (outnumbered).
 28513 | D:7      | 28513 ||| Stepping ~*~*~tactically~*~*~ (outnumbered).
 28517 | D:7      | 28517 ||| Stepping ~*~*~tactically~*~*~ (outnumbered).
 28527 | D:7      | 28527 ||| Stepping ~*~*~tactically~*~*~ (outnumbered).
 28537 | D:7      | 28537 ||| Stepping ~*~*~tactically~*~*~ (outnumbered).
 28542 | D:7      | 28542 ||| Stepping ~*~*~tactically~*~*~ (outnumbered).
 28546 | D:7      | 28546 ||| Stepping ~*~*~tactically~*~*~ (outnumbered).
 28556 | D:7      | 28556 ||| Stepping ~*~*~tactically~*~*~ (outnumbered).
 28559 | D:7      | 28559 ||| Stepping ~*~*~tactically~*~*~ (outnumbered).
 28569 | D:7      | 28569 ||| Stepping ~*~*~tactically~*~*~ (outnumbered).
 28578 | D:7      | 28578 ||| Stepping ~*~*~tactically~*~*~ (outnumbered).
 28582 | D:7      | 28582 ||| Stepping ~*~*~tactically~*~*~ (outnumbered).
 28584 | D:7      | 28584 ||| Stepping ~*~*~tactically~*~*~ (outnumbered).
 28586 | D:7      | 28586 ||| Stepping ~*~*~tactically~*~*~ (outnumbered).
 28592 | D:7      | 28592 ||| Stepping ~*~*~tactically~*~*~ (outnumbered).
 28599 | D:7      | 28599 ||| Stepping ~*~*~tactically~*~*~ (outnumbered).
 28603 | D:7      | 28603 ||| Stepping ~*~*~tactically~*~*~ (outnumbered).
 28605 | D:7      | 28605 ||| Stepping ~*~*~tactically~*~*~ (outnumbered).
 28607 | D:7      | 28607 ||| Stepping ~*~*~tactically~*~*~ (outnumbered).
 28610 | D:7      | 28610 ||| Stepping ~*~*~tactically~*~*~ (outnumbered).
 28619 | D:7      | 28619 ||| Stepping ~*~*~tactically~*~*~ (outnumbered).
 28626 | D:7      | 28626 ||| Stepping ~*~*~tactically~*~*~ (outnumbered).
 28628 | D:7      | 28628 ||| Stepping ~*~*~tactically~*~*~ (outnumbered).
 28633 | D:7      | 28633 ||| Stepping ~*~*~tactically~*~*~ (outnumbered).
 28636 | D:7      | 28636 ||| Stepping ~*~*~tactically~*~*~ (outnumbered).
 28638 | D:7      | 28638 ||| Stepping ~*~*~tactically~*~*~ (outnumbered).
 28645 | D:7      | 28645 ||| Stepping ~*~*~tactically~*~*~ (outnumbered).
 28651 | D:7      | 28651 ||| Stepping ~*~*~tactically~*~*~ (outnumbered).
 28655 | D:7      | 28655 ||| Stepping ~*~*~tactically~*~*~ (outnumbered).
 28657 | D:7      | 28657 ||| Stepping ~*~*~tactically~*~*~ (outnumbered).
 28659 | D:7      | 28659 ||| Stepping ~*~*~tactically~*~*~ (outnumbered).
 28664 | D:7      | 28664 ||| Stepping ~*~*~tactically~*~*~ (outnumbered).
 28669 | D:7      | 28669 ||| Stepping ~*~*~tactically~*~*~ (outnumbered).
 28676 | D:7      | 28676 ||| Stepping ~*~*~tactically~*~*~ (outnumbered).
 28682 | D:7      | 28682 ||| Stepping ~*~*~tactically~*~*~ (outnumbered).
 28685 | D:7      | 28685 ||| Stepping ~*~*~tactically~*~*~ (outnumbered).
 28687 | D:7      | 28687 ||| Stepping ~*~*~tactically~*~*~ (outnumbered).
 28696 | D:7      | 28696 ||| Stepping ~*~*~tactically~*~*~ (outnumbered).
 28703 | D:7      | 28703 ||| Stepping ~*~*~tactically~*~*~ (outnumbered).
 28706 | D:7      | 28706 ||| Stepping ~*~*~tactically~*~*~ (outnumbered).
 28710 | D:7      | 28710 ||| Stepping ~*~*~tactically~*~*~ (outnumbered).
 28714 | D:7      | 28714 ||| Stepping ~*~*~tactically~*~*~ (outnumbered).
 28720 | D:7      | 28720 ||| Stepping ~*~*~tactically~*~*~ (outnumbered).
 28728 | D:7      | 28728 ||| Stepping ~*~*~tactically~*~*~ (outnumbered).
 28742 | D:7      | 28742 ||| Stepping ~*~*~tactically~*~*~ (outnumbered).
 28748 | D:7      | 28748 ||| Stepping ~*~*~tactically~*~*~ (outnumbered).
 28755 | D:7      | 28755 ||| Stepping ~*~*~tactically~*~*~ (outnumbered).
 28761 | D:7      | 28761 ||| Stepping ~*~*~tactically~*~*~ (outnumbered).
 28767 | D:7      | 28767 ||| Stepping ~*~*~tactically~*~*~ (outnumbered).
 28774 | D:7      | 28774 ||| Stepping ~*~*~tactically~*~*~ (outnumbered).
 28776 | D:7      | 28776 ||| Stepping ~*~*~tactically~*~*~ (outnumbered).
 28778 | D:7      | 28778 ||| Stepping ~*~*~tactically~*~*~ (outnumbered).
 28785 | D:7      | 28785 ||| Stepping ~*~*~tactically~*~*~ (outnumbered).
 28787 | D:7      | 28787 ||| Stepping ~*~*~tactically~*~*~ (outnumbered).
 28791 | D:7      | 28791 ||| Stepping ~*~*~tactically~*~*~ (outnumbered).
 28798 | D:7      | 28798 ||| Stepping ~*~*~tactically~*~*~ (outnumbered).
 28800 | D:7      | 28800 ||| Stepping ~*~*~tactically~*~*~ (outnumbered).
 28808 | D:7      | 28808 ||| Stepping ~*~*~tactically~*~*~ (outnumbered).
 28811 | D:7      | 28811 ||| Stepping ~*~*~tactically~*~*~ (outnumbered).
 28813 | D:7      | 28813 ||| Stepping ~*~*~tactically~*~*~ (outnumbered).
 28827 | D:7      | 28827 ||| Stepping ~*~*~tactically~*~*~ (outnumbered).
 28829 | D:7      | 28829 ||| Stepping ~*~*~tactically~*~*~ (outnumbered).
 28835 | D:7      | 28835 ||| Stepping ~*~*~tactically~*~*~ (outnumbered).
 28845 | D:7      | 28845 ||| Stepping ~*~*~tactically~*~*~ (outnumbered).
 28853 | D:7      | 28853 ||| Stepping ~*~*~tactically~*~*~ (outnumbered).
 28855 | D:7      | 28855 ||| Stepping ~*~*~tactically~*~*~ (outnumbered).
 28860 | D:7      | 28860 ||| Stepping ~*~*~tactically~*~*~ (outnumbered).
 28869 | D:7      | 28869 ||| Stepping ~*~*~tactically~*~*~ (outnumbered).
 28876 | D:7      | 28876 ||| Stepping ~*~*~tactically~*~*~ (outnumbered).
 28881 | D:7      | 28881 ||| Stepping ~*~*~tactically~*~*~ (outnumbered).
 28883 | D:7      | 28883 ||| Stepping ~*~*~tactically~*~*~ (outnumbered).
 28889 | D:7      | 28889 ||| Stepping ~*~*~tactically~*~*~ (outnumbered).
 28897 | D:7      | 28897 ||| Stepping ~*~*~tactically~*~*~ (outnumbered).
 28899 | D:7      | 28899 ||| Stepping ~*~*~tactically~*~*~ (outnumbered).
 28903 | D:7      | 28903 ||| Stepping ~*~*~tactically~*~*~ (outnumbered).
 28909 | D:7      | 28909 ||| Stepping ~*~*~tactically~*~*~ (outnumbered).
 28911 | D:7      | 28911 ||| Stepping ~*~*~tactically~*~*~ (outnumbered).
 28915 | D:7      | 28915 ||| Stepping ~*~*~tactically~*~*~ (outnumbered).
 28920 | D:7      | 28920 ||| Stepping ~*~*~tactically~*~*~ (outnumbered).
 28922 | D:7      | 28922 ||| Stepping ~*~*~tactically~*~*~ (outnumbered).
 28924 | D:7      | 28924 ||| Stepping ~*~*~tactically~*~*~ (outnumbered).
 28926 | D:7      | 28926 ||| Stepping ~*~*~tactically~*~*~ (outnumbered).
 28928 | D:7      | 28928 ||| Stepping ~*~*~tactically~*~*~ (outnumbered).
 28930 | D:7      | 28930 ||| Stepping ~*~*~tactically~*~*~ (outnumbered).
 28942 | D:7      | 28942 ||| Stepping ~*~*~tactically~*~*~ (outnumbered).
 28944 | D:7      | 28944 ||| Stepping ~*~*~tactically~*~*~ (outnumbered).
 28948 | D:7      | 28948 ||| Stepping ~*~*~tactically~*~*~ (outnumbered).
 28952 | D:7      | 28952 ||| Stepping ~*~*~tactically~*~*~ (outnumbered).
 28954 | D:7      | 28954 ||| Stepping ~*~*~tactically~*~*~ (outnumbered).
 28960 | D:7      | 28960 ||| Stepping ~*~*~tactically~*~*~ (outnumbered).
 28968 | D:7      | 28968 ||| Stepping ~*~*~tactically~*~*~ (outnumbered).
 28976 | D:7      | 28976 ||| Stepping ~*~*~tactically~*~*~ (outnumbered).
 28991 | D:7      | 28991 ||| Stepping ~*~*~tactically~*~*~ (outnumbered).
 28994 | D:7      | 28994 ||| Stepping ~*~*~tactically~*~*~ (outnumbered).
 28999 | D:7      | 28999 ||| Stepping ~*~*~tactically~*~*~ (outnumbered).
 29003 | D:7      | 29003 ||| Stepping ~*~*~tactically~*~*~ (outnumbered).
 29005 | D:7      | 29005 ||| Stepping ~*~*~tactically~*~*~ (outnumbered).
 29007 | D:7      | 29007 ||| Stepping ~*~*~tactically~*~*~ (outnumbered).
 29019 | D:7      | 29019 ||| Stepping ~*~*~tactically~*~*~ (outnumbered).
 29021 | D:7      | 29021 ||| Stepping ~*~*~tactically~*~*~ (outnumbered).
 29029 | D:7      | 29029 ||| Stepping ~*~*~tactically~*~*~ (outnumbered).
 29039 | D:7      | 29039 ||| Stepping ~*~*~tactically~*~*~ (outnumbered).
 29041 | D:7      | 29041 ||| Stepping ~*~*~tactically~*~*~ (outnumbered).
 29046 | D:7      | 29046 ||| Stepping ~*~*~tactically~*~*~ (outnumbered).
 29050 | D:7      | 29050 ||| Stepping ~*~*~tactically~*~*~ (outnumbered).
 29052 | D:7      | 29052 ||| Stepping ~*~*~tactically~*~*~ (outnumbered).
 29057 | D:7      | 29057 ||| Stepping ~*~*~tactically~*~*~ (outnumbered).
 29064 | D:7      | 29064 ||| Stepping ~*~*~tactically~*~*~ (outnumbered).
 29066 | D:7      | 29066 ||| Stepping ~*~*~tactically~*~*~ (outnumbered).
 29070 | D:7      | 29070 ||| Stepping ~*~*~tactically~*~*~ (outnumbered).
 29074 | D:7      | 29074 ||| Stepping ~*~*~tactically~*~*~ (outnumbered).
 29083 | D:7      | 29083 ||| Stepping ~*~*~tactically~*~*~ (outnumbered).
 29088 | D:7      | 29088 ||| Stepping ~*~*~tactically~*~*~ (outnumbered).
 29095 | D:7      | 29095 ||| Stepping ~*~*~tactically~*~*~ (outnumbered).
 29097 | D:7      | 29097 ||| Stepping ~*~*~tactically~*~*~ (outnumbered).
 29099 | D:7      | 29099 ||| Stepping ~*~*~tactically~*~*~ (outnumbered).
 29104 | D:7      | 29104 ||| Stepping ~*~*~tactically~*~*~ (outnumbered).
 29112 | D:7      | 29112 ||| Stepping ~*~*~tactically~*~*~ (outnumbered).
 29120 | D:7      | 29120 ||| Stepping ~*~*~tactically~*~*~ (outnumbered).
 29130 | D:7      | 29130 ||| Stepping ~*~*~tactically~*~*~ (outnumbered).
 29134 | D:7      | 29134 ||| Stepping ~*~*~tactically~*~*~ (outnumbered).
 29144 | D:7      | 29144 ||| Stepping ~*~*~tactically~*~*~ (outnumbered).
 29155 | D:7      | 29155 ||| Stepping ~*~*~tactically~*~*~ (outnumbered).
 29159 | D:7      | 29159 ||| Stepping ~*~*~tactically~*~*~ (outnumbered).
 29169 | D:7      | 29169 ||| Stepping ~*~*~tactically~*~*~ (outnumbered).
 29177 | D:7      | 29177 ||| Stepping ~*~*~tactically~*~*~ (outnumbered).
 29181 | D:7      | 29181 ||| Stepping ~*~*~tactically~*~*~ (outnumbered).
 29186 | D:7      | 29186 ||| Stepping ~*~*~tactically~*~*~ (outnumbered).
 29190 | D:7      | 29190 ||| Stepping ~*~*~tactically~*~*~ (outnumbered).
 29198 | D:7      | 29198 ||| Stepping ~*~*~tactically~*~*~ (outnumbered).
 29205 | D:7      | 29205 ||| Stepping ~*~*~tactically~*~*~ (outnumbered).
 29215 | D:7      | 29215 ||| Stepping ~*~*~tactically~*~*~ (outnumbered).
 29219 | D:7      | 29219 ||| Stepping ~*~*~tactically~*~*~ (outnumbered).
 29226 | D:7      | 29226 ||| Stepping ~*~*~tactically~*~*~ (outnumbered).
 29229 | D:7      | 29229 ||| Stepping ~*~*~tactically~*~*~ (outnumbered).
 29233 | D:7      | 29233 ||| Stepping ~*~*~tactically~*~*~ (outnumbered).
 29242 | D:7      | 29242 ||| Stepping ~*~*~tactically~*~*~ (outnumbered).
 29244 | D:7      | 29244 ||| Stepping ~*~*~tactically~*~*~ (outnumbered).
 29254 | D:7      | 29254 ||| Stepping ~*~*~tactically~*~*~ (outnumbered).
 29261 | D:7      | 29261 ||| Stepping ~*~*~tactically~*~*~ (outnumbered).
 29267 | D:7      | 29267 ||| Stepping ~*~*~tactically~*~*~ (outnumbered).
 29272 | D:7      | 29272 ||| Stepping ~*~*~tactically~*~*~ (outnumbered).
 29278 | D:7      | 29278 ||| Stepping ~*~*~tactically~*~*~ (outnumbered).
 29286 | D:7      | 29286 ||| Stepping ~*~*~tactically~*~*~ (outnumbered).
 29288 | D:7      | 29288 ||| Stepping ~*~*~tactically~*~*~ (outnumbered).
 29291 | D:7      | 29291 ||| Stepping ~*~*~tactically~*~*~ (outnumbered).
 29296 | D:7      | 29296 ||| Stepping ~*~*~tactically~*~*~ (outnumbered).
 29303 | D:7      | 29303 ||| Stepping ~*~*~tactically~*~*~ (outnumbered).
 29308 | D:7      | 29308 ||| Stepping ~*~*~tactically~*~*~ (outnumbered).
 29310 | D:7      | 29310 ||| Stepping ~*~*~tactically~*~*~ (outnumbered).
 29321 | D:7      | 29321 ||| Stepping ~*~*~tactically~*~*~ (outnumbered).
 29333 | D:7      | 29333 ||| Stepping ~*~*~tactically~*~*~ (outnumbered).
 29342 | D:7      | 29342 ||| Stepping ~*~*~tactically~*~*~ (outnumbered).
 29344 | D:7      | 29344 ||| Stepping ~*~*~tactically~*~*~ (outnumbered).
 29346 | D:7      | 29346 ||| Stepping ~*~*~tactically~*~*~ (outnumbered).
 29354 | D:7      | 29354 ||| Stepping ~*~*~tactically~*~*~ (outnumbered).
 29363 | D:7      | 29363 ||| Stepping ~*~*~tactically~*~*~ (outnumbered).
 29372 | D:7      | 29372 ||| Stepping ~*~*~tactically~*~*~ (outnumbered).
 29374 | D:7      | 29374 ||| Stepping ~*~*~tactically~*~*~ (outnumbered).
 29378 | D:7      | 29378 ||| Stepping ~*~*~tactically~*~*~ (outnumbered).
 29384 | D:7      | 29384 ||| Stepping ~*~*~tactically~*~*~ (outnumbered).
 29395 | D:7      | 29395 ||| Stepping ~*~*~tactically~*~*~ (outnumbered).
 29406 | D:7      | 29406 ||| Stepping ~*~*~tactically~*~*~ (outnumbered).
 29415 | D:7      | 29415 ||| Stepping ~*~*~tactically~*~*~ (outnumbered).
 29425 | D:7      | 29425 ||| Stepping ~*~*~tactically~*~*~ (outnumbered).
 29427 | D:7      | 29427 ||| Stepping ~*~*~tactically~*~*~ (outnumbered).
 29430 | D:7      | 29430 ||| Stepping ~*~*~tactically~*~*~ (outnumbered).
 29436 | D:7      | 29436 ||| Stepping ~*~*~tactically~*~*~ (outnumbered).
 29438 | D:7      | 29438 ||| Stepping ~*~*~tactically~*~*~ (outnumbered).
 29444 | D:7      | 29444 ||| Stepping ~*~*~tactically~*~*~ (outnumbered).
 29447 | D:7      | 29447 ||| Stepping ~*~*~tactically~*~*~ (outnumbered).
 29449 | D:7      | 29449 ||| Stepping ~*~*~tactically~*~*~ (outnumbered).
 29451 | D:7      | 29451 ||| Stepping ~*~*~tactically~*~*~ (outnumbered).
 29461 | D:7      | 29461 ||| Stepping ~*~*~tactically~*~*~ (outnumbered).
 29468 | D:7      | 29468 ||| Stepping ~*~*~tactically~*~*~ (outnumbered).
 29480 | D:7      | 29480 ||| Stepping ~*~*~tactically~*~*~ (outnumbered).
 29485 | D:7      | 29485 ||| Stepping ~*~*~tactically~*~*~ (outnumbered).
 29499 | D:7      | 29499 ||| Stepping ~*~*~tactically~*~*~ (outnumbered).
 29506 | D:7      | 29506 ||| Stepping ~*~*~tactically~*~*~ (outnumbered).
 29516 | D:7      | 29516 ||| Stepping ~*~*~tactically~*~*~ (outnumbered).
 29520 | D:7      | 29520 ||| Stepping ~*~*~tactically~*~*~ (outnumbered).
 29526 | D:7      | 29526 ||| Stepping ~*~*~tactically~*~*~ (outnumbered).
 29533 | D:7      | 29533 ||| Stepping ~*~*~tactically~*~*~ (outnumbered).
 29537 | D:7      | 29537 ||| Stepping ~*~*~tactically~*~*~ (outnumbered).
 29542 | D:7      | 29542 ||| Stepping ~*~*~tactically~*~*~ (outnumbered).
 29550 | D:7      | 29550 ||| Stepping ~*~*~tactically~*~*~ (outnumbered).
 29554 | D:7      | 29554 ||| Stepping ~*~*~tactically~*~*~ (outnumbered).
 29558 | D:7      | 29558 ||| Stepping ~*~*~tactically~*~*~ (outnumbered).
 29563 | D:7      | 29563 ||| Stepping ~*~*~tactically~*~*~ (outnumbered).
 29565 | D:7      | 29565 ||| Stepping ~*~*~tactically~*~*~ (outnumbered).
 29575 | D:7      | 29575 ||| Stepping ~*~*~tactically~*~*~ (outnumbered).
 29577 | D:7      | 29577 ||| Stepping ~*~*~tactically~*~*~ (outnumbered).
 29584 | D:7      | 29584 ||| Stepping ~*~*~tactically~*~*~ (outnumbered).
 29587 | D:7      | 29587 ||| Stepping ~*~*~tactically~*~*~ (outnumbered).
 29589 | D:7      | 29589 ||| Stepping ~*~*~tactically~*~*~ (outnumbered).
 29592 | D:7      | 29592 ||| Stepping ~*~*~tactically~*~*~ (outnumbered).
 29599 | D:7      | 29599 ||| Stepping ~*~*~tactically~*~*~ (outnumbered).
 29601 | D:7      | 29601 ||| Stepping ~*~*~tactically~*~*~ (outnumbered).
 29611 | D:7      | 29611 ||| Stepping ~*~*~tactically~*~*~ (outnumbered).
 29616 | D:7      | 29616 ||| Stepping ~*~*~tactically~*~*~ (outnumbered).
 29623 | D:7      | 29623 ||| Stepping ~*~*~tactically~*~*~ (outnumbered).
 29626 | D:7      | 29626 ||| Stepping ~*~*~tactically~*~*~ (outnumbered).
 29634 | D:7      | 29634 ||| Stepping ~*~*~tactically~*~*~ (outnumbered).
 29637 | D:7      | 29637 ||| Stepping ~*~*~tactically~*~*~ (outnumbered).
 29641 | D:7      | 29641 ||| Stepping ~*~*~tactically~*~*~ (outnumbered).
 29645 | D:7      | 29645 ||| Stepping ~*~*~tactically~*~*~ (outnumbered).
 29649 | D:7      | 29649 ||| Stepping ~*~*~tactically~*~*~ (outnumbered).
 29653 | D:7      | 29653 ||| Stepping ~*~*~tactically~*~*~ (outnumbered).
 29660 | D:7      | 29660 ||| Stepping ~*~*~tactically~*~*~ (outnumbered).
 29665 | D:7      | 29665 ||| Stepping ~*~*~tactically~*~*~ (outnumbered).
 29670 | D:7      | 29670 ||| Stepping ~*~*~tactically~*~*~ (outnumbered).
 29672 | D:7      | 29672 ||| Stepping ~*~*~tactically~*~*~ (outnumbered).
 29678 | D:7      | 29678 ||| Stepping ~*~*~tactically~*~*~ (outnumbered).
 29682 | D:7      | 29682 ||| Stepping ~*~*~tactically~*~*~ (outnumbered).
 29684 | D:7      | 29684 ||| Stepping ~*~*~tactically~*~*~ (outnumbered).
 29690 | D:7      | 29690 ||| Stepping ~*~*~tactically~*~*~ (outnumbered).
 29692 | D:7      | 29692 ||| Stepping ~*~*~tactically~*~*~ (outnumbered).
 29698 | D:7      | 29698 ||| Stepping ~*~*~tactically~*~*~ (outnumbered).
 29706 | D:7      | 29706 ||| Stepping ~*~*~tactically~*~*~ (outnumbered).
 29712 | D:7      | 29712 ||| Stepping ~*~*~tactically~*~*~ (outnumbered).
 29716 | D:7      | 29716 ||| Stepping ~*~*~tactically~*~*~ (outnumbered).
 29722 | D:7      | 29722 ||| Stepping ~*~*~tactically~*~*~ (outnumbered).
 29729 | D:7      | 29729 ||| Stepping ~*~*~tactically~*~*~ (outnumbered).
 29737 | D:7      | 29737 ||| Stepping ~*~*~tactically~*~*~ (outnumbered).
 29739 | D:7      | 29739 ||| Stepping ~*~*~tactically~*~*~ (outnumbered).
 29744 | D:7      | 29744 ||| Stepping ~*~*~tactically~*~*~ (outnumbered).
 29746 | D:7      | 29746 ||| Stepping ~*~*~tactically~*~*~ (outnumbered).
 29763 | D:7      | 29763 ||| Stepping ~*~*~tactically~*~*~ (outnumbered).
 29766 | D:7      | 29766 ||| Stepping ~*~*~tactically~*~*~ (outnumbered).
 29771 | D:7      | 29771 ||| Stepping ~*~*~tactically~*~*~ (outnumbered).
 29773 | D:7      | 29773 ||| Stepping ~*~*~tactically~*~*~ (outnumbered).
 29781 | D:7      | 29781 ||| Stepping ~*~*~tactically~*~*~ (outnumbered).
 29790 | D:7      | 29790 ||| Stepping ~*~*~tactically~*~*~ (outnumbered).
 29799 | D:7      | 29799 ||| Stepping ~*~*~tactically~*~*~ (outnumbered).
 29803 | D:7      | 29803 ||| Stepping ~*~*~tactically~*~*~ (outnumbered).
 29808 | D:7      | 29808 ||| Stepping ~*~*~tactically~*~*~ (outnumbered).
 29812 | D:7      | 29812 ||| Stepping ~*~*~tactically~*~*~ (outnumbered).
 29819 | D:7      | 29819 ||| Stepping ~*~*~tactically~*~*~ (outnumbered).
 29829 | D:7      | 29829 ||| Stepping ~*~*~tactically~*~*~ (outnumbered).
 29839 | D:7      | 29839 ||| Stepping ~*~*~tactically~*~*~ (outnumbered).
 29841 | D:7      | 29841 ||| Stepping ~*~*~tactically~*~*~ (outnumbered).
 29845 | D:7      | 29845 ||| Stepping ~*~*~tactically~*~*~ (outnumbered).
 29857 | D:7      | 29857 ||| Stepping ~*~*~tactically~*~*~ (outnumbered).
 29865 | D:7      | 29865 ||| Stepping ~*~*~tactically~*~*~ (outnumbered).
 29874 | D:7      | 29874 ||| Stepping ~*~*~tactically~*~*~ (outnumbered).
 29880 | D:7      | 29880 ||| Stepping ~*~*~tactically~*~*~ (outnumbered).
 29885 | D:7      | 29885 ||| Stepping ~*~*~tactically~*~*~ (outnumbered).
 29887 | D:7      | 29887 ||| Stepping ~*~*~tactically~*~*~ (outnumbered).
 29897 | D:7      | 29897 ||| Stepping ~*~*~tactically~*~*~ (outnumbered).
 29901 | D:7      | 29901 ||| Stepping ~*~*~tactically~*~*~ (outnumbered).
 29908 | D:7      | 29908 ||| Stepping ~*~*~tactically~*~*~ (outnumbered).
 29914 | D:7      | 29914 ||| Stepping ~*~*~tactically~*~*~ (outnumbered).
 29923 | D:7      | 29923 ||| Stepping ~*~*~tactically~*~*~ (outnumbered).
 29930 | D:7      | 29930 ||| Stepping ~*~*~tactically~*~*~ (outnumbered).
 29938 | D:7      | 29938 ||| Stepping ~*~*~tactically~*~*~ (outnumbered).
 29947 | D:7      | 29947 ||| Stepping ~*~*~tactically~*~*~ (outnumbered).
 29949 | D:7      | 29949 ||| Stepping ~*~*~tactically~*~*~ (outnumbered).
 29954 | D:7      | 29954 ||| Stepping ~*~*~tactically~*~*~ (outnumbered).
 29964 | D:7      | 29964 ||| Stepping ~*~*~tactically~*~*~ (outnumbered).
 29966 | D:7      | 29966 ||| Stepping ~*~*~tactically~*~*~ (outnumbered).
 29977 | D:7      | 29977 ||| Stepping ~*~*~tactically~*~*~ (outnumbered).
 29985 | D:7      | 29985 ||| Stepping ~*~*~tactically~*~*~ (outnumbered).
 29987 | D:7      | 29987 ||| Stepping ~*~*~tactically~*~*~ (outnumbered).
 29990 | D:7      | 29990 ||| Stepping ~*~*~tactically~*~*~ (outnumbered).
 29994 | D:7      | 29994 ||| Stepping ~*~*~tactically~*~*~ (outnumbered).
 29999 | D:7      | 29999 ||| Stepping ~*~*~tactically~*~*~ (outnumbered).
 30007 | D:7      | 30007 ||| Stepping ~*~*~tactically~*~*~ (outnumbered).
 30012 | D:7      | 30012 ||| Stepping ~*~*~tactically~*~*~ (outnumbered).
 30017 | D:7      | 30017 ||| Stepping ~*~*~tactically~*~*~ (outnumbered).
 30024 | D:7      | 30024 ||| Stepping ~*~*~tactically~*~*~ (outnumbered).
 30027 | D:7      | 30027 ||| Stepping ~*~*~tactically~*~*~ (outnumbered).
 30031 | D:7      | 30031 ||| Stepping ~*~*~tactically~*~*~ (outnumbered).
 30034 | D:7      | 30034 ||| Stepping ~*~*~tactically~*~*~ (outnumbered).
 30040 | D:7      | 30040 ||| Stepping ~*~*~tactically~*~*~ (outnumbered).
 30048 | D:7      | 30048 ||| Stepping ~*~*~tactically~*~*~ (outnumbered).
 30055 | D:7      | 30055 ||| Stepping ~*~*~tactically~*~*~ (outnumbered).
 30060 | D:7      | 30060 ||| Stepping ~*~*~tactically~*~*~ (outnumbered).
 30067 | D:7      | 30067 ||| Stepping ~*~*~tactically~*~*~ (outnumbered).
 30073 | D:7      | 30073 ||| Stepping ~*~*~tactically~*~*~ (outnumbered).
 30075 | D:7      | 30075 ||| Stepping ~*~*~tactically~*~*~ (outnumbered).
 30079 | D:7      | 30079 ||| Stepping ~*~*~tactically~*~*~ (outnumbered).
 30086 | D:7      | 30086 ||| Stepping ~*~*~tactically~*~*~ (outnumbered).
 30093 | D:7      | 30093 ||| Stepping ~*~*~tactically~*~*~ (outnumbered).
 30096 | D:7      | 30096 ||| Stepping ~*~*~tactically~*~*~ (outnumbered).
 30099 | D:7      | 30099 ||| Stepping ~*~*~tactically~*~*~ (outnumbered).
 30113 | D:7      | 30113 ||| Stepping ~*~*~tactically~*~*~ (outnumbered).
 30121 | D:7      | 30121 ||| Stepping ~*~*~tactically~*~*~ (outnumbered).
 30126 | D:7      | 30126 ||| Stepping ~*~*~tactically~*~*~ (outnumbered).
 30131 | D:7      | 30131 ||| Stepping ~*~*~tactically~*~*~ (outnumbered).
 30142 | D:7      | 30142 ||| Stepping ~*~*~tactically~*~*~ (outnumbered).
 30144 | D:7      | 30144 ||| Stepping ~*~*~tactically~*~*~ (outnumbered).
 30154 | D:7      | 30154 ||| Stepping ~*~*~tactically~*~*~ (outnumbered).
 30158 | D:7      | 30158 ||| Stepping ~*~*~tactically~*~*~ (outnumbered).
 30163 | D:7      | 30163 ||| Stepping ~*~*~tactically~*~*~ (outnumbered).
 30167 | D:7      | 30167 ||| Stepping ~*~*~tactically~*~*~ (outnumbered).
 30174 | D:7      | 30174 ||| Stepping ~*~*~tactically~*~*~ (outnumbered).
 30178 | D:7      | 30178 ||| Stepping ~*~*~tactically~*~*~ (outnumbered).
 30181 | D:7      | 30181 ||| Stepping ~*~*~tactically~*~*~ (outnumbered).
 30183 | D:7      | 30183 ||| Stepping ~*~*~tactically~*~*~ (outnumbered).
 30189 | D:7      | 30189 ||| Stepping ~*~*~tactically~*~*~ (outnumbered).
 30200 | D:7      | 30200 ||| Stepping ~*~*~tactically~*~*~ (outnumbered).
 30203 | D:7      | 30203 ||| Stepping ~*~*~tactically~*~*~ (outnumbered).
 30205 | D:7      | 30205 ||| Stepping ~*~*~tactically~*~*~ (outnumbered).
 30215 | D:7      | 30215 ||| Stepping ~*~*~tactically~*~*~ (outnumbered).
 30218 | D:7      | 30218 ||| Stepping ~*~*~tactically~*~*~ (outnumbered).
 30220 | D:7      | 30220 ||| Stepping ~*~*~tactically~*~*~ (outnumbered).
 30222 | D:7      | 30222 ||| Stepping ~*~*~tactically~*~*~ (outnumbered).
 30225 | D:7      | 30225 ||| Stepping ~*~*~tactically~*~*~ (outnumbered).
 30227 | D:7      | 30227 ||| Stepping ~*~*~tactically~*~*~ (outnumbered).
 30229 | D:7      | 30229 ||| Stepping ~*~*~tactically~*~*~ (outnumbered).
 30234 | D:7      | 30234 ||| Stepping ~*~*~tactically~*~*~ (outnumbered).
 30237 | D:7      | 30237 ||| Stepping ~*~*~tactically~*~*~ (outnumbered).
 30241 | D:7      | 30241 ||| Stepping ~*~*~tactically~*~*~ (outnumbered).
 30245 | D:7      | 30245 ||| Stepping ~*~*~tactically~*~*~ (outnumbered).
 30253 | D:7      | 30253 ||| Stepping ~*~*~tactically~*~*~ (outnumbered).
 30255 | D:7      | 30255 ||| Stepping ~*~*~tactically~*~*~ (outnumbered).
 30257 | D:7      | 30257 ||| Stepping ~*~*~tactically~*~*~ (outnumbered).
 30261 | D:7      | 30261 ||| Stepping ~*~*~tactically~*~*~ (outnumbered).
 30263 | D:7      | 30263 ||| Stepping ~*~*~tactically~*~*~ (outnumbered).
 30272 | D:7      | 30272 ||| Stepping ~*~*~tactically~*~*~ (outnumbered).
 30290 | D:7      | 30290 ||| Stepping ~*~*~tactically~*~*~ (outnumbered).
 30293 | D:7      | 30293 ||| Stepping ~*~*~tactically~*~*~ (outnumbered).
 30297 | D:7      | 30297 ||| Stepping ~*~*~tactically~*~*~ (outnumbered).
 30303 | D:7      | 30303 ||| Stepping ~*~*~tactically~*~*~ (outnumbered).
 30309 | D:7      | 30309 ||| Stepping ~*~*~tactically~*~*~ (outnumbered).
 30311 | D:7      | 30311 ||| Stepping ~*~*~tactically~*~*~ (outnumbered).
 30314 | D:7      | 30314 ||| Stepping ~*~*~tactically~*~*~ (outnumbered).
 30317 | D:7      | 30317 ||| Stepping ~*~*~tactically~*~*~ (outnumbered).
 30319 | D:7      | 30319 ||| Stepping ~*~*~tactically~*~*~ (outnumbered).
 30327 | D:7      | 30327 ||| Stepping ~*~*~tactically~*~*~ (outnumbered).
 30339 | D:7      | 30339 ||| Stepping ~*~*~tactically~*~*~ (outnumbered).
 30341 | D:7      | 30341 ||| Stepping ~*~*~tactically~*~*~ (outnumbered).
 30345 | D:7      | 30345 ||| Stepping ~*~*~tactically~*~*~ (outnumbered).
 30347 | D:7      | 30347 ||| Stepping ~*~*~tactically~*~*~ (outnumbered).
 30349 | D:7      | 30349 ||| Stepping ~*~*~tactically~*~*~ (outnumbered).
 30352 | D:7      | 30352 ||| Stepping ~*~*~tactically~*~*~ (outnumbered).
 30359 | D:7      | 30359 ||| Stepping ~*~*~tactically~*~*~ (outnumbered).
 30361 | D:7      | 30361 ||| Stepping ~*~*~tactically~*~*~ (outnumbered).
 30363 | D:7      | 30363 ||| Stepping ~*~*~tactically~*~*~ (outnumbered).
 30372 | D:7      | 30372 ||| Stepping ~*~*~tactically~*~*~ (outnumbered).
 30376 | D:7      | 30376 ||| Stepping ~*~*~tactically~*~*~ (outnumbered).
 30380 | D:7      | 30380 ||| Stepping ~*~*~tactically~*~*~ (outnumbered).
 30382 | D:7      | 30382 ||| Stepping ~*~*~tactically~*~*~ (outnumbered).
 30388 | D:7      | 30388 ||| Stepping ~*~*~tactically~*~*~ (outnumbered).
 30390 | D:7      | 30390 ||| Stepping ~*~*~tactically~*~*~ (outnumbered).
 30399 | D:7      | 30399 ||| Stepping ~*~*~tactically~*~*~ (outnumbered).
 30403 | D:7      | 30403 ||| Stepping ~*~*~tactically~*~*~ (outnumbered).
 30410 | D:7      | 30410 ||| Stepping ~*~*~tactically~*~*~ (outnumbered).
 30419 | D:7      | 30419 ||| Stepping ~*~*~tactically~*~*~ (outnumbered).
 30422 | D:7      | 30422 ||| Stepping ~*~*~tactically~*~*~ (outnumbered).
 30429 | D:7      | 30429 ||| Stepping ~*~*~tactically~*~*~ (outnumbered).
 30439 | D:7      | 30439 ||| Stepping ~*~*~tactically~*~*~ (outnumbered).
 30445 | D:7      | 30445 ||| Stepping ~*~*~tactically~*~*~ (outnumbered).
 30456 | D:7      | 30456 ||| Stepping ~*~*~tactically~*~*~ (outnumbered).
 30460 | D:7      | 30460 ||| Stepping ~*~*~tactically~*~*~ (outnumbered).
 30470 | D:7      | 30470 ||| Stepping ~*~*~tactically~*~*~ (outnumbered).
 30478 | D:7      | 30478 ||| Stepping ~*~*~tactically~*~*~ (outnumbered).
 30489 | D:7      | 30489 ||| Stepping ~*~*~tactically~*~*~ (outnumbered).
 30495 | D:7      | 30495 ||| Stepping ~*~*~tactically~*~*~ (outnumbered).
 30501 | D:7      | 30501 ||| Stepping ~*~*~tactically~*~*~ (outnumbered).
 30505 | D:7      | 30505 ||| Stepping ~*~*~tactically~*~*~ (outnumbered).
 30510 | D:7      | 30510 ||| Stepping ~*~*~tactically~*~*~ (outnumbered).
 30515 | D:7      | 30515 ||| Stepping ~*~*~tactically~*~*~ (outnumbered).
 30517 | D:7      | 30517 ||| Stepping ~*~*~tactically~*~*~ (outnumbered).
 30519 | D:7      | 30519 ||| Stepping ~*~*~tactically~*~*~ (outnumbered).
 30534 | D:7      | 30534 ||| Stepping ~*~*~tactically~*~*~ (outnumbered).
 30536 | D:7      | 30536 ||| Stepping ~*~*~tactically~*~*~ (outnumbered).
 30544 | D:7      | 30544 ||| Stepping ~*~*~tactically~*~*~ (outnumbered).
 30550 | D:7      | 30550 ||| Stepping ~*~*~tactically~*~*~ (outnumbered).
 30552 | D:7      | 30552 ||| Stepping ~*~*~tactically~*~*~ (outnumbered).
 30558 | D:7      | 30558 ||| Stepping ~*~*~tactically~*~*~ (outnumbered).
 30565 | D:7      | 30565 ||| Stepping ~*~*~tactically~*~*~ (outnumbered).
 30572 | D:7      | 30572 ||| Stepping ~*~*~tactically~*~*~ (outnumbered).
 30574 | D:7      | 30574 ||| Stepping ~*~*~tactically~*~*~ (outnumbered).
 30576 | D:7      | 30576 ||| Stepping ~*~*~tactically~*~*~ (outnumbered).
 30578 | D:7      | 30578 ||| Stepping ~*~*~tactically~*~*~ (outnumbered).
 30587 | D:7      | 30587 ||| Stepping ~*~*~tactically~*~*~ (outnumbered).
 30599 | D:7      | 30599 ||| Stepping ~*~*~tactically~*~*~ (outnumbered).
 30609 | D:7      | 30609 ||| Stepping ~*~*~tactically~*~*~ (outnumbered).
 30612 | D:7      | 30612 ||| Stepping ~*~*~tactically~*~*~ (outnumbered).
 30618 | D:7      | 30618 ||| Stepping ~*~*~tactically~*~*~ (outnumbered).
 30620 | D:7      | 30620 ||| Stepping ~*~*~tactically~*~*~ (outnumbered).
 30628 | D:7      | 30628 ||| Stepping ~*~*~tactically~*~*~ (outnumbered).
 30644 | D:7      | 30644 ||| Stepping ~*~*~tactically~*~*~ (outnumbered).
 30650 | D:7      | 30650 ||| Stepping ~*~*~tactically~*~*~ (outnumbered).
 30660 | D:7      | 30660 ||| Stepping ~*~*~tactically~*~*~ (outnumbered).
 30665 | D:7      | 30665 ||| Stepping ~*~*~tactically~*~*~ (outnumbered).
 30676 | D:7      | 30676 ||| Stepping ~*~*~tactically~*~*~ (outnumbered).
 30678 | D:7      | 30678 ||| Stepping ~*~*~tactically~*~*~ (outnumbered).
 30681 | D:7      | 30681 ||| Stepping ~*~*~tactically~*~*~ (outnumbered).
 30686 | D:7      | 30686 ||| Stepping ~*~*~tactically~*~*~ (outnumbered).
 30692 | D:7      | 30692 ||| Stepping ~*~*~tactically~*~*~ (outnumbered).
 30698 | D:7      | 30698 ||| Stepping ~*~*~tactically~*~*~ (outnumbered).
 30702 | D:7      | 30702 ||| Stepping ~*~*~tactically~*~*~ (outnumbered).
 30706 | D:7      | 30706 ||| Stepping ~*~*~tactically~*~*~ (outnumbered).
 30709 | D:7      | 30709 ||| Stepping ~*~*~tactically~*~*~ (outnumbered).
 30711 | D:7      | 30711 ||| Stepping ~*~*~tactically~*~*~ (outnumbered).
 30718 | D:7      | 30718 ||| Stepping ~*~*~tactically~*~*~ (outnumbered).
 30728 | D:7      | 30728 ||| Stepping ~*~*~tactically~*~*~ (outnumbered).
 30736 | D:7      | 30736 ||| Stepping ~*~*~tactically~*~*~ (outnumbered).
 30740 | D:7      | 30740 ||| Stepping ~*~*~tactically~*~*~ (outnumbered).
 30747 | D:7      | 30747 ||| Stepping ~*~*~tactically~*~*~ (outnumbered).
 30754 | D:7      | 30754 ||| Stepping ~*~*~tactically~*~*~ (outnumbered).
 30758 | D:7      | 30758 ||| Stepping ~*~*~tactically~*~*~ (outnumbered).
 30762 | D:7      | 30762 ||| Stepping ~*~*~tactically~*~*~ (outnumbered).
 30767 | D:7      | 30767 ||| Stepping ~*~*~tactically~*~*~ (outnumbered).
 30769 | D:7      | 30769 ||| Stepping ~*~*~tactically~*~*~ (outnumbered).
 30771 | D:7      | 30771 ||| Stepping ~*~*~tactically~*~*~ (outnumbered).
 30773 | D:7      | 30773 ||| Stepping ~*~*~tactically~*~*~ (outnumbered).
 30775 | D:7      | 30775 ||| Stepping ~*~*~tactically~*~*~ (outnumbered).
 30778 | D:7      | 30778 ||| Stepping ~*~*~tactically~*~*~ (outnumbered).
 30780 | D:7      | 30780 ||| Stepping ~*~*~tactically~*~*~ (outnumbered).
 30782 | D:7      | 30782 ||| Stepping ~*~*~tactically~*~*~ (outnumbered).
 30784 | D:7      | 30784 ||| Stepping ~*~*~tactically~*~*~ (outnumbered).
 30786 | D:7      | 30786 ||| Stepping ~*~*~tactically~*~*~ (outnumbered).
 30788 | D:7      | 30788 ||| Stepping ~*~*~tactically~*~*~ (outnumbered).
 30798 | D:7      | 30798 ||| Stepping ~*~*~tactically~*~*~ (outnumbered).
 30801 | D:7      | 30801 ||| Stepping ~*~*~tactically~*~*~ (outnumbered).
 30805 | D:7      | 30805 ||| Stepping ~*~*~tactically~*~*~ (outnumbered).
 30811 | D:7      | 30811 ||| Stepping ~*~*~tactically~*~*~ (outnumbered).
 30816 | D:7      | 30816 ||| Stepping ~*~*~tactically~*~*~ (outnumbered).
 30818 | D:7      | 30818 ||| Stepping ~*~*~tactically~*~*~ (outnumbered).
 30820 | D:7      | 30820 ||| Stepping ~*~*~tactically~*~*~ (outnumbered).
 30829 | D:7      | 30829 ||| Stepping ~*~*~tactically~*~*~ (outnumbered).
 30835 | D:7      | 30835 ||| Stepping ~*~*~tactically~*~*~ (outnumbered).
 30844 | D:7      | 30844 ||| Stepping ~*~*~tactically~*~*~ (outnumbered).
 30861 | D:7      | 30861 ||| Stepping ~*~*~tactically~*~*~ (outnumbered).
 30868 | D:7      | 30868 ||| Stepping ~*~*~tactically~*~*~ (outnumbered).
 30881 | D:7      | 30881 ||| Stepping ~*~*~tactically~*~*~ (outnumbered).
 30891 | D:7      | 30891 ||| Stepping ~*~*~tactically~*~*~ (outnumbered).
 30893 | D:7      | 30893 ||| Stepping ~*~*~tactically~*~*~ (outnumbered).
 30896 | D:7      | 30896 ||| Stepping ~*~*~tactically~*~*~ (outnumbered).
 30903 | D:7      | Glimpsed the power of Zot.
 30906 | D:7      | 30906 ||| Stepping ~*~*~tactically~*~*~ (outnumbered).
 30910 | D:7      | 30910 ||| Stepping ~*~*~tactically~*~*~ (outnumbered).
 30917 | D:7      | 30917 ||| Stepping ~*~*~tactically~*~*~ (outnumbered).
 30927 | D:7      | 30927 ||| Stepping ~*~*~tactically~*~*~ (outnumbered).
 30929 | D:7      | 30929 ||| Stepping ~*~*~tactically~*~*~ (outnumbered).
 30935 | D:7      | 30935 ||| Stepping ~*~*~tactically~*~*~ (outnumbered).
 30945 | D:7      | 30945 ||| Stepping ~*~*~tactically~*~*~ (outnumbered).
 30953 | D:7      | 30953 ||| Stepping ~*~*~tactically~*~*~ (outnumbered).
 30957 | D:7      | 30957 ||| Stepping ~*~*~tactically~*~*~ (outnumbered).
 30960 | D:7      | 30960 ||| Stepping ~*~*~tactically~*~*~ (outnumbered).
 30967 | D:7      | 30967 ||| Stepping ~*~*~tactically~*~*~ (outnumbered).
 30972 | D:7      | 30972 ||| Stepping ~*~*~tactically~*~*~ (outnumbered).
 30978 | D:7      | 30978 ||| Stepping ~*~*~tactically~*~*~ (outnumbered).
 30986 | D:7      | 30986 ||| Stepping ~*~*~tactically~*~*~ (outnumbered).
 30995 | D:7      | 30995 ||| Stepping ~*~*~tactically~*~*~ (outnumbered).
 30997 | D:7      | 30997 ||| Stepping ~*~*~tactically~*~*~ (outnumbered).
 30999 | D:7      | 30999 ||| Stepping ~*~*~tactically~*~*~ (outnumbered).
 31003 | D:7      | 31003 ||| Stepping ~*~*~tactically~*~*~ (outnumbered).
 31011 | D:7      | 31011 ||| Stepping ~*~*~tactically~*~*~ (outnumbered).
 31014 | D:7      | 31014 ||| Stepping ~*~*~tactically~*~*~ (outnumbered).
 31017 | D:7      | 31017 ||| Stepping ~*~*~tactically~*~*~ (outnumbered).
 31022 | D:7      | 31022 ||| Stepping ~*~*~tactically~*~*~ (outnumbered).
 31024 | D:7      | 31024 ||| Stepping ~*~*~tactically~*~*~ (outnumbered).
 31031 | D:7      | 31031 ||| Stepping ~*~*~tactically~*~*~ (outnumbered).
 31036 | D:7      | 31036 ||| Stepping ~*~*~tactically~*~*~ (outnumbered).
 31039 | D:7      | 31039 ||| Stepping ~*~*~tactically~*~*~ (outnumbered).
 31042 | D:7      | 31042 ||| Stepping ~*~*~tactically~*~*~ (outnumbered).
 31046 | D:7      | 31046 ||| Stepping ~*~*~tactically~*~*~ (outnumbered).
 31051 | D:7      | 31051 ||| Stepping ~*~*~tactically~*~*~ (outnumbered).
 31054 | D:7      | 31054 ||| Stepping ~*~*~tactically~*~*~ (outnumbered).
 31057 | D:7      | 31057 ||| Stepping ~*~*~tactically~*~*~ (outnumbered).
 31063 | D:7      | 31063 ||| Stepping ~*~*~tactically~*~*~ (outnumbered).
 31068 | D:7      | 31068 ||| Stepping ~*~*~tactically~*~*~ (outnumbered).
 31073 | D:7      | 31073 ||| Stepping ~*~*~tactically~*~*~ (outnumbered).
 31078 | D:7      | 31078 ||| Stepping ~*~*~tactically~*~*~ (outnumbered).
 31081 | D:7      | 31081 ||| Stepping ~*~*~tactically~*~*~ (outnumbered).
 31088 | D:7      | 31088 ||| Stepping ~*~*~tactically~*~*~ (outnumbered).
 31090 | D:7      | 31090 ||| Stepping ~*~*~tactically~*~*~ (outnumbered).
 31097 | D:7      | 31097 ||| Stepping ~*~*~tactically~*~*~ (outnumbered).
 31100 | D:7      | 31100 ||| Stepping ~*~*~tactically~*~*~ (outnumbered).
 31106 | D:7      | 31106 ||| Stepping ~*~*~tactically~*~*~ (outnumbered).
 31112 | D:7      | 31112 ||| Stepping ~*~*~tactically~*~*~ (outnumbered).
 31122 | D:7      | 31122 ||| Stepping ~*~*~tactically~*~*~ (outnumbered).
 31124 | D:7      | 31124 ||| Stepping ~*~*~tactically~*~*~ (outnumbered).
 31133 | D:7      | 31133 ||| Stepping ~*~*~tactically~*~*~ (outnumbered).
 31141 | D:7      | 31141 ||| Stepping ~*~*~tactically~*~*~ (outnumbered).
 31145 | D:7      | 31145 ||| Stepping ~*~*~tactically~*~*~ (outnumbered).
 31151 | D:7      | 31151 ||| Stepping ~*~*~tactically~*~*~ (outnumbered).
 31156 | D:7      | 31156 ||| Stepping ~*~*~tactically~*~*~ (outnumbered).
 31163 | D:7      | 31163 ||| Stepping ~*~*~tactically~*~*~ (outnumbered).
 31176 | D:7      | 31176 ||| Stepping ~*~*~tactically~*~*~ (outnumbered).
 31180 | D:7      | 31180 ||| Stepping ~*~*~tactically~*~*~ (outnumbered).
 31182 | D:7      | 31182 ||| Stepping ~*~*~tactically~*~*~ (outnumbered).
 31185 | D:7      | 31185 ||| Stepping ~*~*~tactically~*~*~ (outnumbered).
 31188 | D:7      | 31188 ||| Stepping ~*~*~tactically~*~*~ (outnumbered).
 31192 | D:7      | 31192 ||| Stepping ~*~*~tactically~*~*~ (outnumbered).
 31200 | D:7      | 31200 ||| Stepping ~*~*~tactically~*~*~ (outnumbered).
 31211 | D:7      | 31211 ||| Stepping ~*~*~tactically~*~*~ (outnumbered).
 31216 | D:7      | 31216 ||| Stepping ~*~*~tactically~*~*~ (outnumbered).
 31228 | D:7      | 31228 ||| Stepping ~*~*~tactically~*~*~ (outnumbered).
 31237 | D:7      | 31237 ||| Stepping ~*~*~tactically~*~*~ (outnumbered).
 31239 | D:7      | 31239 ||| Stepping ~*~*~tactically~*~*~ (outnumbered).
 31245 | D:7      | 31245 ||| Stepping ~*~*~tactically~*~*~ (outnumbered).
 31250 | D:7      | 31250 ||| Stepping ~*~*~tactically~*~*~ (outnumbered).
 31254 | D:7      | 31254 ||| Stepping ~*~*~tactically~*~*~ (outnumbered).
 31256 | D:7      | 31256 ||| Stepping ~*~*~tactically~*~*~ (outnumbered).
 31258 | D:7      | 31258 ||| Stepping ~*~*~tactically~*~*~ (outnumbered).
 31262 | D:7      | 31262 ||| Stepping ~*~*~tactically~*~*~ (outnumbered).
 31267 | D:7      | 31267 ||| Stepping ~*~*~tactically~*~*~ (outnumbered).
 31278 | D:7      | 31278 ||| Stepping ~*~*~tactically~*~*~ (outnumbered).
 31289 | D:7      | 31289 ||| Stepping ~*~*~tactically~*~*~ (outnumbered).
 31292 | D:7      | 31292 ||| Stepping ~*~*~tactically~*~*~ (outnumbered).
 31299 | D:7      | 31299 ||| Stepping ~*~*~tactically~*~*~ (outnumbered).
 31304 | D:7      | 31304 ||| Stepping ~*~*~tactically~*~*~ (outnumbered).
 31306 | D:7      | 31306 ||| Stepping ~*~*~tactically~*~*~ (outnumbered).
 31314 | D:7      | 31314 ||| Stepping ~*~*~tactically~*~*~ (outnumbered).
 31324 | D:7      | 31324 ||| Stepping ~*~*~tactically~*~*~ (outnumbered).
 31329 | D:7      | 31329 ||| Stepping ~*~*~tactically~*~*~ (outnumbered).
 31339 | D:7      | 31339 ||| Stepping ~*~*~tactically~*~*~ (outnumbered).
 31343 | D:7      | 31343 ||| Stepping ~*~*~tactically~*~*~ (outnumbered).
 31346 | D:7      | 31346 ||| Stepping ~*~*~tactically~*~*~ (outnumbered).
 31350 | D:7      | 31350 ||| Stepping ~*~*~tactically~*~*~ (outnumbered).
 31353 | D:7      | 31353 ||| Stepping ~*~*~tactically~*~*~ (outnumbered).
 31356 | D:7      | 31356 ||| Stepping ~*~*~tactically~*~*~ (outnumbered).
 31367 | D:7      | 31367 ||| Stepping ~*~*~tactically~*~*~ (outnumbered).
 31369 | D:7      | 31369 ||| Stepping ~*~*~tactically~*~*~ (outnumbered).
 31378 | D:7      | 31378 ||| Stepping ~*~*~tactically~*~*~ (outnumbered).
 31385 | D:7      | 31385 ||| Stepping ~*~*~tactically~*~*~ (outnumbered).
 31395 | D:7      | 31395 ||| Stepping ~*~*~tactically~*~*~ (outnumbered).
 31401 | D:7      | 31401 ||| Stepping ~*~*~tactically~*~*~ (outnumbered).
 31403 | D:7      | Glimpsed the power of Zot.
 31409 | D:7      | 31409 ||| Stepping ~*~*~tactically~*~*~ (outnumbered).
 31414 | D:7      | 31414 ||| Stepping ~*~*~tactically~*~*~ (outnumbered).
 31420 | D:7      | 31420 ||| Stepping ~*~*~tactically~*~*~ (outnumbered).
 31431 | D:7      | 31431 ||| Stepping ~*~*~tactically~*~*~ (outnumbered).
 31435 | D:7      | 31435 ||| Stepping ~*~*~tactically~*~*~ (outnumbered).
 31439 | D:7      | 31439 ||| Stepping ~*~*~tactically~*~*~ (outnumbered).
 31445 | D:7      | 31445 ||| Stepping ~*~*~tactically~*~*~ (outnumbered).
 31450 | D:7      | 31450 ||| Stepping ~*~*~tactically~*~*~ (outnumbered).
 31454 | D:7      | 31454 ||| Stepping ~*~*~tactically~*~*~ (outnumbered).
 31461 | D:7      | 31461 ||| Stepping ~*~*~tactically~*~*~ (outnumbered).
 31464 | D:7      | 31464 ||| Stepping ~*~*~tactically~*~*~ (outnumbered).
 31473 | D:7      | 31473 ||| Stepping ~*~*~tactically~*~*~ (outnumbered).
 31477 | D:7      | 31477 ||| Stepping ~*~*~tactically~*~*~ (outnumbered).
 31479 | D:7      | 31479 ||| Stepping ~*~*~tactically~*~*~ (outnumbered).
 31491 | D:7      | 31491 ||| Stepping ~*~*~tactically~*~*~ (outnumbered).
 31498 | D:7      | 31498 ||| Stepping ~*~*~tactically~*~*~ (outnumbered).
 31501 | D:7      | 31501 ||| Stepping ~*~*~tactically~*~*~ (outnumbered).
 31503 | D:7      | 31503 ||| Stepping ~*~*~tactically~*~*~ (outnumbered).
 31510 | D:7      | 31510 ||| Stepping ~*~*~tactically~*~*~ (outnumbered).
 31522 | D:7      | 31522 ||| Stepping ~*~*~tactically~*~*~ (outnumbered).
 31529 | D:7      | 31529 ||| Stepping ~*~*~tactically~*~*~ (outnumbered).
 31539 | D:7      | 31539 ||| Stepping ~*~*~tactically~*~*~ (outnumbered).
 31548 | D:7      | 31548 ||| Stepping ~*~*~tactically~*~*~ (outnumbered).
 31553 | D:7      | 31553 ||| Stepping ~*~*~tactically~*~*~ (outnumbered).
 31560 | D:7      | 31560 ||| Stepping ~*~*~tactically~*~*~ (outnumbered).
 31567 | D:7      | 31567 ||| Stepping ~*~*~tactically~*~*~ (outnumbered).
 31572 | D:7      | 31572 ||| Stepping ~*~*~tactically~*~*~ (outnumbered).
 31584 | D:7      | 31584 ||| Stepping ~*~*~tactically~*~*~ (outnumbered).
 31590 | D:7      | 31590 ||| Stepping ~*~*~tactically~*~*~ (outnumbered).
 31598 | D:7      | 31598 ||| Stepping ~*~*~tactically~*~*~ (outnumbered).
 31600 | D:7      | 31600 ||| Stepping ~*~*~tactically~*~*~ (outnumbered).
 31603 | D:7      | 31603 ||| Stepping ~*~*~tactically~*~*~ (outnumbered).
 31611 | D:7      | 31611 ||| Stepping ~*~*~tactically~*~*~ (outnumbered).
 31615 | D:7      | 31615 ||| Stepping ~*~*~tactically~*~*~ (outnumbered).
 31623 | D:7      | 31623 ||| Stepping ~*~*~tactically~*~*~ (outnumbered).
 31631 | D:7      | 31631 ||| Stepping ~*~*~tactically~*~*~ (outnumbered).
 31635 | D:7      | 31635 ||| Stepping ~*~*~tactically~*~*~ (outnumbered).
 31637 | D:7      | 31637 ||| Stepping ~*~*~tactically~*~*~ (outnumbered).
 31644 | D:7      | 31644 ||| Stepping ~*~*~tactically~*~*~ (outnumbered).
 31646 | D:7      | 31646 ||| Stepping ~*~*~tactically~*~*~ (outnumbered).
 31653 | D:7      | 31653 ||| Stepping ~*~*~tactically~*~*~ (outnumbered).
 31657 | D:7      | 31657 ||| Stepping ~*~*~tactically~*~*~ (outnumbered).
 31665 | D:7      | 31665 ||| Stepping ~*~*~tactically~*~*~ (outnumbered).
 31669 | D:7      | 31669 ||| Stepping ~*~*~tactically~*~*~ (outnumbered).
 31681 | D:7      | 31681 ||| Stepping ~*~*~tactically~*~*~ (outnumbered).
 31689 | D:7      | 31689 ||| Stepping ~*~*~tactically~*~*~ (outnumbered).
 31698 | D:7      | 31698 ||| Stepping ~*~*~tactically~*~*~ (outnumbered).
 31702 | D:7      | 31702 ||| Stepping ~*~*~tactically~*~*~ (outnumbered).
 31704 | D:7      | 31704 ||| Stepping ~*~*~tactically~*~*~ (outnumbered).
 31712 | D:7      | 31712 ||| Stepping ~*~*~tactically~*~*~ (outnumbered).
 31722 | D:7      | 31722 ||| Stepping ~*~*~tactically~*~*~ (outnumbered).
 31725 | D:7      | 31725 ||| Stepping ~*~*~tactically~*~*~ (outnumbered).
 31727 | D:7      | 31727 ||| Stepping ~*~*~tactically~*~*~ (outnumbered).
 31735 | D:7      | 31735 ||| Stepping ~*~*~tactically~*~*~ (outnumbered).
 31748 | D:7      | 31748 ||| Stepping ~*~*~tactically~*~*~ (outnumbered).
 31752 | D:7      | 31752 ||| Stepping ~*~*~tactically~*~*~ (outnumbered).
 31754 | D:7      | 31754 ||| Stepping ~*~*~tactically~*~*~ (outnumbered).
 31756 | D:7      | 31756 ||| Stepping ~*~*~tactically~*~*~ (outnumbered).
 31758 | D:7      | 31758 ||| Stepping ~*~*~tactically~*~*~ (outnumbered).
 31760 | D:7      | 31760 ||| Stepping ~*~*~tactically~*~*~ (outnumbered).
 31763 | D:7      | 31763 ||| Stepping ~*~*~tactically~*~*~ (outnumbered).
 31769 | D:7      | 31769 ||| Stepping ~*~*~tactically~*~*~ (outnumbered).
 31772 | D:7      | 31772 ||| Stepping ~*~*~tactically~*~*~ (outnumbered).
 31781 | D:7      | 31781 ||| Stepping ~*~*~tactically~*~*~ (outnumbered).
 31792 | D:7      | 31792 ||| Stepping ~*~*~tactically~*~*~ (outnumbered).
 31799 | D:7      | 31799 ||| Stepping ~*~*~tactically~*~*~ (outnumbered).
 31803 | D:7      | Glimpsed the power of Zot.
 31808 | D:7      | 31808 ||| Stepping ~*~*~tactically~*~*~ (outnumbered).
 31810 | D:7      | 31810 ||| Stepping ~*~*~tactically~*~*~ (outnumbered).
 31823 | D:7      | 31823 ||| Stepping ~*~*~tactically~*~*~ (outnumbered).
 31833 | D:7      | 31833 ||| Stepping ~*~*~tactically~*~*~ (outnumbered).
 31837 | D:7      | 31837 ||| Stepping ~*~*~tactically~*~*~ (outnumbered).
 31840 | D:7      | 31840 ||| Stepping ~*~*~tactically~*~*~ (outnumbered).
 31846 | D:7      | 31846 ||| Stepping ~*~*~tactically~*~*~ (outnumbered).
 31848 | D:7      | 31848 ||| Stepping ~*~*~tactically~*~*~ (outnumbered).
 31856 | D:7      | 31856 ||| Stepping ~*~*~tactically~*~*~ (outnumbered).
 31867 | D:7      | 31867 ||| Stepping ~*~*~tactically~*~*~ (outnumbered).
 31870 | D:7      | 31870 ||| Stepping ~*~*~tactically~*~*~ (outnumbered).
 31873 | D:7      | 31873 ||| Stepping ~*~*~tactically~*~*~ (outnumbered).
 31878 | D:7      | 31878 ||| Stepping ~*~*~tactically~*~*~ (outnumbered).
 31880 | D:7      | 31880 ||| Stepping ~*~*~tactically~*~*~ (outnumbered).
 31884 | D:7      | 31884 ||| Stepping ~*~*~tactically~*~*~ (outnumbered).
 31889 | D:7      | 31889 ||| Stepping ~*~*~tactically~*~*~ (outnumbered).
 31894 | D:7      | 31894 ||| Stepping ~*~*~tactically~*~*~ (outnumbered).
 31896 | D:7      | 31896 ||| Stepping ~*~*~tactically~*~*~ (outnumbered).
 31899 | D:7      | 31899 ||| Stepping ~*~*~tactically~*~*~ (outnumbered).
 31903 | D:7      | 31903 ||| Stepping ~*~*~tactically~*~*~ (outnumbered).
 31903 | D:7      | Touched by the power of Zot.
 31904 | D:7      | Glimpsed the power of Zot.
 31905 | D:7      | 31905 ||| Stepping ~*~*~tactically~*~*~ (outnumbered).
 31912 | D:7      | 31912 ||| Stepping ~*~*~tactically~*~*~ (outnumbered).
 31915 | D:7      | 31915 ||| Stepping ~*~*~tactically~*~*~ (outnumbered).
 31919 | D:7      | 31919 ||| Stepping ~*~*~tactically~*~*~ (outnumbered).
 31921 | D:7      | 31921 ||| Stepping ~*~*~tactically~*~*~ (outnumbered).
 31927 | D:7      | 31927 ||| Stepping ~*~*~tactically~*~*~ (outnumbered).
 31932 | D:7      | 31932 ||| Stepping ~*~*~tactically~*~*~ (outnumbered).
 31935 | D:7      | 31935 ||| Stepping ~*~*~tactically~*~*~ (outnumbered).
 31940 | D:7      | 31940 ||| Stepping ~*~*~tactically~*~*~ (outnumbered).
 31947 | D:7      | 31947 ||| Stepping ~*~*~tactically~*~*~ (outnumbered).
 31953 | D:7      | 31953 ||| Stepping ~*~*~tactically~*~*~ (outnumbered).
 31959 | D:7      | 31959 ||| Stepping ~*~*~tactically~*~*~ (outnumbered).
 31963 | D:7      | 31963 ||| Stepping ~*~*~tactically~*~*~ (outnumbered).
 31966 | D:7      | 31966 ||| Stepping ~*~*~tactically~*~*~ (outnumbered).
 31974 | D:7      | 31974 ||| Stepping ~*~*~tactically~*~*~ (outnumbered).
 31980 | D:7      | 31980 ||| Stepping ~*~*~tactically~*~*~ (outnumbered).
 31983 | D:7      | 31983 ||| Stepping ~*~*~tactically~*~*~ (outnumbered).
 31987 | D:7      | 31987 ||| Stepping ~*~*~tactically~*~*~ (outnumbered).
 32002 | D:7      | 32002 ||| Stepping ~*~*~tactically~*~*~ (outnumbered).
 32010 | D:7      | 32010 ||| Stepping ~*~*~tactically~*~*~ (outnumbered).
 32013 | D:7      | 32013 ||| Stepping ~*~*~tactically~*~*~ (outnumbered).
 32023 | D:7      | 32023 ||| Stepping ~*~*~tactically~*~*~ (outnumbered).
 32035 | D:7      | 32035 ||| Stepping ~*~*~tactically~*~*~ (outnumbered).
 32039 | D:7      | 32039 ||| Stepping ~*~*~tactically~*~*~ (outnumbered).
 32046 | D:7      | 32046 ||| Stepping ~*~*~tactically~*~*~ (outnumbered).
 32059 | D:7      | 32059 ||| Stepping ~*~*~tactically~*~*~ (outnumbered).
 32067 | D:7      | 32067 ||| Stepping ~*~*~tactically~*~*~ (outnumbered).
 32073 | D:7      | 32073 ||| Stepping ~*~*~tactically~*~*~ (outnumbered).
 32082 | D:7      | 32082 ||| Stepping ~*~*~tactically~*~*~ (outnumbered).
 32084 | D:7      | 32084 ||| Stepping ~*~*~tactically~*~*~ (outnumbered).
 32092 | D:7      | 32092 ||| Stepping ~*~*~tactically~*~*~ (outnumbered).
 32094 | D:7      | 32094 ||| Stepping ~*~*~tactically~*~*~ (outnumbered).
 32096 | D:7      | 32096 ||| Stepping ~*~*~tactically~*~*~ (outnumbered).
 32098 | D:7      | 32098 ||| Stepping ~*~*~tactically~*~*~ (outnumbered).
 32105 | D:7      | 32105 ||| Stepping ~*~*~tactically~*~*~ (outnumbered).
 32122 | D:7      | 32122 ||| Stepping ~*~*~tactically~*~*~ (outnumbered).
 32130 | D:7      | 32130 ||| Stepping ~*~*~tactically~*~*~ (outnumbered).
 32134 | D:7      | 32134 ||| Stepping ~*~*~tactically~*~*~ (outnumbered).
 32141 | D:7      | 32141 ||| Stepping ~*~*~tactically~*~*~ (outnumbered).
 32145 | D:7      | 32145 ||| Stepping ~*~*~tactically~*~*~ (outnumbered).
 32153 | D:7      | 32153 ||| Stepping ~*~*~tactically~*~*~ (outnumbered).
 32158 | D:7      | 32158 ||| Stepping ~*~*~tactically~*~*~ (outnumbered).
 32160 | D:7      | 32160 ||| Stepping ~*~*~tactically~*~*~ (outnumbered).
 32162 | D:7      | 32162 ||| Stepping ~*~*~tactically~*~*~ (outnumbered).
 32174 | D:7      | 32174 ||| Stepping ~*~*~tactically~*~*~ (outnumbered).
 32184 | D:7      | 32184 ||| Stepping ~*~*~tactically~*~*~ (outnumbered).
 32191 | D:7      | 32191 ||| Stepping ~*~*~tactically~*~*~ (outnumbered).
 32193 | D:7      | 32193 ||| Stepping ~*~*~tactically~*~*~ (outnumbered).
 32197 | D:7      | 32197 ||| Stepping ~*~*~tactically~*~*~ (outnumbered).
 32202 | D:7      | 32202 ||| Stepping ~*~*~tactically~*~*~ (outnumbered).
 32209 | D:7      | 32209 ||| Stepping ~*~*~tactically~*~*~ (outnumbered).
 32211 | D:7      | 32211 ||| Stepping ~*~*~tactically~*~*~ (outnumbered).
 32218 | D:7      | 32218 ||| Stepping ~*~*~tactically~*~*~ (outnumbered).
 32221 | D:7      | 32221 ||| Stepping ~*~*~tactically~*~*~ (outnumbered).
 32230 | D:7      | 32230 ||| Stepping ~*~*~tactically~*~*~ (outnumbered).
 32235 | D:7      | 32235 ||| Stepping ~*~*~tactically~*~*~ (outnumbered).
 32237 | D:7      | 32237 ||| Stepping ~*~*~tactically~*~*~ (outnumbered).
 32239 | D:7      | 32239 ||| Stepping ~*~*~tactically~*~*~ (outnumbered).
 32241 | D:7      | 32241 ||| Stepping ~*~*~tactically~*~*~ (outnumbered).
 32247 | D:7      | 32247 ||| Stepping ~*~*~tactically~*~*~ (outnumbered).
 32249 | D:7      | 32249 ||| Stepping ~*~*~tactically~*~*~ (outnumbered).
 32253 | D:7      | 32253 ||| Stepping ~*~*~tactically~*~*~ (outnumbered).
 32261 | D:7      | 32261 ||| Stepping ~*~*~tactically~*~*~ (outnumbered).
 32266 | D:7      | 32266 ||| Stepping ~*~*~tactically~*~*~ (outnumbered).
 32271 | D:7      | 32271 ||| Stepping ~*~*~tactically~*~*~ (outnumbered).
 32277 | D:7      | 32277 ||| Stepping ~*~*~tactically~*~*~ (outnumbered).
 32289 | D:7      | 32289 ||| Stepping ~*~*~tactically~*~*~ (outnumbered).
 32291 | D:7      | 32291 ||| Stepping ~*~*~tactically~*~*~ (outnumbered).
 32296 | D:7      | 32296 ||| Stepping ~*~*~tactically~*~*~ (outnumbered).
 32300 | D:7      | 32300 ||| Stepping ~*~*~tactically~*~*~ (outnumbered).
 32305 | D:7      | 32305 ||| Stepping ~*~*~tactically~*~*~ (outnumbered).
 32311 | D:7      | 32311 ||| Stepping ~*~*~tactically~*~*~ (outnumbered).
 32315 | D:7      | 32315 ||| Stepping ~*~*~tactically~*~*~ (outnumbered).
 32321 | D:7      | 32321 ||| Stepping ~*~*~tactically~*~*~ (outnumbered).
 32330 | D:7      | 32330 ||| Stepping ~*~*~tactically~*~*~ (outnumbered).
 32338 | D:7      | 32338 ||| Stepping ~*~*~tactically~*~*~ (outnumbered).
 32346 | D:7      | 32346 ||| Stepping ~*~*~tactically~*~*~ (outnumbered).
 32349 | D:7      | 32349 ||| Stepping ~*~*~tactically~*~*~ (outnumbered).
 32357 | D:7      | 32357 ||| Stepping ~*~*~tactically~*~*~ (outnumbered).
 32362 | D:7      | 32362 ||| Stepping ~*~*~tactically~*~*~ (outnumbered).
 32364 | D:7      | 32364 ||| Stepping ~*~*~tactically~*~*~ (outnumbered).
 32371 | D:7      | 32371 ||| Stepping ~*~*~tactically~*~*~ (outnumbered).
 32377 | D:7      | 32377 ||| Stepping ~*~*~tactically~*~*~ (outnumbered).
 32382 | D:7      | 32382 ||| Stepping ~*~*~tactically~*~*~ (outnumbered).
 32386 | D:7      | 32386 ||| Stepping ~*~*~tactically~*~*~ (outnumbered).
 32393 | D:7      | 32393 ||| Stepping ~*~*~tactically~*~*~ (outnumbered).
 32395 | D:7      | 32395 ||| Stepping ~*~*~tactically~*~*~ (outnumbered).
 32397 | D:7      | 32397 ||| Stepping ~*~*~tactically~*~*~ (outnumbered).
 32400 | D:7      | 32400 ||| Stepping ~*~*~tactically~*~*~ (outnumbered).
 32402 | D:7      | 32402 ||| Stepping ~*~*~tactically~*~*~ (outnumbered).
 32404 | D:7      | Glimpsed the power of Zot.
 32406 | D:7      | 32406 ||| Stepping ~*~*~tactically~*~*~ (outnumbered).
 32410 | D:7      | 32410 ||| Stepping ~*~*~tactically~*~*~ (outnumbered).
 32417 | D:7      | 32417 ||| Stepping ~*~*~tactically~*~*~ (outnumbered).
 32422 | D:7      | 32422 ||| Stepping ~*~*~tactically~*~*~ (outnumbered).
 32424 | D:7      | 32424 ||| Stepping ~*~*~tactically~*~*~ (outnumbered).
 32426 | D:7      | 32426 ||| Stepping ~*~*~tactically~*~*~ (outnumbered).
 32428 | D:7      | 32428 ||| Stepping ~*~*~tactically~*~*~ (outnumbered).
 32433 | D:7      | 32433 ||| Stepping ~*~*~tactically~*~*~ (outnumbered).
 32437 | D:7      | 32437 ||| Stepping ~*~*~tactically~*~*~ (outnumbered).
 32443 | D:7      | 32443 ||| Stepping ~*~*~tactically~*~*~ (outnumbered).
 32445 | D:7      | 32445 ||| Stepping ~*~*~tactically~*~*~ (outnumbered).
 32455 | D:7      | 32455 ||| Stepping ~*~*~tactically~*~*~ (outnumbered).
 32462 | D:7      | 32462 ||| Stepping ~*~*~tactically~*~*~ (outnumbered).
 32464 | D:7      | 32464 ||| Stepping ~*~*~tactically~*~*~ (outnumbered).
 32472 | D:7      | 32472 ||| Stepping ~*~*~tactically~*~*~ (outnumbered).
 32474 | D:7      | 32474 ||| Stepping ~*~*~tactically~*~*~ (outnumbered).
 32485 | D:7      | 32485 ||| Stepping ~*~*~tactically~*~*~ (outnumbered).
 32492 | D:7      | 32492 ||| Stepping ~*~*~tactically~*~*~ (outnumbered).
 32494 | D:7      | 32494 ||| Stepping ~*~*~tactically~*~*~ (outnumbered).
 32498 | D:7      | 32498 ||| Stepping ~*~*~tactically~*~*~ (outnumbered).
 32500 | D:7      | 32500 ||| Stepping ~*~*~tactically~*~*~ (outnumbered).
 32508 | D:7      | 32508 ||| Stepping ~*~*~tactically~*~*~ (outnumbered).
 32515 | D:7      | 32515 ||| Stepping ~*~*~tactically~*~*~ (outnumbered).
 32522 | D:7      | 32522 ||| Stepping ~*~*~tactically~*~*~ (outnumbered).
 32524 | D:7      | 32524 ||| Stepping ~*~*~tactically~*~*~ (outnumbered).
 32529 | D:7      | 32529 ||| Stepping ~*~*~tactically~*~*~ (outnumbered).
 32537 | D:7      | 32537 ||| Stepping ~*~*~tactically~*~*~ (outnumbered).
 32547 | D:7      | 32547 ||| Stepping ~*~*~tactically~*~*~ (outnumbered).
 32553 | D:7      | 32553 ||| Stepping ~*~*~tactically~*~*~ (outnumbered).
 32555 | D:7      | 32555 ||| Stepping ~*~*~tactically~*~*~ (outnumbered).
 32574 | D:7      | 32574 ||| Stepping ~*~*~tactically~*~*~ (outnumbered).
 32579 | D:7      | 32579 ||| Stepping ~*~*~tactically~*~*~ (outnumbered).
 32581 | D:7      | 32581 ||| Stepping ~*~*~tactically~*~*~ (outnumbered).
 32584 | D:7      | 32584 ||| Stepping ~*~*~tactically~*~*~ (outnumbered).
 32588 | D:7      | 32588 ||| Stepping ~*~*~tactically~*~*~ (outnumbered).
 32593 | D:7      | 32593 ||| Stepping ~*~*~tactically~*~*~ (outnumbered).
 32605 | D:7      | 32605 ||| Stepping ~*~*~tactically~*~*~ (outnumbered).
 32607 | D:7      | 32607 ||| Stepping ~*~*~tactically~*~*~ (outnumbered).
 32613 | D:7      | 32613 ||| Stepping ~*~*~tactically~*~*~ (outnumbered).
 32618 | D:7      | 32618 ||| Stepping ~*~*~tactically~*~*~ (outnumbered).
 32623 | D:7      | 32623 ||| Stepping ~*~*~tactically~*~*~ (outnumbered).
 32637 | D:7      | 32637 ||| Stepping ~*~*~tactically~*~*~ (outnumbered).
 32644 | D:7      | 32644 ||| Stepping ~*~*~tactically~*~*~ (outnumbered).
 32655 | D:7      | 32655 ||| Stepping ~*~*~tactically~*~*~ (outnumbered).
 32662 | D:7      | 32662 ||| Stepping ~*~*~tactically~*~*~ (outnumbered).
 32670 | D:7      | 32670 ||| Stepping ~*~*~tactically~*~*~ (outnumbered).
 32680 | D:7      | 32680 ||| Stepping ~*~*~tactically~*~*~ (outnumbered).
 32690 | D:7      | 32690 ||| Stepping ~*~*~tactically~*~*~ (outnumbered).
 32692 | D:7      | 32692 ||| Stepping ~*~*~tactically~*~*~ (outnumbered).
 32694 | D:7      | 32694 ||| Stepping ~*~*~tactically~*~*~ (outnumbered).
 32702 | D:7      | 32702 ||| Stepping ~*~*~tactically~*~*~ (outnumbered).
 32709 | D:7      | 32709 ||| Stepping ~*~*~tactically~*~*~ (outnumbered).
 32713 | D:7      | 32713 ||| Stepping ~*~*~tactically~*~*~ (outnumbered).
 32718 | D:7      | 32718 ||| Stepping ~*~*~tactically~*~*~ (outnumbered).
 32729 | D:7      | 32729 ||| Stepping ~*~*~tactically~*~*~ (outnumbered).
 32732 | D:7      | 32732 ||| Stepping ~*~*~tactically~*~*~ (outnumbered).
 32738 | D:7      | 32738 ||| Stepping ~*~*~tactically~*~*~ (outnumbered).
 32740 | D:7      | 32740 ||| Stepping ~*~*~tactically~*~*~ (outnumbered).
 32742 | D:7      | 32742 ||| Stepping ~*~*~tactically~*~*~ (outnumbered).
 32749 | D:7      | 32749 ||| Stepping ~*~*~tactically~*~*~ (outnumbered).
 32757 | D:7      | 32757 ||| Stepping ~*~*~tactically~*~*~ (outnumbered).
 32761 | D:7      | 32761 ||| Stepping ~*~*~tactically~*~*~ (outnumbered).
 32774 | D:7      | 32774 ||| Stepping ~*~*~tactically~*~*~ (outnumbered).
 32791 | D:7      | 32791 ||| Stepping ~*~*~tactically~*~*~ (outnumbered).
 32794 | D:7      | 32794 ||| Stepping ~*~*~tactically~*~*~ (outnumbered).
 32796 | D:7      | 32796 ||| Stepping ~*~*~tactically~*~*~ (outnumbered).
 32802 | D:7      | 32802 ||| Stepping ~*~*~tactically~*~*~ (outnumbered).
 32804 | D:7      | Glimpsed the power of Zot.
 32806 | D:7      | 32806 ||| Stepping ~*~*~tactically~*~*~ (outnumbered).
 32810 | D:7      | 32810 ||| Stepping ~*~*~tactically~*~*~ (outnumbered).
 32815 | D:7      | 32815 ||| Stepping ~*~*~tactically~*~*~ (outnumbered).
 32817 | D:7      | 32817 ||| Stepping ~*~*~tactically~*~*~ (outnumbered).
 32822 | D:7      | 32822 ||| Stepping ~*~*~tactically~*~*~ (outnumbered).
 32829 | D:7      | 32829 ||| Stepping ~*~*~tactically~*~*~ (outnumbered).
 32834 | D:7      | 32834 ||| Stepping ~*~*~tactically~*~*~ (outnumbered).
 32841 | D:7      | 32841 ||| Stepping ~*~*~tactically~*~*~ (outnumbered).
 32843 | D:7      | 32843 ||| Stepping ~*~*~tactically~*~*~ (outnumbered).
 32853 | D:7      | 32853 ||| Stepping ~*~*~tactically~*~*~ (outnumbered).
 32863 | D:7      | 32863 ||| Stepping ~*~*~tactically~*~*~ (outnumbered).
 32869 | D:7      | 32869 ||| Stepping ~*~*~tactically~*~*~ (outnumbered).
 32871 | D:7      | 32871 ||| Stepping ~*~*~tactically~*~*~ (outnumbered).
 32882 | D:7      | 32882 ||| Stepping ~*~*~tactically~*~*~ (outnumbered).
 32887 | D:7      | 32887 ||| Stepping ~*~*~tactically~*~*~ (outnumbered).
 32891 | D:7      | 32891 ||| Stepping ~*~*~tactically~*~*~ (outnumbered).
 32893 | D:7      | 32893 ||| Stepping ~*~*~tactically~*~*~ (outnumbered).
 32899 | D:7      | 32899 ||| Stepping ~*~*~tactically~*~*~ (outnumbered).
 32903 | D:7      | Touched by the power of Zot.
 32904 | D:7      | Glimpsed the power of Zot.
 32905 | D:7      | 32905 ||| Stepping ~*~*~tactically~*~*~ (outnumbered).
 32909 | D:7      | 32909 ||| Stepping ~*~*~tactically~*~*~ (outnumbered).
 32914 | D:7      | 32914 ||| Stepping ~*~*~tactically~*~*~ (outnumbered).
 32918 | D:7      | 32918 ||| Stepping ~*~*~tactically~*~*~ (outnumbered).
 32925 | D:7      | 32925 ||| Stepping ~*~*~tactically~*~*~ (outnumbered).
 32930 | D:7      | 32930 ||| Stepping ~*~*~tactically~*~*~ (outnumbered).
 32935 | D:7      | 32935 ||| Stepping ~*~*~tactically~*~*~ (outnumbered).
 32951 | D:7      | 32951 ||| Stepping ~*~*~tactically~*~*~ (outnumbered).
 32955 | D:7      | 32955 ||| Stepping ~*~*~tactically~*~*~ (outnumbered).
 32962 | D:7      | 32962 ||| Stepping ~*~*~tactically~*~*~ (outnumbered).
 32970 | D:7      | 32970 ||| Stepping ~*~*~tactically~*~*~ (outnumbered).
 32975 | D:7      | 32975 ||| Stepping ~*~*~tactically~*~*~ (outnumbered).
 32979 | D:7      | 32979 ||| Stepping ~*~*~tactically~*~*~ (outnumbered).
 32988 | D:7      | 32988 ||| Stepping ~*~*~tactically~*~*~ (outnumbered).
 32994 | D:7      | 32994 ||| Stepping ~*~*~tactically~*~*~ (outnumbered).
 32996 | D:7      | 32996 ||| Stepping ~*~*~tactically~*~*~ (outnumbered).
 33002 | D:7      | 33002 ||| Stepping ~*~*~tactically~*~*~ (outnumbered).
 33006 | D:7      | 33006 ||| Stepping ~*~*~tactically~*~*~ (outnumbered).
 33017 | D:7      | 33017 ||| Stepping ~*~*~tactically~*~*~ (outnumbered).
 33019 | D:7      | 33019 ||| Stepping ~*~*~tactically~*~*~ (outnumbered).
 33029 | D:7      | 33029 ||| Stepping ~*~*~tactically~*~*~ (outnumbered).
 33034 | D:7      | 33034 ||| Stepping ~*~*~tactically~*~*~ (outnumbered).
 33038 | D:7      | 33038 ||| Stepping ~*~*~tactically~*~*~ (outnumbered).
 33041 | D:7      | 33041 ||| Stepping ~*~*~tactically~*~*~ (outnumbered).
 33049 | D:7      | 33049 ||| Stepping ~*~*~tactically~*~*~ (outnumbered).
 33056 | D:7      | 33056 ||| Stepping ~*~*~tactically~*~*~ (outnumbered).
 33058 | D:7      | 33058 ||| Stepping ~*~*~tactically~*~*~ (outnumbered).
 33062 | D:7      | 33062 ||| Stepping ~*~*~tactically~*~*~ (outnumbered).
 33071 | D:7      | 33071 ||| Stepping ~*~*~tactically~*~*~ (outnumbered).
 33077 | D:7      | 33077 ||| Stepping ~*~*~tactically~*~*~ (outnumbered).
 33079 | D:7      | 33079 ||| Stepping ~*~*~tactically~*~*~ (outnumbered).
 33091 | D:7      | 33091 ||| Stepping ~*~*~tactically~*~*~ (outnumbered).
 33093 | D:7      | HP: 2/20 [electric eel/bolt of electricity (6)]
 33094 | D:7      | 33094 ||| DRINKING 2 potions of heal wounds.
 33095 | D:7      | 33095 ||| Stepping ~*~*~tactically~*~*~ (outnumbered).
 33108 | D:7      | 33108 ||| Stepping ~*~*~tactically~*~*~ (outnumbered).
 33112 | D:7      | 33112 ||| Stepping ~*~*~tactically~*~*~ (outnumbered).
 33117 | D:7      | 33117 ||| Stepping ~*~*~tactically~*~*~ (outnumbered).
 33125 | D:7      | 33125 ||| Stepping ~*~*~tactically~*~*~ (outnumbered).
 33136 | D:7      | 33136 ||| Stepping ~*~*~tactically~*~*~ (outnumbered).
 33138 | D:7      | 33138 ||| Stepping ~*~*~tactically~*~*~ (outnumbered).
 33150 | D:7      | 33150 ||| Stepping ~*~*~tactically~*~*~ (outnumbered).
 33152 | D:7      | 33152 ||| Stepping ~*~*~tactically~*~*~ (outnumbered).
 33157 | D:7      | 33157 ||| Stepping ~*~*~tactically~*~*~ (outnumbered).
 33163 | D:7      | 33163 ||| Stepping ~*~*~tactically~*~*~ (outnumbered).
 33165 | D:7      | 33165 ||| Stepping ~*~*~tactically~*~*~ (outnumbered).
 33174 | D:7      | 33174 ||| Stepping ~*~*~tactically~*~*~ (outnumbered).
 33176 | D:7      | 33176 ||| Stepping ~*~*~tactically~*~*~ (outnumbered).
 33178 | D:7      | 33178 ||| Stepping ~*~*~tactically~*~*~ (outnumbered).
 33185 | D:7      | 33185 ||| Stepping ~*~*~tactically~*~*~ (outnumbered).
 33189 | D:7      | 33189 ||| Stepping ~*~*~tactically~*~*~ (outnumbered).
 33194 | D:7      | 33194 ||| Stepping ~*~*~tactically~*~*~ (outnumbered).
 33202 | D:7      | 33202 ||| Stepping ~*~*~tactically~*~*~ (outnumbered).
 33208 | D:7      | 33208 ||| Stepping ~*~*~tactically~*~*~ (outnumbered).
 33215 | D:7      | 33215 ||| Stepping ~*~*~tactically~*~*~ (outnumbered).
 33222 | D:7      | 33222 ||| Stepping ~*~*~tactically~*~*~ (outnumbered).
 33225 | D:7      | 33225 ||| Stepping ~*~*~tactically~*~*~ (outnumbered).
 33227 | D:7      | 33227 ||| Stepping ~*~*~tactically~*~*~ (outnumbered).
 33231 | D:7      | 33231 ||| Stepping ~*~*~tactically~*~*~ (outnumbered).
 33237 | D:7      | 33237 ||| Stepping ~*~*~tactically~*~*~ (outnumbered).
 33242 | D:7      | HP: 3/20 [electric eel/bolt of electricity (3)]
 33243 | D:7      | 33243 ||| DRINKING potion of heal wounds.
 33244 | D:7      | 33244 ||| Stepping ~*~*~tactically~*~*~ (outnumbered).
 33252 | D:7      | 33252 ||| Stepping ~*~*~tactically~*~*~ (outnumbered).
 33260 | D:7      | 33260 ||| Stepping ~*~*~tactically~*~*~ (outnumbered).
 33272 | D:7      | 33272 ||| Stepping ~*~*~tactically~*~*~ (outnumbered).
 33285 | D:7      | 33285 ||| Stepping ~*~*~tactically~*~*~ (outnumbered).
 33300 | D:7      | 33300 ||| Stepping ~*~*~tactically~*~*~ (outnumbered).
 33306 | D:7      | 33306 ||| Stepping ~*~*~tactically~*~*~ (outnumbered).
 33308 | D:7      | 33308 ||| Stepping ~*~*~tactically~*~*~ (outnumbered).
 33310 | D:7      | 33310 ||| Stepping ~*~*~tactically~*~*~ (outnumbered).
 33312 | D:7      | 33312 ||| Stepping ~*~*~tactically~*~*~ (outnumbered).
 33315 | D:7      | 33315 ||| Stepping ~*~*~tactically~*~*~ (outnumbered).
 33324 | D:7      | 33324 ||| Stepping ~*~*~tactically~*~*~ (outnumbered).
 33334 | D:7      | 33334 ||| Stepping ~*~*~tactically~*~*~ (outnumbered).
 33344 | D:7      | 33344 ||| Stepping ~*~*~tactically~*~*~ (outnumbered).
 33349 | D:7      | 33349 ||| Stepping ~*~*~tactically~*~*~ (outnumbered).
 33351 | D:7      | 33351 ||| Stepping ~*~*~tactically~*~*~ (outnumbered).
 33353 | D:7      | 33353 ||| Stepping ~*~*~tactically~*~*~ (outnumbered).
 33363 | D:7      | 33363 ||| Stepping ~*~*~tactically~*~*~ (outnumbered).
 33371 | D:7      | 33371 ||| Stepping ~*~*~tactically~*~*~ (outnumbered).
 33379 | D:7      | 33379 ||| Stepping ~*~*~tactically~*~*~ (outnumbered).
 33381 | D:7      | 33381 ||| Stepping ~*~*~tactically~*~*~ (outnumbered).
 33392 | D:7      | 33392 ||| Stepping ~*~*~tactically~*~*~ (outnumbered).
 33402 | D:7      | 33402 ||| Stepping ~*~*~tactically~*~*~ (outnumbered).
 33404 | D:7      | Glimpsed the power of Zot.
 33414 | D:7      | 33414 ||| Stepping ~*~*~tactically~*~*~ (outnumbered).
 33420 | D:7      | 33420 ||| Stepping ~*~*~tactically~*~*~ (outnumbered).
 33423 | D:7      | 33423 ||| Stepping ~*~*~tactically~*~*~ (outnumbered).
 33428 | D:7      | 33428 ||| Stepping ~*~*~tactically~*~*~ (outnumbered).
 33437 | D:7      | 33437 ||| Stepping ~*~*~tactically~*~*~ (outnumbered).
 33446 | D:7      | 33446 ||| Stepping ~*~*~tactically~*~*~ (outnumbered).
 33457 | D:7      | 33457 ||| Stepping ~*~*~tactically~*~*~ (outnumbered).
 33467 | D:7      | HP: 3/20 [electric eel/bolt of electricity (6)]
 33468 | D:7      | 33468 ||| Stepping ~*~*~tactically~*~*~ (outnumbered).
 33488 | D:7      | 33488 ||| Stepping ~*~*~tactically~*~*~ (outnumbered).
 33493 | D:7      | 33493 ||| Stepping ~*~*~tactically~*~*~ (outnumbered).
 33502 | D:7      | 33502 ||| Stepping ~*~*~tactically~*~*~ (outnumbered).
 33508 | D:7      | 33508 ||| Stepping ~*~*~tactically~*~*~ (outnumbered).
 33520 | D:7      | 33520 ||| Stepping ~*~*~tactically~*~*~ (outnumbered).
 33529 | D:7      | 33529 ||| Stepping ~*~*~tactically~*~*~ (outnumbered).
 33539 | D:7      | 33539 ||| Stepping ~*~*~tactically~*~*~ (outnumbered).
 33544 | D:7      | 33544 ||| Stepping ~*~*~tactically~*~*~ (outnumbered).
 33550 | D:7      | 33550 ||| Stepping ~*~*~tactically~*~*~ (outnumbered).
 33562 | D:7      | 33562 ||| Stepping ~*~*~tactically~*~*~ (outnumbered).
 33568 | D:7      | 33568 ||| Stepping ~*~*~tactically~*~*~ (outnumbered).
 33573 | D:7      | 33573 ||| Stepping ~*~*~tactically~*~*~ (outnumbered).
 33575 | D:7      | 33575 ||| Stepping ~*~*~tactically~*~*~ (outnumbered).
 33577 | D:7      | 33577 ||| Stepping ~*~*~tactically~*~*~ (outnumbered).
 33580 | D:7      | 33580 ||| Stepping ~*~*~tactically~*~*~ (outnumbered).
 33582 | D:7      | 33582 ||| Stepping ~*~*~tactically~*~*~ (outnumbered).
 33587 | D:7      | 33587 ||| Stepping ~*~*~tactically~*~*~ (outnumbered).
 33594 | D:7      | 33594 ||| Stepping ~*~*~tactically~*~*~ (outnumbered).
 33599 | D:7      | 33599 ||| Stepping ~*~*~tactically~*~*~ (outnumbered).
 33603 | D:7      | 33603 ||| Stepping ~*~*~tactically~*~*~ (outnumbered).
 33606 | D:7      | 33606 ||| Stepping ~*~*~tactically~*~*~ (outnumbered).
 33608 | D:7      | 33608 ||| Stepping ~*~*~tactically~*~*~ (outnumbered).
 33614 | D:7      | 33614 ||| Stepping ~*~*~tactically~*~*~ (outnumbered).
 33616 | D:7      | 33616 ||| Stepping ~*~*~tactically~*~*~ (outnumbered).
 33621 | D:7      | 33621 ||| Stepping ~*~*~tactically~*~*~ (outnumbered).
 33632 | D:7      | 33632 ||| Stepping ~*~*~tactically~*~*~ (outnumbered).
 33634 | D:7      | 33634 ||| Stepping ~*~*~tactically~*~*~ (outnumbered).
 33644 | D:7      | 33644 ||| Stepping ~*~*~tactically~*~*~ (outnumbered).
 33652 | D:7      | 33652 ||| Stepping ~*~*~tactically~*~*~ (outnumbered).
 33665 | D:7      | 33665 ||| Stepping ~*~*~tactically~*~*~ (outnumbered).
 33671 | D:7      | 33671 ||| Stepping ~*~*~tactically~*~*~ (outnumbered).
 33673 | D:7      | 33673 ||| Stepping ~*~*~tactically~*~*~ (outnumbered).
 33678 | D:7      | 33678 ||| Stepping ~*~*~tactically~*~*~ (outnumbered).
 33680 | D:7      | 33680 ||| Stepping ~*~*~tactically~*~*~ (outnumbered).
 33684 | D:7      | 33684 ||| Stepping ~*~*~tactically~*~*~ (outnumbered).
 33692 | D:7      | 33692 ||| Stepping ~*~*~tactically~*~*~ (outnumbered).
 33700 | D:7      | 33700 ||| Stepping ~*~*~tactically~*~*~ (outnumbered).
 33702 | D:7      | 33702 ||| Stepping ~*~*~tactically~*~*~ (outnumbered).
 33704 | D:7      | 33704 ||| Stepping ~*~*~tactically~*~*~ (outnumbered).
 33710 | D:7      | 33710 ||| Stepping ~*~*~tactically~*~*~ (outnumbered).
 33713 | D:7      | 33713 ||| Stepping ~*~*~tactically~*~*~ (outnumbered).
 33717 | D:7      | 33717 ||| Stepping ~*~*~tactically~*~*~ (outnumbered).
 33724 | D:7      | 33724 ||| Stepping ~*~*~tactically~*~*~ (outnumbered).
 33726 | D:7      | 33726 ||| Stepping ~*~*~tactically~*~*~ (outnumbered).
 33728 | D:7      | 33728 ||| Stepping ~*~*~tactically~*~*~ (outnumbered).
 33732 | D:7      | 33732 ||| Stepping ~*~*~tactically~*~*~ (outnumbered).
 33739 | D:7      | 33739 ||| Stepping ~*~*~tactically~*~*~ (outnumbered).
 33751 | D:7      | 33751 ||| Stepping ~*~*~tactically~*~*~ (outnumbered).
 33764 | D:7      | 33764 ||| Stepping ~*~*~tactically~*~*~ (outnumbered).
 33767 | D:7      | 33767 ||| Stepping ~*~*~tactically~*~*~ (outnumbered).
 33777 | D:7      | 33777 ||| Stepping ~*~*~tactically~*~*~ (outnumbered).
 33779 | D:7      | 33779 ||| Stepping ~*~*~tactically~*~*~ (outnumbered).
 33781 | D:7      | 33781 ||| Stepping ~*~*~tactically~*~*~ (outnumbered).
 33783 | D:7      | 33783 ||| Stepping ~*~*~tactically~*~*~ (outnumbered).
 33800 | D:7      | 33800 ||| Stepping ~*~*~tactically~*~*~ (outnumbered).
 33804 | D:7      | Glimpsed the power of Zot.
 33810 | D:7      | 33810 ||| Stepping ~*~*~tactically~*~*~ (outnumbered).
 33821 | D:7      | 33821 ||| Stepping ~*~*~tactically~*~*~ (outnumbered).
 33829 | D:7      | 33829 ||| Stepping ~*~*~tactically~*~*~ (outnumbered).
 33835 | D:7      | 33835 ||| Stepping ~*~*~tactically~*~*~ (outnumbered).
 33837 | D:7      | 33837 ||| Stepping ~*~*~tactically~*~*~ (outnumbered).
 33845 | D:7      | 33845 ||| Stepping ~*~*~tactically~*~*~ (outnumbered).
 33847 | D:7      | 33847 ||| Stepping ~*~*~tactically~*~*~ (outnumbered).
 33850 | D:7      | 33850 ||| Stepping ~*~*~tactically~*~*~ (outnumbered).
 33856 | D:7      | 33856 ||| Stepping ~*~*~tactically~*~*~ (outnumbered).
 33858 | D:7      | 33858 ||| Stepping ~*~*~tactically~*~*~ (outnumbered).
 33863 | D:7      | 33863 ||| Stepping ~*~*~tactically~*~*~ (outnumbered).
 33871 | D:7      | 33871 ||| Stepping ~*~*~tactically~*~*~ (outnumbered).
 33875 | D:7      | 33875 ||| Stepping ~*~*~tactically~*~*~ (outnumbered).
 33877 | D:7      | 33877 ||| Stepping ~*~*~tactically~*~*~ (outnumbered).
 33884 | D:7      | 33884 ||| Stepping ~*~*~tactically~*~*~ (outnumbered).
 33893 | D:7      | 33893 ||| Stepping ~*~*~tactically~*~*~ (outnumbered).
 33903 | D:7      | Touched by the power of Zot.
 33904 | D:7      | Glimpsed the power of Zot.
 33904 | D:7      | Killed from afar by an electric eel

Levels and vault maps discovered:
D:1:      nzn_arrival_crosshair, layout_loops_ring,
          dilly_ecumenical_altar_fadedgnrine
D:2:      layout_loops_ring, uniq_crazy_yiuf_cottage
D:3:      layout_basic
D:4:      layout_loops_ring, gup_ossuary_entry_pyramid
D:5:      corexii_shack_village, layout_basic, grunt_decor_junction,
          minmay_misc_feat_five, minmay_holes, kennysheep_generic_room_16,
          uniq_blork_the_orc, uniq_pikel
D:6:      layout_cave_pools, temple_fountains
D:7:      layout_gridville, serial_bayou, serial_bayou_ford_a,
          serial_bayou_crossing, serial_bayou_pond_b, serial_bayou_pond_c,
          uniq_maggie

Skill      XL: |  1  2  3  4  5  6  7  8 |
---------------+-------------------------+-----
Unarmed Combat | 4 5 7 |  7.3
Shields        | 2 3 6 7 9 |  9.2
Fighting       | |  2.4
Spellcasting   | |  1.0
Fire Magic     | |  2.1

Action                   |  1- 3 |  4- 6 |  7- 9 || total
-------------------------+-------+-------+-------++-------
Melee: Unarmed           |    64 |    85 |   121 ||   270
       Punch             |     1 |     1 |       ||     2
Throw: Boomerang         |       |    21 |    35 ||    56
Invok: Fiery Armour      |       |       |    12 ||    12
  Use: Scroll            |     2 |     5 |     7 ||    14
       Potion            |     1 |     2 |     3 ||     6
Armor: Robe              |    16 |     7 |    14 ||    37
Dodge: Dodged            |    24 |    13 |  1341 ||  1378
Block: Tower shield      |       |    34 |    79 ||   113
       Reflection        |       |       |     4 ||     4

Table legend:
 A = Non-vault XP
 B = Vault XP
 C = Vault XP percentage of total XP
 D = Non-vault monster count
 E = Vault monster count
 F = Vault count percentage of total count
                 A         B        C        D         E       F
            +---------+---------+-------+---------+---------+-------
      Total |    1989 |    1071 |  35.0 |     110 |      20 |  15.4
            +---------+---------+-------+---------+---------+-------
        D:1 |      17 |       0 |   0.0 |      12 |       0 |   0.0
        D:2 |      93 |       0 |   0.0 |      24 |       0 |   0.0
        D:3 |      38 |       0 |   0.0 |      18 |       0 |   0.0
        D:4 |     288 |      18 |   5.9 |      15 |       1 |   6.2
        D:5 |     549 |     785 |  58.8 |      18 |      17 |  48.6
        D:6 |     815 |       0 |   0.0 |      21 |       0 |   0.0
        D:7 |     189 |     268 |  58.6 |       2 |       2 |  50.0
            +---------+---------+-------+---------+---------+-------
